 Dungeon Crawl Stone Soup version 0.29.0-4-gdea44cf6ec (webtiles) character file.

Game seed: 8576213464147877288

1738 qw the Grappler (level 9, 1/1 (77) HPs)
             Began as a Ghoul Fire Elementalist on Aug 29, 2022.
             Tarried too long and was consumed by Zot
             ... on level 6 of the Dungeon on Aug 30, 2022.
             The game lasted 01:50:46 (37320 turns).

qw the Grappler (Ghoul Fire Elementalist)          Turns: 37320, Time: 01:50:46

HP:   1/1 (77)      AC: 11    Str: 20    XL:     9   Next: 5%
MP:   10/10         EV:  7    Int:  6    God:
Gold: 7             SH:  0    Dex:  9    Spells: 10/11 levels left

rFire   . . .      SeeInvis .     - Unarmed
rCold   + + .      Faith    .   (no shield)
rNeg    + + +      Spirit   .   l - +0 chain mail
rPois   inf        Reflect  .   (no helmet)
rElec   .          Harm     .   (no cloak)
rCorr   +          Rampage  .   (no gloves)
Will    .....                   a - +2 pair of boots
Stlth   ..........              (no amulet)
HPRegen 0.00/turn               f - ring "Jegomuc" {rC+ rCorr Str+4 Int-4 Slay+4}
MPRegen 0.12/turn               (no ring)

@: inhibited regen, extremely drained, bezotted and risking death
A: claws 1, cold resistance 1, negative energy resistance 3, inhibited
regeneration, torment resistance 2, devour on kill
a: no special abilities


You were on level 6 of the Dungeon.
You visited 1 branch of the dungeon, and saw 6 of its levels.

You collected 461 gold pieces.
You spent 454 gold pieces at shops.


Innate Abilities, Weirdness & Mutations

You are immune to poison.
You have sharp fingernails.
Your flesh is cold resistant. (rC+)
You are immune to negative energy. (rN+++)
You do not regenerate when monsters are visible.
You are immune to unholy pain and torment.
You thrive by killing the living.


   Skills:
 - Level 6.3 Fighting
 - Level 2.1 Armour
 - Level 1.7 Dodging
 - Level 2.1 Stealth
 + Level 10.0 Unarmed Combat
 - Level 1.7 Spellcasting
 - Level 0.7 Conjurations
 - Level 2.4 Fire Magic


You had 10 spell levels left.
You knew the following spells:

 Your Spells              Type           Power      Damage    Failure   Level
a - Foxfire               Conj/Fire      8%         2x1d4     94%         1

Your spell library contained the following spells:

 Spells                   Type           Power      Damage    Failure   Level
 Scorch                   Fire           6%         2d5       95%         2
 Conjure Flame            Conj/Fire      2%         6-21      100%        3
 Inner Flame              Hex/Fire       1%         N/A       100%        3
 Flame Wave               Conj/Fire      2%         2d4       100%        4

Inventory:

Armour
 a - a +2 pair of boots (worn)
 e - a +0 plate armour
 h - a +0 helmet
 i - the +1 cloak of Starlight {*Dazzle EV+4 Stlth--}
   (You bought it in a shop on level 6 of the Dungeon)

   It may blind those who miss an attack against the wearer in melee combat.
   EV:        It affects your evasion (+4).
   Stlth:     It makes you much less stealthy.
 l - a +0 chain mail (worn)
Jewellery
 f - the ring "Jegomuc" (left claw) {rC+ rCorr Str+4 Int-4 Slay+4}
   (You found it on level 5 of the Dungeon)

   [ring of slaying]

   Str:       It affects your strength (+4).
   Int:       It affects your intelligence (-4).
   Slay:      It affects your accuracy & damage with ranged weapons and melee
   (+4).
   rC:        It protects you from cold.
   rCorr:     It protects you from acid and corrosion.
Scrolls
 b - 4 scrolls of identify
 d - 2 scrolls of enchant weapon {unknown}
 Y - 2 scrolls of teleportation
Potions
 c - a potion of mutation
 g - a potion of cancellation
 j - a potion of haste {unknown}
 m - a potion of curing {unknown}
 n - 2 potions of might
 o - 2 potions of heal wounds

Dungeon Overview and Level Annotations

Branches:
Dungeon (6/15) Zot: 0! Temple: D:4-7 You are so drained that the power of Zot will kill you!

Altars:
Dithmenos
Hepliaklqana
Sif Muna
Vehumet
Wu Jian

Shops:
D:1 (   D:6 [(


Message History

You see here a javelin.
37244 ||| Stepping ~*~*~tactically~*~*~ (outnumbered).
You see here a javelin.
37246 ||| Stepping ~*~*~tactically~*~*~ (outnumbered).
You see here a javelin.
37248 ||| Stepping ~*~*~tactically~*~*~ (outnumbered).
You see here a javelin.
37250 ||| Stepping ~*~*~tactically~*~*~ (outnumbered).
You see here a javelin.
37262 ||| Stepping ~*~*~tactically~*~*~ (outnumbered).
You see here a javelin.
37264 ||| Stepping ~*~*~tactically~*~*~ (outnumbered).
You see here a javelin.
37266 ||| Stepping ~*~*~tactically~*~*~ (outnumbered).
You see here a javelin.
37268 ||| Stepping ~*~*~tactically~*~*~ (outnumbered).
You see here a javelin.
37270 ||| Stepping ~*~*~tactically~*~*~ (outnumbered).
You see here a javelin.
37282 ||| Stepping ~*~*~tactically~*~*~ (outnumbered).
You see here a javelin.
37284 ||| Stepping ~*~*~tactically~*~*~ (outnumbered).
You see here a javelin.
37286 ||| Stepping ~*~*~tactically~*~*~ (outnumbered).
You see here a javelin.
37288 ||| Stepping ~*~*~tactically~*~*~ (outnumbered).
You see here a javelin.
37290 ||| Stepping ~*~*~tactically~*~*~ (outnumbered).
You see here a javelin.
37302 ||| Stepping ~*~*~tactically~*~*~ (outnumbered).
You see here a javelin.
37304 ||| Stepping ~*~*~tactically~*~*~ (outnumbered).
You see here a javelin.
37306 ||| Stepping ~*~*~tactically~*~*~ (outnumbered).
You see here a javelin.
37308 ||| Stepping ~*~*~tactically~*~*~ (outnumbered).
You see here a javelin.
37310 ||| Stepping ~*~*~tactically~*~*~ (outnumbered).
Zot has found you!
You die...

#..###.######.......# #.#
#.###7..............# #.#
#..7.\.7###########.###.####
##.#.7.# ###.....%...
#.#.#.# ............ #.#.#.#
##### #######.#### #:..#.#
#888# #.#### #####.####(..#
#..... #....#@..# ######
##.#.#(..# #...#...#
#.#.#.(.# #.#.##\##.#
#.#.......# #....######
######


You could see 3 training dummies.

Vanquished Creatures
  Sigmund (D:3)
  Menkaure (D:5)
  A water moccasin (D:6)
  An ice beast (D:6)
  2 black bears (D:5)
  An ogre (D:4)
  2 phantoms
  A necrophage (D:6)
  A bullfrog (D:6)
  3 scorpions
  3 jellies
  4 iguanas
  Ijyb (D:3)
  Jessica (D:3)
  Natasha (thrice) (D:3)
  10 adders
  A shadow imp (D:5)
  2 white imps (D:5)
  An ufetubus (D:5)
  2 worms
  5 dart slugs
  3 orcs (D:4)
  6 endoplasms
  7 giant cockroaches
  13 goblins
  5 hobgoblins
  7 jackals
  3 quokkas
  12 ball pythons
  6 bats
  4 frilled lizards
  8 kobolds
  6 rats
127 creatures vanquished.

Vanquished Creatures (others)
  2 plants (D:3)
2 creatures vanquished.

Grand Total: 129 creatures vanquished

Notes
Turn   | Place    | Note
-------+----------+-------------------------------------------
     0 | D:1      | qw the Ghoul Fire Elementalist began the quest for the Orb.
     0 | D:1      | Reached XP level 1. HP: 14/14 MP: 2/2
     0 | D:1      | 0 ||| qw: Version: 0.1-a-90-g952f4b7
     0 | D:1      | 0 ||| qw: Game counter: 4254
     0 | D:1      | 0 ||| qw: Always use a shield: true
     0 | D:1      | 0 ||| qw: God list: Okawaru
     0 | D:1      | 0 ||| qw: Allow faded altars: false
     0 | D:1      | 0 ||| qw: Do Orc after D:15 true
     0 | D:1      | 0 ||| qw: Do second Lair branch before Depths: true
     0 | D:1      | 0 ||| qw: Lair rune preference: random
     0 | D:1      | 0 ||| qw: Plans: Normal
     0 | D:1      | 0 ||| PLANNING D:1-11
   107 | D:1      | 107 ||| Stepping ~*~*~tactically~*~*~ (hiding).
   209 | D:1      | 209 ||| Stepping ~*~*~tactically~*~*~ (hiding).
   318 | D:1      | Reached skill level 1 in Unarmed Combat
   484 | D:1      | HP: 3/14 [frozen (2)]
   489 | D:1      | HP: 1/15 [frozen (1)]
   782 | D:1      | Reached skill level 1 in Fighting
   782 | D:1      | Reached XP level 2. HP: 21/23 MP: 3/3
   803 | D:1      | Found a faded altar of an unknown god.
  1307 | D:1      | Found Dixkuf's Weapon Boutique.
  1312 | D:1      | 1312 ||| UPGRADING to +0 ring mail.
  1322 | D:1      | 1322 ||| DROPPING +0 robe.
  1557 | D:1      | Reached skill level 2 in Unarmed Combat
  1796 | D:1      | 1796 ||| READING scroll labelled SYGAUH ZESTRUIF.
  1809 | D:1      | 1809 ||| READING 2 scrolls labelled JOGHEASHUS.
  1939 | D:1      | 1939 ||| READING scroll labelled UROESOFF FEEM.
  1958 | D:1      | 1958 ||| READING 2 scrolls labelled HED KUFISHE OPY.
  1959 | D:1      | 1959 ||| READING scroll labelled PAZAVUO VATAI.
  1960 | D:1      | 1960 ||| DROPPING potion of magic.
  1961 | D:1      | 1961 ||| DROPPING scroll of silence.
  1967 | D:1      | Found an ornate altar of the Wu Jian Council.
  1968 | D:1      | 1968 ||| DROPPING scroll of amnesia.
  2032 | D:2      | Reached XP level 3. HP: 25/28 MP: 4/4
  2085 | D:2      | 2085 ||| Stepping ~*~*~tactically~*~*~ (hiding).
  2232 | D:2      | 2232 ||| Stepping ~*~*~tactically~*~*~ (stealth).
  2237 | D:2      | Reached skill level 3 in Unarmed Combat
  2251 | D:2      | 2251 ||| Stepping ~*~*~tactically~*~*~ (stealth).
  2253 | D:2      | 2253 ||| Stepping ~*~*~tactically~*~*~ (stealth).
  2520 | D:2      | 2520 ||| Stepping ~*~*~tactically~*~*~ (stealth).
  2538 | D:2      | 2538 ||| Stepping ~*~*~tactically~*~*~ (stealth).
  2601 | D:2      | Reached XP level 4. HP: 31/35 MP: 5/5
  2803 | D:2      | 2803 ||| Stepping ~*~*~tactically~*~*~ (stealth).
  2805 | D:2      | 2805 ||| Stepping ~*~*~tactically~*~*~ (stealth).
  2813 | D:2      | 2813 ||| Stepping ~*~*~tactically~*~*~ (outnumbered).
  2814 | D:2      | 2814 ||| Stepping ~*~*~tactically~*~*~ (outnumbered).
  2820 | D:2      | Reached skill level 4 in Unarmed Combat
  2821 | D:2      | 2821 ||| Stepping ~*~*~tactically~*~*~ (outnumbered).
  2822 | D:2      | 2822 ||| Stepping ~*~*~tactically~*~*~ (outnumbered).
  2906 | D:2      | 2906 ||| Stepping ~*~*~tactically~*~*~ (stealth).
  3136 | D:2      | 3136 ||| READING 3 scrolls labelled YSYGOUJULY.
  3137 | D:2      | 3137 ||| READING scroll labelled ONOIPU ZODGH.
  3138 | D:2      | 3138 ||| DRINKING 2 silvery potions.
  3139 | D:2      | 3139 ||| DROPPING potion of brilliance.
  3140 | D:2      | 3140 ||| DROPPING 2 scrolls of vulnerability.
  3221 | D:3      | 3221 ||| FLEEEEING.
  3222 | D:3      | 3222 ||| FLEEEEING.
  3230 | D:3      | 3230 ||| FLEEEEING.
  3231 | D:3      | 3231 ||| FLEEEEING.
  3232 | D:3      | 3232 ||| FLEEEEING.
  3233 | D:3      | 3233 ||| FLEEEEING.
  3234 | D:3      | 3234 ||| FLEEEEING.
  3235 | D:3      | 3235 ||| FLEEEEING.
  3236 | D:3      | 3236 ||| FLEEEEING.
  3237 | D:3      | 3237 ||| FLEEEEING.
  3238 | D:3      | 3238 ||| FLEEEEING.
  3239 | D:3      | 3239 ||| FLEEEEING.
  3240 | D:3      | 3240 ||| STAIRDANCE
  3329 | D:2      | 3329 ||| UPGRADING to +2 pair of boots.
  3334 | D:2      | 3334 ||| DRINKING 3 bubbling clear potions.
  3335 | D:2      | 3335 ||| DROPPING 2 potions of flight.
  3450 | D:3      | Reached XP level 5. HP: 41/41 MP: 6/6
  3464 | D:3      | Noticed Sigmund
  3474 | D:3      | Killed Sigmund
  3475 | D:3      | Reached skill level 6 in Unarmed Combat
  3475 | D:3      | Reached XP level 6. HP: 42/48 MP: 7/7
  3589 | D:3      | Found a radiant altar of Vehumet.
  3667 | D:3      | 3667 ||| Stepping ~*~*~tactically~*~*~ (hiding).
  3669 | D:3      | 3669 ||| Stepping ~*~*~tactically~*~*~ (hiding).
  3957 | D:3      | 3957 ||| Stepping ~*~*~tactically~*~*~ (hiding).
  4099 | D:3      | Noticed Natasha
  4112 | D:3      | Killed Natasha
  4190 | D:3      | 4190 ||| Stepping ~*~*~tactically~*~*~ (outnumbered).
  4191 | D:3      | 4191 ||| Stepping ~*~*~tactically~*~*~ (outnumbered).
  4192 | D:3      | 4192 ||| Stepping ~*~*~tactically~*~*~ (outnumbered).
  4193 | D:3      | 4193 ||| Stepping ~*~*~tactically~*~*~ (outnumbered).
  4194 | D:3      | 4194 ||| Stepping ~*~*~tactically~*~*~ (outnumbered).
  4195 | D:3      | 4195 ||| Stepping ~*~*~tactically~*~*~ (outnumbered).
  4251 | D:3      | Noticed Ijyb
  4252 | D:3      | 4252 ||| Stepping ~*~*~tactically~*~*~ (stealth).
  4254 | D:3      | 4254 ||| Stepping ~*~*~tactically~*~*~ (stealth).
  4256 | D:3      | 4256 ||| Stepping ~*~*~tactically~*~*~ (outnumbered).
  4257 | D:3      | 4257 ||| Stepping ~*~*~tactically~*~*~ (outnumbered).
  4258 | D:3      | 4258 ||| Stepping ~*~*~tactically~*~*~ (outnumbered).
  4259 | D:3      | 4259 ||| Stepping ~*~*~tactically~*~*~ (outnumbered).
  4260 | D:3      | 4260 ||| Stepping ~*~*~tactically~*~*~ (outnumbered).
  4262 | D:3      | 4262 ||| Stepping ~*~*~tactically~*~*~ (outnumbered).
  4263 | D:3      | 4263 ||| Stepping ~*~*~tactically~*~*~ (outnumbered).
  4264 | D:3      | 4264 ||| Stepping ~*~*~tactically~*~*~ (outnumbered).
  4265 | D:3      | 4265 ||| Stepping ~*~*~tactically~*~*~ (outnumbered).
  4266 | D:3      | 4266 ||| Stepping ~*~*~tactically~*~*~ (outnumbered).
  4267 | D:3      | 4267 ||| Stepping ~*~*~tactically~*~*~ (outnumbered).
  4268 | D:3      | 4268 ||| Stepping ~*~*~tactically~*~*~ (outnumbered).
  4269 | D:3      | 4269 ||| Stepping ~*~*~tactically~*~*~ (outnumbered).
  4271 | D:3      | 4271 ||| Stepping ~*~*~tactically~*~*~ (outnumbered).
  4272 | D:3      | 4272 ||| Stepping ~*~*~tactically~*~*~ (outnumbered).
  4273 | D:3      | 4273 ||| Stepping ~*~*~tactically~*~*~ (outnumbered).
  4274 | D:3      | 4274 ||| Stepping ~*~*~tactically~*~*~ (outnumbered).
  4275 | D:3      | 4275 ||| Stepping ~*~*~tactically~*~*~ (outnumbered).
  4374 | D:3      | Reached skill level 3 in Fighting
  4436 | D:3      | HP: 8/51 [Ijyb/+5 club (7)]
  4437 | D:3      | HP: 3/51 [Ijyb/+5 club (5)]
  4438 | D:3      | Killed Ijyb
  4720 | D:3      | Noticed Natasha
  4721 | D:3      | 4721 ||| Stepping ~*~*~tactically~*~*~ (hiding).
  4730 | D:3      | Killed Natasha
  4813 | D:3      | Noticed Jessica
  4814 | D:3      | 4814 ||| Stepping ~*~*~tactically~*~*~ (stealth).
  4816 | D:3      | 4816 ||| Stepping ~*~*~tactically~*~*~ (stealth).
  4818 | D:3      | 4818 ||| Stepping ~*~*~tactically~*~*~ (stealth).
  4820 | D:3      | 4820 ||| Stepping ~*~*~tactically~*~*~ (hiding).
  4827 | D:3      | Killed Jessica
  4828 | D:3      | Reached XP level 7. HP: 57/57 MP: 8/8
  4947 | D:3      | Noticed Natasha
  4954 | D:3      | Killed Natasha
  5050 | D:3      | 5050 ||| DROPPING ring of flight.
  5051 | D:3      | 5051 ||| READING scroll labelled BEOTOTW UVVIY.
  5052 | D:3      | 5052 ||| READING scroll labelled XISIOCICRO.
  5053 | D:3      | 5053 ||| READING scroll labelled ITIRAT BAZAIGI.
  5054 | D:3      | 5054 ||| DRINKING 2 blue potions.
  5055 | D:3      | 5055 ||| READING 2 scrolls of identify.
  5055 | D:3      | 5055 ||| IDENTIFYING smoky golden potion
  5084 | D:4      | Reached skill level 7 in Unarmed Combat
  5096 | D:4      | Found a shimmering blue altar of Sif Muna.
  5132 | D:4      | Reached skill level 1 in Armour
  5685 | D:4      | 5685 ||| Stepping ~*~*~tactically~*~*~ (stealth).
  5686 | D:4      | 5686 ||| Stepping ~*~*~tactically~*~*~ (stealth).
  5703 | D:4      | 5703 ||| Stepping ~*~*~tactically~*~*~ (stealth).
  5705 | D:4      | 5705 ||| Stepping ~*~*~tactically~*~*~ (stealth).
  6271 | D:4      | 6271 ||| UPGRADING to +0 chain mail.
  6281 | D:4      | 6281 ||| DROPPING +0 ring mail.
  6282 | D:4      | 6282 ||| DROPPING amulet of faith.
  6283 | D:4      | 6283 ||| READING scroll labelled ZUPSAM FIOKIOG.
  6284 | D:4      | 6284 ||| READING scroll labelled MOGIPO DYAG.
  6285 | D:4      | 6285 ||| DRINKING 3 fizzy red potions.
  6297 | D:5      | Entered Level 5 of the Dungeon
  6315 | D:5      | Reached skill level 8 in Unarmed Combat
  6357 | D:5      | Reached XP level 8. HP: 66/66 MP: 9/9
  6808 | D:5      | Identified the ring "Jegomuc" {rC+ rCorr Str+4 Int-4
                  | Slay+4}
  6860 | D:5      | 6860 ||| Stepping ~*~*~tactically~*~*~ (stealth).
  7034 | D:5      | Reached skill level 9 in Unarmed Combat
  7114 | D:5      | Noticed Menkaure
  7125 | D:5      | Killed Menkaure
  7299 | D:5      | 7299 ||| UPGRADING to ring "Jegomuc" {rC+ rCorr Str+4 Int-4
                  | Slay+4}.
  7300 | D:5      | 7300 ||| READING 2 scrolls labelled EKKEUDD JIOKH.
  7303 | D:5      | 7303 ||| DRINKING 2 viscous sapphire potions.
  7304 | D:5      | 7304 ||| DRINKING 2 clear potions.
  7305 | D:5      | 7305 ||| READING 3 scrolls of identify.
  7305 | D:5      | 7305 ||| IDENTIFYING bubbling inky potion
  7306 | D:5      | 7306 ||| READING 2 scrolls of identify.
  7306 | D:5      | 7306 ||| IDENTIFYING fuming white potion
  7307 | D:5      | 7307 ||| DROPPING potion of invisibility.
  7308 | D:5      | 7308 ||| DROPPING potion of degeneration.
  7309 | D:5      | 7309 ||| DROPPING potion of attraction.
  7585 | D:6      | Found a hazy altar of Hepliaklqana.
  7597 | D:6      | Identified the +12 sling of Fate {freeze, rC- MP+9 Str-5
                  | Dex+8 SInv}
  7656 | D:6      | Found a shadowy altar of Dithmenos.
  7663 | D:6      | Reached skill level 10 in Unarmed Combat
  8043 | D:6      | Found Huodet's Armour Boutique.
  8052 | D:6      | 8052 ||| BUYING +0 helmet (58 gold).
  8052 | D:6      | Bought a +0 helmet for 58 gold pieces
  8052 | D:6      | 8052 ||| BUYING +1 cloak of Starlight {*Dazzle EV+4
                  | Stlth--} (396 gold).
  8052 | D:6      | Bought the +1 cloak of Starlight {*Dazzle EV+4 Stlth--} for
                  | 396 gold pieces
  8052 | D:6      | Found the +1 cloak of Starlight {*Dazzle EV+4 Stlth--}
  8063 | D:6      | Reached skill level 6 in Fighting
  8063 | D:6      | Reached XP level 9. HP: 77/77 MP: 10/10
  8089 | D:6      | Found Bycadubi's Firing Range.
  8108 | D:6      | 8108 ||| Stepping ~*~*~tactically~*~*~ (outnumbered).
  8110 | D:6      | 8110 ||| Stepping ~*~*~tactically~*~*~ (outnumbered).
  8122 | D:6      | 8122 ||| Stepping ~*~*~tactically~*~*~ (outnumbered).
  8124 | D:6      | 8124 ||| Stepping ~*~*~tactically~*~*~ (outnumbered).
  8126 | D:6      | 8126 ||| Stepping ~*~*~tactically~*~*~ (outnumbered).
  8128 | D:6      | 8128 ||| Stepping ~*~*~tactically~*~*~ (outnumbered).
  8130 | D:6      | 8130 ||| Stepping ~*~*~tactically~*~*~ (outnumbered).
  8142 | D:6      | 8142 ||| Stepping ~*~*~tactically~*~*~ (outnumbered).
  8144 | D:6      | 8144 ||| Stepping ~*~*~tactically~*~*~ (outnumbered).
  8146 | D:6      | 8146 ||| Stepping ~*~*~tactically~*~*~ (outnumbered).
  8148 | D:6      | 8148 ||| Stepping ~*~*~tactically~*~*~ (outnumbered).
  8150 | D:6      | 8150 ||| Stepping ~*~*~tactically~*~*~ (outnumbered).
  8162 | D:6      | 8162 ||| Stepping ~*~*~tactically~*~*~ (outnumbered).
  8164 | D:6      | 8164 ||| Stepping ~*~*~tactically~*~*~ (outnumbered).
  8166 | D:6      | 8166 ||| Stepping ~*~*~tactically~*~*~ (outnumbered).
  8168 | D:6      | 8168 ||| Stepping ~*~*~tactically~*~*~ (outnumbered).
  8170 | D:6      | 8170 ||| Stepping ~*~*~tactically~*~*~ (outnumbered).
  8182 | D:6      | 8182 ||| Stepping ~*~*~tactically~*~*~ (outnumbered).
  8184 | D:6      | 8184 ||| Stepping ~*~*~tactically~*~*~ (outnumbered).
  8186 | D:6      | 8186 ||| Stepping ~*~*~tactically~*~*~ (outnumbered).
  8188 | D:6      | 8188 ||| Stepping ~*~*~tactically~*~*~ (outnumbered).
  8190 | D:6      | 8190 ||| Stepping ~*~*~tactically~*~*~ (outnumbered).
  8202 | D:6      | 8202 ||| Stepping ~*~*~tactically~*~*~ (outnumbered).
  8204 | D:6      | 8204 ||| Stepping ~*~*~tactically~*~*~ (outnumbered).
  8206 | D:6      | 8206 ||| Stepping ~*~*~tactically~*~*~ (outnumbered).
  8208 | D:6      | 8208 ||| Stepping ~*~*~tactically~*~*~ (outnumbered).
  8210 | D:6      | 8210 ||| Stepping ~*~*~tactically~*~*~ (outnumbered).
  8222 | D:6      | 8222 ||| Stepping ~*~*~tactically~*~*~ (outnumbered).
  8224 | D:6      | 8224 ||| Stepping ~*~*~tactically~*~*~ (outnumbered).
  8226 | D:6      | 8226 ||| Stepping ~*~*~tactically~*~*~ (outnumbered).
  8228 | D:6      | 8228 ||| Stepping ~*~*~tactically~*~*~ (outnumbered).
  8230 | D:6      | 8230 ||| Stepping ~*~*~tactically~*~*~ (outnumbered).
  8242 | D:6      | 8242 ||| Stepping ~*~*~tactically~*~*~ (outnumbered).
  8244 | D:6      | 8244 ||| Stepping ~*~*~tactically~*~*~ (outnumbered).
  8246 | D:6      | 8246 ||| Stepping ~*~*~tactically~*~*~ (outnumbered).
  8248 | D:6      | 8248 ||| Stepping ~*~*~tactically~*~*~ (outnumbered).
  8250 | D:6      | 8250 ||| Stepping ~*~*~tactically~*~*~ (outnumbered).
  8262 | D:6      | 8262 ||| Stepping ~*~*~tactically~*~*~ (outnumbered).
  8264 | D:6      | 8264 ||| Stepping ~*~*~tactically~*~*~ (outnumbered).
  8266 | D:6      | 8266 ||| Stepping ~*~*~tactically~*~*~ (outnumbered).
  8268 | D:6      | 8268 ||| Stepping ~*~*~tactically~*~*~ (outnumbered).
  8270 | D:6      | 8270 ||| Stepping ~*~*~tactically~*~*~ (outnumbered).
  8282 | D:6      | 8282 ||| Stepping ~*~*~tactically~*~*~ (outnumbered).
  8284 | D:6      | 8284 ||| Stepping ~*~*~tactically~*~*~ (outnumbered).
  8286 | D:6      | 8286 ||| Stepping ~*~*~tactically~*~*~ (outnumbered).
  8288 | D:6      | 8288 ||| Stepping ~*~*~tactically~*~*~ (outnumbered).
  8290 | D:6      | 8290 ||| Stepping ~*~*~tactically~*~*~ (outnumbered).
  8302 | D:6      | 8302 ||| Stepping ~*~*~tactically~*~*~ (outnumbered).
  8304 | D:6      | 8304 ||| Stepping ~*~*~tactically~*~*~ (outnumbered).
  8306 | D:6      | 8306 ||| Stepping ~*~*~tactically~*~*~ (outnumbered).
  8308 | D:6      | 8308 ||| Stepping ~*~*~tactically~*~*~ (outnumbered).
  8310 | D:6      | 8310 ||| Stepping ~*~*~tactically~*~*~ (outnumbered).
  8322 | D:6      | 8322 ||| Stepping ~*~*~tactically~*~*~ (outnumbered).
  8324 | D:6      | 8324 ||| Stepping ~*~*~tactically~*~*~ (outnumbered).
  8326 | D:6      | 8326 ||| Stepping ~*~*~tactically~*~*~ (outnumbered).
  8328 | D:6      | 8328 ||| Stepping ~*~*~tactically~*~*~ (outnumbered).
  8330 | D:6      | 8330 ||| Stepping ~*~*~tactically~*~*~ (outnumbered).
  8342 | D:6      | 8342 ||| Stepping ~*~*~tactically~*~*~ (outnumbered).
  8344 | D:6      | 8344 ||| Stepping ~*~*~tactically~*~*~ (outnumbered).
  8346 | D:6      | 8346 ||| Stepping ~*~*~tactically~*~*~ (outnumbered).
  8348 | D:6      | 8348 ||| Stepping ~*~*~tactically~*~*~ (outnumbered).
  8350 | D:6      | 8350 ||| Stepping ~*~*~tactically~*~*~ (outnumbered).
  8362 | D:6      | 8362 ||| Stepping ~*~*~tactically~*~*~ (outnumbered).
  8364 | D:6      | 8364 ||| Stepping ~*~*~tactically~*~*~ (outnumbered).
  8366 | D:6      | 8366 ||| Stepping ~*~*~tactically~*~*~ (outnumbered).
  8368 | D:6      | 8368 ||| Stepping ~*~*~tactically~*~*~ (outnumbered).
  8370 | D:6      | 8370 ||| Stepping ~*~*~tactically~*~*~ (outnumbered).
  8382 | D:6      | 8382 ||| Stepping ~*~*~tactically~*~*~ (outnumbered).
  8384 | D:6      | 8384 ||| Stepping ~*~*~tactically~*~*~ (outnumbered).
  8386 | D:6      | 8386 ||| Stepping ~*~*~tactically~*~*~ (outnumbered).
  8388 | D:6      | 8388 ||| Stepping ~*~*~tactically~*~*~ (outnumbered).
  8390 | D:6      | 8390 ||| Stepping ~*~*~tactically~*~*~ (outnumbered).
  8402 | D:6      | 8402 ||| Stepping ~*~*~tactically~*~*~ (outnumbered).
  8404 | D:6      | 8404 ||| Stepping ~*~*~tactically~*~*~ (outnumbered).
  8406 | D:6      | 8406 ||| Stepping ~*~*~tactically~*~*~ (outnumbered).
  8408 | D:6      | 8408 ||| Stepping ~*~*~tactically~*~*~ (outnumbered).
  8410 | D:6      | 8410 ||| Stepping ~*~*~tactically~*~*~ (outnumbered).
  8422 | D:6      | 8422 ||| Stepping ~*~*~tactically~*~*~ (outnumbered).
  8424 | D:6      | 8424 ||| Stepping ~*~*~tactically~*~*~ (outnumbered).
  8426 | D:6      | 8426 ||| Stepping ~*~*~tactically~*~*~ (outnumbered).
  8428 | D:6      | 8428 ||| Stepping ~*~*~tactically~*~*~ (outnumbered).
  8430 | D:6      | 8430 ||| Stepping ~*~*~tactically~*~*~ (outnumbered).
  8442 | D:6      | 8442 ||| Stepping ~*~*~tactically~*~*~ (outnumbered).
  8444 | D:6      | 8444 ||| Stepping ~*~*~tactically~*~*~ (outnumbered).
  8446 | D:6      | 8446 ||| Stepping ~*~*~tactically~*~*~ (outnumbered).
  8448 | D:6      | 8448 ||| Stepping ~*~*~tactically~*~*~ (outnumbered).
  8450 | D:6      | 8450 ||| Stepping ~*~*~tactically~*~*~ (outnumbered).
  8462 | D:6      | 8462 ||| Stepping ~*~*~tactically~*~*~ (outnumbered).
  8464 | D:6      | 8464 ||| Stepping ~*~*~tactically~*~*~ (outnumbered).
  8466 | D:6      | 8466 ||| Stepping ~*~*~tactically~*~*~ (outnumbered).
  8468 | D:6      | 8468 ||| Stepping ~*~*~tactically~*~*~ (outnumbered).
  8470 | D:6      | 8470 ||| Stepping ~*~*~tactically~*~*~ (outnumbered).
  8482 | D:6      | 8482 ||| Stepping ~*~*~tactically~*~*~ (outnumbered).
  8484 | D:6      | 8484 ||| Stepping ~*~*~tactically~*~*~ (outnumbered).
  8486 | D:6      | 8486 ||| Stepping ~*~*~tactically~*~*~ (outnumbered).
  8488 | D:6      | 8488 ||| Stepping ~*~*~tactically~*~*~ (outnumbered).
  8490 | D:6      | 8490 ||| Stepping ~*~*~tactically~*~*~ (outnumbered).
  8502 | D:6      | 8502 ||| Stepping ~*~*~tactically~*~*~ (outnumbered).
  8504 | D:6      | 8504 ||| Stepping ~*~*~tactically~*~*~ (outnumbered).
  8506 | D:6      | 8506 ||| Stepping ~*~*~tactically~*~*~ (outnumbered).
  8508 | D:6      | 8508 ||| Stepping ~*~*~tactically~*~*~ (outnumbered).
  8510 | D:6      | 8510 ||| Stepping ~*~*~tactically~*~*~ (outnumbered).
  8522 | D:6      | 8522 ||| Stepping ~*~*~tactically~*~*~ (outnumbered).
  8524 | D:6      | 8524 ||| Stepping ~*~*~tactically~*~*~ (outnumbered).
  8526 | D:6      | 8526 ||| Stepping ~*~*~tactically~*~*~ (outnumbered).
  8528 | D:6      | 8528 ||| Stepping ~*~*~tactically~*~*~ (outnumbered).
  8530 | D:6      | 8530 ||| Stepping ~*~*~tactically~*~*~ (outnumbered).
  8542 | D:6      | 8542 ||| Stepping ~*~*~tactically~*~*~ (outnumbered).
  8544 | D:6      | 8544 ||| Stepping ~*~*~tactically~*~*~ (outnumbered).
  8546 | D:6      | 8546 ||| Stepping ~*~*~tactically~*~*~ (outnumbered).
  8548 | D:6      | 8548 ||| Stepping ~*~*~tactically~*~*~ (outnumbered).
  8550 | D:6      | 8550 ||| Stepping ~*~*~tactically~*~*~ (outnumbered).
  8562 | D:6      | 8562 ||| Stepping ~*~*~tactically~*~*~ (outnumbered).
  8564 | D:6      | 8564 ||| Stepping ~*~*~tactically~*~*~ (outnumbered).
  8566 | D:6      | 8566 ||| Stepping ~*~*~tactically~*~*~ (outnumbered).
  8568 | D:6      | 8568 ||| Stepping ~*~*~tactically~*~*~ (outnumbered).
  8570 | D:6      | 8570 ||| Stepping ~*~*~tactically~*~*~ (outnumbered).
  8582 | D:6      | 8582 ||| Stepping ~*~*~tactically~*~*~ (outnumbered).
  8584 | D:6      | 8584 ||| Stepping ~*~*~tactically~*~*~ (outnumbered).
  8586 | D:6      | 8586 ||| Stepping ~*~*~tactically~*~*~ (outnumbered).
  8588 | D:6      | 8588 ||| Stepping ~*~*~tactically~*~*~ (outnumbered).
  8590 | D:6      | 8590 ||| Stepping ~*~*~tactically~*~*~ (outnumbered).
  8602 | D:6      | 8602 ||| Stepping ~*~*~tactically~*~*~ (outnumbered).
  8604 | D:6      | 8604 ||| Stepping ~*~*~tactically~*~*~ (outnumbered).
  8606 | D:6      | 8606 ||| Stepping ~*~*~tactically~*~*~ (outnumbered).
  8608 | D:6      | 8608 ||| Stepping ~*~*~tactically~*~*~ (outnumbered).
  8610 | D:6      | 8610 ||| Stepping ~*~*~tactically~*~*~ (outnumbered).
  8622 | D:6      | 8622 ||| Stepping ~*~*~tactically~*~*~ (outnumbered).
  8624 | D:6      | 8624 ||| Stepping ~*~*~tactically~*~*~ (outnumbered).
  8626 | D:6      | 8626 ||| Stepping ~*~*~tactically~*~*~ (outnumbered).
  8628 | D:6      | 8628 ||| Stepping ~*~*~tactically~*~*~ (outnumbered).
  8630 | D:6      | 8630 ||| Stepping ~*~*~tactically~*~*~ (outnumbered).
  8642 | D:6      | 8642 ||| Stepping ~*~*~tactically~*~*~ (outnumbered).
  8644 | D:6      | 8644 ||| Stepping ~*~*~tactically~*~*~ (outnumbered).
  8646 | D:6      | 8646 ||| Stepping ~*~*~tactically~*~*~ (outnumbered).
  8648 | D:6      | 8648 ||| Stepping ~*~*~tactically~*~*~ (outnumbered).
  8650 | D:6      | 8650 ||| Stepping ~*~*~tactically~*~*~ (outnumbered).
  8662 | D:6      | 8662 ||| Stepping ~*~*~tactically~*~*~ (outnumbered).
  8664 | D:6      | 8664 ||| Stepping ~*~*~tactically~*~*~ (outnumbered).
  8666 | D:6      | 8666 ||| Stepping ~*~*~tactically~*~*~ (outnumbered).
  8668 | D:6      | 8668 ||| Stepping ~*~*~tactically~*~*~ (outnumbered).
  8670 | D:6      | 8670 ||| Stepping ~*~*~tactically~*~*~ (outnumbered).
  8682 | D:6      | 8682 ||| Stepping ~*~*~tactically~*~*~ (outnumbered).
  8684 | D:6      | 8684 ||| Stepping ~*~*~tactically~*~*~ (outnumbered).
  8686 | D:6      | 8686 ||| Stepping ~*~*~tactically~*~*~ (outnumbered).
  8688 | D:6      | 8688 ||| Stepping ~*~*~tactically~*~*~ (outnumbered).
  8690 | D:6      | 8690 ||| Stepping ~*~*~tactically~*~*~ (outnumbered).
  8702 | D:6      | 8702 ||| Stepping ~*~*~tactically~*~*~ (outnumbered).
  8704 | D:6      | 8704 ||| Stepping ~*~*~tactically~*~*~ (outnumbered).
  8706 | D:6      | 8706 ||| Stepping ~*~*~tactically~*~*~ (outnumbered).
  8708 | D:6      | 8708 ||| Stepping ~*~*~tactically~*~*~ (outnumbered).
  8710 | D:6      | 8710 ||| Stepping ~*~*~tactically~*~*~ (outnumbered).
  8722 | D:6      | 8722 ||| Stepping ~*~*~tactically~*~*~ (outnumbered).
  8724 | D:6      | 8724 ||| Stepping ~*~*~tactically~*~*~ (outnumbered).
  8726 | D:6      | 8726 ||| Stepping ~*~*~tactically~*~*~ (outnumbered).
  8728 | D:6      | 8728 ||| Stepping ~*~*~tactically~*~*~ (outnumbered).
  8730 | D:6      | 8730 ||| Stepping ~*~*~tactically~*~*~ (outnumbered).
  8742 | D:6      | 8742 ||| Stepping ~*~*~tactically~*~*~ (outnumbered).
  8744 | D:6      | 8744 ||| Stepping ~*~*~tactically~*~*~ (outnumbered).
  8746 | D:6      | 8746 ||| Stepping ~*~*~tactically~*~*~ (outnumbered).
  8748 | D:6      | 8748 ||| Stepping ~*~*~tactically~*~*~ (outnumbered).
  8750 | D:6      | 8750 ||| Stepping ~*~*~tactically~*~*~ (outnumbered).
  8762 | D:6      | 8762 ||| Stepping ~*~*~tactically~*~*~ (outnumbered).
  8764 | D:6      | 8764 ||| Stepping ~*~*~tactically~*~*~ (outnumbered).
  8766 | D:6      | 8766 ||| Stepping ~*~*~tactically~*~*~ (outnumbered).
  8768 | D:6      | 8768 ||| Stepping ~*~*~tactically~*~*~ (outnumbered).
  8770 | D:6      | 8770 ||| Stepping ~*~*~tactically~*~*~ (outnumbered).
  8782 | D:6      | 8782 ||| Stepping ~*~*~tactically~*~*~ (outnumbered).
  8784 | D:6      | 8784 ||| Stepping ~*~*~tactically~*~*~ (outnumbered).
  8786 | D:6      | 8786 ||| Stepping ~*~*~tactically~*~*~ (outnumbered).
  8788 | D:6      | 8788 ||| Stepping ~*~*~tactically~*~*~ (outnumbered).
  8790 | D:6      | 8790 ||| Stepping ~*~*~tactically~*~*~ (outnumbered).
  8802 | D:6      | 8802 ||| Stepping ~*~*~tactically~*~*~ (outnumbered).
  8804 | D:6      | 8804 ||| Stepping ~*~*~tactically~*~*~ (outnumbered).
  8806 | D:6      | 8806 ||| Stepping ~*~*~tactically~*~*~ (outnumbered).
  8808 | D:6      | 8808 ||| Stepping ~*~*~tactically~*~*~ (outnumbered).
  8810 | D:6      | 8810 ||| Stepping ~*~*~tactically~*~*~ (outnumbered).
  8822 | D:6      | 8822 ||| Stepping ~*~*~tactically~*~*~ (outnumbered).
  8824 | D:6      | 8824 ||| Stepping ~*~*~tactically~*~*~ (outnumbered).
  8826 | D:6      | 8826 ||| Stepping ~*~*~tactically~*~*~ (outnumbered).
  8828 | D:6      | 8828 ||| Stepping ~*~*~tactically~*~*~ (outnumbered).
  8830 | D:6      | 8830 ||| Stepping ~*~*~tactically~*~*~ (outnumbered).
  8842 | D:6      | 8842 ||| Stepping ~*~*~tactically~*~*~ (outnumbered).
  8844 | D:6      | 8844 ||| Stepping ~*~*~tactically~*~*~ (outnumbered).
  8846 | D:6      | 8846 ||| Stepping ~*~*~tactically~*~*~ (outnumbered).
  8848 | D:6      | 8848 ||| Stepping ~*~*~tactically~*~*~ (outnumbered).
  8850 | D:6      | 8850 ||| Stepping ~*~*~tactically~*~*~ (outnumbered).
  8862 | D:6      | 8862 ||| Stepping ~*~*~tactically~*~*~ (outnumbered).
  8864 | D:6      | 8864 ||| Stepping ~*~*~tactically~*~*~ (outnumbered).
  8866 | D:6      | 8866 ||| Stepping ~*~*~tactically~*~*~ (outnumbered).
  8868 | D:6      | 8868 ||| Stepping ~*~*~tactically~*~*~ (outnumbered).
  8870 | D:6      | 8870 ||| Stepping ~*~*~tactically~*~*~ (outnumbered).
  8882 | D:6      | 8882 ||| Stepping ~*~*~tactically~*~*~ (outnumbered).
  8884 | D:6      | 8884 ||| Stepping ~*~*~tactically~*~*~ (outnumbered).
  8886 | D:6      | 8886 ||| Stepping ~*~*~tactically~*~*~ (outnumbered).
  8888 | D:6      | 8888 ||| Stepping ~*~*~tactically~*~*~ (outnumbered).
  8890 | D:6      | 8890 ||| Stepping ~*~*~tactically~*~*~ (outnumbered).
  8902 | D:6      | 8902 ||| Stepping ~*~*~tactically~*~*~ (outnumbered).
  8904 | D:6      | 8904 ||| Stepping ~*~*~tactically~*~*~ (outnumbered).
  8906 | D:6      | 8906 ||| Stepping ~*~*~tactically~*~*~ (outnumbered).
  8908 | D:6      | 8908 ||| Stepping ~*~*~tactically~*~*~ (outnumbered).
  8910 | D:6      | 8910 ||| Stepping ~*~*~tactically~*~*~ (outnumbered).
  8922 | D:6      | 8922 ||| Stepping ~*~*~tactically~*~*~ (outnumbered).
  8924 | D:6      | 8924 ||| Stepping ~*~*~tactically~*~*~ (outnumbered).
  8926 | D:6      | 8926 ||| Stepping ~*~*~tactically~*~*~ (outnumbered).
  8928 | D:6      | 8928 ||| Stepping ~*~*~tactically~*~*~ (outnumbered).
  8930 | D:6      | 8930 ||| Stepping ~*~*~tactically~*~*~ (outnumbered).
  8942 | D:6      | 8942 ||| Stepping ~*~*~tactically~*~*~ (outnumbered).
  8944 | D:6      | 8944 ||| Stepping ~*~*~tactically~*~*~ (outnumbered).
  8946 | D:6      | 8946 ||| Stepping ~*~*~tactically~*~*~ (outnumbered).
  8948 | D:6      | 8948 ||| Stepping ~*~*~tactically~*~*~ (outnumbered).
  8950 | D:6      | 8950 ||| Stepping ~*~*~tactically~*~*~ (outnumbered).
  8962 | D:6      | 8962 ||| Stepping ~*~*~tactically~*~*~ (outnumbered).
  8964 | D:6      | 8964 ||| Stepping ~*~*~tactically~*~*~ (outnumbered).
  8966 | D:6      | 8966 ||| Stepping ~*~*~tactically~*~*~ (outnumbered).
  8968 | D:6      | 8968 ||| Stepping ~*~*~tactically~*~*~ (outnumbered).
  8970 | D:6      | 8970 ||| Stepping ~*~*~tactically~*~*~ (outnumbered).
  8982 | D:6      | 8982 ||| Stepping ~*~*~tactically~*~*~ (outnumbered).
  8984 | D:6      | 8984 ||| Stepping ~*~*~tactically~*~*~ (outnumbered).
  8986 | D:6      | 8986 ||| Stepping ~*~*~tactically~*~*~ (outnumbered).
  8988 | D:6      | 8988 ||| Stepping ~*~*~tactically~*~*~ (outnumbered).
  8990 | D:6      | 8990 ||| Stepping ~*~*~tactically~*~*~ (outnumbered).
  9002 | D:6      | 9002 ||| Stepping ~*~*~tactically~*~*~ (outnumbered).
  9004 | D:6      | 9004 ||| Stepping ~*~*~tactically~*~*~ (outnumbered).
  9006 | D:6      | 9006 ||| Stepping ~*~*~tactically~*~*~ (outnumbered).
  9008 | D:6      | 9008 ||| Stepping ~*~*~tactically~*~*~ (outnumbered).
  9010 | D:6      | 9010 ||| Stepping ~*~*~tactically~*~*~ (outnumbered).
  9022 | D:6      | 9022 ||| Stepping ~*~*~tactically~*~*~ (outnumbered).
  9024 | D:6      | 9024 ||| Stepping ~*~*~tactically~*~*~ (outnumbered).
  9026 | D:6      | 9026 ||| Stepping ~*~*~tactically~*~*~ (outnumbered).
  9028 | D:6      | 9028 ||| Stepping ~*~*~tactically~*~*~ (outnumbered).
  9030 | D:6      | 9030 ||| Stepping ~*~*~tactically~*~*~ (outnumbered).
  9042 | D:6      | 9042 ||| Stepping ~*~*~tactically~*~*~ (outnumbered).
  9044 | D:6      | 9044 ||| Stepping ~*~*~tactically~*~*~ (outnumbered).
  9046 | D:6      | 9046 ||| Stepping ~*~*~tactically~*~*~ (outnumbered).
  9048 | D:6      | 9048 ||| Stepping ~*~*~tactically~*~*~ (outnumbered).
  9050 | D:6      | 9050 ||| Stepping ~*~*~tactically~*~*~ (outnumbered).
  9062 | D:6      | 9062 ||| Stepping ~*~*~tactically~*~*~ (outnumbered).
  9064 | D:6      | 9064 ||| Stepping ~*~*~tactically~*~*~ (outnumbered).
  9066 | D:6      | 9066 ||| Stepping ~*~*~tactically~*~*~ (outnumbered).
  9068 | D:6      | 9068 ||| Stepping ~*~*~tactically~*~*~ (outnumbered).
  9070 | D:6      | 9070 ||| Stepping ~*~*~tactically~*~*~ (outnumbered).
  9082 | D:6      | 9082 ||| Stepping ~*~*~tactically~*~*~ (outnumbered).
  9084 | D:6      | 9084 ||| Stepping ~*~*~tactically~*~*~ (outnumbered).
  9086 | D:6      | 9086 ||| Stepping ~*~*~tactically~*~*~ (outnumbered).
  9088 | D:6      | 9088 ||| Stepping ~*~*~tactically~*~*~ (outnumbered).
  9090 | D:6      | 9090 ||| Stepping ~*~*~tactically~*~*~ (outnumbered).
  9102 | D:6      | 9102 ||| Stepping ~*~*~tactically~*~*~ (outnumbered).
  9104 | D:6      | 9104 ||| Stepping ~*~*~tactically~*~*~ (outnumbered).
  9106 | D:6      | 9106 ||| Stepping ~*~*~tactically~*~*~ (outnumbered).
  9108 | D:6      | 9108 ||| Stepping ~*~*~tactically~*~*~ (outnumbered).
  9110 | D:6      | 9110 ||| Stepping ~*~*~tactically~*~*~ (outnumbered).
  9122 | D:6      | 9122 ||| Stepping ~*~*~tactically~*~*~ (outnumbered).
  9124 | D:6      | 9124 ||| Stepping ~*~*~tactically~*~*~ (outnumbered).
  9126 | D:6      | 9126 ||| Stepping ~*~*~tactically~*~*~ (outnumbered).
  9128 | D:6      | 9128 ||| Stepping ~*~*~tactically~*~*~ (outnumbered).
  9130 | D:6      | 9130 ||| Stepping ~*~*~tactically~*~*~ (outnumbered).
  9142 | D:6      | 9142 ||| Stepping ~*~*~tactically~*~*~ (outnumbered).
  9144 | D:6      | 9144 ||| Stepping ~*~*~tactically~*~*~ (outnumbered).
  9146 | D:6      | 9146 ||| Stepping ~*~*~tactically~*~*~ (outnumbered).
  9148 | D:6      | 9148 ||| Stepping ~*~*~tactically~*~*~ (outnumbered).
  9150 | D:6      | 9150 ||| Stepping ~*~*~tactically~*~*~ (outnumbered).
  9162 | D:6      | 9162 ||| Stepping ~*~*~tactically~*~*~ (outnumbered).
  9164 | D:6      | 9164 ||| Stepping ~*~*~tactically~*~*~ (outnumbered).
  9166 | D:6      | 9166 ||| Stepping ~*~*~tactically~*~*~ (outnumbered).
  9168 | D:6      | 9168 ||| Stepping ~*~*~tactically~*~*~ (outnumbered).
  9170 | D:6      | 9170 ||| Stepping ~*~*~tactically~*~*~ (outnumbered).
  9182 | D:6      | 9182 ||| Stepping ~*~*~tactically~*~*~ (outnumbered).
  9184 | D:6      | 9184 ||| Stepping ~*~*~tactically~*~*~ (outnumbered).
  9186 | D:6      | 9186 ||| Stepping ~*~*~tactically~*~*~ (outnumbered).
  9188 | D:6      | 9188 ||| Stepping ~*~*~tactically~*~*~ (outnumbered).
  9190 | D:6      | 9190 ||| Stepping ~*~*~tactically~*~*~ (outnumbered).
  9202 | D:6      | 9202 ||| Stepping ~*~*~tactically~*~*~ (outnumbered).
  9204 | D:6      | 9204 ||| Stepping ~*~*~tactically~*~*~ (outnumbered).
  9206 | D:6      | 9206 ||| Stepping ~*~*~tactically~*~*~ (outnumbered).
  9208 | D:6      | 9208 ||| Stepping ~*~*~tactically~*~*~ (outnumbered).
  9210 | D:6      | 9210 ||| Stepping ~*~*~tactically~*~*~ (outnumbered).
  9222 | D:6      | 9222 ||| Stepping ~*~*~tactically~*~*~ (outnumbered).
  9224 | D:6      | 9224 ||| Stepping ~*~*~tactically~*~*~ (outnumbered).
  9226 | D:6      | 9226 ||| Stepping ~*~*~tactically~*~*~ (outnumbered).
  9228 | D:6      | 9228 ||| Stepping ~*~*~tactically~*~*~ (outnumbered).
  9230 | D:6      | 9230 ||| Stepping ~*~*~tactically~*~*~ (outnumbered).
  9242 | D:6      | 9242 ||| Stepping ~*~*~tactically~*~*~ (outnumbered).
  9244 | D:6      | 9244 ||| Stepping ~*~*~tactically~*~*~ (outnumbered).
  9246 | D:6      | 9246 ||| Stepping ~*~*~tactically~*~*~ (outnumbered).
  9248 | D:6      | 9248 ||| Stepping ~*~*~tactically~*~*~ (outnumbered).
  9250 | D:6      | 9250 ||| Stepping ~*~*~tactically~*~*~ (outnumbered).
  9262 | D:6      | 9262 ||| Stepping ~*~*~tactically~*~*~ (outnumbered).
  9264 | D:6      | 9264 ||| Stepping ~*~*~tactically~*~*~ (outnumbered).
  9266 | D:6      | 9266 ||| Stepping ~*~*~tactically~*~*~ (outnumbered).
  9268 | D:6      | 9268 ||| Stepping ~*~*~tactically~*~*~ (outnumbered).
  9270 | D:6      | 9270 ||| Stepping ~*~*~tactically~*~*~ (outnumbered).
  9282 | D:6      | 9282 ||| Stepping ~*~*~tactically~*~*~ (outnumbered).
  9284 | D:6      | 9284 ||| Stepping ~*~*~tactically~*~*~ (outnumbered).
  9286 | D:6      | 9286 ||| Stepping ~*~*~tactically~*~*~ (outnumbered).
  9288 | D:6      | 9288 ||| Stepping ~*~*~tactically~*~*~ (outnumbered).
  9290 | D:6      | 9290 ||| Stepping ~*~*~tactically~*~*~ (outnumbered).
  9302 | D:6      | 9302 ||| Stepping ~*~*~tactically~*~*~ (outnumbered).
  9304 | D:6      | 9304 ||| Stepping ~*~*~tactically~*~*~ (outnumbered).
  9306 | D:6      | 9306 ||| Stepping ~*~*~tactically~*~*~ (outnumbered).
  9308 | D:6      | 9308 ||| Stepping ~*~*~tactically~*~*~ (outnumbered).
  9310 | D:6      | 9310 ||| Stepping ~*~*~tactically~*~*~ (outnumbered).
  9322 | D:6      | 9322 ||| Stepping ~*~*~tactically~*~*~ (outnumbered).
  9324 | D:6      | 9324 ||| Stepping ~*~*~tactically~*~*~ (outnumbered).
  9326 | D:6      | 9326 ||| Stepping ~*~*~tactically~*~*~ (outnumbered).
  9328 | D:6      | 9328 ||| Stepping ~*~*~tactically~*~*~ (outnumbered).
  9330 | D:6      | 9330 ||| Stepping ~*~*~tactically~*~*~ (outnumbered).
  9342 | D:6      | 9342 ||| Stepping ~*~*~tactically~*~*~ (outnumbered).
  9344 | D:6      | 9344 ||| Stepping ~*~*~tactically~*~*~ (outnumbered).
  9346 | D:6      | 9346 ||| Stepping ~*~*~tactically~*~*~ (outnumbered).
  9348 | D:6      | 9348 ||| Stepping ~*~*~tactically~*~*~ (outnumbered).
  9350 | D:6      | 9350 ||| Stepping ~*~*~tactically~*~*~ (outnumbered).
  9362 | D:6      | 9362 ||| Stepping ~*~*~tactically~*~*~ (outnumbered).
  9364 | D:6      | 9364 ||| Stepping ~*~*~tactically~*~*~ (outnumbered).
  9366 | D:6      | 9366 ||| Stepping ~*~*~tactically~*~*~ (outnumbered).
  9368 | D:6      | 9368 ||| Stepping ~*~*~tactically~*~*~ (outnumbered).
  9370 | D:6      | 9370 ||| Stepping ~*~*~tactically~*~*~ (outnumbered).
  9382 | D:6      | 9382 ||| Stepping ~*~*~tactically~*~*~ (outnumbered).
  9384 | D:6      | 9384 ||| Stepping ~*~*~tactically~*~*~ (outnumbered).
  9386 | D:6      | 9386 ||| Stepping ~*~*~tactically~*~*~ (outnumbered).
  9388 | D:6      | 9388 ||| Stepping ~*~*~tactically~*~*~ (outnumbered).
  9390 | D:6      | 9390 ||| Stepping ~*~*~tactically~*~*~ (outnumbered).
  9402 | D:6      | 9402 ||| Stepping ~*~*~tactically~*~*~ (outnumbered).
  9404 | D:6      | 9404 ||| Stepping ~*~*~tactically~*~*~ (outnumbered).
  9406 | D:6      | 9406 ||| Stepping ~*~*~tactically~*~*~ (outnumbered).
  9408 | D:6      | 9408 ||| Stepping ~*~*~tactically~*~*~ (outnumbered).
  9410 | D:6      | 9410 ||| Stepping ~*~*~tactically~*~*~ (outnumbered).
  9422 | D:6      | 9422 ||| Stepping ~*~*~tactically~*~*~ (outnumbered).
  9424 | D:6      | 9424 ||| Stepping ~*~*~tactically~*~*~ (outnumbered).
  9426 | D:6      | 9426 ||| Stepping ~*~*~tactically~*~*~ (outnumbered).
  9428 | D:6      | 9428 ||| Stepping ~*~*~tactically~*~*~ (outnumbered).
  9430 | D:6      | 9430 ||| Stepping ~*~*~tactically~*~*~ (outnumbered).
  9442 | D:6      | 9442 ||| Stepping ~*~*~tactically~*~*~ (outnumbered).
  9444 | D:6      | 9444 ||| Stepping ~*~*~tactically~*~*~ (outnumbered).
  9446 | D:6      | 9446 ||| Stepping ~*~*~tactically~*~*~ (outnumbered).
  9448 | D:6      | 9448 ||| Stepping ~*~*~tactically~*~*~ (outnumbered).
  9450 | D:6      | 9450 ||| Stepping ~*~*~tactically~*~*~ (outnumbered).
  9462 | D:6      | 9462 ||| Stepping ~*~*~tactically~*~*~ (outnumbered).
  9464 | D:6      | 9464 ||| Stepping ~*~*~tactically~*~*~ (outnumbered).
  9466 | D:6      | 9466 ||| Stepping ~*~*~tactically~*~*~ (outnumbered).
  9468 | D:6      | 9468 ||| Stepping ~*~*~tactically~*~*~ (outnumbered).
  9470 | D:6      | 9470 ||| Stepping ~*~*~tactically~*~*~ (outnumbered).
  9482 | D:6      | 9482 ||| Stepping ~*~*~tactically~*~*~ (outnumbered).
  9484 | D:6      | 9484 ||| Stepping ~*~*~tactically~*~*~ (outnumbered).
  9486 | D:6      | 9486 ||| Stepping ~*~*~tactically~*~*~ (outnumbered).
  9488 | D:6      | 9488 ||| Stepping ~*~*~tactically~*~*~ (outnumbered).
  9490 | D:6      | 9490 ||| Stepping ~*~*~tactically~*~*~ (outnumbered).
  9502 | D:6      | 9502 ||| Stepping ~*~*~tactically~*~*~ (outnumbered).
  9504 | D:6      | 9504 ||| Stepping ~*~*~tactically~*~*~ (outnumbered).
  9506 | D:6      | 9506 ||| Stepping ~*~*~tactically~*~*~ (outnumbered).
  9508 | D:6      | 9508 ||| Stepping ~*~*~tactically~*~*~ (outnumbered).
  9510 | D:6      | 9510 ||| Stepping ~*~*~tactically~*~*~ (outnumbered).
  9522 | D:6      | 9522 ||| Stepping ~*~*~tactically~*~*~ (outnumbered).
  9524 | D:6      | 9524 ||| Stepping ~*~*~tactically~*~*~ (outnumbered).
  9526 | D:6      | 9526 ||| Stepping ~*~*~tactically~*~*~ (outnumbered).
  9528 | D:6      | 9528 ||| Stepping ~*~*~tactically~*~*~ (outnumbered).
  9530 | D:6      | 9530 ||| Stepping ~*~*~tactically~*~*~ (outnumbered).
  9542 | D:6      | 9542 ||| Stepping ~*~*~tactically~*~*~ (outnumbered).
  9544 | D:6      | 9544 ||| Stepping ~*~*~tactically~*~*~ (outnumbered).
  9546 | D:6      | 9546 ||| Stepping ~*~*~tactically~*~*~ (outnumbered).
  9548 | D:6      | 9548 ||| Stepping ~*~*~tactically~*~*~ (outnumbered).
  9550 | D:6      | 9550 ||| Stepping ~*~*~tactically~*~*~ (outnumbered).
  9562 | D:6      | 9562 ||| Stepping ~*~*~tactically~*~*~ (outnumbered).
  9564 | D:6      | 9564 ||| Stepping ~*~*~tactically~*~*~ (outnumbered).
  9566 | D:6      | 9566 ||| Stepping ~*~*~tactically~*~*~ (outnumbered).
  9568 | D:6      | 9568 ||| Stepping ~*~*~tactically~*~*~ (outnumbered).
  9570 | D:6      | 9570 ||| Stepping ~*~*~tactically~*~*~ (outnumbered).
  9582 | D:6      | 9582 ||| Stepping ~*~*~tactically~*~*~ (outnumbered).
  9584 | D:6      | 9584 ||| Stepping ~*~*~tactically~*~*~ (outnumbered).
  9586 | D:6      | 9586 ||| Stepping ~*~*~tactically~*~*~ (outnumbered).
  9588 | D:6      | 9588 ||| Stepping ~*~*~tactically~*~*~ (outnumbered).
  9590 | D:6      | 9590 ||| Stepping ~*~*~tactically~*~*~ (outnumbered).
  9602 | D:6      | 9602 ||| Stepping ~*~*~tactically~*~*~ (outnumbered).
  9604 | D:6      | 9604 ||| Stepping ~*~*~tactically~*~*~ (outnumbered).
  9606 | D:6      | 9606 ||| Stepping ~*~*~tactically~*~*~ (outnumbered).
  9608 | D:6      | 9608 ||| Stepping ~*~*~tactically~*~*~ (outnumbered).
  9610 | D:6      | 9610 ||| Stepping ~*~*~tactically~*~*~ (outnumbered).
  9622 | D:6      | 9622 ||| Stepping ~*~*~tactically~*~*~ (outnumbered).
  9624 | D:6      | 9624 ||| Stepping ~*~*~tactically~*~*~ (outnumbered).
  9626 | D:6      | 9626 ||| Stepping ~*~*~tactically~*~*~ (outnumbered).
  9628 | D:6      | 9628 ||| Stepping ~*~*~tactically~*~*~ (outnumbered).
  9630 | D:6      | 9630 ||| Stepping ~*~*~tactically~*~*~ (outnumbered).
  9642 | D:6      | 9642 ||| Stepping ~*~*~tactically~*~*~ (outnumbered).
  9644 | D:6      | 9644 ||| Stepping ~*~*~tactically~*~*~ (outnumbered).
  9646 | D:6      | 9646 ||| Stepping ~*~*~tactically~*~*~ (outnumbered).
  9648 | D:6      | 9648 ||| Stepping ~*~*~tactically~*~*~ (outnumbered).
  9650 | D:6      | 9650 ||| Stepping ~*~*~tactically~*~*~ (outnumbered).
  9662 | D:6      | 9662 ||| Stepping ~*~*~tactically~*~*~ (outnumbered).
  9664 | D:6      | 9664 ||| Stepping ~*~*~tactically~*~*~ (outnumbered).
  9666 | D:6      | 9666 ||| Stepping ~*~*~tactically~*~*~ (outnumbered).
  9668 | D:6      | 9668 ||| Stepping ~*~*~tactically~*~*~ (outnumbered).
  9670 | D:6      | 9670 ||| Stepping ~*~*~tactically~*~*~ (outnumbered).
  9682 | D:6      | 9682 ||| Stepping ~*~*~tactically~*~*~ (outnumbered).
  9684 | D:6      | 9684 ||| Stepping ~*~*~tactically~*~*~ (outnumbered).
  9686 | D:6      | 9686 ||| Stepping ~*~*~tactically~*~*~ (outnumbered).
  9688 | D:6      | 9688 ||| Stepping ~*~*~tactically~*~*~ (outnumbered).
  9690 | D:6      | 9690 ||| Stepping ~*~*~tactically~*~*~ (outnumbered).
  9702 | D:6      | 9702 ||| Stepping ~*~*~tactically~*~*~ (outnumbered).
  9704 | D:6      | 9704 ||| Stepping ~*~*~tactically~*~*~ (outnumbered).
  9706 | D:6      | 9706 ||| Stepping ~*~*~tactically~*~*~ (outnumbered).
  9708 | D:6      | 9708 ||| Stepping ~*~*~tactically~*~*~ (outnumbered).
  9710 | D:6      | 9710 ||| Stepping ~*~*~tactically~*~*~ (outnumbered).
  9722 | D:6      | 9722 ||| Stepping ~*~*~tactically~*~*~ (outnumbered).
  9724 | D:6      | 9724 ||| Stepping ~*~*~tactically~*~*~ (outnumbered).
  9726 | D:6      | 9726 ||| Stepping ~*~*~tactically~*~*~ (outnumbered).
  9728 | D:6      | 9728 ||| Stepping ~*~*~tactically~*~*~ (outnumbered).
  9730 | D:6      | 9730 ||| Stepping ~*~*~tactically~*~*~ (outnumbered).
  9742 | D:6      | 9742 ||| Stepping ~*~*~tactically~*~*~ (outnumbered).
  9744 | D:6      | 9744 ||| Stepping ~*~*~tactically~*~*~ (outnumbered).
  9746 | D:6      | 9746 ||| Stepping ~*~*~tactically~*~*~ (outnumbered).
  9748 | D:6      | 9748 ||| Stepping ~*~*~tactically~*~*~ (outnumbered).
  9750 | D:6      | 9750 ||| Stepping ~*~*~tactically~*~*~ (outnumbered).
  9762 | D:6      | 9762 ||| Stepping ~*~*~tactically~*~*~ (outnumbered).
  9764 | D:6      | 9764 ||| Stepping ~*~*~tactically~*~*~ (outnumbered).
  9766 | D:6      | 9766 ||| Stepping ~*~*~tactically~*~*~ (outnumbered).
  9768 | D:6      | 9768 ||| Stepping ~*~*~tactically~*~*~ (outnumbered).
  9770 | D:6      | 9770 ||| Stepping ~*~*~tactically~*~*~ (outnumbered).
  9782 | D:6      | 9782 ||| Stepping ~*~*~tactically~*~*~ (outnumbered).
  9784 | D:6      | 9784 ||| Stepping ~*~*~tactically~*~*~ (outnumbered).
  9786 | D:6      | 9786 ||| Stepping ~*~*~tactically~*~*~ (outnumbered).
  9788 | D:6      | 9788 ||| Stepping ~*~*~tactically~*~*~ (outnumbered).
  9790 | D:6      | 9790 ||| Stepping ~*~*~tactically~*~*~ (outnumbered).
  9802 | D:6      | 9802 ||| Stepping ~*~*~tactically~*~*~ (outnumbered).
  9804 | D:6      | 9804 ||| Stepping ~*~*~tactically~*~*~ (outnumbered).
  9806 | D:6      | 9806 ||| Stepping ~*~*~tactically~*~*~ (outnumbered).
  9808 | D:6      | 9808 ||| Stepping ~*~*~tactically~*~*~ (outnumbered).
  9810 | D:6      | 9810 ||| Stepping ~*~*~tactically~*~*~ (outnumbered).
  9822 | D:6      | 9822 ||| Stepping ~*~*~tactically~*~*~ (outnumbered).
  9824 | D:6      | 9824 ||| Stepping ~*~*~tactically~*~*~ (outnumbered).
  9826 | D:6      | 9826 ||| Stepping ~*~*~tactically~*~*~ (outnumbered).
  9828 | D:6      | 9828 ||| Stepping ~*~*~tactically~*~*~ (outnumbered).
  9830 | D:6      | 9830 ||| Stepping ~*~*~tactically~*~*~ (outnumbered).
  9842 | D:6      | 9842 ||| Stepping ~*~*~tactically~*~*~ (outnumbered).
  9844 | D:6      | 9844 ||| Stepping ~*~*~tactically~*~*~ (outnumbered).
  9846 | D:6      | 9846 ||| Stepping ~*~*~tactically~*~*~ (outnumbered).
  9848 | D:6      | 9848 ||| Stepping ~*~*~tactically~*~*~ (outnumbered).
  9850 | D:6      | 9850 ||| Stepping ~*~*~tactically~*~*~ (outnumbered).
  9862 | D:6      | 9862 ||| Stepping ~*~*~tactically~*~*~ (outnumbered).
  9864 | D:6      | 9864 ||| Stepping ~*~*~tactically~*~*~ (outnumbered).
  9866 | D:6      | 9866 ||| Stepping ~*~*~tactically~*~*~ (outnumbered).
  9868 | D:6      | 9868 ||| Stepping ~*~*~tactically~*~*~ (outnumbered).
  9870 | D:6      | 9870 ||| Stepping ~*~*~tactically~*~*~ (outnumbered).
  9882 | D:6      | 9882 ||| Stepping ~*~*~tactically~*~*~ (outnumbered).
  9884 | D:6      | 9884 ||| Stepping ~*~*~tactically~*~*~ (outnumbered).
  9886 | D:6      | 9886 ||| Stepping ~*~*~tactically~*~*~ (outnumbered).
  9888 | D:6      | 9888 ||| Stepping ~*~*~tactically~*~*~ (outnumbered).
  9890 | D:6      | 9890 ||| Stepping ~*~*~tactically~*~*~ (outnumbered).
  9902 | D:6      | 9902 ||| Stepping ~*~*~tactically~*~*~ (outnumbered).
  9904 | D:6      | 9904 ||| Stepping ~*~*~tactically~*~*~ (outnumbered).
  9906 | D:6      | 9906 ||| Stepping ~*~*~tactically~*~*~ (outnumbered).
  9908 | D:6      | 9908 ||| Stepping ~*~*~tactically~*~*~ (outnumbered).
  9910 | D:6      | 9910 ||| Stepping ~*~*~tactically~*~*~ (outnumbered).
  9922 | D:6      | 9922 ||| Stepping ~*~*~tactically~*~*~ (outnumbered).
  9924 | D:6      | 9924 ||| Stepping ~*~*~tactically~*~*~ (outnumbered).
  9926 | D:6      | 9926 ||| Stepping ~*~*~tactically~*~*~ (outnumbered).
  9928 | D:6      | 9928 ||| Stepping ~*~*~tactically~*~*~ (outnumbered).
  9930 | D:6      | 9930 ||| Stepping ~*~*~tactically~*~*~ (outnumbered).
  9942 | D:6      | 9942 ||| Stepping ~*~*~tactically~*~*~ (outnumbered).
  9944 | D:6      | 9944 ||| Stepping ~*~*~tactically~*~*~ (outnumbered).
  9946 | D:6      | 9946 ||| Stepping ~*~*~tactically~*~*~ (outnumbered).
  9948 | D:6      | 9948 ||| Stepping ~*~*~tactically~*~*~ (outnumbered).
  9950 | D:6      | 9950 ||| Stepping ~*~*~tactically~*~*~ (outnumbered).
  9962 | D:6      | 9962 ||| Stepping ~*~*~tactically~*~*~ (outnumbered).
  9964 | D:6      | 9964 ||| Stepping ~*~*~tactically~*~*~ (outnumbered).
  9966 | D:6      | 9966 ||| Stepping ~*~*~tactically~*~*~ (outnumbered).
  9968 | D:6      | 9968 ||| Stepping ~*~*~tactically~*~*~ (outnumbered).
  9970 | D:6      | 9970 ||| Stepping ~*~*~tactically~*~*~ (outnumbered).
  9982 | D:6      | 9982 ||| Stepping ~*~*~tactically~*~*~ (outnumbered).
  9984 | D:6      | 9984 ||| Stepping ~*~*~tactically~*~*~ (outnumbered).
  9986 | D:6      | 9986 ||| Stepping ~*~*~tactically~*~*~ (outnumbered).
  9988 | D:6      | 9988 ||| Stepping ~*~*~tactically~*~*~ (outnumbered).
  9990 | D:6      | 9990 ||| Stepping ~*~*~tactically~*~*~ (outnumbered).
 10002 | D:6      | 10002 ||| Stepping ~*~*~tactically~*~*~ (outnumbered).
 10004 | D:6      | 10004 ||| Stepping ~*~*~tactically~*~*~ (outnumbered).
 10006 | D:6      | 10006 ||| Stepping ~*~*~tactically~*~*~ (outnumbered).
 10008 | D:6      | 10008 ||| Stepping ~*~*~tactically~*~*~ (outnumbered).
 10010 | D:6      | 10010 ||| Stepping ~*~*~tactically~*~*~ (outnumbered).
 10022 | D:6      | 10022 ||| Stepping ~*~*~tactically~*~*~ (outnumbered).
 10024 | D:6      | 10024 ||| Stepping ~*~*~tactically~*~*~ (outnumbered).
 10026 | D:6      | 10026 ||| Stepping ~*~*~tactically~*~*~ (outnumbered).
 10028 | D:6      | 10028 ||| Stepping ~*~*~tactically~*~*~ (outnumbered).
 10030 | D:6      | 10030 ||| Stepping ~*~*~tactically~*~*~ (outnumbered).
 10042 | D:6      | 10042 ||| Stepping ~*~*~tactically~*~*~ (outnumbered).
 10044 | D:6      | 10044 ||| Stepping ~*~*~tactically~*~*~ (outnumbered).
 10046 | D:6      | 10046 ||| Stepping ~*~*~tactically~*~*~ (outnumbered).
 10048 | D:6      | 10048 ||| Stepping ~*~*~tactically~*~*~ (outnumbered).
 10050 | D:6      | 10050 ||| Stepping ~*~*~tactically~*~*~ (outnumbered).
 10062 | D:6      | 10062 ||| Stepping ~*~*~tactically~*~*~ (outnumbered).
 10064 | D:6      | 10064 ||| Stepping ~*~*~tactically~*~*~ (outnumbered).
 10066 | D:6      | 10066 ||| Stepping ~*~*~tactically~*~*~ (outnumbered).
 10068 | D:6      | 10068 ||| Stepping ~*~*~tactically~*~*~ (outnumbered).
 10070 | D:6      | 10070 ||| Stepping ~*~*~tactically~*~*~ (outnumbered).
 10082 | D:6      | 10082 ||| Stepping ~*~*~tactically~*~*~ (outnumbered).
 10084 | D:6      | 10084 ||| Stepping ~*~*~tactically~*~*~ (outnumbered).
 10086 | D:6      | 10086 ||| Stepping ~*~*~tactically~*~*~ (outnumbered).
 10088 | D:6      | 10088 ||| Stepping ~*~*~tactically~*~*~ (outnumbered).
 10090 | D:6      | 10090 ||| Stepping ~*~*~tactically~*~*~ (outnumbered).
 10102 | D:6      | 10102 ||| Stepping ~*~*~tactically~*~*~ (outnumbered).
 10104 | D:6      | 10104 ||| Stepping ~*~*~tactically~*~*~ (outnumbered).
 10106 | D:6      | 10106 ||| Stepping ~*~*~tactically~*~*~ (outnumbered).
 10108 | D:6      | 10108 ||| Stepping ~*~*~tactically~*~*~ (outnumbered).
 10110 | D:6      | 10110 ||| Stepping ~*~*~tactically~*~*~ (outnumbered).
 10122 | D:6      | 10122 ||| Stepping ~*~*~tactically~*~*~ (outnumbered).
 10124 | D:6      | 10124 ||| Stepping ~*~*~tactically~*~*~ (outnumbered).
 10126 | D:6      | 10126 ||| Stepping ~*~*~tactically~*~*~ (outnumbered).
 10128 | D:6      | 10128 ||| Stepping ~*~*~tactically~*~*~ (outnumbered).
 10130 | D:6      | 10130 ||| Stepping ~*~*~tactically~*~*~ (outnumbered).
 10142 | D:6      | 10142 ||| Stepping ~*~*~tactically~*~*~ (outnumbered).
 10144 | D:6      | 10144 ||| Stepping ~*~*~tactically~*~*~ (outnumbered).
 10146 | D:6      | 10146 ||| Stepping ~*~*~tactically~*~*~ (outnumbered).
 10148 | D:6      | 10148 ||| Stepping ~*~*~tactically~*~*~ (outnumbered).
 10150 | D:6      | 10150 ||| Stepping ~*~*~tactically~*~*~ (outnumbered).
 10162 | D:6      | 10162 ||| Stepping ~*~*~tactically~*~*~ (outnumbered).
 10164 | D:6      | 10164 ||| Stepping ~*~*~tactically~*~*~ (outnumbered).
 10166 | D:6      | 10166 ||| Stepping ~*~*~tactically~*~*~ (outnumbered).
 10168 | D:6      | 10168 ||| Stepping ~*~*~tactically~*~*~ (outnumbered).
 10170 | D:6      | 10170 ||| Stepping ~*~*~tactically~*~*~ (outnumbered).
 10182 | D:6      | 10182 ||| Stepping ~*~*~tactically~*~*~ (outnumbered).
 10184 | D:6      | 10184 ||| Stepping ~*~*~tactically~*~*~ (outnumbered).
 10186 | D:6      | 10186 ||| Stepping ~*~*~tactically~*~*~ (outnumbered).
 10188 | D:6      | 10188 ||| Stepping ~*~*~tactically~*~*~ (outnumbered).
 10190 | D:6      | 10190 ||| Stepping ~*~*~tactically~*~*~ (outnumbered).
 10202 | D:6      | 10202 ||| Stepping ~*~*~tactically~*~*~ (outnumbered).
 10204 | D:6      | 10204 ||| Stepping ~*~*~tactically~*~*~ (outnumbered).
 10206 | D:6      | 10206 ||| Stepping ~*~*~tactically~*~*~ (outnumbered).
 10208 | D:6      | 10208 ||| Stepping ~*~*~tactically~*~*~ (outnumbered).
 10210 | D:6      | 10210 ||| Stepping ~*~*~tactically~*~*~ (outnumbered).
 10222 | D:6      | 10222 ||| Stepping ~*~*~tactically~*~*~ (outnumbered).
 10224 | D:6      | 10224 ||| Stepping ~*~*~tactically~*~*~ (outnumbered).
 10226 | D:6      | 10226 ||| Stepping ~*~*~tactically~*~*~ (outnumbered).
 10228 | D:6      | 10228 ||| Stepping ~*~*~tactically~*~*~ (outnumbered).
 10230 | D:6      | 10230 ||| Stepping ~*~*~tactically~*~*~ (outnumbered).
 10242 | D:6      | 10242 ||| Stepping ~*~*~tactically~*~*~ (outnumbered).
 10244 | D:6      | 10244 ||| Stepping ~*~*~tactically~*~*~ (outnumbered).
 10246 | D:6      | 10246 ||| Stepping ~*~*~tactically~*~*~ (outnumbered).
 10248 | D:6      | 10248 ||| Stepping ~*~*~tactically~*~*~ (outnumbered).
 10250 | D:6      | 10250 ||| Stepping ~*~*~tactically~*~*~ (outnumbered).
 10262 | D:6      | 10262 ||| Stepping ~*~*~tactically~*~*~ (outnumbered).
 10264 | D:6      | 10264 ||| Stepping ~*~*~tactically~*~*~ (outnumbered).
 10266 | D:6      | 10266 ||| Stepping ~*~*~tactically~*~*~ (outnumbered).
 10268 | D:6      | 10268 ||| Stepping ~*~*~tactically~*~*~ (outnumbered).
 10270 | D:6      | 10270 ||| Stepping ~*~*~tactically~*~*~ (outnumbered).
 10282 | D:6      | 10282 ||| Stepping ~*~*~tactically~*~*~ (outnumbered).
 10284 | D:6      | 10284 ||| Stepping ~*~*~tactically~*~*~ (outnumbered).
 10286 | D:6      | 10286 ||| Stepping ~*~*~tactically~*~*~ (outnumbered).
 10288 | D:6      | 10288 ||| Stepping ~*~*~tactically~*~*~ (outnumbered).
 10290 | D:6      | 10290 ||| Stepping ~*~*~tactically~*~*~ (outnumbered).
 10302 | D:6      | 10302 ||| Stepping ~*~*~tactically~*~*~ (outnumbered).
 10304 | D:6      | 10304 ||| Stepping ~*~*~tactically~*~*~ (outnumbered).
 10306 | D:6      | 10306 ||| Stepping ~*~*~tactically~*~*~ (outnumbered).
 10308 | D:6      | 10308 ||| Stepping ~*~*~tactically~*~*~ (outnumbered).
 10310 | D:6      | 10310 ||| Stepping ~*~*~tactically~*~*~ (outnumbered).
 10322 | D:6      | 10322 ||| Stepping ~*~*~tactically~*~*~ (outnumbered).
 10324 | D:6      | 10324 ||| Stepping ~*~*~tactically~*~*~ (outnumbered).
 10326 | D:6      | 10326 ||| Stepping ~*~*~tactically~*~*~ (outnumbered).
 10328 | D:6      | 10328 ||| Stepping ~*~*~tactically~*~*~ (outnumbered).
 10330 | D:6      | 10330 ||| Stepping ~*~*~tactically~*~*~ (outnumbered).
 10342 | D:6      | 10342 ||| Stepping ~*~*~tactically~*~*~ (outnumbered).
 10344 | D:6      | 10344 ||| Stepping ~*~*~tactically~*~*~ (outnumbered).
 10346 | D:6      | 10346 ||| Stepping ~*~*~tactically~*~*~ (outnumbered).
 10348 | D:6      | 10348 ||| Stepping ~*~*~tactically~*~*~ (outnumbered).
 10350 | D:6      | 10350 ||| Stepping ~*~*~tactically~*~*~ (outnumbered).
 10362 | D:6      | 10362 ||| Stepping ~*~*~tactically~*~*~ (outnumbered).
 10364 | D:6      | 10364 ||| Stepping ~*~*~tactically~*~*~ (outnumbered).
 10366 | D:6      | 10366 ||| Stepping ~*~*~tactically~*~*~ (outnumbered).
 10368 | D:6      | 10368 ||| Stepping ~*~*~tactically~*~*~ (outnumbered).
 10370 | D:6      | 10370 ||| Stepping ~*~*~tactically~*~*~ (outnumbered).
 10382 | D:6      | 10382 ||| Stepping ~*~*~tactically~*~*~ (outnumbered).
 10384 | D:6      | 10384 ||| Stepping ~*~*~tactically~*~*~ (outnumbered).
 10386 | D:6      | 10386 ||| Stepping ~*~*~tactically~*~*~ (outnumbered).
 10388 | D:6      | 10388 ||| Stepping ~*~*~tactically~*~*~ (outnumbered).
 10390 | D:6      | 10390 ||| Stepping ~*~*~tactically~*~*~ (outnumbered).
 10402 | D:6      | 10402 ||| Stepping ~*~*~tactically~*~*~ (outnumbered).
 10404 | D:6      | 10404 ||| Stepping ~*~*~tactically~*~*~ (outnumbered).
 10406 | D:6      | 10406 ||| Stepping ~*~*~tactically~*~*~ (outnumbered).
 10408 | D:6      | 10408 ||| Stepping ~*~*~tactically~*~*~ (outnumbered).
 10410 | D:6      | 10410 ||| Stepping ~*~*~tactically~*~*~ (outnumbered).
 10422 | D:6      | 10422 ||| Stepping ~*~*~tactically~*~*~ (outnumbered).
 10424 | D:6      | 10424 ||| Stepping ~*~*~tactically~*~*~ (outnumbered).
 10426 | D:6      | 10426 ||| Stepping ~*~*~tactically~*~*~ (outnumbered).
 10428 | D:6      | 10428 ||| Stepping ~*~*~tactically~*~*~ (outnumbered).
 10430 | D:6      | 10430 ||| Stepping ~*~*~tactically~*~*~ (outnumbered).
 10442 | D:6      | 10442 ||| Stepping ~*~*~tactically~*~*~ (outnumbered).
 10444 | D:6      | 10444 ||| Stepping ~*~*~tactically~*~*~ (outnumbered).
 10446 | D:6      | 10446 ||| Stepping ~*~*~tactically~*~*~ (outnumbered).
 10448 | D:6      | 10448 ||| Stepping ~*~*~tactically~*~*~ (outnumbered).
 10450 | D:6      | 10450 ||| Stepping ~*~*~tactically~*~*~ (outnumbered).
 10462 | D:6      | 10462 ||| Stepping ~*~*~tactically~*~*~ (outnumbered).
 10464 | D:6      | 10464 ||| Stepping ~*~*~tactically~*~*~ (outnumbered).
 10466 | D:6      | 10466 ||| Stepping ~*~*~tactically~*~*~ (outnumbered).
 10468 | D:6      | 10468 ||| Stepping ~*~*~tactically~*~*~ (outnumbered).
 10470 | D:6      | 10470 ||| Stepping ~*~*~tactically~*~*~ (outnumbered).
 10482 | D:6      | 10482 ||| Stepping ~*~*~tactically~*~*~ (outnumbered).
 10484 | D:6      | 10484 ||| Stepping ~*~*~tactically~*~*~ (outnumbered).
 10486 | D:6      | 10486 ||| Stepping ~*~*~tactically~*~*~ (outnumbered).
 10488 | D:6      | 10488 ||| Stepping ~*~*~tactically~*~*~ (outnumbered).
 10490 | D:6      | 10490 ||| Stepping ~*~*~tactically~*~*~ (outnumbered).
 10502 | D:6      | 10502 ||| Stepping ~*~*~tactically~*~*~ (outnumbered).
 10504 | D:6      | 10504 ||| Stepping ~*~*~tactically~*~*~ (outnumbered).
 10506 | D:6      | 10506 ||| Stepping ~*~*~tactically~*~*~ (outnumbered).
 10508 | D:6      | 10508 ||| Stepping ~*~*~tactically~*~*~ (outnumbered).
 10510 | D:6      | 10510 ||| Stepping ~*~*~tactically~*~*~ (outnumbered).
 10522 | D:6      | 10522 ||| Stepping ~*~*~tactically~*~*~ (outnumbered).
 10524 | D:6      | 10524 ||| Stepping ~*~*~tactically~*~*~ (outnumbered).
 10526 | D:6      | 10526 ||| Stepping ~*~*~tactically~*~*~ (outnumbered).
 10528 | D:6      | 10528 ||| Stepping ~*~*~tactically~*~*~ (outnumbered).
 10530 | D:6      | 10530 ||| Stepping ~*~*~tactically~*~*~ (outnumbered).
 10542 | D:6      | 10542 ||| Stepping ~*~*~tactically~*~*~ (outnumbered).
 10544 | D:6      | 10544 ||| Stepping ~*~*~tactically~*~*~ (outnumbered).
 10546 | D:6      | 10546 ||| Stepping ~*~*~tactically~*~*~ (outnumbered).
 10548 | D:6      | 10548 ||| Stepping ~*~*~tactically~*~*~ (outnumbered).
 10550 | D:6      | 10550 ||| Stepping ~*~*~tactically~*~*~ (outnumbered).
 10562 | D:6      | 10562 ||| Stepping ~*~*~tactically~*~*~ (outnumbered).
 10564 | D:6      | 10564 ||| Stepping ~*~*~tactically~*~*~ (outnumbered).
 10566 | D:6      | 10566 ||| Stepping ~*~*~tactically~*~*~ (outnumbered).
 10568 | D:6      | 10568 ||| Stepping ~*~*~tactically~*~*~ (outnumbered).
 10570 | D:6      | 10570 ||| Stepping ~*~*~tactically~*~*~ (outnumbered).
 10582 | D:6      | 10582 ||| Stepping ~*~*~tactically~*~*~ (outnumbered).
 10584 | D:6      | 10584 ||| Stepping ~*~*~tactically~*~*~ (outnumbered).
 10586 | D:6      | 10586 ||| Stepping ~*~*~tactically~*~*~ (outnumbered).
 10588 | D:6      | 10588 ||| Stepping ~*~*~tactically~*~*~ (outnumbered).
 10590 | D:6      | 10590 ||| Stepping ~*~*~tactically~*~*~ (outnumbered).
 10602 | D:6      | 10602 ||| Stepping ~*~*~tactically~*~*~ (outnumbered).
 10604 | D:6      | 10604 ||| Stepping ~*~*~tactically~*~*~ (outnumbered).
 10606 | D:6      | 10606 ||| Stepping ~*~*~tactically~*~*~ (outnumbered).
 10608 | D:6      | 10608 ||| Stepping ~*~*~tactically~*~*~ (outnumbered).
 10610 | D:6      | 10610 ||| Stepping ~*~*~tactically~*~*~ (outnumbered).
 10622 | D:6      | 10622 ||| Stepping ~*~*~tactically~*~*~ (outnumbered).
 10624 | D:6      | 10624 ||| Stepping ~*~*~tactically~*~*~ (outnumbered).
 10626 | D:6      | 10626 ||| Stepping ~*~*~tactically~*~*~ (outnumbered).
 10628 | D:6      | 10628 ||| Stepping ~*~*~tactically~*~*~ (outnumbered).
 10630 | D:6      | 10630 ||| Stepping ~*~*~tactically~*~*~ (outnumbered).
 10642 | D:6      | 10642 ||| Stepping ~*~*~tactically~*~*~ (outnumbered).
 10644 | D:6      | 10644 ||| Stepping ~*~*~tactically~*~*~ (outnumbered).
 10646 | D:6      | 10646 ||| Stepping ~*~*~tactically~*~*~ (outnumbered).
 10648 | D:6      | 10648 ||| Stepping ~*~*~tactically~*~*~ (outnumbered).
 10650 | D:6      | 10650 ||| Stepping ~*~*~tactically~*~*~ (outnumbered).
 10662 | D:6      | 10662 ||| Stepping ~*~*~tactically~*~*~ (outnumbered).
 10664 | D:6      | 10664 ||| Stepping ~*~*~tactically~*~*~ (outnumbered).
 10666 | D:6      | 10666 ||| Stepping ~*~*~tactically~*~*~ (outnumbered).
 10668 | D:6      | 10668 ||| Stepping ~*~*~tactically~*~*~ (outnumbered).
 10670 | D:6      | 10670 ||| Stepping ~*~*~tactically~*~*~ (outnumbered).
 10682 | D:6      | 10682 ||| Stepping ~*~*~tactically~*~*~ (outnumbered).
 10684 | D:6      | 10684 ||| Stepping ~*~*~tactically~*~*~ (outnumbered).
 10686 | D:6      | 10686 ||| Stepping ~*~*~tactically~*~*~ (outnumbered).
 10688 | D:6      | 10688 ||| Stepping ~*~*~tactically~*~*~ (outnumbered).
 10690 | D:6      | 10690 ||| Stepping ~*~*~tactically~*~*~ (outnumbered).
 10702 | D:6      | 10702 ||| Stepping ~*~*~tactically~*~*~ (outnumbered).
 10704 | D:6      | 10704 ||| Stepping ~*~*~tactically~*~*~ (outnumbered).
 10706 | D:6      | 10706 ||| Stepping ~*~*~tactically~*~*~ (outnumbered).
 10708 | D:6      | 10708 ||| Stepping ~*~*~tactically~*~*~ (outnumbered).
 10710 | D:6      | 10710 ||| Stepping ~*~*~tactically~*~*~ (outnumbered).
 10722 | D:6      | 10722 ||| Stepping ~*~*~tactically~*~*~ (outnumbered).
 10724 | D:6      | 10724 ||| Stepping ~*~*~tactically~*~*~ (outnumbered).
 10726 | D:6      | 10726 ||| Stepping ~*~*~tactically~*~*~ (outnumbered).
 10728 | D:6      | 10728 ||| Stepping ~*~*~tactically~*~*~ (outnumbered).
 10730 | D:6      | 10730 ||| Stepping ~*~*~tactically~*~*~ (outnumbered).
 10742 | D:6      | 10742 ||| Stepping ~*~*~tactically~*~*~ (outnumbered).
 10744 | D:6      | 10744 ||| Stepping ~*~*~tactically~*~*~ (outnumbered).
 10746 | D:6      | 10746 ||| Stepping ~*~*~tactically~*~*~ (outnumbered).
 10748 | D:6      | 10748 ||| Stepping ~*~*~tactically~*~*~ (outnumbered).
 10750 | D:6      | 10750 ||| Stepping ~*~*~tactically~*~*~ (outnumbered).
 10762 | D:6      | 10762 ||| Stepping ~*~*~tactically~*~*~ (outnumbered).
 10764 | D:6      | 10764 ||| Stepping ~*~*~tactically~*~*~ (outnumbered).
 10766 | D:6      | 10766 ||| Stepping ~*~*~tactically~*~*~ (outnumbered).
 10768 | D:6      | 10768 ||| Stepping ~*~*~tactically~*~*~ (outnumbered).
 10770 | D:6      | 10770 ||| Stepping ~*~*~tactically~*~*~ (outnumbered).
 10782 | D:6      | 10782 ||| Stepping ~*~*~tactically~*~*~ (outnumbered).
 10784 | D:6      | 10784 ||| Stepping ~*~*~tactically~*~*~ (outnumbered).
 10786 | D:6      | 10786 ||| Stepping ~*~*~tactically~*~*~ (outnumbered).
 10788 | D:6      | 10788 ||| Stepping ~*~*~tactically~*~*~ (outnumbered).
 10790 | D:6      | 10790 ||| Stepping ~*~*~tactically~*~*~ (outnumbered).
 10802 | D:6      | 10802 ||| Stepping ~*~*~tactically~*~*~ (outnumbered).
 10804 | D:6      | 10804 ||| Stepping ~*~*~tactically~*~*~ (outnumbered).
 10806 | D:6      | 10806 ||| Stepping ~*~*~tactically~*~*~ (outnumbered).
 10808 | D:6      | 10808 ||| Stepping ~*~*~tactically~*~*~ (outnumbered).
 10810 | D:6      | 10810 ||| Stepping ~*~*~tactically~*~*~ (outnumbered).
 10822 | D:6      | 10822 ||| Stepping ~*~*~tactically~*~*~ (outnumbered).
 10824 | D:6      | 10824 ||| Stepping ~*~*~tactically~*~*~ (outnumbered).
 10826 | D:6      | 10826 ||| Stepping ~*~*~tactically~*~*~ (outnumbered).
 10828 | D:6      | 10828 ||| Stepping ~*~*~tactically~*~*~ (outnumbered).
 10830 | D:6      | 10830 ||| Stepping ~*~*~tactically~*~*~ (outnumbered).
 10842 | D:6      | 10842 ||| Stepping ~*~*~tactically~*~*~ (outnumbered).
 10844 | D:6      | 10844 ||| Stepping ~*~*~tactically~*~*~ (outnumbered).
 10846 | D:6      | 10846 ||| Stepping ~*~*~tactically~*~*~ (outnumbered).
 10848 | D:6      | 10848 ||| Stepping ~*~*~tactically~*~*~ (outnumbered).
 10850 | D:6      | 10850 ||| Stepping ~*~*~tactically~*~*~ (outnumbered).
 10862 | D:6      | 10862 ||| Stepping ~*~*~tactically~*~*~ (outnumbered).
 10864 | D:6      | 10864 ||| Stepping ~*~*~tactically~*~*~ (outnumbered).
 10866 | D:6      | 10866 ||| Stepping ~*~*~tactically~*~*~ (outnumbered).
 10868 | D:6      | 10868 ||| Stepping ~*~*~tactically~*~*~ (outnumbered).
 10870 | D:6      | 10870 ||| Stepping ~*~*~tactically~*~*~ (outnumbered).
 10882 | D:6      | 10882 ||| Stepping ~*~*~tactically~*~*~ (outnumbered).
 10884 | D:6      | 10884 ||| Stepping ~*~*~tactically~*~*~ (outnumbered).
 10886 | D:6      | 10886 ||| Stepping ~*~*~tactically~*~*~ (outnumbered).
 10888 | D:6      | 10888 ||| Stepping ~*~*~tactically~*~*~ (outnumbered).
 10890 | D:6      | 10890 ||| Stepping ~*~*~tactically~*~*~ (outnumbered).
 10902 | D:6      | 10902 ||| Stepping ~*~*~tactically~*~*~ (outnumbered).
 10904 | D:6      | 10904 ||| Stepping ~*~*~tactically~*~*~ (outnumbered).
 10906 | D:6      | 10906 ||| Stepping ~*~*~tactically~*~*~ (outnumbered).
 10908 | D:6      | 10908 ||| Stepping ~*~*~tactically~*~*~ (outnumbered).
 10910 | D:6      | 10910 ||| Stepping ~*~*~tactically~*~*~ (outnumbered).
 10922 | D:6      | 10922 ||| Stepping ~*~*~tactically~*~*~ (outnumbered).
 10924 | D:6      | 10924 ||| Stepping ~*~*~tactically~*~*~ (outnumbered).
 10926 | D:6      | 10926 ||| Stepping ~*~*~tactically~*~*~ (outnumbered).
 10928 | D:6      | 10928 ||| Stepping ~*~*~tactically~*~*~ (outnumbered).
 10930 | D:6      | 10930 ||| Stepping ~*~*~tactically~*~*~ (outnumbered).
 10942 | D:6      | 10942 ||| Stepping ~*~*~tactically~*~*~ (outnumbered).
 10944 | D:6      | 10944 ||| Stepping ~*~*~tactically~*~*~ (outnumbered).
 10946 | D:6      | 10946 ||| Stepping ~*~*~tactically~*~*~ (outnumbered).
 10948 | D:6      | 10948 ||| Stepping ~*~*~tactically~*~*~ (outnumbered).
 10950 | D:6      | 10950 ||| Stepping ~*~*~tactically~*~*~ (outnumbered).
 10962 | D:6      | 10962 ||| Stepping ~*~*~tactically~*~*~ (outnumbered).
 10964 | D:6      | 10964 ||| Stepping ~*~*~tactically~*~*~ (outnumbered).
 10966 | D:6      | 10966 ||| Stepping ~*~*~tactically~*~*~ (outnumbered).
 10968 | D:6      | 10968 ||| Stepping ~*~*~tactically~*~*~ (outnumbered).
 10970 | D:6      | 10970 ||| Stepping ~*~*~tactically~*~*~ (outnumbered).
 10982 | D:6      | 10982 ||| Stepping ~*~*~tactically~*~*~ (outnumbered).
 10984 | D:6      | 10984 ||| Stepping ~*~*~tactically~*~*~ (outnumbered).
 10986 | D:6      | 10986 ||| Stepping ~*~*~tactically~*~*~ (outnumbered).
 10988 | D:6      | 10988 ||| Stepping ~*~*~tactically~*~*~ (outnumbered).
 10990 | D:6      | 10990 ||| Stepping ~*~*~tactically~*~*~ (outnumbered).
 11002 | D:6      | 11002 ||| Stepping ~*~*~tactically~*~*~ (outnumbered).
 11004 | D:6      | 11004 ||| Stepping ~*~*~tactically~*~*~ (outnumbered).
 11006 | D:6      | 11006 ||| Stepping ~*~*~tactically~*~*~ (outnumbered).
 11008 | D:6      | 11008 ||| Stepping ~*~*~tactically~*~*~ (outnumbered).
 11010 | D:6      | 11010 ||| Stepping ~*~*~tactically~*~*~ (outnumbered).
 11022 | D:6      | 11022 ||| Stepping ~*~*~tactically~*~*~ (outnumbered).
 11024 | D:6      | 11024 ||| Stepping ~*~*~tactically~*~*~ (outnumbered).
 11026 | D:6      | 11026 ||| Stepping ~*~*~tactically~*~*~ (outnumbered).
 11028 | D:6      | 11028 ||| Stepping ~*~*~tactically~*~*~ (outnumbered).
 11030 | D:6      | 11030 ||| Stepping ~*~*~tactically~*~*~ (outnumbered).
 11042 | D:6      | 11042 ||| Stepping ~*~*~tactically~*~*~ (outnumbered).
 11044 | D:6      | 11044 ||| Stepping ~*~*~tactically~*~*~ (outnumbered).
 11046 | D:6      | 11046 ||| Stepping ~*~*~tactically~*~*~ (outnumbered).
 11048 | D:6      | 11048 ||| Stepping ~*~*~tactically~*~*~ (outnumbered).
 11050 | D:6      | 11050 ||| Stepping ~*~*~tactically~*~*~ (outnumbered).
 11062 | D:6      | 11062 ||| Stepping ~*~*~tactically~*~*~ (outnumbered).
 11064 | D:6      | 11064 ||| Stepping ~*~*~tactically~*~*~ (outnumbered).
 11066 | D:6      | 11066 ||| Stepping ~*~*~tactically~*~*~ (outnumbered).
 11068 | D:6      | 11068 ||| Stepping ~*~*~tactically~*~*~ (outnumbered).
 11070 | D:6      | 11070 ||| Stepping ~*~*~tactically~*~*~ (outnumbered).
 11082 | D:6      | 11082 ||| Stepping ~*~*~tactically~*~*~ (outnumbered).
 11084 | D:6      | 11084 ||| Stepping ~*~*~tactically~*~*~ (outnumbered).
 11086 | D:6      | 11086 ||| Stepping ~*~*~tactically~*~*~ (outnumbered).
 11088 | D:6      | 11088 ||| Stepping ~*~*~tactically~*~*~ (outnumbered).
 11090 | D:6      | 11090 ||| Stepping ~*~*~tactically~*~*~ (outnumbered).
 11102 | D:6      | 11102 ||| Stepping ~*~*~tactically~*~*~ (outnumbered).
 11104 | D:6      | 11104 ||| Stepping ~*~*~tactically~*~*~ (outnumbered).
 11106 | D:6      | 11106 ||| Stepping ~*~*~tactically~*~*~ (outnumbered).
 11108 | D:6      | 11108 ||| Stepping ~*~*~tactically~*~*~ (outnumbered).
 11110 | D:6      | 11110 ||| Stepping ~*~*~tactically~*~*~ (outnumbered).
 11122 | D:6      | 11122 ||| Stepping ~*~*~tactically~*~*~ (outnumbered).
 11124 | D:6      | 11124 ||| Stepping ~*~*~tactically~*~*~ (outnumbered).
 11126 | D:6      | 11126 ||| Stepping ~*~*~tactically~*~*~ (outnumbered).
 11128 | D:6      | 11128 ||| Stepping ~*~*~tactically~*~*~ (outnumbered).
 11130 | D:6      | 11130 ||| Stepping ~*~*~tactically~*~*~ (outnumbered).
 11142 | D:6      | 11142 ||| Stepping ~*~*~tactically~*~*~ (outnumbered).
 11144 | D:6      | 11144 ||| Stepping ~*~*~tactically~*~*~ (outnumbered).
 11146 | D:6      | 11146 ||| Stepping ~*~*~tactically~*~*~ (outnumbered).
 11148 | D:6      | 11148 ||| Stepping ~*~*~tactically~*~*~ (outnumbered).
 11150 | D:6      | 11150 ||| Stepping ~*~*~tactically~*~*~ (outnumbered).
 11162 | D:6      | 11162 ||| Stepping ~*~*~tactically~*~*~ (outnumbered).
 11164 | D:6      | 11164 ||| Stepping ~*~*~tactically~*~*~ (outnumbered).
 11166 | D:6      | 11166 ||| Stepping ~*~*~tactically~*~*~ (outnumbered).
 11168 | D:6      | 11168 ||| Stepping ~*~*~tactically~*~*~ (outnumbered).
 11170 | D:6      | 11170 ||| Stepping ~*~*~tactically~*~*~ (outnumbered).
 11182 | D:6      | 11182 ||| Stepping ~*~*~tactically~*~*~ (outnumbered).
 11184 | D:6      | 11184 ||| Stepping ~*~*~tactically~*~*~ (outnumbered).
 11186 | D:6      | 11186 ||| Stepping ~*~*~tactically~*~*~ (outnumbered).
 11188 | D:6      | 11188 ||| Stepping ~*~*~tactically~*~*~ (outnumbered).
 11190 | D:6      | 11190 ||| Stepping ~*~*~tactically~*~*~ (outnumbered).
 11202 | D:6      | 11202 ||| Stepping ~*~*~tactically~*~*~ (outnumbered).
 11204 | D:6      | 11204 ||| Stepping ~*~*~tactically~*~*~ (outnumbered).
 11206 | D:6      | 11206 ||| Stepping ~*~*~tactically~*~*~ (outnumbered).
 11208 | D:6      | 11208 ||| Stepping ~*~*~tactically~*~*~ (outnumbered).
 11210 | D:6      | 11210 ||| Stepping ~*~*~tactically~*~*~ (outnumbered).
 11222 | D:6      | 11222 ||| Stepping ~*~*~tactically~*~*~ (outnumbered).
 11224 | D:6      | 11224 ||| Stepping ~*~*~tactically~*~*~ (outnumbered).
 11226 | D:6      | 11226 ||| Stepping ~*~*~tactically~*~*~ (outnumbered).
 11228 | D:6      | 11228 ||| Stepping ~*~*~tactically~*~*~ (outnumbered).
 11230 | D:6      | 11230 ||| Stepping ~*~*~tactically~*~*~ (outnumbered).
 11242 | D:6      | 11242 ||| Stepping ~*~*~tactically~*~*~ (outnumbered).
 11244 | D:6      | 11244 ||| Stepping ~*~*~tactically~*~*~ (outnumbered).
 11246 | D:6      | 11246 ||| Stepping ~*~*~tactically~*~*~ (outnumbered).
 11248 | D:6      | 11248 ||| Stepping ~*~*~tactically~*~*~ (outnumbered).
 11250 | D:6      | 11250 ||| Stepping ~*~*~tactically~*~*~ (outnumbered).
 11262 | D:6      | 11262 ||| Stepping ~*~*~tactically~*~*~ (outnumbered).
 11264 | D:6      | 11264 ||| Stepping ~*~*~tactically~*~*~ (outnumbered).
 11266 | D:6      | 11266 ||| Stepping ~*~*~tactically~*~*~ (outnumbered).
 11268 | D:6      | 11268 ||| Stepping ~*~*~tactically~*~*~ (outnumbered).
 11270 | D:6      | 11270 ||| Stepping ~*~*~tactically~*~*~ (outnumbered).
 11282 | D:6      | 11282 ||| Stepping ~*~*~tactically~*~*~ (outnumbered).
 11284 | D:6      | 11284 ||| Stepping ~*~*~tactically~*~*~ (outnumbered).
 11286 | D:6      | 11286 ||| Stepping ~*~*~tactically~*~*~ (outnumbered).
 11288 | D:6      | 11288 ||| Stepping ~*~*~tactically~*~*~ (outnumbered).
 11290 | D:6      | 11290 ||| Stepping ~*~*~tactically~*~*~ (outnumbered).
 11302 | D:6      | 11302 ||| Stepping ~*~*~tactically~*~*~ (outnumbered).
 11304 | D:6      | 11304 ||| Stepping ~*~*~tactically~*~*~ (outnumbered).
 11306 | D:6      | 11306 ||| Stepping ~*~*~tactically~*~*~ (outnumbered).
 11308 | D:6      | 11308 ||| Stepping ~*~*~tactically~*~*~ (outnumbered).
 11310 | D:6      | 11310 ||| Stepping ~*~*~tactically~*~*~ (outnumbered).
 11322 | D:6      | 11322 ||| Stepping ~*~*~tactically~*~*~ (outnumbered).
 11324 | D:6      | 11324 ||| Stepping ~*~*~tactically~*~*~ (outnumbered).
 11326 | D:6      | 11326 ||| Stepping ~*~*~tactically~*~*~ (outnumbered).
 11328 | D:6      | 11328 ||| Stepping ~*~*~tactically~*~*~ (outnumbered).
 11330 | D:6      | 11330 ||| Stepping ~*~*~tactically~*~*~ (outnumbered).
 11342 | D:6      | 11342 ||| Stepping ~*~*~tactically~*~*~ (outnumbered).
 11344 | D:6      | 11344 ||| Stepping ~*~*~tactically~*~*~ (outnumbered).
 11346 | D:6      | 11346 ||| Stepping ~*~*~tactically~*~*~ (outnumbered).
 11348 | D:6      | 11348 ||| Stepping ~*~*~tactically~*~*~ (outnumbered).
 11350 | D:6      | 11350 ||| Stepping ~*~*~tactically~*~*~ (outnumbered).
 11362 | D:6      | 11362 ||| Stepping ~*~*~tactically~*~*~ (outnumbered).
 11364 | D:6      | 11364 ||| Stepping ~*~*~tactically~*~*~ (outnumbered).
 11366 | D:6      | 11366 ||| Stepping ~*~*~tactically~*~*~ (outnumbered).
 11368 | D:6      | 11368 ||| Stepping ~*~*~tactically~*~*~ (outnumbered).
 11370 | D:6      | 11370 ||| Stepping ~*~*~tactically~*~*~ (outnumbered).
 11382 | D:6      | 11382 ||| Stepping ~*~*~tactically~*~*~ (outnumbered).
 11384 | D:6      | 11384 ||| Stepping ~*~*~tactically~*~*~ (outnumbered).
 11386 | D:6      | 11386 ||| Stepping ~*~*~tactically~*~*~ (outnumbered).
 11388 | D:6      | 11388 ||| Stepping ~*~*~tactically~*~*~ (outnumbered).
 11390 | D:6      | 11390 ||| Stepping ~*~*~tactically~*~*~ (outnumbered).
 11402 | D:6      | 11402 ||| Stepping ~*~*~tactically~*~*~ (outnumbered).
 11404 | D:6      | 11404 ||| Stepping ~*~*~tactically~*~*~ (outnumbered).
 11406 | D:6      | 11406 ||| Stepping ~*~*~tactically~*~*~ (outnumbered).
 11408 | D:6      | 11408 ||| Stepping ~*~*~tactically~*~*~ (outnumbered).
 11410 | D:6      | 11410 ||| Stepping ~*~*~tactically~*~*~ (outnumbered).
 11422 | D:6      | 11422 ||| Stepping ~*~*~tactically~*~*~ (outnumbered).
 11424 | D:6      | 11424 ||| Stepping ~*~*~tactically~*~*~ (outnumbered).
 11426 | D:6      | 11426 ||| Stepping ~*~*~tactically~*~*~ (outnumbered).
 11428 | D:6      | 11428 ||| Stepping ~*~*~tactically~*~*~ (outnumbered).
 11430 | D:6      | 11430 ||| Stepping ~*~*~tactically~*~*~ (outnumbered).
 11442 | D:6      | 11442 ||| Stepping ~*~*~tactically~*~*~ (outnumbered).
 11444 | D:6      | 11444 ||| Stepping ~*~*~tactically~*~*~ (outnumbered).
 11446 | D:6      | 11446 ||| Stepping ~*~*~tactically~*~*~ (outnumbered).
 11448 | D:6      | 11448 ||| Stepping ~*~*~tactically~*~*~ (outnumbered).
 11450 | D:6      | 11450 ||| Stepping ~*~*~tactically~*~*~ (outnumbered).
 11462 | D:6      | 11462 ||| Stepping ~*~*~tactically~*~*~ (outnumbered).
 11464 | D:6      | 11464 ||| Stepping ~*~*~tactically~*~*~ (outnumbered).
 11466 | D:6      | 11466 ||| Stepping ~*~*~tactically~*~*~ (outnumbered).
 11468 | D:6      | 11468 ||| Stepping ~*~*~tactically~*~*~ (outnumbered).
 11470 | D:6      | 11470 ||| Stepping ~*~*~tactically~*~*~ (outnumbered).
 11482 | D:6      | 11482 ||| Stepping ~*~*~tactically~*~*~ (outnumbered).
 11484 | D:6      | 11484 ||| Stepping ~*~*~tactically~*~*~ (outnumbered).
 11486 | D:6      | 11486 ||| Stepping ~*~*~tactically~*~*~ (outnumbered).
 11488 | D:6      | 11488 ||| Stepping ~*~*~tactically~*~*~ (outnumbered).
 11490 | D:6      | 11490 ||| Stepping ~*~*~tactically~*~*~ (outnumbered).
 11502 | D:6      | 11502 ||| Stepping ~*~*~tactically~*~*~ (outnumbered).
 11504 | D:6      | 11504 ||| Stepping ~*~*~tactically~*~*~ (outnumbered).
 11506 | D:6      | 11506 ||| Stepping ~*~*~tactically~*~*~ (outnumbered).
 11508 | D:6      | 11508 ||| Stepping ~*~*~tactically~*~*~ (outnumbered).
 11510 | D:6      | 11510 ||| Stepping ~*~*~tactically~*~*~ (outnumbered).
 11522 | D:6      | 11522 ||| Stepping ~*~*~tactically~*~*~ (outnumbered).
 11524 | D:6      | 11524 ||| Stepping ~*~*~tactically~*~*~ (outnumbered).
 11526 | D:6      | 11526 ||| Stepping ~*~*~tactically~*~*~ (outnumbered).
 11528 | D:6      | 11528 ||| Stepping ~*~*~tactically~*~*~ (outnumbered).
 11530 | D:6      | 11530 ||| Stepping ~*~*~tactically~*~*~ (outnumbered).
 11542 | D:6      | 11542 ||| Stepping ~*~*~tactically~*~*~ (outnumbered).
 11544 | D:6      | 11544 ||| Stepping ~*~*~tactically~*~*~ (outnumbered).
 11546 | D:6      | 11546 ||| Stepping ~*~*~tactically~*~*~ (outnumbered).
 11548 | D:6      | 11548 ||| Stepping ~*~*~tactically~*~*~ (outnumbered).
 11550 | D:6      | 11550 ||| Stepping ~*~*~tactically~*~*~ (outnumbered).
 11562 | D:6      | 11562 ||| Stepping ~*~*~tactically~*~*~ (outnumbered).
 11564 | D:6      | 11564 ||| Stepping ~*~*~tactically~*~*~ (outnumbered).
 11566 | D:6      | 11566 ||| Stepping ~*~*~tactically~*~*~ (outnumbered).
 11568 | D:6      | 11568 ||| Stepping ~*~*~tactically~*~*~ (outnumbered).
 11570 | D:6      | 11570 ||| Stepping ~*~*~tactically~*~*~ (outnumbered).
 11582 | D:6      | 11582 ||| Stepping ~*~*~tactically~*~*~ (outnumbered).
 11584 | D:6      | 11584 ||| Stepping ~*~*~tactically~*~*~ (outnumbered).
 11586 | D:6      | 11586 ||| Stepping ~*~*~tactically~*~*~ (outnumbered).
 11588 | D:6      | 11588 ||| Stepping ~*~*~tactically~*~*~ (outnumbered).
 11590 | D:6      | 11590 ||| Stepping ~*~*~tactically~*~*~ (outnumbered).
 11602 | D:6      | 11602 ||| Stepping ~*~*~tactically~*~*~ (outnumbered).
 11604 | D:6      | 11604 ||| Stepping ~*~*~tactically~*~*~ (outnumbered).
 11606 | D:6      | 11606 ||| Stepping ~*~*~tactically~*~*~ (outnumbered).
 11608 | D:6      | 11608 ||| Stepping ~*~*~tactically~*~*~ (outnumbered).
 11610 | D:6      | 11610 ||| Stepping ~*~*~tactically~*~*~ (outnumbered).
 11622 | D:6      | 11622 ||| Stepping ~*~*~tactically~*~*~ (outnumbered).
 11624 | D:6      | 11624 ||| Stepping ~*~*~tactically~*~*~ (outnumbered).
 11626 | D:6      | 11626 ||| Stepping ~*~*~tactically~*~*~ (outnumbered).
 11628 | D:6      | 11628 ||| Stepping ~*~*~tactically~*~*~ (outnumbered).
 11630 | D:6      | 11630 ||| Stepping ~*~*~tactically~*~*~ (outnumbered).
 11642 | D:6      | 11642 ||| Stepping ~*~*~tactically~*~*~ (outnumbered).
 11644 | D:6      | 11644 ||| Stepping ~*~*~tactically~*~*~ (outnumbered).
 11646 | D:6      | 11646 ||| Stepping ~*~*~tactically~*~*~ (outnumbered).
 11648 | D:6      | 11648 ||| Stepping ~*~*~tactically~*~*~ (outnumbered).
 11650 | D:6      | 11650 ||| Stepping ~*~*~tactically~*~*~ (outnumbered).
 11662 | D:6      | 11662 ||| Stepping ~*~*~tactically~*~*~ (outnumbered).
 11664 | D:6      | 11664 ||| Stepping ~*~*~tactically~*~*~ (outnumbered).
 11666 | D:6      | 11666 ||| Stepping ~*~*~tactically~*~*~ (outnumbered).
 11668 | D:6      | 11668 ||| Stepping ~*~*~tactically~*~*~ (outnumbered).
 11670 | D:6      | 11670 ||| Stepping ~*~*~tactically~*~*~ (outnumbered).
 11682 | D:6      | 11682 ||| Stepping ~*~*~tactically~*~*~ (outnumbered).
 11684 | D:6      | 11684 ||| Stepping ~*~*~tactically~*~*~ (outnumbered).
 11686 | D:6      | 11686 ||| Stepping ~*~*~tactically~*~*~ (outnumbered).
 11688 | D:6      | 11688 ||| Stepping ~*~*~tactically~*~*~ (outnumbered).
 11690 | D:6      | 11690 ||| Stepping ~*~*~tactically~*~*~ (outnumbered).
 11702 | D:6      | 11702 ||| Stepping ~*~*~tactically~*~*~ (outnumbered).
 11704 | D:6      | 11704 ||| Stepping ~*~*~tactically~*~*~ (outnumbered).
 11706 | D:6      | 11706 ||| Stepping ~*~*~tactically~*~*~ (outnumbered).
 11708 | D:6      | 11708 ||| Stepping ~*~*~tactically~*~*~ (outnumbered).
 11710 | D:6      | 11710 ||| Stepping ~*~*~tactically~*~*~ (outnumbered).
 11722 | D:6      | 11722 ||| Stepping ~*~*~tactically~*~*~ (outnumbered).
 11724 | D:6      | 11724 ||| Stepping ~*~*~tactically~*~*~ (outnumbered).
 11726 | D:6      | 11726 ||| Stepping ~*~*~tactically~*~*~ (outnumbered).
 11728 | D:6      | 11728 ||| Stepping ~*~*~tactically~*~*~ (outnumbered).
 11730 | D:6      | 11730 ||| Stepping ~*~*~tactically~*~*~ (outnumbered).
 11742 | D:6      | 11742 ||| Stepping ~*~*~tactically~*~*~ (outnumbered).
 11744 | D:6      | 11744 ||| Stepping ~*~*~tactically~*~*~ (outnumbered).
 11746 | D:6      | 11746 ||| Stepping ~*~*~tactically~*~*~ (outnumbered).
 11748 | D:6      | 11748 ||| Stepping ~*~*~tactically~*~*~ (outnumbered).
 11750 | D:6      | 11750 ||| Stepping ~*~*~tactically~*~*~ (outnumbered).
 11762 | D:6      | 11762 ||| Stepping ~*~*~tactically~*~*~ (outnumbered).
 11764 | D:6      | 11764 ||| Stepping ~*~*~tactically~*~*~ (outnumbered).
 11766 | D:6      | 11766 ||| Stepping ~*~*~tactically~*~*~ (outnumbered).
 11768 | D:6      | 11768 ||| Stepping ~*~*~tactically~*~*~ (outnumbered).
 11770 | D:6      | 11770 ||| Stepping ~*~*~tactically~*~*~ (outnumbered).
 11782 | D:6      | 11782 ||| Stepping ~*~*~tactically~*~*~ (outnumbered).
 11784 | D:6      | 11784 ||| Stepping ~*~*~tactically~*~*~ (outnumbered).
 11786 | D:6      | 11786 ||| Stepping ~*~*~tactically~*~*~ (outnumbered).
 11788 | D:6      | 11788 ||| Stepping ~*~*~tactically~*~*~ (outnumbered).
 11790 | D:6      | 11790 ||| Stepping ~*~*~tactically~*~*~ (outnumbered).
 11802 | D:6      | 11802 ||| Stepping ~*~*~tactically~*~*~ (outnumbered).
 11804 | D:6      | 11804 ||| Stepping ~*~*~tactically~*~*~ (outnumbered).
 11806 | D:6      | 11806 ||| Stepping ~*~*~tactically~*~*~ (outnumbered).
 11808 | D:6      | 11808 ||| Stepping ~*~*~tactically~*~*~ (outnumbered).
 11810 | D:6      | 11810 ||| Stepping ~*~*~tactically~*~*~ (outnumbered).
 11822 | D:6      | 11822 ||| Stepping ~*~*~tactically~*~*~ (outnumbered).
 11824 | D:6      | 11824 ||| Stepping ~*~*~tactically~*~*~ (outnumbered).
 11826 | D:6      | 11826 ||| Stepping ~*~*~tactically~*~*~ (outnumbered).
 11828 | D:6      | 11828 ||| Stepping ~*~*~tactically~*~*~ (outnumbered).
 11830 | D:6      | 11830 ||| Stepping ~*~*~tactically~*~*~ (outnumbered).
 11842 | D:6      | 11842 ||| Stepping ~*~*~tactically~*~*~ (outnumbered).
 11844 | D:6      | 11844 ||| Stepping ~*~*~tactically~*~*~ (outnumbered).
 11846 | D:6      | 11846 ||| Stepping ~*~*~tactically~*~*~ (outnumbered).
 11848 | D:6      | 11848 ||| Stepping ~*~*~tactically~*~*~ (outnumbered).
 11850 | D:6      | 11850 ||| Stepping ~*~*~tactically~*~*~ (outnumbered).
 11862 | D:6      | 11862 ||| Stepping ~*~*~tactically~*~*~ (outnumbered).
 11864 | D:6      | 11864 ||| Stepping ~*~*~tactically~*~*~ (outnumbered).
 11866 | D:6      | 11866 ||| Stepping ~*~*~tactically~*~*~ (outnumbered).
 11868 | D:6      | 11868 ||| Stepping ~*~*~tactically~*~*~ (outnumbered).
 11870 | D:6      | 11870 ||| Stepping ~*~*~tactically~*~*~ (outnumbered).
 11882 | D:6      | 11882 ||| Stepping ~*~*~tactically~*~*~ (outnumbered).
 11884 | D:6      | 11884 ||| Stepping ~*~*~tactically~*~*~ (outnumbered).
 11886 | D:6      | 11886 ||| Stepping ~*~*~tactically~*~*~ (outnumbered).
 11888 | D:6      | 11888 ||| Stepping ~*~*~tactically~*~*~ (outnumbered).
 11890 | D:6      | 11890 ||| Stepping ~*~*~tactically~*~*~ (outnumbered).
 11902 | D:6      | 11902 ||| Stepping ~*~*~tactically~*~*~ (outnumbered).
 11904 | D:6      | 11904 ||| Stepping ~*~*~tactically~*~*~ (outnumbered).
 11906 | D:6      | 11906 ||| Stepping ~*~*~tactically~*~*~ (outnumbered).
 11908 | D:6      | 11908 ||| Stepping ~*~*~tactically~*~*~ (outnumbered).
 11910 | D:6      | 11910 ||| Stepping ~*~*~tactically~*~*~ (outnumbered).
 11922 | D:6      | 11922 ||| Stepping ~*~*~tactically~*~*~ (outnumbered).
 11924 | D:6      | 11924 ||| Stepping ~*~*~tactically~*~*~ (outnumbered).
 11926 | D:6      | 11926 ||| Stepping ~*~*~tactically~*~*~ (outnumbered).
 11928 | D:6      | 11928 ||| Stepping ~*~*~tactically~*~*~ (outnumbered).
 11930 | D:6      | 11930 ||| Stepping ~*~*~tactically~*~*~ (outnumbered).
 11942 | D:6      | 11942 ||| Stepping ~*~*~tactically~*~*~ (outnumbered).
 11944 | D:6      | 11944 ||| Stepping ~*~*~tactically~*~*~ (outnumbered).
 11946 | D:6      | 11946 ||| Stepping ~*~*~tactically~*~*~ (outnumbered).
 11948 | D:6      | 11948 ||| Stepping ~*~*~tactically~*~*~ (outnumbered).
 11950 | D:6      | 11950 ||| Stepping ~*~*~tactically~*~*~ (outnumbered).
 11962 | D:6      | 11962 ||| Stepping ~*~*~tactically~*~*~ (outnumbered).
 11964 | D:6      | 11964 ||| Stepping ~*~*~tactically~*~*~ (outnumbered).
 11966 | D:6      | 11966 ||| Stepping ~*~*~tactically~*~*~ (outnumbered).
 11968 | D:6      | 11968 ||| Stepping ~*~*~tactically~*~*~ (outnumbered).
 11970 | D:6      | 11970 ||| Stepping ~*~*~tactically~*~*~ (outnumbered).
 11982 | D:6      | 11982 ||| Stepping ~*~*~tactically~*~*~ (outnumbered).
 11984 | D:6      | 11984 ||| Stepping ~*~*~tactically~*~*~ (outnumbered).
 11986 | D:6      | 11986 ||| Stepping ~*~*~tactically~*~*~ (outnumbered).
 11988 | D:6      | 11988 ||| Stepping ~*~*~tactically~*~*~ (outnumbered).
 11990 | D:6      | 11990 ||| Stepping ~*~*~tactically~*~*~ (outnumbered).
 12002 | D:6      | 12002 ||| Stepping ~*~*~tactically~*~*~ (outnumbered).
 12004 | D:6      | 12004 ||| Stepping ~*~*~tactically~*~*~ (outnumbered).
 12006 | D:6      | 12006 ||| Stepping ~*~*~tactically~*~*~ (outnumbered).
 12008 | D:6      | 12008 ||| Stepping ~*~*~tactically~*~*~ (outnumbered).
 12010 | D:6      | 12010 ||| Stepping ~*~*~tactically~*~*~ (outnumbered).
 12022 | D:6      | 12022 ||| Stepping ~*~*~tactically~*~*~ (outnumbered).
 12024 | D:6      | 12024 ||| Stepping ~*~*~tactically~*~*~ (outnumbered).
 12026 | D:6      | 12026 ||| Stepping ~*~*~tactically~*~*~ (outnumbered).
 12028 | D:6      | 12028 ||| Stepping ~*~*~tactically~*~*~ (outnumbered).
 12030 | D:6      | 12030 ||| Stepping ~*~*~tactically~*~*~ (outnumbered).
 12042 | D:6      | 12042 ||| Stepping ~*~*~tactically~*~*~ (outnumbered).
 12044 | D:6      | 12044 ||| Stepping ~*~*~tactically~*~*~ (outnumbered).
 12046 | D:6      | 12046 ||| Stepping ~*~*~tactically~*~*~ (outnumbered).
 12048 | D:6      | 12048 ||| Stepping ~*~*~tactically~*~*~ (outnumbered).
 12050 | D:6      | 12050 ||| Stepping ~*~*~tactically~*~*~ (outnumbered).
 12062 | D:6      | 12062 ||| Stepping ~*~*~tactically~*~*~ (outnumbered).
 12064 | D:6      | 12064 ||| Stepping ~*~*~tactically~*~*~ (outnumbered).
 12066 | D:6      | 12066 ||| Stepping ~*~*~tactically~*~*~ (outnumbered).
 12068 | D:6      | 12068 ||| Stepping ~*~*~tactically~*~*~ (outnumbered).
 12070 | D:6      | 12070 ||| Stepping ~*~*~tactically~*~*~ (outnumbered).
 12082 | D:6      | 12082 ||| Stepping ~*~*~tactically~*~*~ (outnumbered).
 12084 | D:6      | 12084 ||| Stepping ~*~*~tactically~*~*~ (outnumbered).
 12086 | D:6      | 12086 ||| Stepping ~*~*~tactically~*~*~ (outnumbered).
 12088 | D:6      | 12088 ||| Stepping ~*~*~tactically~*~*~ (outnumbered).
 12090 | D:6      | 12090 ||| Stepping ~*~*~tactically~*~*~ (outnumbered).
 12102 | D:6      | 12102 ||| Stepping ~*~*~tactically~*~*~ (outnumbered).
 12104 | D:6      | 12104 ||| Stepping ~*~*~tactically~*~*~ (outnumbered).
 12106 | D:6      | 12106 ||| Stepping ~*~*~tactically~*~*~ (outnumbered).
 12108 | D:6      | 12108 ||| Stepping ~*~*~tactically~*~*~ (outnumbered).
 12110 | D:6      | 12110 ||| Stepping ~*~*~tactically~*~*~ (outnumbered).
 12122 | D:6      | 12122 ||| Stepping ~*~*~tactically~*~*~ (outnumbered).
 12124 | D:6      | 12124 ||| Stepping ~*~*~tactically~*~*~ (outnumbered).
 12126 | D:6      | 12126 ||| Stepping ~*~*~tactically~*~*~ (outnumbered).
 12128 | D:6      | 12128 ||| Stepping ~*~*~tactically~*~*~ (outnumbered).
 12130 | D:6      | 12130 ||| Stepping ~*~*~tactically~*~*~ (outnumbered).
 12142 | D:6      | 12142 ||| Stepping ~*~*~tactically~*~*~ (outnumbered).
 12144 | D:6      | 12144 ||| Stepping ~*~*~tactically~*~*~ (outnumbered).
 12146 | D:6      | 12146 ||| Stepping ~*~*~tactically~*~*~ (outnumbered).
 12148 | D:6      | 12148 ||| Stepping ~*~*~tactically~*~*~ (outnumbered).
 12150 | D:6      | 12150 ||| Stepping ~*~*~tactically~*~*~ (outnumbered).
 12162 | D:6      | 12162 ||| Stepping ~*~*~tactically~*~*~ (outnumbered).
 12164 | D:6      | 12164 ||| Stepping ~*~*~tactically~*~*~ (outnumbered).
 12166 | D:6      | 12166 ||| Stepping ~*~*~tactically~*~*~ (outnumbered).
 12168 | D:6      | 12168 ||| Stepping ~*~*~tactically~*~*~ (outnumbered).
 12170 | D:6      | 12170 ||| Stepping ~*~*~tactically~*~*~ (outnumbered).
 12182 | D:6      | 12182 ||| Stepping ~*~*~tactically~*~*~ (outnumbered).
 12184 | D:6      | 12184 ||| Stepping ~*~*~tactically~*~*~ (outnumbered).
 12186 | D:6      | 12186 ||| Stepping ~*~*~tactically~*~*~ (outnumbered).
 12188 | D:6      | 12188 ||| Stepping ~*~*~tactically~*~*~ (outnumbered).
 12190 | D:6      | 12190 ||| Stepping ~*~*~tactically~*~*~ (outnumbered).
 12202 | D:6      | 12202 ||| Stepping ~*~*~tactically~*~*~ (outnumbered).
 12204 | D:6      | 12204 ||| Stepping ~*~*~tactically~*~*~ (outnumbered).
 12206 | D:6      | 12206 ||| Stepping ~*~*~tactically~*~*~ (outnumbered).
 12208 | D:6      | 12208 ||| Stepping ~*~*~tactically~*~*~ (outnumbered).
 12210 | D:6      | 12210 ||| Stepping ~*~*~tactically~*~*~ (outnumbered).
 12222 | D:6      | 12222 ||| Stepping ~*~*~tactically~*~*~ (outnumbered).
 12224 | D:6      | 12224 ||| Stepping ~*~*~tactically~*~*~ (outnumbered).
 12226 | D:6      | 12226 ||| Stepping ~*~*~tactically~*~*~ (outnumbered).
 12228 | D:6      | 12228 ||| Stepping ~*~*~tactically~*~*~ (outnumbered).
 12230 | D:6      | 12230 ||| Stepping ~*~*~tactically~*~*~ (outnumbered).
 12242 | D:6      | 12242 ||| Stepping ~*~*~tactically~*~*~ (outnumbered).
 12244 | D:6      | 12244 ||| Stepping ~*~*~tactically~*~*~ (outnumbered).
 12246 | D:6      | 12246 ||| Stepping ~*~*~tactically~*~*~ (outnumbered).
 12248 | D:6      | 12248 ||| Stepping ~*~*~tactically~*~*~ (outnumbered).
 12250 | D:6      | 12250 ||| Stepping ~*~*~tactically~*~*~ (outnumbered).
 12262 | D:6      | 12262 ||| Stepping ~*~*~tactically~*~*~ (outnumbered).
 12264 | D:6      | 12264 ||| Stepping ~*~*~tactically~*~*~ (outnumbered).
 12266 | D:6      | 12266 ||| Stepping ~*~*~tactically~*~*~ (outnumbered).
 12268 | D:6      | 12268 ||| Stepping ~*~*~tactically~*~*~ (outnumbered).
 12270 | D:6      | 12270 ||| Stepping ~*~*~tactically~*~*~ (outnumbered).
 12282 | D:6      | 12282 ||| Stepping ~*~*~tactically~*~*~ (outnumbered).
 12284 | D:6      | 12284 ||| Stepping ~*~*~tactically~*~*~ (outnumbered).
 12286 | D:6      | 12286 ||| Stepping ~*~*~tactically~*~*~ (outnumbered).
 12288 | D:6      | 12288 ||| Stepping ~*~*~tactically~*~*~ (outnumbered).
 12290 | D:6      | 12290 ||| Stepping ~*~*~tactically~*~*~ (outnumbered).
 12302 | D:6      | 12302 ||| Stepping ~*~*~tactically~*~*~ (outnumbered).
 12304 | D:6      | 12304 ||| Stepping ~*~*~tactically~*~*~ (outnumbered).
 12306 | D:6      | 12306 ||| Stepping ~*~*~tactically~*~*~ (outnumbered).
 12308 | D:6      | 12308 ||| Stepping ~*~*~tactically~*~*~ (outnumbered).
 12310 | D:6      | 12310 ||| Stepping ~*~*~tactically~*~*~ (outnumbered).
 12322 | D:6      | 12322 ||| Stepping ~*~*~tactically~*~*~ (outnumbered).
 12324 | D:6      | 12324 ||| Stepping ~*~*~tactically~*~*~ (outnumbered).
 12326 | D:6      | 12326 ||| Stepping ~*~*~tactically~*~*~ (outnumbered).
 12328 | D:6      | 12328 ||| Stepping ~*~*~tactically~*~*~ (outnumbered).
 12330 | D:6      | 12330 ||| Stepping ~*~*~tactically~*~*~ (outnumbered).
 12342 | D:6      | 12342 ||| Stepping ~*~*~tactically~*~*~ (outnumbered).
 12344 | D:6      | 12344 ||| Stepping ~*~*~tactically~*~*~ (outnumbered).
 12346 | D:6      | 12346 ||| Stepping ~*~*~tactically~*~*~ (outnumbered).
 12348 | D:6      | 12348 ||| Stepping ~*~*~tactically~*~*~ (outnumbered).
 12350 | D:6      | 12350 ||| Stepping ~*~*~tactically~*~*~ (outnumbered).
 12362 | D:6      | 12362 ||| Stepping ~*~*~tactically~*~*~ (outnumbered).
 12364 | D:6      | 12364 ||| Stepping ~*~*~tactically~*~*~ (outnumbered).
 12366 | D:6      | 12366 ||| Stepping ~*~*~tactically~*~*~ (outnumbered).
 12368 | D:6      | 12368 ||| Stepping ~*~*~tactically~*~*~ (outnumbered).
 12370 | D:6      | 12370 ||| Stepping ~*~*~tactically~*~*~ (outnumbered).
 12382 | D:6      | 12382 ||| Stepping ~*~*~tactically~*~*~ (outnumbered).
 12384 | D:6      | 12384 ||| Stepping ~*~*~tactically~*~*~ (outnumbered).
 12386 | D:6      | 12386 ||| Stepping ~*~*~tactically~*~*~ (outnumbered).
 12388 | D:6      | 12388 ||| Stepping ~*~*~tactically~*~*~ (outnumbered).
 12390 | D:6      | 12390 ||| Stepping ~*~*~tactically~*~*~ (outnumbered).
 12402 | D:6      | 12402 ||| Stepping ~*~*~tactically~*~*~ (outnumbered).
 12404 | D:6      | 12404 ||| Stepping ~*~*~tactically~*~*~ (outnumbered).
 12406 | D:6      | 12406 ||| Stepping ~*~*~tactically~*~*~ (outnumbered).
 12408 | D:6      | 12408 ||| Stepping ~*~*~tactically~*~*~ (outnumbered).
 12410 | D:6      | 12410 ||| Stepping ~*~*~tactically~*~*~ (outnumbered).
 12422 | D:6      | 12422 ||| Stepping ~*~*~tactically~*~*~ (outnumbered).
 12424 | D:6      | 12424 ||| Stepping ~*~*~tactically~*~*~ (outnumbered).
 12426 | D:6      | 12426 ||| Stepping ~*~*~tactically~*~*~ (outnumbered).
 12428 | D:6      | 12428 ||| Stepping ~*~*~tactically~*~*~ (outnumbered).
 12430 | D:6      | 12430 ||| Stepping ~*~*~tactically~*~*~ (outnumbered).
 12442 | D:6      | 12442 ||| Stepping ~*~*~tactically~*~*~ (outnumbered).
 12444 | D:6      | 12444 ||| Stepping ~*~*~tactically~*~*~ (outnumbered).
 12446 | D:6      | 12446 ||| Stepping ~*~*~tactically~*~*~ (outnumbered).
 12448 | D:6      | 12448 ||| Stepping ~*~*~tactically~*~*~ (outnumbered).
 12450 | D:6      | 12450 ||| Stepping ~*~*~tactically~*~*~ (outnumbered).
 12462 | D:6      | 12462 ||| Stepping ~*~*~tactically~*~*~ (outnumbered).
 12464 | D:6      | 12464 ||| Stepping ~*~*~tactically~*~*~ (outnumbered).
 12466 | D:6      | 12466 ||| Stepping ~*~*~tactically~*~*~ (outnumbered).
 12468 | D:6      | 12468 ||| Stepping ~*~*~tactically~*~*~ (outnumbered).
 12470 | D:6      | 12470 ||| Stepping ~*~*~tactically~*~*~ (outnumbered).
 12482 | D:6      | 12482 ||| Stepping ~*~*~tactically~*~*~ (outnumbered).
 12484 | D:6      | 12484 ||| Stepping ~*~*~tactically~*~*~ (outnumbered).
 12486 | D:6      | 12486 ||| Stepping ~*~*~tactically~*~*~ (outnumbered).
 12488 | D:6      | 12488 ||| Stepping ~*~*~tactically~*~*~ (outnumbered).
 12490 | D:6      | 12490 ||| Stepping ~*~*~tactically~*~*~ (outnumbered).
 12502 | D:6      | 12502 ||| Stepping ~*~*~tactically~*~*~ (outnumbered).
 12504 | D:6      | 12504 ||| Stepping ~*~*~tactically~*~*~ (outnumbered).
 12506 | D:6      | 12506 ||| Stepping ~*~*~tactically~*~*~ (outnumbered).
 12508 | D:6      | 12508 ||| Stepping ~*~*~tactically~*~*~ (outnumbered).
 12510 | D:6      | 12510 ||| Stepping ~*~*~tactically~*~*~ (outnumbered).
 12522 | D:6      | 12522 ||| Stepping ~*~*~tactically~*~*~ (outnumbered).
 12524 | D:6      | 12524 ||| Stepping ~*~*~tactically~*~*~ (outnumbered).
 12526 | D:6      | 12526 ||| Stepping ~*~*~tactically~*~*~ (outnumbered).
 12528 | D:6      | 12528 ||| Stepping ~*~*~tactically~*~*~ (outnumbered).
 12530 | D:6      | 12530 ||| Stepping ~*~*~tactically~*~*~ (outnumbered).
 12542 | D:6      | 12542 ||| Stepping ~*~*~tactically~*~*~ (outnumbered).
 12544 | D:6      | 12544 ||| Stepping ~*~*~tactically~*~*~ (outnumbered).
 12546 | D:6      | 12546 ||| Stepping ~*~*~tactically~*~*~ (outnumbered).
 12548 | D:6      | 12548 ||| Stepping ~*~*~tactically~*~*~ (outnumbered).
 12550 | D:6      | 12550 ||| Stepping ~*~*~tactically~*~*~ (outnumbered).
 12562 | D:6      | 12562 ||| Stepping ~*~*~tactically~*~*~ (outnumbered).
 12564 | D:6      | 12564 ||| Stepping ~*~*~tactically~*~*~ (outnumbered).
 12566 | D:6      | 12566 ||| Stepping ~*~*~tactically~*~*~ (outnumbered).
 12568 | D:6      | 12568 ||| Stepping ~*~*~tactically~*~*~ (outnumbered).
 12570 | D:6      | 12570 ||| Stepping ~*~*~tactically~*~*~ (outnumbered).
 12582 | D:6      | 12582 ||| Stepping ~*~*~tactically~*~*~ (outnumbered).
 12584 | D:6      | 12584 ||| Stepping ~*~*~tactically~*~*~ (outnumbered).
 12586 | D:6      | 12586 ||| Stepping ~*~*~tactically~*~*~ (outnumbered).
 12588 | D:6      | 12588 ||| Stepping ~*~*~tactically~*~*~ (outnumbered).
 12590 | D:6      | 12590 ||| Stepping ~*~*~tactically~*~*~ (outnumbered).
 12602 | D:6      | 12602 ||| Stepping ~*~*~tactically~*~*~ (outnumbered).
 12604 | D:6      | 12604 ||| Stepping ~*~*~tactically~*~*~ (outnumbered).
 12606 | D:6      | 12606 ||| Stepping ~*~*~tactically~*~*~ (outnumbered).
 12608 | D:6      | 12608 ||| Stepping ~*~*~tactically~*~*~ (outnumbered).
 12610 | D:6      | 12610 ||| Stepping ~*~*~tactically~*~*~ (outnumbered).
 12622 | D:6      | 12622 ||| Stepping ~*~*~tactically~*~*~ (outnumbered).
 12624 | D:6      | 12624 ||| Stepping ~*~*~tactically~*~*~ (outnumbered).
 12626 | D:6      | 12626 ||| Stepping ~*~*~tactically~*~*~ (outnumbered).
 12628 | D:6      | 12628 ||| Stepping ~*~*~tactically~*~*~ (outnumbered).
 12630 | D:6      | 12630 ||| Stepping ~*~*~tactically~*~*~ (outnumbered).
 12642 | D:6      | 12642 ||| Stepping ~*~*~tactically~*~*~ (outnumbered).
 12644 | D:6      | 12644 ||| Stepping ~*~*~tactically~*~*~ (outnumbered).
 12646 | D:6      | 12646 ||| Stepping ~*~*~tactically~*~*~ (outnumbered).
 12648 | D:6      | 12648 ||| Stepping ~*~*~tactically~*~*~ (outnumbered).
 12650 | D:6      | 12650 ||| Stepping ~*~*~tactically~*~*~ (outnumbered).
 12662 | D:6      | 12662 ||| Stepping ~*~*~tactically~*~*~ (outnumbered).
 12664 | D:6      | 12664 ||| Stepping ~*~*~tactically~*~*~ (outnumbered).
 12666 | D:6      | 12666 ||| Stepping ~*~*~tactically~*~*~ (outnumbered).
 12668 | D:6      | 12668 ||| Stepping ~*~*~tactically~*~*~ (outnumbered).
 12670 | D:6      | 12670 ||| Stepping ~*~*~tactically~*~*~ (outnumbered).
 12682 | D:6      | 12682 ||| Stepping ~*~*~tactically~*~*~ (outnumbered).
 12684 | D:6      | 12684 ||| Stepping ~*~*~tactically~*~*~ (outnumbered).
 12686 | D:6      | 12686 ||| Stepping ~*~*~tactically~*~*~ (outnumbered).
 12688 | D:6      | 12688 ||| Stepping ~*~*~tactically~*~*~ (outnumbered).
 12690 | D:6      | 12690 ||| Stepping ~*~*~tactically~*~*~ (outnumbered).
 12702 | D:6      | 12702 ||| Stepping ~*~*~tactically~*~*~ (outnumbered).
 12704 | D:6      | 12704 ||| Stepping ~*~*~tactically~*~*~ (outnumbered).
 12706 | D:6      | 12706 ||| Stepping ~*~*~tactically~*~*~ (outnumbered).
 12708 | D:6      | 12708 ||| Stepping ~*~*~tactically~*~*~ (outnumbered).
 12710 | D:6      | 12710 ||| Stepping ~*~*~tactically~*~*~ (outnumbered).
 12722 | D:6      | 12722 ||| Stepping ~*~*~tactically~*~*~ (outnumbered).
 12724 | D:6      | 12724 ||| Stepping ~*~*~tactically~*~*~ (outnumbered).
 12726 | D:6      | 12726 ||| Stepping ~*~*~tactically~*~*~ (outnumbered).
 12728 | D:6      | 12728 ||| Stepping ~*~*~tactically~*~*~ (outnumbered).
 12730 | D:6      | 12730 ||| Stepping ~*~*~tactically~*~*~ (outnumbered).
 12742 | D:6      | 12742 ||| Stepping ~*~*~tactically~*~*~ (outnumbered).
 12744 | D:6      | 12744 ||| Stepping ~*~*~tactically~*~*~ (outnumbered).
 12746 | D:6      | 12746 ||| Stepping ~*~*~tactically~*~*~ (outnumbered).
 12748 | D:6      | 12748 ||| Stepping ~*~*~tactically~*~*~ (outnumbered).
 12750 | D:6      | 12750 ||| Stepping ~*~*~tactically~*~*~ (outnumbered).
 12762 | D:6      | 12762 ||| Stepping ~*~*~tactically~*~*~ (outnumbered).
 12764 | D:6      | 12764 ||| Stepping ~*~*~tactically~*~*~ (outnumbered).
 12766 | D:6      | 12766 ||| Stepping ~*~*~tactically~*~*~ (outnumbered).
 12768 | D:6      | 12768 ||| Stepping ~*~*~tactically~*~*~ (outnumbered).
 12770 | D:6      | 12770 ||| Stepping ~*~*~tactically~*~*~ (outnumbered).
 12782 | D:6      | 12782 ||| Stepping ~*~*~tactically~*~*~ (outnumbered).
 12784 | D:6      | 12784 ||| Stepping ~*~*~tactically~*~*~ (outnumbered).
 12786 | D:6      | 12786 ||| Stepping ~*~*~tactically~*~*~ (outnumbered).
 12788 | D:6      | 12788 ||| Stepping ~*~*~tactically~*~*~ (outnumbered).
 12790 | D:6      | 12790 ||| Stepping ~*~*~tactically~*~*~ (outnumbered).
 12802 | D:6      | 12802 ||| Stepping ~*~*~tactically~*~*~ (outnumbered).
 12804 | D:6      | 12804 ||| Stepping ~*~*~tactically~*~*~ (outnumbered).
 12806 | D:6      | 12806 ||| Stepping ~*~*~tactically~*~*~ (outnumbered).
 12808 | D:6      | 12808 ||| Stepping ~*~*~tactically~*~*~ (outnumbered).
 12810 | D:6      | 12810 ||| Stepping ~*~*~tactically~*~*~ (outnumbered).
 12822 | D:6      | 12822 ||| Stepping ~*~*~tactically~*~*~ (outnumbered).
 12824 | D:6      | 12824 ||| Stepping ~*~*~tactically~*~*~ (outnumbered).
 12826 | D:6      | 12826 ||| Stepping ~*~*~tactically~*~*~ (outnumbered).
 12828 | D:6      | 12828 ||| Stepping ~*~*~tactically~*~*~ (outnumbered).
 12830 | D:6      | 12830 ||| Stepping ~*~*~tactically~*~*~ (outnumbered).
 12842 | D:6      | 12842 ||| Stepping ~*~*~tactically~*~*~ (outnumbered).
 12844 | D:6      | 12844 ||| Stepping ~*~*~tactically~*~*~ (outnumbered).
 12846 | D:6      | 12846 ||| Stepping ~*~*~tactically~*~*~ (outnumbered).
 12848 | D:6      | 12848 ||| Stepping ~*~*~tactically~*~*~ (outnumbered).
 12850 | D:6      | 12850 ||| Stepping ~*~*~tactically~*~*~ (outnumbered).
 12862 | D:6      | 12862 ||| Stepping ~*~*~tactically~*~*~ (outnumbered).
 12864 | D:6      | 12864 ||| Stepping ~*~*~tactically~*~*~ (outnumbered).
 12866 | D:6      | 12866 ||| Stepping ~*~*~tactically~*~*~ (outnumbered).
 12868 | D:6      | 12868 ||| Stepping ~*~*~tactically~*~*~ (outnumbered).
 12870 | D:6      | 12870 ||| Stepping ~*~*~tactically~*~*~ (outnumbered).
 12882 | D:6      | 12882 ||| Stepping ~*~*~tactically~*~*~ (outnumbered).
 12884 | D:6      | 12884 ||| Stepping ~*~*~tactically~*~*~ (outnumbered).
 12886 | D:6      | 12886 ||| Stepping ~*~*~tactically~*~*~ (outnumbered).
 12888 | D:6      | 12888 ||| Stepping ~*~*~tactically~*~*~ (outnumbered).
 12890 | D:6      | 12890 ||| Stepping ~*~*~tactically~*~*~ (outnumbered).
 12902 | D:6      | 12902 ||| Stepping ~*~*~tactically~*~*~ (outnumbered).
 12904 | D:6      | 12904 ||| Stepping ~*~*~tactically~*~*~ (outnumbered).
 12906 | D:6      | 12906 ||| Stepping ~*~*~tactically~*~*~ (outnumbered).
 12908 | D:6      | 12908 ||| Stepping ~*~*~tactically~*~*~ (outnumbered).
 12910 | D:6      | 12910 ||| Stepping ~*~*~tactically~*~*~ (outnumbered).
 12922 | D:6      | 12922 ||| Stepping ~*~*~tactically~*~*~ (outnumbered).
 12924 | D:6      | 12924 ||| Stepping ~*~*~tactically~*~*~ (outnumbered).
 12926 | D:6      | 12926 ||| Stepping ~*~*~tactically~*~*~ (outnumbered).
 12928 | D:6      | 12928 ||| Stepping ~*~*~tactically~*~*~ (outnumbered).
 12930 | D:6      | 12930 ||| Stepping ~*~*~tactically~*~*~ (outnumbered).
 12942 | D:6      | 12942 ||| Stepping ~*~*~tactically~*~*~ (outnumbered).
 12944 | D:6      | 12944 ||| Stepping ~*~*~tactically~*~*~ (outnumbered).
 12946 | D:6      | 12946 ||| Stepping ~*~*~tactically~*~*~ (outnumbered).
 12948 | D:6      | 12948 ||| Stepping ~*~*~tactically~*~*~ (outnumbered).
 12950 | D:6      | 12950 ||| Stepping ~*~*~tactically~*~*~ (outnumbered).
 12962 | D:6      | 12962 ||| Stepping ~*~*~tactically~*~*~ (outnumbered).
 12964 | D:6      | 12964 ||| Stepping ~*~*~tactically~*~*~ (outnumbered).
 12966 | D:6      | 12966 ||| Stepping ~*~*~tactically~*~*~ (outnumbered).
 12968 | D:6      | 12968 ||| Stepping ~*~*~tactically~*~*~ (outnumbered).
 12970 | D:6      | 12970 ||| Stepping ~*~*~tactically~*~*~ (outnumbered).
 12982 | D:6      | 12982 ||| Stepping ~*~*~tactically~*~*~ (outnumbered).
 12984 | D:6      | 12984 ||| Stepping ~*~*~tactically~*~*~ (outnumbered).
 12986 | D:6      | 12986 ||| Stepping ~*~*~tactically~*~*~ (outnumbered).
 12988 | D:6      | 12988 ||| Stepping ~*~*~tactically~*~*~ (outnumbered).
 12990 | D:6      | 12990 ||| Stepping ~*~*~tactically~*~*~ (outnumbered).
 13002 | D:6      | 13002 ||| Stepping ~*~*~tactically~*~*~ (outnumbered).
 13004 | D:6      | 13004 ||| Stepping ~*~*~tactically~*~*~ (outnumbered).
 13006 | D:6      | 13006 ||| Stepping ~*~*~tactically~*~*~ (outnumbered).
 13008 | D:6      | 13008 ||| Stepping ~*~*~tactically~*~*~ (outnumbered).
 13010 | D:6      | 13010 ||| Stepping ~*~*~tactically~*~*~ (outnumbered).
 13022 | D:6      | 13022 ||| Stepping ~*~*~tactically~*~*~ (outnumbered).
 13024 | D:6      | 13024 ||| Stepping ~*~*~tactically~*~*~ (outnumbered).
 13026 | D:6      | 13026 ||| Stepping ~*~*~tactically~*~*~ (outnumbered).
 13028 | D:6      | 13028 ||| Stepping ~*~*~tactically~*~*~ (outnumbered).
 13030 | D:6      | 13030 ||| Stepping ~*~*~tactically~*~*~ (outnumbered).
 13042 | D:6      | 13042 ||| Stepping ~*~*~tactically~*~*~ (outnumbered).
 13044 | D:6      | 13044 ||| Stepping ~*~*~tactically~*~*~ (outnumbered).
 13046 | D:6      | 13046 ||| Stepping ~*~*~tactically~*~*~ (outnumbered).
 13048 | D:6      | 13048 ||| Stepping ~*~*~tactically~*~*~ (outnumbered).
 13050 | D:6      | 13050 ||| Stepping ~*~*~tactically~*~*~ (outnumbered).
 13062 | D:6      | 13062 ||| Stepping ~*~*~tactically~*~*~ (outnumbered).
 13064 | D:6      | 13064 ||| Stepping ~*~*~tactically~*~*~ (outnumbered).
 13066 | D:6      | 13066 ||| Stepping ~*~*~tactically~*~*~ (outnumbered).
 13068 | D:6      | 13068 ||| Stepping ~*~*~tactically~*~*~ (outnumbered).
 13070 | D:6      | 13070 ||| Stepping ~*~*~tactically~*~*~ (outnumbered).
 13082 | D:6      | 13082 ||| Stepping ~*~*~tactically~*~*~ (outnumbered).
 13084 | D:6      | 13084 ||| Stepping ~*~*~tactically~*~*~ (outnumbered).
 13086 | D:6      | 13086 ||| Stepping ~*~*~tactically~*~*~ (outnumbered).
 13088 | D:6      | 13088 ||| Stepping ~*~*~tactically~*~*~ (outnumbered).
 13090 | D:6      | 13090 ||| Stepping ~*~*~tactically~*~*~ (outnumbered).
 13102 | D:6      | 13102 ||| Stepping ~*~*~tactically~*~*~ (outnumbered).
 13104 | D:6      | 13104 ||| Stepping ~*~*~tactically~*~*~ (outnumbered).
 13106 | D:6      | 13106 ||| Stepping ~*~*~tactically~*~*~ (outnumbered).
 13108 | D:6      | 13108 ||| Stepping ~*~*~tactically~*~*~ (outnumbered).
 13110 | D:6      | 13110 ||| Stepping ~*~*~tactically~*~*~ (outnumbered).
 13122 | D:6      | 13122 ||| Stepping ~*~*~tactically~*~*~ (outnumbered).
 13124 | D:6      | 13124 ||| Stepping ~*~*~tactically~*~*~ (outnumbered).
 13126 | D:6      | 13126 ||| Stepping ~*~*~tactically~*~*~ (outnumbered).
 13128 | D:6      | 13128 ||| Stepping ~*~*~tactically~*~*~ (outnumbered).
 13130 | D:6      | 13130 ||| Stepping ~*~*~tactically~*~*~ (outnumbered).
 13142 | D:6      | 13142 ||| Stepping ~*~*~tactically~*~*~ (outnumbered).
 13144 | D:6      | 13144 ||| Stepping ~*~*~tactically~*~*~ (outnumbered).
 13146 | D:6      | 13146 ||| Stepping ~*~*~tactically~*~*~ (outnumbered).
 13148 | D:6      | 13148 ||| Stepping ~*~*~tactically~*~*~ (outnumbered).
 13150 | D:6      | 13150 ||| Stepping ~*~*~tactically~*~*~ (outnumbered).
 13162 | D:6      | 13162 ||| Stepping ~*~*~tactically~*~*~ (outnumbered).
 13164 | D:6      | 13164 ||| Stepping ~*~*~tactically~*~*~ (outnumbered).
 13166 | D:6      | 13166 ||| Stepping ~*~*~tactically~*~*~ (outnumbered).
 13168 | D:6      | 13168 ||| Stepping ~*~*~tactically~*~*~ (outnumbered).
 13170 | D:6      | 13170 ||| Stepping ~*~*~tactically~*~*~ (outnumbered).
 13182 | D:6      | 13182 ||| Stepping ~*~*~tactically~*~*~ (outnumbered).
 13184 | D:6      | 13184 ||| Stepping ~*~*~tactically~*~*~ (outnumbered).
 13186 | D:6      | 13186 ||| Stepping ~*~*~tactically~*~*~ (outnumbered).
 13188 | D:6      | 13188 ||| Stepping ~*~*~tactically~*~*~ (outnumbered).
 13190 | D:6      | 13190 ||| Stepping ~*~*~tactically~*~*~ (outnumbered).
 13202 | D:6      | 13202 ||| Stepping ~*~*~tactically~*~*~ (outnumbered).
 13204 | D:6      | 13204 ||| Stepping ~*~*~tactically~*~*~ (outnumbered).
 13206 | D:6      | 13206 ||| Stepping ~*~*~tactically~*~*~ (outnumbered).
 13208 | D:6      | 13208 ||| Stepping ~*~*~tactically~*~*~ (outnumbered).
 13210 | D:6      | 13210 ||| Stepping ~*~*~tactically~*~*~ (outnumbered).
 13222 | D:6      | 13222 ||| Stepping ~*~*~tactically~*~*~ (outnumbered).
 13224 | D:6      | 13224 ||| Stepping ~*~*~tactically~*~*~ (outnumbered).
 13226 | D:6      | 13226 ||| Stepping ~*~*~tactically~*~*~ (outnumbered).
 13228 | D:6      | 13228 ||| Stepping ~*~*~tactically~*~*~ (outnumbered).
 13230 | D:6      | 13230 ||| Stepping ~*~*~tactically~*~*~ (outnumbered).
 13242 | D:6      | 13242 ||| Stepping ~*~*~tactically~*~*~ (outnumbered).
 13244 | D:6      | 13244 ||| Stepping ~*~*~tactically~*~*~ (outnumbered).
 13246 | D:6      | 13246 ||| Stepping ~*~*~tactically~*~*~ (outnumbered).
 13248 | D:6      | 13248 ||| Stepping ~*~*~tactically~*~*~ (outnumbered).
 13250 | D:6      | 13250 ||| Stepping ~*~*~tactically~*~*~ (outnumbered).
 13262 | D:6      | 13262 ||| Stepping ~*~*~tactically~*~*~ (outnumbered).
 13264 | D:6      | 13264 ||| Stepping ~*~*~tactically~*~*~ (outnumbered).
 13266 | D:6      | 13266 ||| Stepping ~*~*~tactically~*~*~ (outnumbered).
 13268 | D:6      | 13268 ||| Stepping ~*~*~tactically~*~*~ (outnumbered).
 13270 | D:6      | 13270 ||| Stepping ~*~*~tactically~*~*~ (outnumbered).
 13282 | D:6      | 13282 ||| Stepping ~*~*~tactically~*~*~ (outnumbered).
 13284 | D:6      | 13284 ||| Stepping ~*~*~tactically~*~*~ (outnumbered).
 13286 | D:6      | 13286 ||| Stepping ~*~*~tactically~*~*~ (outnumbered).
 13288 | D:6      | 13288 ||| Stepping ~*~*~tactically~*~*~ (outnumbered).
 13290 | D:6      | 13290 ||| Stepping ~*~*~tactically~*~*~ (outnumbered).
 13302 | D:6      | 13302 ||| Stepping ~*~*~tactically~*~*~ (outnumbered).
 13304 | D:6      | 13304 ||| Stepping ~*~*~tactically~*~*~ (outnumbered).
 13306 | D:6      | 13306 ||| Stepping ~*~*~tactically~*~*~ (outnumbered).
 13308 | D:6      | 13308 ||| Stepping ~*~*~tactically~*~*~ (outnumbered).
 13310 | D:6      | 13310 ||| Stepping ~*~*~tactically~*~*~ (outnumbered).
 13322 | D:6      | 13322 ||| Stepping ~*~*~tactically~*~*~ (outnumbered).
 13324 | D:6      | 13324 ||| Stepping ~*~*~tactically~*~*~ (outnumbered).
 13326 | D:6      | 13326 ||| Stepping ~*~*~tactically~*~*~ (outnumbered).
 13328 | D:6      | 13328 ||| Stepping ~*~*~tactically~*~*~ (outnumbered).
 13330 | D:6      | 13330 ||| Stepping ~*~*~tactically~*~*~ (outnumbered).
 13342 | D:6      | 13342 ||| Stepping ~*~*~tactically~*~*~ (outnumbered).
 13344 | D:6      | 13344 ||| Stepping ~*~*~tactically~*~*~ (outnumbered).
 13346 | D:6      | 13346 ||| Stepping ~*~*~tactically~*~*~ (outnumbered).
 13348 | D:6      | 13348 ||| Stepping ~*~*~tactically~*~*~ (outnumbered).
 13350 | D:6      | 13350 ||| Stepping ~*~*~tactically~*~*~ (outnumbered).
 13362 | D:6      | 13362 ||| Stepping ~*~*~tactically~*~*~ (outnumbered).
 13364 | D:6      | 13364 ||| Stepping ~*~*~tactically~*~*~ (outnumbered).
 13366 | D:6      | 13366 ||| Stepping ~*~*~tactically~*~*~ (outnumbered).
 13368 | D:6      | 13368 ||| Stepping ~*~*~tactically~*~*~ (outnumbered).
 13370 | D:6      | 13370 ||| Stepping ~*~*~tactically~*~*~ (outnumbered).
 13382 | D:6      | 13382 ||| Stepping ~*~*~tactically~*~*~ (outnumbered).
 13384 | D:6      | 13384 ||| Stepping ~*~*~tactically~*~*~ (outnumbered).
 13386 | D:6      | 13386 ||| Stepping ~*~*~tactically~*~*~ (outnumbered).
 13388 | D:6      | 13388 ||| Stepping ~*~*~tactically~*~*~ (outnumbered).
 13390 | D:6      | 13390 ||| Stepping ~*~*~tactically~*~*~ (outnumbered).
 13402 | D:6      | 13402 ||| Stepping ~*~*~tactically~*~*~ (outnumbered).
 13404 | D:6      | 13404 ||| Stepping ~*~*~tactically~*~*~ (outnumbered).
 13406 | D:6      | 13406 ||| Stepping ~*~*~tactically~*~*~ (outnumbered).
 13408 | D:6      | 13408 ||| Stepping ~*~*~tactically~*~*~ (outnumbered).
 13410 | D:6      | 13410 ||| Stepping ~*~*~tactically~*~*~ (outnumbered).
 13422 | D:6      | 13422 ||| Stepping ~*~*~tactically~*~*~ (outnumbered).
 13424 | D:6      | 13424 ||| Stepping ~*~*~tactically~*~*~ (outnumbered).
 13426 | D:6      | 13426 ||| Stepping ~*~*~tactically~*~*~ (outnumbered).
 13428 | D:6      | 13428 ||| Stepping ~*~*~tactically~*~*~ (outnumbered).
 13430 | D:6      | 13430 ||| Stepping ~*~*~tactically~*~*~ (outnumbered).
 13442 | D:6      | 13442 ||| Stepping ~*~*~tactically~*~*~ (outnumbered).
 13444 | D:6      | 13444 ||| Stepping ~*~*~tactically~*~*~ (outnumbered).
 13446 | D:6      | 13446 ||| Stepping ~*~*~tactically~*~*~ (outnumbered).
 13448 | D:6      | 13448 ||| Stepping ~*~*~tactically~*~*~ (outnumbered).
 13450 | D:6      | 13450 ||| Stepping ~*~*~tactically~*~*~ (outnumbered).
 13462 | D:6      | 13462 ||| Stepping ~*~*~tactically~*~*~ (outnumbered).
 13464 | D:6      | 13464 ||| Stepping ~*~*~tactically~*~*~ (outnumbered).
 13466 | D:6      | 13466 ||| Stepping ~*~*~tactically~*~*~ (outnumbered).
 13468 | D:6      | 13468 ||| Stepping ~*~*~tactically~*~*~ (outnumbered).
 13470 | D:6      | 13470 ||| Stepping ~*~*~tactically~*~*~ (outnumbered).
 13482 | D:6      | 13482 ||| Stepping ~*~*~tactically~*~*~ (outnumbered).
 13484 | D:6      | 13484 ||| Stepping ~*~*~tactically~*~*~ (outnumbered).
 13486 | D:6      | 13486 ||| Stepping ~*~*~tactically~*~*~ (outnumbered).
 13488 | D:6      | 13488 ||| Stepping ~*~*~tactically~*~*~ (outnumbered).
 13490 | D:6      | 13490 ||| Stepping ~*~*~tactically~*~*~ (outnumbered).
 13502 | D:6      | 13502 ||| Stepping ~*~*~tactically~*~*~ (outnumbered).
 13504 | D:6      | 13504 ||| Stepping ~*~*~tactically~*~*~ (outnumbered).
 13506 | D:6      | 13506 ||| Stepping ~*~*~tactically~*~*~ (outnumbered).
 13508 | D:6      | 13508 ||| Stepping ~*~*~tactically~*~*~ (outnumbered).
 13510 | D:6      | 13510 ||| Stepping ~*~*~tactically~*~*~ (outnumbered).
 13522 | D:6      | 13522 ||| Stepping ~*~*~tactically~*~*~ (outnumbered).
 13524 | D:6      | 13524 ||| Stepping ~*~*~tactically~*~*~ (outnumbered).
 13526 | D:6      | 13526 ||| Stepping ~*~*~tactically~*~*~ (outnumbered).
 13528 | D:6      | 13528 ||| Stepping ~*~*~tactically~*~*~ (outnumbered).
 13530 | D:6      | 13530 ||| Stepping ~*~*~tactically~*~*~ (outnumbered).
 13542 | D:6      | 13542 ||| Stepping ~*~*~tactically~*~*~ (outnumbered).
 13544 | D:6      | 13544 ||| Stepping ~*~*~tactically~*~*~ (outnumbered).
 13546 | D:6      | 13546 ||| Stepping ~*~*~tactically~*~*~ (outnumbered).
 13548 | D:6      | 13548 ||| Stepping ~*~*~tactically~*~*~ (outnumbered).
 13550 | D:6      | 13550 ||| Stepping ~*~*~tactically~*~*~ (outnumbered).
 13562 | D:6      | 13562 ||| Stepping ~*~*~tactically~*~*~ (outnumbered).
 13564 | D:6      | 13564 ||| Stepping ~*~*~tactically~*~*~ (outnumbered).
 13566 | D:6      | 13566 ||| Stepping ~*~*~tactically~*~*~ (outnumbered).
 13568 | D:6      | 13568 ||| Stepping ~*~*~tactically~*~*~ (outnumbered).
 13570 | D:6      | 13570 ||| Stepping ~*~*~tactically~*~*~ (outnumbered).
 13582 | D:6      | 13582 ||| Stepping ~*~*~tactically~*~*~ (outnumbered).
 13584 | D:6      | 13584 ||| Stepping ~*~*~tactically~*~*~ (outnumbered).
 13586 | D:6      | 13586 ||| Stepping ~*~*~tactically~*~*~ (outnumbered).
 13588 | D:6      | 13588 ||| Stepping ~*~*~tactically~*~*~ (outnumbered).
 13590 | D:6      | 13590 ||| Stepping ~*~*~tactically~*~*~ (outnumbered).
 13602 | D:6      | 13602 ||| Stepping ~*~*~tactically~*~*~ (outnumbered).
 13604 | D:6      | 13604 ||| Stepping ~*~*~tactically~*~*~ (outnumbered).
 13606 | D:6      | 13606 ||| Stepping ~*~*~tactically~*~*~ (outnumbered).
 13608 | D:6      | 13608 ||| Stepping ~*~*~tactically~*~*~ (outnumbered).
 13610 | D:6      | 13610 ||| Stepping ~*~*~tactically~*~*~ (outnumbered).
 13622 | D:6      | 13622 ||| Stepping ~*~*~tactically~*~*~ (outnumbered).
 13624 | D:6      | 13624 ||| Stepping ~*~*~tactically~*~*~ (outnumbered).
 13626 | D:6      | 13626 ||| Stepping ~*~*~tactically~*~*~ (outnumbered).
 13628 | D:6      | 13628 ||| Stepping ~*~*~tactically~*~*~ (outnumbered).
 13630 | D:6      | 13630 ||| Stepping ~*~*~tactically~*~*~ (outnumbered).
 13642 | D:6      | 13642 ||| Stepping ~*~*~tactically~*~*~ (outnumbered).
 13644 | D:6      | 13644 ||| Stepping ~*~*~tactically~*~*~ (outnumbered).
 13646 | D:6      | 13646 ||| Stepping ~*~*~tactically~*~*~ (outnumbered).
 13648 | D:6      | 13648 ||| Stepping ~*~*~tactically~*~*~ (outnumbered).
 13650 | D:6      | 13650 ||| Stepping ~*~*~tactically~*~*~ (outnumbered).
 13662 | D:6      | 13662 ||| Stepping ~*~*~tactically~*~*~ (outnumbered).
 13664 | D:6      | 13664 ||| Stepping ~*~*~tactically~*~*~ (outnumbered).
 13666 | D:6      | 13666 ||| Stepping ~*~*~tactically~*~*~ (outnumbered).
 13668 | D:6      | 13668 ||| Stepping ~*~*~tactically~*~*~ (outnumbered).
 13670 | D:6      | 13670 ||| Stepping ~*~*~tactically~*~*~ (outnumbered).
 13682 | D:6      | 13682 ||| Stepping ~*~*~tactically~*~*~ (outnumbered).
 13684 | D:6      | 13684 ||| Stepping ~*~*~tactically~*~*~ (outnumbered).
 13686 | D:6      | 13686 ||| Stepping ~*~*~tactically~*~*~ (outnumbered).
 13688 | D:6      | 13688 ||| Stepping ~*~*~tactically~*~*~ (outnumbered).
 13690 | D:6      | 13690 ||| Stepping ~*~*~tactically~*~*~ (outnumbered).
 13702 | D:6      | 13702 ||| Stepping ~*~*~tactically~*~*~ (outnumbered).
 13704 | D:6      | 13704 ||| Stepping ~*~*~tactically~*~*~ (outnumbered).
 13706 | D:6      | 13706 ||| Stepping ~*~*~tactically~*~*~ (outnumbered).
 13708 | D:6      | 13708 ||| Stepping ~*~*~tactically~*~*~ (outnumbered).
 13710 | D:6      | 13710 ||| Stepping ~*~*~tactically~*~*~ (outnumbered).
 13722 | D:6      | 13722 ||| Stepping ~*~*~tactically~*~*~ (outnumbered).
 13724 | D:6      | 13724 ||| Stepping ~*~*~tactically~*~*~ (outnumbered).
 13726 | D:6      | 13726 ||| Stepping ~*~*~tactically~*~*~ (outnumbered).
 13728 | D:6      | 13728 ||| Stepping ~*~*~tactically~*~*~ (outnumbered).
 13730 | D:6      | 13730 ||| Stepping ~*~*~tactically~*~*~ (outnumbered).
 13742 | D:6      | 13742 ||| Stepping ~*~*~tactically~*~*~ (outnumbered).
 13744 | D:6      | 13744 ||| Stepping ~*~*~tactically~*~*~ (outnumbered).
 13746 | D:6      | 13746 ||| Stepping ~*~*~tactically~*~*~ (outnumbered).
 13748 | D:6      | 13748 ||| Stepping ~*~*~tactically~*~*~ (outnumbered).
 13750 | D:6      | 13750 ||| Stepping ~*~*~tactically~*~*~ (outnumbered).
 13762 | D:6      | 13762 ||| Stepping ~*~*~tactically~*~*~ (outnumbered).
 13764 | D:6      | 13764 ||| Stepping ~*~*~tactically~*~*~ (outnumbered).
 13766 | D:6      | 13766 ||| Stepping ~*~*~tactically~*~*~ (outnumbered).
 13768 | D:6      | 13768 ||| Stepping ~*~*~tactically~*~*~ (outnumbered).
 13770 | D:6      | 13770 ||| Stepping ~*~*~tactically~*~*~ (outnumbered).
 13782 | D:6      | 13782 ||| Stepping ~*~*~tactically~*~*~ (outnumbered).
 13784 | D:6      | 13784 ||| Stepping ~*~*~tactically~*~*~ (outnumbered).
 13786 | D:6      | 13786 ||| Stepping ~*~*~tactically~*~*~ (outnumbered).
 13788 | D:6      | 13788 ||| Stepping ~*~*~tactically~*~*~ (outnumbered).
 13790 | D:6      | 13790 ||| Stepping ~*~*~tactically~*~*~ (outnumbered).
 13802 | D:6      | 13802 ||| Stepping ~*~*~tactically~*~*~ (outnumbered).
 13804 | D:6      | 13804 ||| Stepping ~*~*~tactically~*~*~ (outnumbered).
 13806 | D:6      | 13806 ||| Stepping ~*~*~tactically~*~*~ (outnumbered).
 13808 | D:6      | 13808 ||| Stepping ~*~*~tactically~*~*~ (outnumbered).
 13810 | D:6      | 13810 ||| Stepping ~*~*~tactically~*~*~ (outnumbered).
 13822 | D:6      | 13822 ||| Stepping ~*~*~tactically~*~*~ (outnumbered).
 13824 | D:6      | 13824 ||| Stepping ~*~*~tactically~*~*~ (outnumbered).
 13826 | D:6      | 13826 ||| Stepping ~*~*~tactically~*~*~ (outnumbered).
 13828 | D:6      | 13828 ||| Stepping ~*~*~tactically~*~*~ (outnumbered).
 13830 | D:6      | 13830 ||| Stepping ~*~*~tactically~*~*~ (outnumbered).
 13842 | D:6      | 13842 ||| Stepping ~*~*~tactically~*~*~ (outnumbered).
 13844 | D:6      | 13844 ||| Stepping ~*~*~tactically~*~*~ (outnumbered).
 13846 | D:6      | 13846 ||| Stepping ~*~*~tactically~*~*~ (outnumbered).
 13848 | D:6      | 13848 ||| Stepping ~*~*~tactically~*~*~ (outnumbered).
 13850 | D:6      | 13850 ||| Stepping ~*~*~tactically~*~*~ (outnumbered).
 13862 | D:6      | 13862 ||| Stepping ~*~*~tactically~*~*~ (outnumbered).
 13864 | D:6      | 13864 ||| Stepping ~*~*~tactically~*~*~ (outnumbered).
 13866 | D:6      | 13866 ||| Stepping ~*~*~tactically~*~*~ (outnumbered).
 13868 | D:6      | 13868 ||| Stepping ~*~*~tactically~*~*~ (outnumbered).
 13870 | D:6      | 13870 ||| Stepping ~*~*~tactically~*~*~ (outnumbered).
 13882 | D:6      | 13882 ||| Stepping ~*~*~tactically~*~*~ (outnumbered).
 13884 | D:6      | 13884 ||| Stepping ~*~*~tactically~*~*~ (outnumbered).
 13886 | D:6      | 13886 ||| Stepping ~*~*~tactically~*~*~ (outnumbered).
 13888 | D:6      | 13888 ||| Stepping ~*~*~tactically~*~*~ (outnumbered).
 13890 | D:6      | 13890 ||| Stepping ~*~*~tactically~*~*~ (outnumbered).
 13902 | D:6      | 13902 ||| Stepping ~*~*~tactically~*~*~ (outnumbered).
 13904 | D:6      | 13904 ||| Stepping ~*~*~tactically~*~*~ (outnumbered).
 13906 | D:6      | 13906 ||| Stepping ~*~*~tactically~*~*~ (outnumbered).
 13908 | D:6      | 13908 ||| Stepping ~*~*~tactically~*~*~ (outnumbered).
 13910 | D:6      | 13910 ||| Stepping ~*~*~tactically~*~*~ (outnumbered).
 13922 | D:6      | 13922 ||| Stepping ~*~*~tactically~*~*~ (outnumbered).
 13924 | D:6      | 13924 ||| Stepping ~*~*~tactically~*~*~ (outnumbered).
 13926 | D:6      | 13926 ||| Stepping ~*~*~tactically~*~*~ (outnumbered).
 13928 | D:6      | 13928 ||| Stepping ~*~*~tactically~*~*~ (outnumbered).
 13930 | D:6      | 13930 ||| Stepping ~*~*~tactically~*~*~ (outnumbered).
 13942 | D:6      | 13942 ||| Stepping ~*~*~tactically~*~*~ (outnumbered).
 13944 | D:6      | 13944 ||| Stepping ~*~*~tactically~*~*~ (outnumbered).
 13946 | D:6      | 13946 ||| Stepping ~*~*~tactically~*~*~ (outnumbered).
 13948 | D:6      | 13948 ||| Stepping ~*~*~tactically~*~*~ (outnumbered).
 13950 | D:6      | 13950 ||| Stepping ~*~*~tactically~*~*~ (outnumbered).
 13962 | D:6      | 13962 ||| Stepping ~*~*~tactically~*~*~ (outnumbered).
 13964 | D:6      | 13964 ||| Stepping ~*~*~tactically~*~*~ (outnumbered).
 13966 | D:6      | 13966 ||| Stepping ~*~*~tactically~*~*~ (outnumbered).
 13968 | D:6      | 13968 ||| Stepping ~*~*~tactically~*~*~ (outnumbered).
 13970 | D:6      | 13970 ||| Stepping ~*~*~tactically~*~*~ (outnumbered).
 13982 | D:6      | 13982 ||| Stepping ~*~*~tactically~*~*~ (outnumbered).
 13984 | D:6      | 13984 ||| Stepping ~*~*~tactically~*~*~ (outnumbered).
 13986 | D:6      | 13986 ||| Stepping ~*~*~tactically~*~*~ (outnumbered).
 13988 | D:6      | 13988 ||| Stepping ~*~*~tactically~*~*~ (outnumbered).
 13990 | D:6      | 13990 ||| Stepping ~*~*~tactically~*~*~ (outnumbered).
 14002 | D:6      | 14002 ||| Stepping ~*~*~tactically~*~*~ (outnumbered).
 14004 | D:6      | 14004 ||| Stepping ~*~*~tactically~*~*~ (outnumbered).
 14006 | D:6      | 14006 ||| Stepping ~*~*~tactically~*~*~ (outnumbered).
 14008 | D:6      | 14008 ||| Stepping ~*~*~tactically~*~*~ (outnumbered).
 14010 | D:6      | 14010 ||| Stepping ~*~*~tactically~*~*~ (outnumbered).
 14022 | D:6      | 14022 ||| Stepping ~*~*~tactically~*~*~ (outnumbered).
 14024 | D:6      | 14024 ||| Stepping ~*~*~tactically~*~*~ (outnumbered).
 14026 | D:6      | 14026 ||| Stepping ~*~*~tactically~*~*~ (outnumbered).
 14028 | D:6      | 14028 ||| Stepping ~*~*~tactically~*~*~ (outnumbered).
 14030 | D:6      | 14030 ||| Stepping ~*~*~tactically~*~*~ (outnumbered).
 14042 | D:6      | 14042 ||| Stepping ~*~*~tactically~*~*~ (outnumbered).
 14044 | D:6      | 14044 ||| Stepping ~*~*~tactically~*~*~ (outnumbered).
 14046 | D:6      | 14046 ||| Stepping ~*~*~tactically~*~*~ (outnumbered).
 14048 | D:6      | 14048 ||| Stepping ~*~*~tactically~*~*~ (outnumbered).
 14050 | D:6      | 14050 ||| Stepping ~*~*~tactically~*~*~ (outnumbered).
 14062 | D:6      | 14062 ||| Stepping ~*~*~tactically~*~*~ (outnumbered).
 14064 | D:6      | 14064 ||| Stepping ~*~*~tactically~*~*~ (outnumbered).
 14066 | D:6      | 14066 ||| Stepping ~*~*~tactically~*~*~ (outnumbered).
 14068 | D:6      | 14068 ||| Stepping ~*~*~tactically~*~*~ (outnumbered).
 14070 | D:6      | 14070 ||| Stepping ~*~*~tactically~*~*~ (outnumbered).
 14082 | D:6      | 14082 ||| Stepping ~*~*~tactically~*~*~ (outnumbered).
 14084 | D:6      | 14084 ||| Stepping ~*~*~tactically~*~*~ (outnumbered).
 14086 | D:6      | 14086 ||| Stepping ~*~*~tactically~*~*~ (outnumbered).
 14088 | D:6      | 14088 ||| Stepping ~*~*~tactically~*~*~ (outnumbered).
 14090 | D:6      | 14090 ||| Stepping ~*~*~tactically~*~*~ (outnumbered).
 14102 | D:6      | 14102 ||| Stepping ~*~*~tactically~*~*~ (outnumbered).
 14104 | D:6      | 14104 ||| Stepping ~*~*~tactically~*~*~ (outnumbered).
 14106 | D:6      | 14106 ||| Stepping ~*~*~tactically~*~*~ (outnumbered).
 14108 | D:6      | 14108 ||| Stepping ~*~*~tactically~*~*~ (outnumbered).
 14110 | D:6      | 14110 ||| Stepping ~*~*~tactically~*~*~ (outnumbered).
 14122 | D:6      | 14122 ||| Stepping ~*~*~tactically~*~*~ (outnumbered).
 14124 | D:6      | 14124 ||| Stepping ~*~*~tactically~*~*~ (outnumbered).
 14126 | D:6      | 14126 ||| Stepping ~*~*~tactically~*~*~ (outnumbered).
 14128 | D:6      | 14128 ||| Stepping ~*~*~tactically~*~*~ (outnumbered).
 14130 | D:6      | 14130 ||| Stepping ~*~*~tactically~*~*~ (outnumbered).
 14142 | D:6      | 14142 ||| Stepping ~*~*~tactically~*~*~ (outnumbered).
 14144 | D:6      | 14144 ||| Stepping ~*~*~tactically~*~*~ (outnumbered).
 14146 | D:6      | 14146 ||| Stepping ~*~*~tactically~*~*~ (outnumbered).
 14148 | D:6      | 14148 ||| Stepping ~*~*~tactically~*~*~ (outnumbered).
 14150 | D:6      | 14150 ||| Stepping ~*~*~tactically~*~*~ (outnumbered).
 14162 | D:6      | 14162 ||| Stepping ~*~*~tactically~*~*~ (outnumbered).
 14164 | D:6      | 14164 ||| Stepping ~*~*~tactically~*~*~ (outnumbered).
 14166 | D:6      | 14166 ||| Stepping ~*~*~tactically~*~*~ (outnumbered).
 14168 | D:6      | 14168 ||| Stepping ~*~*~tactically~*~*~ (outnumbered).
 14170 | D:6      | 14170 ||| Stepping ~*~*~tactically~*~*~ (outnumbered).
 14182 | D:6      | 14182 ||| Stepping ~*~*~tactically~*~*~ (outnumbered).
 14184 | D:6      | 14184 ||| Stepping ~*~*~tactically~*~*~ (outnumbered).
 14186 | D:6      | 14186 ||| Stepping ~*~*~tactically~*~*~ (outnumbered).
 14188 | D:6      | 14188 ||| Stepping ~*~*~tactically~*~*~ (outnumbered).
 14190 | D:6      | 14190 ||| Stepping ~*~*~tactically~*~*~ (outnumbered).
 14202 | D:6      | 14202 ||| Stepping ~*~*~tactically~*~*~ (outnumbered).
 14204 | D:6      | 14204 ||| Stepping ~*~*~tactically~*~*~ (outnumbered).
 14206 | D:6      | 14206 ||| Stepping ~*~*~tactically~*~*~ (outnumbered).
 14208 | D:6      | 14208 ||| Stepping ~*~*~tactically~*~*~ (outnumbered).
 14210 | D:6      | 14210 ||| Stepping ~*~*~tactically~*~*~ (outnumbered).
 14222 | D:6      | 14222 ||| Stepping ~*~*~tactically~*~*~ (outnumbered).
 14224 | D:6      | 14224 ||| Stepping ~*~*~tactically~*~*~ (outnumbered).
 14226 | D:6      | 14226 ||| Stepping ~*~*~tactically~*~*~ (outnumbered).
 14228 | D:6      | 14228 ||| Stepping ~*~*~tactically~*~*~ (outnumbered).
 14230 | D:6      | 14230 ||| Stepping ~*~*~tactically~*~*~ (outnumbered).
 14242 | D:6      | 14242 ||| Stepping ~*~*~tactically~*~*~ (outnumbered).
 14244 | D:6      | 14244 ||| Stepping ~*~*~tactically~*~*~ (outnumbered).
 14246 | D:6      | 14246 ||| Stepping ~*~*~tactically~*~*~ (outnumbered).
 14248 | D:6      | 14248 ||| Stepping ~*~*~tactically~*~*~ (outnumbered).
 14250 | D:6      | 14250 ||| Stepping ~*~*~tactically~*~*~ (outnumbered).
 14262 | D:6      | 14262 ||| Stepping ~*~*~tactically~*~*~ (outnumbered).
 14264 | D:6      | 14264 ||| Stepping ~*~*~tactically~*~*~ (outnumbered).
 14266 | D:6      | 14266 ||| Stepping ~*~*~tactically~*~*~ (outnumbered).
 14268 | D:6      | 14268 ||| Stepping ~*~*~tactically~*~*~ (outnumbered).
 14270 | D:6      | 14270 ||| Stepping ~*~*~tactically~*~*~ (outnumbered).
 14282 | D:6      | 14282 ||| Stepping ~*~*~tactically~*~*~ (outnumbered).
 14284 | D:6      | 14284 ||| Stepping ~*~*~tactically~*~*~ (outnumbered).
 14286 | D:6      | 14286 ||| Stepping ~*~*~tactically~*~*~ (outnumbered).
 14288 | D:6      | 14288 ||| Stepping ~*~*~tactically~*~*~ (outnumbered).
 14290 | D:6      | 14290 ||| Stepping ~*~*~tactically~*~*~ (outnumbered).
 14302 | D:6      | 14302 ||| Stepping ~*~*~tactically~*~*~ (outnumbered).
 14304 | D:6      | 14304 ||| Stepping ~*~*~tactically~*~*~ (outnumbered).
 14306 | D:6      | 14306 ||| Stepping ~*~*~tactically~*~*~ (outnumbered).
 14308 | D:6      | 14308 ||| Stepping ~*~*~tactically~*~*~ (outnumbered).
 14310 | D:6      | 14310 ||| Stepping ~*~*~tactically~*~*~ (outnumbered).
 14322 | D:6      | 14322 ||| Stepping ~*~*~tactically~*~*~ (outnumbered).
 14324 | D:6      | 14324 ||| Stepping ~*~*~tactically~*~*~ (outnumbered).
 14326 | D:6      | 14326 ||| Stepping ~*~*~tactically~*~*~ (outnumbered).
 14328 | D:6      | 14328 ||| Stepping ~*~*~tactically~*~*~ (outnumbered).
 14330 | D:6      | 14330 ||| Stepping ~*~*~tactically~*~*~ (outnumbered).
 14342 | D:6      | 14342 ||| Stepping ~*~*~tactically~*~*~ (outnumbered).
 14344 | D:6      | 14344 ||| Stepping ~*~*~tactically~*~*~ (outnumbered).
 14346 | D:6      | 14346 ||| Stepping ~*~*~tactically~*~*~ (outnumbered).
 14348 | D:6      | 14348 ||| Stepping ~*~*~tactically~*~*~ (outnumbered).
 14350 | D:6      | 14350 ||| Stepping ~*~*~tactically~*~*~ (outnumbered).
 14362 | D:6      | 14362 ||| Stepping ~*~*~tactically~*~*~ (outnumbered).
 14364 | D:6      | 14364 ||| Stepping ~*~*~tactically~*~*~ (outnumbered).
 14366 | D:6      | 14366 ||| Stepping ~*~*~tactically~*~*~ (outnumbered).
 14368 | D:6      | 14368 ||| Stepping ~*~*~tactically~*~*~ (outnumbered).
 14370 | D:6      | 14370 ||| Stepping ~*~*~tactically~*~*~ (outnumbered).
 14382 | D:6      | 14382 ||| Stepping ~*~*~tactically~*~*~ (outnumbered).
 14384 | D:6      | 14384 ||| Stepping ~*~*~tactically~*~*~ (outnumbered).
 14386 | D:6      | 14386 ||| Stepping ~*~*~tactically~*~*~ (outnumbered).
 14388 | D:6      | 14388 ||| Stepping ~*~*~tactically~*~*~ (outnumbered).
 14390 | D:6      | 14390 ||| Stepping ~*~*~tactically~*~*~ (outnumbered).
 14402 | D:6      | 14402 ||| Stepping ~*~*~tactically~*~*~ (outnumbered).
 14404 | D:6      | 14404 ||| Stepping ~*~*~tactically~*~*~ (outnumbered).
 14406 | D:6      | 14406 ||| Stepping ~*~*~tactically~*~*~ (outnumbered).
 14408 | D:6      | 14408 ||| Stepping ~*~*~tactically~*~*~ (outnumbered).
 14410 | D:6      | 14410 ||| Stepping ~*~*~tactically~*~*~ (outnumbered).
 14422 | D:6      | 14422 ||| Stepping ~*~*~tactically~*~*~ (outnumbered).
 14424 | D:6      | 14424 ||| Stepping ~*~*~tactically~*~*~ (outnumbered).
 14426 | D:6      | 14426 ||| Stepping ~*~*~tactically~*~*~ (outnumbered).
 14428 | D:6      | 14428 ||| Stepping ~*~*~tactically~*~*~ (outnumbered).
 14430 | D:6      | 14430 ||| Stepping ~*~*~tactically~*~*~ (outnumbered).
 14442 | D:6      | 14442 ||| Stepping ~*~*~tactically~*~*~ (outnumbered).
 14444 | D:6      | 14444 ||| Stepping ~*~*~tactically~*~*~ (outnumbered).
 14446 | D:6      | 14446 ||| Stepping ~*~*~tactically~*~*~ (outnumbered).
 14448 | D:6      | 14448 ||| Stepping ~*~*~tactically~*~*~ (outnumbered).
 14450 | D:6      | 14450 ||| Stepping ~*~*~tactically~*~*~ (outnumbered).
 14462 | D:6      | 14462 ||| Stepping ~*~*~tactically~*~*~ (outnumbered).
 14464 | D:6      | 14464 ||| Stepping ~*~*~tactically~*~*~ (outnumbered).
 14466 | D:6      | 14466 ||| Stepping ~*~*~tactically~*~*~ (outnumbered).
 14468 | D:6      | 14468 ||| Stepping ~*~*~tactically~*~*~ (outnumbered).
 14470 | D:6      | 14470 ||| Stepping ~*~*~tactically~*~*~ (outnumbered).
 14482 | D:6      | 14482 ||| Stepping ~*~*~tactically~*~*~ (outnumbered).
 14484 | D:6      | 14484 ||| Stepping ~*~*~tactically~*~*~ (outnumbered).
 14486 | D:6      | 14486 ||| Stepping ~*~*~tactically~*~*~ (outnumbered).
 14488 | D:6      | 14488 ||| Stepping ~*~*~tactically~*~*~ (outnumbered).
 14490 | D:6      | 14490 ||| Stepping ~*~*~tactically~*~*~ (outnumbered).
 14502 | D:6      | 14502 ||| Stepping ~*~*~tactically~*~*~ (outnumbered).
 14504 | D:6      | 14504 ||| Stepping ~*~*~tactically~*~*~ (outnumbered).
 14506 | D:6      | 14506 ||| Stepping ~*~*~tactically~*~*~ (outnumbered).
 14508 | D:6      | 14508 ||| Stepping ~*~*~tactically~*~*~ (outnumbered).
 14510 | D:6      | 14510 ||| Stepping ~*~*~tactically~*~*~ (outnumbered).
 14522 | D:6      | 14522 ||| Stepping ~*~*~tactically~*~*~ (outnumbered).
 14524 | D:6      | 14524 ||| Stepping ~*~*~tactically~*~*~ (outnumbered).
 14526 | D:6      | 14526 ||| Stepping ~*~*~tactically~*~*~ (outnumbered).
 14528 | D:6      | 14528 ||| Stepping ~*~*~tactically~*~*~ (outnumbered).
 14530 | D:6      | 14530 ||| Stepping ~*~*~tactically~*~*~ (outnumbered).
 14542 | D:6      | 14542 ||| Stepping ~*~*~tactically~*~*~ (outnumbered).
 14544 | D:6      | 14544 ||| Stepping ~*~*~tactically~*~*~ (outnumbered).
 14546 | D:6      | 14546 ||| Stepping ~*~*~tactically~*~*~ (outnumbered).
 14548 | D:6      | 14548 ||| Stepping ~*~*~tactically~*~*~ (outnumbered).
 14550 | D:6      | 14550 ||| Stepping ~*~*~tactically~*~*~ (outnumbered).
 14562 | D:6      | 14562 ||| Stepping ~*~*~tactically~*~*~ (outnumbered).
 14564 | D:6      | 14564 ||| Stepping ~*~*~tactically~*~*~ (outnumbered).
 14566 | D:6      | 14566 ||| Stepping ~*~*~tactically~*~*~ (outnumbered).
 14568 | D:6      | 14568 ||| Stepping ~*~*~tactically~*~*~ (outnumbered).
 14570 | D:6      | 14570 ||| Stepping ~*~*~tactically~*~*~ (outnumbered).
 14582 | D:6      | 14582 ||| Stepping ~*~*~tactically~*~*~ (outnumbered).
 14584 | D:6      | 14584 ||| Stepping ~*~*~tactically~*~*~ (outnumbered).
 14586 | D:6      | 14586 ||| Stepping ~*~*~tactically~*~*~ (outnumbered).
 14588 | D:6      | 14588 ||| Stepping ~*~*~tactically~*~*~ (outnumbered).
 14590 | D:6      | 14590 ||| Stepping ~*~*~tactically~*~*~ (outnumbered).
 14602 | D:6      | 14602 ||| Stepping ~*~*~tactically~*~*~ (outnumbered).
 14604 | D:6      | 14604 ||| Stepping ~*~*~tactically~*~*~ (outnumbered).
 14606 | D:6      | 14606 ||| Stepping ~*~*~tactically~*~*~ (outnumbered).
 14608 | D:6      | 14608 ||| Stepping ~*~*~tactically~*~*~ (outnumbered).
 14610 | D:6      | 14610 ||| Stepping ~*~*~tactically~*~*~ (outnumbered).
 14622 | D:6      | 14622 ||| Stepping ~*~*~tactically~*~*~ (outnumbered).
 14624 | D:6      | 14624 ||| Stepping ~*~*~tactically~*~*~ (outnumbered).
 14626 | D:6      | 14626 ||| Stepping ~*~*~tactically~*~*~ (outnumbered).
 14628 | D:6      | 14628 ||| Stepping ~*~*~tactically~*~*~ (outnumbered).
 14630 | D:6      | 14630 ||| Stepping ~*~*~tactically~*~*~ (outnumbered).
 14642 | D:6      | 14642 ||| Stepping ~*~*~tactically~*~*~ (outnumbered).
 14644 | D:6      | 14644 ||| Stepping ~*~*~tactically~*~*~ (outnumbered).
 14646 | D:6      | 14646 ||| Stepping ~*~*~tactically~*~*~ (outnumbered).
 14648 | D:6      | 14648 ||| Stepping ~*~*~tactically~*~*~ (outnumbered).
 14650 | D:6      | 14650 ||| Stepping ~*~*~tactically~*~*~ (outnumbered).
 14662 | D:6      | 14662 ||| Stepping ~*~*~tactically~*~*~ (outnumbered).
 14664 | D:6      | 14664 ||| Stepping ~*~*~tactically~*~*~ (outnumbered).
 14666 | D:6      | 14666 ||| Stepping ~*~*~tactically~*~*~ (outnumbered).
 14668 | D:6      | 14668 ||| Stepping ~*~*~tactically~*~*~ (outnumbered).
 14670 | D:6      | 14670 ||| Stepping ~*~*~tactically~*~*~ (outnumbered).
 14682 | D:6      | 14682 ||| Stepping ~*~*~tactically~*~*~ (outnumbered).
 14684 | D:6      | 14684 ||| Stepping ~*~*~tactically~*~*~ (outnumbered).
 14686 | D:6      | 14686 ||| Stepping ~*~*~tactically~*~*~ (outnumbered).
 14688 | D:6      | 14688 ||| Stepping ~*~*~tactically~*~*~ (outnumbered).
 14690 | D:6      | 14690 ||| Stepping ~*~*~tactically~*~*~ (outnumbered).
 14702 | D:6      | 14702 ||| Stepping ~*~*~tactically~*~*~ (outnumbered).
 14704 | D:6      | 14704 ||| Stepping ~*~*~tactically~*~*~ (outnumbered).
 14706 | D:6      | 14706 ||| Stepping ~*~*~tactically~*~*~ (outnumbered).
 14708 | D:6      | 14708 ||| Stepping ~*~*~tactically~*~*~ (outnumbered).
 14710 | D:6      | 14710 ||| Stepping ~*~*~tactically~*~*~ (outnumbered).
 14722 | D:6      | 14722 ||| Stepping ~*~*~tactically~*~*~ (outnumbered).
 14724 | D:6      | 14724 ||| Stepping ~*~*~tactically~*~*~ (outnumbered).
 14726 | D:6      | 14726 ||| Stepping ~*~*~tactically~*~*~ (outnumbered).
 14728 | D:6      | 14728 ||| Stepping ~*~*~tactically~*~*~ (outnumbered).
 14730 | D:6      | 14730 ||| Stepping ~*~*~tactically~*~*~ (outnumbered).
 14742 | D:6      | 14742 ||| Stepping ~*~*~tactically~*~*~ (outnumbered).
 14744 | D:6      | 14744 ||| Stepping ~*~*~tactically~*~*~ (outnumbered).
 14746 | D:6      | 14746 ||| Stepping ~*~*~tactically~*~*~ (outnumbered).
 14748 | D:6      | 14748 ||| Stepping ~*~*~tactically~*~*~ (outnumbered).
 14750 | D:6      | 14750 ||| Stepping ~*~*~tactically~*~*~ (outnumbered).
 14762 | D:6      | 14762 ||| Stepping ~*~*~tactically~*~*~ (outnumbered).
 14764 | D:6      | 14764 ||| Stepping ~*~*~tactically~*~*~ (outnumbered).
 14766 | D:6      | 14766 ||| Stepping ~*~*~tactically~*~*~ (outnumbered).
 14768 | D:6      | 14768 ||| Stepping ~*~*~tactically~*~*~ (outnumbered).
 14770 | D:6      | 14770 ||| Stepping ~*~*~tactically~*~*~ (outnumbered).
 14782 | D:6      | 14782 ||| Stepping ~*~*~tactically~*~*~ (outnumbered).
 14784 | D:6      | 14784 ||| Stepping ~*~*~tactically~*~*~ (outnumbered).
 14786 | D:6      | 14786 ||| Stepping ~*~*~tactically~*~*~ (outnumbered).
 14788 | D:6      | 14788 ||| Stepping ~*~*~tactically~*~*~ (outnumbered).
 14790 | D:6      | 14790 ||| Stepping ~*~*~tactically~*~*~ (outnumbered).
 14802 | D:6      | 14802 ||| Stepping ~*~*~tactically~*~*~ (outnumbered).
 14804 | D:6      | 14804 ||| Stepping ~*~*~tactically~*~*~ (outnumbered).
 14806 | D:6      | 14806 ||| Stepping ~*~*~tactically~*~*~ (outnumbered).
 14808 | D:6      | 14808 ||| Stepping ~*~*~tactically~*~*~ (outnumbered).
 14810 | D:6      | 14810 ||| Stepping ~*~*~tactically~*~*~ (outnumbered).
 14822 | D:6      | 14822 ||| Stepping ~*~*~tactically~*~*~ (outnumbered).
 14824 | D:6      | 14824 ||| Stepping ~*~*~tactically~*~*~ (outnumbered).
 14826 | D:6      | 14826 ||| Stepping ~*~*~tactically~*~*~ (outnumbered).
 14828 | D:6      | 14828 ||| Stepping ~*~*~tactically~*~*~ (outnumbered).
 14830 | D:6      | 14830 ||| Stepping ~*~*~tactically~*~*~ (outnumbered).
 14842 | D:6      | 14842 ||| Stepping ~*~*~tactically~*~*~ (outnumbered).
 14844 | D:6      | 14844 ||| Stepping ~*~*~tactically~*~*~ (outnumbered).
 14846 | D:6      | 14846 ||| Stepping ~*~*~tactically~*~*~ (outnumbered).
 14848 | D:6      | 14848 ||| Stepping ~*~*~tactically~*~*~ (outnumbered).
 14850 | D:6      | 14850 ||| Stepping ~*~*~tactically~*~*~ (outnumbered).
 14862 | D:6      | 14862 ||| Stepping ~*~*~tactically~*~*~ (outnumbered).
 14864 | D:6      | 14864 ||| Stepping ~*~*~tactically~*~*~ (outnumbered).
 14866 | D:6      | 14866 ||| Stepping ~*~*~tactically~*~*~ (outnumbered).
 14868 | D:6      | 14868 ||| Stepping ~*~*~tactically~*~*~ (outnumbered).
 14870 | D:6      | 14870 ||| Stepping ~*~*~tactically~*~*~ (outnumbered).
 14882 | D:6      | 14882 ||| Stepping ~*~*~tactically~*~*~ (outnumbered).
 14884 | D:6      | 14884 ||| Stepping ~*~*~tactically~*~*~ (outnumbered).
 14886 | D:6      | 14886 ||| Stepping ~*~*~tactically~*~*~ (outnumbered).
 14888 | D:6      | 14888 ||| Stepping ~*~*~tactically~*~*~ (outnumbered).
 14890 | D:6      | 14890 ||| Stepping ~*~*~tactically~*~*~ (outnumbered).
 14902 | D:6      | 14902 ||| Stepping ~*~*~tactically~*~*~ (outnumbered).
 14904 | D:6      | 14904 ||| Stepping ~*~*~tactically~*~*~ (outnumbered).
 14906 | D:6      | 14906 ||| Stepping ~*~*~tactically~*~*~ (outnumbered).
 14908 | D:6      | 14908 ||| Stepping ~*~*~tactically~*~*~ (outnumbered).
 14910 | D:6      | 14910 ||| Stepping ~*~*~tactically~*~*~ (outnumbered).
 14922 | D:6      | 14922 ||| Stepping ~*~*~tactically~*~*~ (outnumbered).
 14924 | D:6      | 14924 ||| Stepping ~*~*~tactically~*~*~ (outnumbered).
 14926 | D:6      | 14926 ||| Stepping ~*~*~tactically~*~*~ (outnumbered).
 14928 | D:6      | 14928 ||| Stepping ~*~*~tactically~*~*~ (outnumbered).
 14930 | D:6      | 14930 ||| Stepping ~*~*~tactically~*~*~ (outnumbered).
 14942 | D:6      | 14942 ||| Stepping ~*~*~tactically~*~*~ (outnumbered).
 14944 | D:6      | 14944 ||| Stepping ~*~*~tactically~*~*~ (outnumbered).
 14946 | D:6      | 14946 ||| Stepping ~*~*~tactically~*~*~ (outnumbered).
 14948 | D:6      | 14948 ||| Stepping ~*~*~tactically~*~*~ (outnumbered).
 14950 | D:6      | 14950 ||| Stepping ~*~*~tactically~*~*~ (outnumbered).
 14962 | D:6      | 14962 ||| Stepping ~*~*~tactically~*~*~ (outnumbered).
 14964 | D:6      | 14964 ||| Stepping ~*~*~tactically~*~*~ (outnumbered).
 14966 | D:6      | 14966 ||| Stepping ~*~*~tactically~*~*~ (outnumbered).
 14968 | D:6      | 14968 ||| Stepping ~*~*~tactically~*~*~ (outnumbered).
 14970 | D:6      | 14970 ||| Stepping ~*~*~tactically~*~*~ (outnumbered).
 14982 | D:6      | 14982 ||| Stepping ~*~*~tactically~*~*~ (outnumbered).
 14984 | D:6      | 14984 ||| Stepping ~*~*~tactically~*~*~ (outnumbered).
 14986 | D:6      | 14986 ||| Stepping ~*~*~tactically~*~*~ (outnumbered).
 14988 | D:6      | 14988 ||| Stepping ~*~*~tactically~*~*~ (outnumbered).
 14990 | D:6      | 14990 ||| Stepping ~*~*~tactically~*~*~ (outnumbered).
 15002 | D:6      | 15002 ||| Stepping ~*~*~tactically~*~*~ (outnumbered).
 15004 | D:6      | 15004 ||| Stepping ~*~*~tactically~*~*~ (outnumbered).
 15006 | D:6      | 15006 ||| Stepping ~*~*~tactically~*~*~ (outnumbered).
 15008 | D:6      | 15008 ||| Stepping ~*~*~tactically~*~*~ (outnumbered).
 15010 | D:6      | 15010 ||| Stepping ~*~*~tactically~*~*~ (outnumbered).
 15022 | D:6      | 15022 ||| Stepping ~*~*~tactically~*~*~ (outnumbered).
 15024 | D:6      | 15024 ||| Stepping ~*~*~tactically~*~*~ (outnumbered).
 15026 | D:6      | 15026 ||| Stepping ~*~*~tactically~*~*~ (outnumbered).
 15028 | D:6      | 15028 ||| Stepping ~*~*~tactically~*~*~ (outnumbered).
 15030 | D:6      | 15030 ||| Stepping ~*~*~tactically~*~*~ (outnumbered).
 15042 | D:6      | 15042 ||| Stepping ~*~*~tactically~*~*~ (outnumbered).
 15044 | D:6      | 15044 ||| Stepping ~*~*~tactically~*~*~ (outnumbered).
 15046 | D:6      | 15046 ||| Stepping ~*~*~tactically~*~*~ (outnumbered).
 15048 | D:6      | 15048 ||| Stepping ~*~*~tactically~*~*~ (outnumbered).
 15050 | D:6      | 15050 ||| Stepping ~*~*~tactically~*~*~ (outnumbered).
 15062 | D:6      | 15062 ||| Stepping ~*~*~tactically~*~*~ (outnumbered).
 15064 | D:6      | 15064 ||| Stepping ~*~*~tactically~*~*~ (outnumbered).
 15066 | D:6      | 15066 ||| Stepping ~*~*~tactically~*~*~ (outnumbered).
 15068 | D:6      | 15068 ||| Stepping ~*~*~tactically~*~*~ (outnumbered).
 15070 | D:6      | 15070 ||| Stepping ~*~*~tactically~*~*~ (outnumbered).
 15082 | D:6      | 15082 ||| Stepping ~*~*~tactically~*~*~ (outnumbered).
 15084 | D:6      | 15084 ||| Stepping ~*~*~tactically~*~*~ (outnumbered).
 15086 | D:6      | 15086 ||| Stepping ~*~*~tactically~*~*~ (outnumbered).
 15088 | D:6      | 15088 ||| Stepping ~*~*~tactically~*~*~ (outnumbered).
 15090 | D:6      | 15090 ||| Stepping ~*~*~tactically~*~*~ (outnumbered).
 15102 | D:6      | 15102 ||| Stepping ~*~*~tactically~*~*~ (outnumbered).
 15104 | D:6      | 15104 ||| Stepping ~*~*~tactically~*~*~ (outnumbered).
 15106 | D:6      | 15106 ||| Stepping ~*~*~tactically~*~*~ (outnumbered).
 15108 | D:6      | 15108 ||| Stepping ~*~*~tactically~*~*~ (outnumbered).
 15110 | D:6      | 15110 ||| Stepping ~*~*~tactically~*~*~ (outnumbered).
 15122 | D:6      | 15122 ||| Stepping ~*~*~tactically~*~*~ (outnumbered).
 15124 | D:6      | 15124 ||| Stepping ~*~*~tactically~*~*~ (outnumbered).
 15126 | D:6      | 15126 ||| Stepping ~*~*~tactically~*~*~ (outnumbered).
 15128 | D:6      | 15128 ||| Stepping ~*~*~tactically~*~*~ (outnumbered).
 15130 | D:6      | 15130 ||| Stepping ~*~*~tactically~*~*~ (outnumbered).
 15142 | D:6      | 15142 ||| Stepping ~*~*~tactically~*~*~ (outnumbered).
 15144 | D:6      | 15144 ||| Stepping ~*~*~tactically~*~*~ (outnumbered).
 15146 | D:6      | 15146 ||| Stepping ~*~*~tactically~*~*~ (outnumbered).
 15148 | D:6      | 15148 ||| Stepping ~*~*~tactically~*~*~ (outnumbered).
 15150 | D:6      | 15150 ||| Stepping ~*~*~tactically~*~*~ (outnumbered).
 15162 | D:6      | 15162 ||| Stepping ~*~*~tactically~*~*~ (outnumbered).
 15164 | D:6      | 15164 ||| Stepping ~*~*~tactically~*~*~ (outnumbered).
 15166 | D:6      | 15166 ||| Stepping ~*~*~tactically~*~*~ (outnumbered).
 15168 | D:6      | 15168 ||| Stepping ~*~*~tactically~*~*~ (outnumbered).
 15170 | D:6      | 15170 ||| Stepping ~*~*~tactically~*~*~ (outnumbered).
 15182 | D:6      | 15182 ||| Stepping ~*~*~tactically~*~*~ (outnumbered).
 15184 | D:6      | 15184 ||| Stepping ~*~*~tactically~*~*~ (outnumbered).
 15186 | D:6      | 15186 ||| Stepping ~*~*~tactically~*~*~ (outnumbered).
 15188 | D:6      | 15188 ||| Stepping ~*~*~tactically~*~*~ (outnumbered).
 15190 | D:6      | 15190 ||| Stepping ~*~*~tactically~*~*~ (outnumbered).
 15202 | D:6      | 15202 ||| Stepping ~*~*~tactically~*~*~ (outnumbered).
 15204 | D:6      | 15204 ||| Stepping ~*~*~tactically~*~*~ (outnumbered).
 15206 | D:6      | 15206 ||| Stepping ~*~*~tactically~*~*~ (outnumbered).
 15208 | D:6      | 15208 ||| Stepping ~*~*~tactically~*~*~ (outnumbered).
 15210 | D:6      | 15210 ||| Stepping ~*~*~tactically~*~*~ (outnumbered).
 15222 | D:6      | 15222 ||| Stepping ~*~*~tactically~*~*~ (outnumbered).
 15224 | D:6      | 15224 ||| Stepping ~*~*~tactically~*~*~ (outnumbered).
 15226 | D:6      | 15226 ||| Stepping ~*~*~tactically~*~*~ (outnumbered).
 15228 | D:6      | 15228 ||| Stepping ~*~*~tactically~*~*~ (outnumbered).
 15230 | D:6      | 15230 ||| Stepping ~*~*~tactically~*~*~ (outnumbered).
 15242 | D:6      | 15242 ||| Stepping ~*~*~tactically~*~*~ (outnumbered).
 15244 | D:6      | 15244 ||| Stepping ~*~*~tactically~*~*~ (outnumbered).
 15246 | D:6      | 15246 ||| Stepping ~*~*~tactically~*~*~ (outnumbered).
 15248 | D:6      | 15248 ||| Stepping ~*~*~tactically~*~*~ (outnumbered).
 15250 | D:6      | 15250 ||| Stepping ~*~*~tactically~*~*~ (outnumbered).
 15262 | D:6      | 15262 ||| Stepping ~*~*~tactically~*~*~ (outnumbered).
 15264 | D:6      | 15264 ||| Stepping ~*~*~tactically~*~*~ (outnumbered).
 15266 | D:6      | 15266 ||| Stepping ~*~*~tactically~*~*~ (outnumbered).
 15268 | D:6      | 15268 ||| Stepping ~*~*~tactically~*~*~ (outnumbered).
 15270 | D:6      | 15270 ||| Stepping ~*~*~tactically~*~*~ (outnumbered).
 15282 | D:6      | 15282 ||| Stepping ~*~*~tactically~*~*~ (outnumbered).
 15284 | D:6      | 15284 ||| Stepping ~*~*~tactically~*~*~ (outnumbered).
 15286 | D:6      | 15286 ||| Stepping ~*~*~tactically~*~*~ (outnumbered).
 15288 | D:6      | 15288 ||| Stepping ~*~*~tactically~*~*~ (outnumbered).
 15290 | D:6      | 15290 ||| Stepping ~*~*~tactically~*~*~ (outnumbered).
 15302 | D:6      | 15302 ||| Stepping ~*~*~tactically~*~*~ (outnumbered).
 15304 | D:6      | 15304 ||| Stepping ~*~*~tactically~*~*~ (outnumbered).
 15306 | D:6      | 15306 ||| Stepping ~*~*~tactically~*~*~ (outnumbered).
 15308 | D:6      | 15308 ||| Stepping ~*~*~tactically~*~*~ (outnumbered).
 15310 | D:6      | 15310 ||| Stepping ~*~*~tactically~*~*~ (outnumbered).
 15322 | D:6      | 15322 ||| Stepping ~*~*~tactically~*~*~ (outnumbered).
 15324 | D:6      | 15324 ||| Stepping ~*~*~tactically~*~*~ (outnumbered).
 15326 | D:6      | 15326 ||| Stepping ~*~*~tactically~*~*~ (outnumbered).
 15328 | D:6      | 15328 ||| Stepping ~*~*~tactically~*~*~ (outnumbered).
 15330 | D:6      | 15330 ||| Stepping ~*~*~tactically~*~*~ (outnumbered).
 15342 | D:6      | 15342 ||| Stepping ~*~*~tactically~*~*~ (outnumbered).
 15344 | D:6      | 15344 ||| Stepping ~*~*~tactically~*~*~ (outnumbered).
 15346 | D:6      | 15346 ||| Stepping ~*~*~tactically~*~*~ (outnumbered).
 15348 | D:6      | 15348 ||| Stepping ~*~*~tactically~*~*~ (outnumbered).
 15350 | D:6      | 15350 ||| Stepping ~*~*~tactically~*~*~ (outnumbered).
 15362 | D:6      | 15362 ||| Stepping ~*~*~tactically~*~*~ (outnumbered).
 15364 | D:6      | 15364 ||| Stepping ~*~*~tactically~*~*~ (outnumbered).
 15366 | D:6      | 15366 ||| Stepping ~*~*~tactically~*~*~ (outnumbered).
 15368 | D:6      | 15368 ||| Stepping ~*~*~tactically~*~*~ (outnumbered).
 15370 | D:6      | 15370 ||| Stepping ~*~*~tactically~*~*~ (outnumbered).
 15382 | D:6      | 15382 ||| Stepping ~*~*~tactically~*~*~ (outnumbered).
 15384 | D:6      | 15384 ||| Stepping ~*~*~tactically~*~*~ (outnumbered).
 15386 | D:6      | 15386 ||| Stepping ~*~*~tactically~*~*~ (outnumbered).
 15388 | D:6      | 15388 ||| Stepping ~*~*~tactically~*~*~ (outnumbered).
 15390 | D:6      | 15390 ||| Stepping ~*~*~tactically~*~*~ (outnumbered).
 15402 | D:6      | 15402 ||| Stepping ~*~*~tactically~*~*~ (outnumbered).
 15404 | D:6      | 15404 ||| Stepping ~*~*~tactically~*~*~ (outnumbered).
 15406 | D:6      | 15406 ||| Stepping ~*~*~tactically~*~*~ (outnumbered).
 15408 | D:6      | 15408 ||| Stepping ~*~*~tactically~*~*~ (outnumbered).
 15410 | D:6      | 15410 ||| Stepping ~*~*~tactically~*~*~ (outnumbered).
 15422 | D:6      | 15422 ||| Stepping ~*~*~tactically~*~*~ (outnumbered).
 15424 | D:6      | 15424 ||| Stepping ~*~*~tactically~*~*~ (outnumbered).
 15426 | D:6      | 15426 ||| Stepping ~*~*~tactically~*~*~ (outnumbered).
 15428 | D:6      | 15428 ||| Stepping ~*~*~tactically~*~*~ (outnumbered).
 15430 | D:6      | 15430 ||| Stepping ~*~*~tactically~*~*~ (outnumbered).
 15442 | D:6      | 15442 ||| Stepping ~*~*~tactically~*~*~ (outnumbered).
 15444 | D:6      | 15444 ||| Stepping ~*~*~tactically~*~*~ (outnumbered).
 15446 | D:6      | 15446 ||| Stepping ~*~*~tactically~*~*~ (outnumbered).
 15448 | D:6      | 15448 ||| Stepping ~*~*~tactically~*~*~ (outnumbered).
 15450 | D:6      | 15450 ||| Stepping ~*~*~tactically~*~*~ (outnumbered).
 15462 | D:6      | 15462 ||| Stepping ~*~*~tactically~*~*~ (outnumbered).
 15464 | D:6      | 15464 ||| Stepping ~*~*~tactically~*~*~ (outnumbered).
 15466 | D:6      | 15466 ||| Stepping ~*~*~tactically~*~*~ (outnumbered).
 15468 | D:6      | 15468 ||| Stepping ~*~*~tactically~*~*~ (outnumbered).
 15470 | D:6      | 15470 ||| Stepping ~*~*~tactically~*~*~ (outnumbered).
 15482 | D:6      | 15482 ||| Stepping ~*~*~tactically~*~*~ (outnumbered).
 15484 | D:6      | 15484 ||| Stepping ~*~*~tactically~*~*~ (outnumbered).
 15486 | D:6      | 15486 ||| Stepping ~*~*~tactically~*~*~ (outnumbered).
 15488 | D:6      | 15488 ||| Stepping ~*~*~tactically~*~*~ (outnumbered).
 15490 | D:6      | 15490 ||| Stepping ~*~*~tactically~*~*~ (outnumbered).
 15502 | D:6      | 15502 ||| Stepping ~*~*~tactically~*~*~ (outnumbered).
 15504 | D:6      | 15504 ||| Stepping ~*~*~tactically~*~*~ (outnumbered).
 15506 | D:6      | 15506 ||| Stepping ~*~*~tactically~*~*~ (outnumbered).
 15508 | D:6      | 15508 ||| Stepping ~*~*~tactically~*~*~ (outnumbered).
 15510 | D:6      | 15510 ||| Stepping ~*~*~tactically~*~*~ (outnumbered).
 15522 | D:6      | 15522 ||| Stepping ~*~*~tactically~*~*~ (outnumbered).
 15524 | D:6      | 15524 ||| Stepping ~*~*~tactically~*~*~ (outnumbered).
 15526 | D:6      | 15526 ||| Stepping ~*~*~tactically~*~*~ (outnumbered).
 15528 | D:6      | 15528 ||| Stepping ~*~*~tactically~*~*~ (outnumbered).
 15530 | D:6      | 15530 ||| Stepping ~*~*~tactically~*~*~ (outnumbered).
 15542 | D:6      | 15542 ||| Stepping ~*~*~tactically~*~*~ (outnumbered).
 15544 | D:6      | 15544 ||| Stepping ~*~*~tactically~*~*~ (outnumbered).
 15546 | D:6      | 15546 ||| Stepping ~*~*~tactically~*~*~ (outnumbered).
 15548 | D:6      | 15548 ||| Stepping ~*~*~tactically~*~*~ (outnumbered).
 15550 | D:6      | 15550 ||| Stepping ~*~*~tactically~*~*~ (outnumbered).
 15562 | D:6      | 15562 ||| Stepping ~*~*~tactically~*~*~ (outnumbered).
 15564 | D:6      | 15564 ||| Stepping ~*~*~tactically~*~*~ (outnumbered).
 15566 | D:6      | 15566 ||| Stepping ~*~*~tactically~*~*~ (outnumbered).
 15568 | D:6      | 15568 ||| Stepping ~*~*~tactically~*~*~ (outnumbered).
 15570 | D:6      | 15570 ||| Stepping ~*~*~tactically~*~*~ (outnumbered).
 15582 | D:6      | 15582 ||| Stepping ~*~*~tactically~*~*~ (outnumbered).
 15584 | D:6      | 15584 ||| Stepping ~*~*~tactically~*~*~ (outnumbered).
 15586 | D:6      | 15586 ||| Stepping ~*~*~tactically~*~*~ (outnumbered).
 15588 | D:6      | 15588 ||| Stepping ~*~*~tactically~*~*~ (outnumbered).
 15590 | D:6      | 15590 ||| Stepping ~*~*~tactically~*~*~ (outnumbered).
 15602 | D:6      | 15602 ||| Stepping ~*~*~tactically~*~*~ (outnumbered).
 15604 | D:6      | 15604 ||| Stepping ~*~*~tactically~*~*~ (outnumbered).
 15606 | D:6      | 15606 ||| Stepping ~*~*~tactically~*~*~ (outnumbered).
 15608 | D:6      | 15608 ||| Stepping ~*~*~tactically~*~*~ (outnumbered).
 15610 | D:6      | 15610 ||| Stepping ~*~*~tactically~*~*~ (outnumbered).
 15622 | D:6      | 15622 ||| Stepping ~*~*~tactically~*~*~ (outnumbered).
 15624 | D:6      | 15624 ||| Stepping ~*~*~tactically~*~*~ (outnumbered).
 15626 | D:6      | 15626 ||| Stepping ~*~*~tactically~*~*~ (outnumbered).
 15628 | D:6      | 15628 ||| Stepping ~*~*~tactically~*~*~ (outnumbered).
 15630 | D:6      | 15630 ||| Stepping ~*~*~tactically~*~*~ (outnumbered).
 15642 | D:6      | 15642 ||| Stepping ~*~*~tactically~*~*~ (outnumbered).
 15644 | D:6      | 15644 ||| Stepping ~*~*~tactically~*~*~ (outnumbered).
 15646 | D:6      | 15646 ||| Stepping ~*~*~tactically~*~*~ (outnumbered).
 15648 | D:6      | 15648 ||| Stepping ~*~*~tactically~*~*~ (outnumbered).
 15650 | D:6      | 15650 ||| Stepping ~*~*~tactically~*~*~ (outnumbered).
 15662 | D:6      | 15662 ||| Stepping ~*~*~tactically~*~*~ (outnumbered).
 15664 | D:6      | 15664 ||| Stepping ~*~*~tactically~*~*~ (outnumbered).
 15666 | D:6      | 15666 ||| Stepping ~*~*~tactically~*~*~ (outnumbered).
 15668 | D:6      | 15668 ||| Stepping ~*~*~tactically~*~*~ (outnumbered).
 15670 | D:6      | 15670 ||| Stepping ~*~*~tactically~*~*~ (outnumbered).
 15682 | D:6      | 15682 ||| Stepping ~*~*~tactically~*~*~ (outnumbered).
 15684 | D:6      | 15684 ||| Stepping ~*~*~tactically~*~*~ (outnumbered).
 15686 | D:6      | 15686 ||| Stepping ~*~*~tactically~*~*~ (outnumbered).
 15688 | D:6      | 15688 ||| Stepping ~*~*~tactically~*~*~ (outnumbered).
 15690 | D:6      | 15690 ||| Stepping ~*~*~tactically~*~*~ (outnumbered).
 15702 | D:6      | 15702 ||| Stepping ~*~*~tactically~*~*~ (outnumbered).
 15704 | D:6      | 15704 ||| Stepping ~*~*~tactically~*~*~ (outnumbered).
 15706 | D:6      | 15706 ||| Stepping ~*~*~tactically~*~*~ (outnumbered).
 15708 | D:6      | 15708 ||| Stepping ~*~*~tactically~*~*~ (outnumbered).
 15710 | D:6      | 15710 ||| Stepping ~*~*~tactically~*~*~ (outnumbered).
 15722 | D:6      | 15722 ||| Stepping ~*~*~tactically~*~*~ (outnumbered).
 15724 | D:6      | 15724 ||| Stepping ~*~*~tactically~*~*~ (outnumbered).
 15726 | D:6      | 15726 ||| Stepping ~*~*~tactically~*~*~ (outnumbered).
 15728 | D:6      | 15728 ||| Stepping ~*~*~tactically~*~*~ (outnumbered).
 15730 | D:6      | 15730 ||| Stepping ~*~*~tactically~*~*~ (outnumbered).
 15742 | D:6      | 15742 ||| Stepping ~*~*~tactically~*~*~ (outnumbered).
 15744 | D:6      | 15744 ||| Stepping ~*~*~tactically~*~*~ (outnumbered).
 15746 | D:6      | 15746 ||| Stepping ~*~*~tactically~*~*~ (outnumbered).
 15748 | D:6      | 15748 ||| Stepping ~*~*~tactically~*~*~ (outnumbered).
 15750 | D:6      | 15750 ||| Stepping ~*~*~tactically~*~*~ (outnumbered).
 15762 | D:6      | 15762 ||| Stepping ~*~*~tactically~*~*~ (outnumbered).
 15764 | D:6      | 15764 ||| Stepping ~*~*~tactically~*~*~ (outnumbered).
 15766 | D:6      | 15766 ||| Stepping ~*~*~tactically~*~*~ (outnumbered).
 15768 | D:6      | 15768 ||| Stepping ~*~*~tactically~*~*~ (outnumbered).
 15770 | D:6      | 15770 ||| Stepping ~*~*~tactically~*~*~ (outnumbered).
 15782 | D:6      | 15782 ||| Stepping ~*~*~tactically~*~*~ (outnumbered).
 15784 | D:6      | 15784 ||| Stepping ~*~*~tactically~*~*~ (outnumbered).
 15786 | D:6      | 15786 ||| Stepping ~*~*~tactically~*~*~ (outnumbered).
 15788 | D:6      | 15788 ||| Stepping ~*~*~tactically~*~*~ (outnumbered).
 15790 | D:6      | 15790 ||| Stepping ~*~*~tactically~*~*~ (outnumbered).
 15802 | D:6      | 15802 ||| Stepping ~*~*~tactically~*~*~ (outnumbered).
 15804 | D:6      | 15804 ||| Stepping ~*~*~tactically~*~*~ (outnumbered).
 15806 | D:6      | 15806 ||| Stepping ~*~*~tactically~*~*~ (outnumbered).
 15808 | D:6      | 15808 ||| Stepping ~*~*~tactically~*~*~ (outnumbered).
 15810 | D:6      | 15810 ||| Stepping ~*~*~tactically~*~*~ (outnumbered).
 15822 | D:6      | 15822 ||| Stepping ~*~*~tactically~*~*~ (outnumbered).
 15824 | D:6      | 15824 ||| Stepping ~*~*~tactically~*~*~ (outnumbered).
 15826 | D:6      | 15826 ||| Stepping ~*~*~tactically~*~*~ (outnumbered).
 15828 | D:6      | 15828 ||| Stepping ~*~*~tactically~*~*~ (outnumbered).
 15830 | D:6      | 15830 ||| Stepping ~*~*~tactically~*~*~ (outnumbered).
 15842 | D:6      | 15842 ||| Stepping ~*~*~tactically~*~*~ (outnumbered).
 15844 | D:6      | 15844 ||| Stepping ~*~*~tactically~*~*~ (outnumbered).
 15846 | D:6      | 15846 ||| Stepping ~*~*~tactically~*~*~ (outnumbered).
 15848 | D:6      | 15848 ||| Stepping ~*~*~tactically~*~*~ (outnumbered).
 15850 | D:6      | 15850 ||| Stepping ~*~*~tactically~*~*~ (outnumbered).
 15862 | D:6      | 15862 ||| Stepping ~*~*~tactically~*~*~ (outnumbered).
 15864 | D:6      | 15864 ||| Stepping ~*~*~tactically~*~*~ (outnumbered).
 15866 | D:6      | 15866 ||| Stepping ~*~*~tactically~*~*~ (outnumbered).
 15868 | D:6      | 15868 ||| Stepping ~*~*~tactically~*~*~ (outnumbered).
 15870 | D:6      | 15870 ||| Stepping ~*~*~tactically~*~*~ (outnumbered).
 15882 | D:6      | 15882 ||| Stepping ~*~*~tactically~*~*~ (outnumbered).
 15884 | D:6      | 15884 ||| Stepping ~*~*~tactically~*~*~ (outnumbered).
 15886 | D:6      | 15886 ||| Stepping ~*~*~tactically~*~*~ (outnumbered).
 15888 | D:6      | 15888 ||| Stepping ~*~*~tactically~*~*~ (outnumbered).
 15890 | D:6      | 15890 ||| Stepping ~*~*~tactically~*~*~ (outnumbered).
 15902 | D:6      | 15902 ||| Stepping ~*~*~tactically~*~*~ (outnumbered).
 15904 | D:6      | 15904 ||| Stepping ~*~*~tactically~*~*~ (outnumbered).
 15906 | D:6      | 15906 ||| Stepping ~*~*~tactically~*~*~ (outnumbered).
 15908 | D:6      | 15908 ||| Stepping ~*~*~tactically~*~*~ (outnumbered).
 15910 | D:6      | 15910 ||| Stepping ~*~*~tactically~*~*~ (outnumbered).
 15922 | D:6      | 15922 ||| Stepping ~*~*~tactically~*~*~ (outnumbered).
 15924 | D:6      | 15924 ||| Stepping ~*~*~tactically~*~*~ (outnumbered).
 15926 | D:6      | 15926 ||| Stepping ~*~*~tactically~*~*~ (outnumbered).
 15928 | D:6      | 15928 ||| Stepping ~*~*~tactically~*~*~ (outnumbered).
 15930 | D:6      | 15930 ||| Stepping ~*~*~tactically~*~*~ (outnumbered).
 15942 | D:6      | 15942 ||| Stepping ~*~*~tactically~*~*~ (outnumbered).
 15944 | D:6      | 15944 ||| Stepping ~*~*~tactically~*~*~ (outnumbered).
 15946 | D:6      | 15946 ||| Stepping ~*~*~tactically~*~*~ (outnumbered).
 15948 | D:6      | 15948 ||| Stepping ~*~*~tactically~*~*~ (outnumbered).
 15950 | D:6      | 15950 ||| Stepping ~*~*~tactically~*~*~ (outnumbered).
 15962 | D:6      | 15962 ||| Stepping ~*~*~tactically~*~*~ (outnumbered).
 15964 | D:6      | 15964 ||| Stepping ~*~*~tactically~*~*~ (outnumbered).
 15966 | D:6      | 15966 ||| Stepping ~*~*~tactically~*~*~ (outnumbered).
 15968 | D:6      | 15968 ||| Stepping ~*~*~tactically~*~*~ (outnumbered).
 15970 | D:6      | 15970 ||| Stepping ~*~*~tactically~*~*~ (outnumbered).
 15982 | D:6      | 15982 ||| Stepping ~*~*~tactically~*~*~ (outnumbered).
 15984 | D:6      | 15984 ||| Stepping ~*~*~tactically~*~*~ (outnumbered).
 15986 | D:6      | 15986 ||| Stepping ~*~*~tactically~*~*~ (outnumbered).
 15988 | D:6      | 15988 ||| Stepping ~*~*~tactically~*~*~ (outnumbered).
 15990 | D:6      | 15990 ||| Stepping ~*~*~tactically~*~*~ (outnumbered).
 16002 | D:6      | 16002 ||| Stepping ~*~*~tactically~*~*~ (outnumbered).
 16004 | D:6      | 16004 ||| Stepping ~*~*~tactically~*~*~ (outnumbered).
 16006 | D:6      | 16006 ||| Stepping ~*~*~tactically~*~*~ (outnumbered).
 16008 | D:6      | 16008 ||| Stepping ~*~*~tactically~*~*~ (outnumbered).
 16010 | D:6      | 16010 ||| Stepping ~*~*~tactically~*~*~ (outnumbered).
 16022 | D:6      | 16022 ||| Stepping ~*~*~tactically~*~*~ (outnumbered).
 16024 | D:6      | 16024 ||| Stepping ~*~*~tactically~*~*~ (outnumbered).
 16026 | D:6      | 16026 ||| Stepping ~*~*~tactically~*~*~ (outnumbered).
 16028 | D:6      | 16028 ||| Stepping ~*~*~tactically~*~*~ (outnumbered).
 16030 | D:6      | 16030 ||| Stepping ~*~*~tactically~*~*~ (outnumbered).
 16042 | D:6      | 16042 ||| Stepping ~*~*~tactically~*~*~ (outnumbered).
 16044 | D:6      | 16044 ||| Stepping ~*~*~tactically~*~*~ (outnumbered).
 16046 | D:6      | 16046 ||| Stepping ~*~*~tactically~*~*~ (outnumbered).
 16048 | D:6      | 16048 ||| Stepping ~*~*~tactically~*~*~ (outnumbered).
 16050 | D:6      | 16050 ||| Stepping ~*~*~tactically~*~*~ (outnumbered).
 16062 | D:6      | 16062 ||| Stepping ~*~*~tactically~*~*~ (outnumbered).
 16064 | D:6      | 16064 ||| Stepping ~*~*~tactically~*~*~ (outnumbered).
 16066 | D:6      | 16066 ||| Stepping ~*~*~tactically~*~*~ (outnumbered).
 16068 | D:6      | 16068 ||| Stepping ~*~*~tactically~*~*~ (outnumbered).
 16070 | D:6      | 16070 ||| Stepping ~*~*~tactically~*~*~ (outnumbered).
 16082 | D:6      | 16082 ||| Stepping ~*~*~tactically~*~*~ (outnumbered).
 16084 | D:6      | 16084 ||| Stepping ~*~*~tactically~*~*~ (outnumbered).
 16086 | D:6      | 16086 ||| Stepping ~*~*~tactically~*~*~ (outnumbered).
 16088 | D:6      | 16088 ||| Stepping ~*~*~tactically~*~*~ (outnumbered).
 16090 | D:6      | 16090 ||| Stepping ~*~*~tactically~*~*~ (outnumbered).
 16102 | D:6      | 16102 ||| Stepping ~*~*~tactically~*~*~ (outnumbered).
 16104 | D:6      | 16104 ||| Stepping ~*~*~tactically~*~*~ (outnumbered).
 16106 | D:6      | 16106 ||| Stepping ~*~*~tactically~*~*~ (outnumbered).
 16108 | D:6      | 16108 ||| Stepping ~*~*~tactically~*~*~ (outnumbered).
 16110 | D:6      | 16110 ||| Stepping ~*~*~tactically~*~*~ (outnumbered).
 16122 | D:6      | 16122 ||| Stepping ~*~*~tactically~*~*~ (outnumbered).
 16124 | D:6      | 16124 ||| Stepping ~*~*~tactically~*~*~ (outnumbered).
 16126 | D:6      | 16126 ||| Stepping ~*~*~tactically~*~*~ (outnumbered).
 16128 | D:6      | 16128 ||| Stepping ~*~*~tactically~*~*~ (outnumbered).
 16130 | D:6      | 16130 ||| Stepping ~*~*~tactically~*~*~ (outnumbered).
 16142 | D:6      | 16142 ||| Stepping ~*~*~tactically~*~*~ (outnumbered).
 16144 | D:6      | 16144 ||| Stepping ~*~*~tactically~*~*~ (outnumbered).
 16146 | D:6      | 16146 ||| Stepping ~*~*~tactically~*~*~ (outnumbered).
 16148 | D:6      | 16148 ||| Stepping ~*~*~tactically~*~*~ (outnumbered).
 16150 | D:6      | 16150 ||| Stepping ~*~*~tactically~*~*~ (outnumbered).
 16162 | D:6      | 16162 ||| Stepping ~*~*~tactically~*~*~ (outnumbered).
 16164 | D:6      | 16164 ||| Stepping ~*~*~tactically~*~*~ (outnumbered).
 16166 | D:6      | 16166 ||| Stepping ~*~*~tactically~*~*~ (outnumbered).
 16168 | D:6      | 16168 ||| Stepping ~*~*~tactically~*~*~ (outnumbered).
 16170 | D:6      | 16170 ||| Stepping ~*~*~tactically~*~*~ (outnumbered).
 16182 | D:6      | 16182 ||| Stepping ~*~*~tactically~*~*~ (outnumbered).
 16184 | D:6      | 16184 ||| Stepping ~*~*~tactically~*~*~ (outnumbered).
 16186 | D:6      | 16186 ||| Stepping ~*~*~tactically~*~*~ (outnumbered).
 16188 | D:6      | 16188 ||| Stepping ~*~*~tactically~*~*~ (outnumbered).
 16190 | D:6      | 16190 ||| Stepping ~*~*~tactically~*~*~ (outnumbered).
 16202 | D:6      | 16202 ||| Stepping ~*~*~tactically~*~*~ (outnumbered).
 16204 | D:6      | 16204 ||| Stepping ~*~*~tactically~*~*~ (outnumbered).
 16206 | D:6      | 16206 ||| Stepping ~*~*~tactically~*~*~ (outnumbered).
 16208 | D:6      | 16208 ||| Stepping ~*~*~tactically~*~*~ (outnumbered).
 16210 | D:6      | 16210 ||| Stepping ~*~*~tactically~*~*~ (outnumbered).
 16222 | D:6      | 16222 ||| Stepping ~*~*~tactically~*~*~ (outnumbered).
 16224 | D:6      | 16224 ||| Stepping ~*~*~tactically~*~*~ (outnumbered).
 16226 | D:6      | 16226 ||| Stepping ~*~*~tactically~*~*~ (outnumbered).
 16228 | D:6      | 16228 ||| Stepping ~*~*~tactically~*~*~ (outnumbered).
 16230 | D:6      | 16230 ||| Stepping ~*~*~tactically~*~*~ (outnumbered).
 16242 | D:6      | 16242 ||| Stepping ~*~*~tactically~*~*~ (outnumbered).
 16244 | D:6      | 16244 ||| Stepping ~*~*~tactically~*~*~ (outnumbered).
 16246 | D:6      | 16246 ||| Stepping ~*~*~tactically~*~*~ (outnumbered).
 16248 | D:6      | 16248 ||| Stepping ~*~*~tactically~*~*~ (outnumbered).
 16250 | D:6      | 16250 ||| Stepping ~*~*~tactically~*~*~ (outnumbered).
 16262 | D:6      | 16262 ||| Stepping ~*~*~tactically~*~*~ (outnumbered).
 16264 | D:6      | 16264 ||| Stepping ~*~*~tactically~*~*~ (outnumbered).
 16266 | D:6      | 16266 ||| Stepping ~*~*~tactically~*~*~ (outnumbered).
 16268 | D:6      | 16268 ||| Stepping ~*~*~tactically~*~*~ (outnumbered).
 16270 | D:6      | 16270 ||| Stepping ~*~*~tactically~*~*~ (outnumbered).
 16282 | D:6      | 16282 ||| Stepping ~*~*~tactically~*~*~ (outnumbered).
 16284 | D:6      | 16284 ||| Stepping ~*~*~tactically~*~*~ (outnumbered).
 16286 | D:6      | 16286 ||| Stepping ~*~*~tactically~*~*~ (outnumbered).
 16288 | D:6      | 16288 ||| Stepping ~*~*~tactically~*~*~ (outnumbered).
 16290 | D:6      | 16290 ||| Stepping ~*~*~tactically~*~*~ (outnumbered).
 16302 | D:6      | 16302 ||| Stepping ~*~*~tactically~*~*~ (outnumbered).
 16304 | D:6      | 16304 ||| Stepping ~*~*~tactically~*~*~ (outnumbered).
 16306 | D:6      | 16306 ||| Stepping ~*~*~tactically~*~*~ (outnumbered).
 16308 | D:6      | 16308 ||| Stepping ~*~*~tactically~*~*~ (outnumbered).
 16310 | D:6      | 16310 ||| Stepping ~*~*~tactically~*~*~ (outnumbered).
 16322 | D:6      | 16322 ||| Stepping ~*~*~tactically~*~*~ (outnumbered).
 16324 | D:6      | 16324 ||| Stepping ~*~*~tactically~*~*~ (outnumbered).
 16326 | D:6      | 16326 ||| Stepping ~*~*~tactically~*~*~ (outnumbered).
 16328 | D:6      | 16328 ||| Stepping ~*~*~tactically~*~*~ (outnumbered).
 16330 | D:6      | 16330 ||| Stepping ~*~*~tactically~*~*~ (outnumbered).
 16342 | D:6      | 16342 ||| Stepping ~*~*~tactically~*~*~ (outnumbered).
 16344 | D:6      | 16344 ||| Stepping ~*~*~tactically~*~*~ (outnumbered).
 16346 | D:6      | 16346 ||| Stepping ~*~*~tactically~*~*~ (outnumbered).
 16348 | D:6      | 16348 ||| Stepping ~*~*~tactically~*~*~ (outnumbered).
 16350 | D:6      | 16350 ||| Stepping ~*~*~tactically~*~*~ (outnumbered).
 16362 | D:6      | 16362 ||| Stepping ~*~*~tactically~*~*~ (outnumbered).
 16364 | D:6      | 16364 ||| Stepping ~*~*~tactically~*~*~ (outnumbered).
 16366 | D:6      | 16366 ||| Stepping ~*~*~tactically~*~*~ (outnumbered).
 16368 | D:6      | 16368 ||| Stepping ~*~*~tactically~*~*~ (outnumbered).
 16370 | D:6      | 16370 ||| Stepping ~*~*~tactically~*~*~ (outnumbered).
 16382 | D:6      | 16382 ||| Stepping ~*~*~tactically~*~*~ (outnumbered).
 16384 | D:6      | 16384 ||| Stepping ~*~*~tactically~*~*~ (outnumbered).
 16386 | D:6      | 16386 ||| Stepping ~*~*~tactically~*~*~ (outnumbered).
 16388 | D:6      | 16388 ||| Stepping ~*~*~tactically~*~*~ (outnumbered).
 16390 | D:6      | 16390 ||| Stepping ~*~*~tactically~*~*~ (outnumbered).
 16402 | D:6      | 16402 ||| Stepping ~*~*~tactically~*~*~ (outnumbered).
 16404 | D:6      | 16404 ||| Stepping ~*~*~tactically~*~*~ (outnumbered).
 16406 | D:6      | 16406 ||| Stepping ~*~*~tactically~*~*~ (outnumbered).
 16408 | D:6      | 16408 ||| Stepping ~*~*~tactically~*~*~ (outnumbered).
 16410 | D:6      | 16410 ||| Stepping ~*~*~tactically~*~*~ (outnumbered).
 16422 | D:6      | 16422 ||| Stepping ~*~*~tactically~*~*~ (outnumbered).
 16424 | D:6      | 16424 ||| Stepping ~*~*~tactically~*~*~ (outnumbered).
 16426 | D:6      | 16426 ||| Stepping ~*~*~tactically~*~*~ (outnumbered).
 16428 | D:6      | 16428 ||| Stepping ~*~*~tactically~*~*~ (outnumbered).
 16430 | D:6      | 16430 ||| Stepping ~*~*~tactically~*~*~ (outnumbered).
 16442 | D:6      | 16442 ||| Stepping ~*~*~tactically~*~*~ (outnumbered).
 16444 | D:6      | 16444 ||| Stepping ~*~*~tactically~*~*~ (outnumbered).
 16446 | D:6      | 16446 ||| Stepping ~*~*~tactically~*~*~ (outnumbered).
 16448 | D:6      | 16448 ||| Stepping ~*~*~tactically~*~*~ (outnumbered).
 16450 | D:6      | 16450 ||| Stepping ~*~*~tactically~*~*~ (outnumbered).
 16462 | D:6      | 16462 ||| Stepping ~*~*~tactically~*~*~ (outnumbered).
 16464 | D:6      | 16464 ||| Stepping ~*~*~tactically~*~*~ (outnumbered).
 16466 | D:6      | 16466 ||| Stepping ~*~*~tactically~*~*~ (outnumbered).
 16468 | D:6      | 16468 ||| Stepping ~*~*~tactically~*~*~ (outnumbered).
 16470 | D:6      | 16470 ||| Stepping ~*~*~tactically~*~*~ (outnumbered).
 16482 | D:6      | 16482 ||| Stepping ~*~*~tactically~*~*~ (outnumbered).
 16484 | D:6      | 16484 ||| Stepping ~*~*~tactically~*~*~ (outnumbered).
 16486 | D:6      | 16486 ||| Stepping ~*~*~tactically~*~*~ (outnumbered).
 16488 | D:6      | 16488 ||| Stepping ~*~*~tactically~*~*~ (outnumbered).
 16490 | D:6      | 16490 ||| Stepping ~*~*~tactically~*~*~ (outnumbered).
 16502 | D:6      | 16502 ||| Stepping ~*~*~tactically~*~*~ (outnumbered).
 16504 | D:6      | 16504 ||| Stepping ~*~*~tactically~*~*~ (outnumbered).
 16506 | D:6      | 16506 ||| Stepping ~*~*~tactically~*~*~ (outnumbered).
 16508 | D:6      | 16508 ||| Stepping ~*~*~tactically~*~*~ (outnumbered).
 16510 | D:6      | 16510 ||| Stepping ~*~*~tactically~*~*~ (outnumbered).
 16522 | D:6      | 16522 ||| Stepping ~*~*~tactically~*~*~ (outnumbered).
 16524 | D:6      | 16524 ||| Stepping ~*~*~tactically~*~*~ (outnumbered).
 16526 | D:6      | 16526 ||| Stepping ~*~*~tactically~*~*~ (outnumbered).
 16528 | D:6      | 16528 ||| Stepping ~*~*~tactically~*~*~ (outnumbered).
 16530 | D:6      | 16530 ||| Stepping ~*~*~tactically~*~*~ (outnumbered).
 16542 | D:6      | 16542 ||| Stepping ~*~*~tactically~*~*~ (outnumbered).
 16544 | D:6      | 16544 ||| Stepping ~*~*~tactically~*~*~ (outnumbered).
 16546 | D:6      | 16546 ||| Stepping ~*~*~tactically~*~*~ (outnumbered).
 16548 | D:6      | 16548 ||| Stepping ~*~*~tactically~*~*~ (outnumbered).
 16550 | D:6      | 16550 ||| Stepping ~*~*~tactically~*~*~ (outnumbered).
 16562 | D:6      | 16562 ||| Stepping ~*~*~tactically~*~*~ (outnumbered).
 16564 | D:6      | 16564 ||| Stepping ~*~*~tactically~*~*~ (outnumbered).
 16566 | D:6      | 16566 ||| Stepping ~*~*~tactically~*~*~ (outnumbered).
 16568 | D:6      | 16568 ||| Stepping ~*~*~tactically~*~*~ (outnumbered).
 16570 | D:6      | 16570 ||| Stepping ~*~*~tactically~*~*~ (outnumbered).
 16582 | D:6      | 16582 ||| Stepping ~*~*~tactically~*~*~ (outnumbered).
 16584 | D:6      | 16584 ||| Stepping ~*~*~tactically~*~*~ (outnumbered).
 16586 | D:6      | 16586 ||| Stepping ~*~*~tactically~*~*~ (outnumbered).
 16588 | D:6      | 16588 ||| Stepping ~*~*~tactically~*~*~ (outnumbered).
 16590 | D:6      | 16590 ||| Stepping ~*~*~tactically~*~*~ (outnumbered).
 16602 | D:6      | 16602 ||| Stepping ~*~*~tactically~*~*~ (outnumbered).
 16604 | D:6      | 16604 ||| Stepping ~*~*~tactically~*~*~ (outnumbered).
 16606 | D:6      | 16606 ||| Stepping ~*~*~tactically~*~*~ (outnumbered).
 16608 | D:6      | 16608 ||| Stepping ~*~*~tactically~*~*~ (outnumbered).
 16610 | D:6      | 16610 ||| Stepping ~*~*~tactically~*~*~ (outnumbered).
 16622 | D:6      | 16622 ||| Stepping ~*~*~tactically~*~*~ (outnumbered).
 16624 | D:6      | 16624 ||| Stepping ~*~*~tactically~*~*~ (outnumbered).
 16626 | D:6      | 16626 ||| Stepping ~*~*~tactically~*~*~ (outnumbered).
 16628 | D:6      | 16628 ||| Stepping ~*~*~tactically~*~*~ (outnumbered).
 16630 | D:6      | 16630 ||| Stepping ~*~*~tactically~*~*~ (outnumbered).
 16642 | D:6      | 16642 ||| Stepping ~*~*~tactically~*~*~ (outnumbered).
 16644 | D:6      | 16644 ||| Stepping ~*~*~tactically~*~*~ (outnumbered).
 16646 | D:6      | 16646 ||| Stepping ~*~*~tactically~*~*~ (outnumbered).
 16648 | D:6      | 16648 ||| Stepping ~*~*~tactically~*~*~ (outnumbered).
 16650 | D:6      | 16650 ||| Stepping ~*~*~tactically~*~*~ (outnumbered).
 16662 | D:6      | 16662 ||| Stepping ~*~*~tactically~*~*~ (outnumbered).
 16664 | D:6      | 16664 ||| Stepping ~*~*~tactically~*~*~ (outnumbered).
 16666 | D:6      | 16666 ||| Stepping ~*~*~tactically~*~*~ (outnumbered).
 16668 | D:6      | 16668 ||| Stepping ~*~*~tactically~*~*~ (outnumbered).
 16670 | D:6      | 16670 ||| Stepping ~*~*~tactically~*~*~ (outnumbered).
 16682 | D:6      | 16682 ||| Stepping ~*~*~tactically~*~*~ (outnumbered).
 16684 | D:6      | 16684 ||| Stepping ~*~*~tactically~*~*~ (outnumbered).
 16686 | D:6      | 16686 ||| Stepping ~*~*~tactically~*~*~ (outnumbered).
 16688 | D:6      | 16688 ||| Stepping ~*~*~tactically~*~*~ (outnumbered).
 16690 | D:6      | 16690 ||| Stepping ~*~*~tactically~*~*~ (outnumbered).
 16702 | D:6      | 16702 ||| Stepping ~*~*~tactically~*~*~ (outnumbered).
 16704 | D:6      | 16704 ||| Stepping ~*~*~tactically~*~*~ (outnumbered).
 16706 | D:6      | 16706 ||| Stepping ~*~*~tactically~*~*~ (outnumbered).
 16708 | D:6      | 16708 ||| Stepping ~*~*~tactically~*~*~ (outnumbered).
 16710 | D:6      | 16710 ||| Stepping ~*~*~tactically~*~*~ (outnumbered).
 16722 | D:6      | 16722 ||| Stepping ~*~*~tactically~*~*~ (outnumbered).
 16724 | D:6      | 16724 ||| Stepping ~*~*~tactically~*~*~ (outnumbered).
 16726 | D:6      | 16726 ||| Stepping ~*~*~tactically~*~*~ (outnumbered).
 16728 | D:6      | 16728 ||| Stepping ~*~*~tactically~*~*~ (outnumbered).
 16730 | D:6      | 16730 ||| Stepping ~*~*~tactically~*~*~ (outnumbered).
 16742 | D:6      | 16742 ||| Stepping ~*~*~tactically~*~*~ (outnumbered).
 16744 | D:6      | 16744 ||| Stepping ~*~*~tactically~*~*~ (outnumbered).
 16746 | D:6      | 16746 ||| Stepping ~*~*~tactically~*~*~ (outnumbered).
 16748 | D:6      | 16748 ||| Stepping ~*~*~tactically~*~*~ (outnumbered).
 16750 | D:6      | 16750 ||| Stepping ~*~*~tactically~*~*~ (outnumbered).
 16762 | D:6      | 16762 ||| Stepping ~*~*~tactically~*~*~ (outnumbered).
 16764 | D:6      | 16764 ||| Stepping ~*~*~tactically~*~*~ (outnumbered).
 16766 | D:6      | 16766 ||| Stepping ~*~*~tactically~*~*~ (outnumbered).
 16768 | D:6      | 16768 ||| Stepping ~*~*~tactically~*~*~ (outnumbered).
 16770 | D:6      | 16770 ||| Stepping ~*~*~tactically~*~*~ (outnumbered).
 16782 | D:6      | 16782 ||| Stepping ~*~*~tactically~*~*~ (outnumbered).
 16784 | D:6      | 16784 ||| Stepping ~*~*~tactically~*~*~ (outnumbered).
 16786 | D:6      | 16786 ||| Stepping ~*~*~tactically~*~*~ (outnumbered).
 16788 | D:6      | 16788 ||| Stepping ~*~*~tactically~*~*~ (outnumbered).
 16790 | D:6      | 16790 ||| Stepping ~*~*~tactically~*~*~ (outnumbered).
 16802 | D:6      | 16802 ||| Stepping ~*~*~tactically~*~*~ (outnumbered).
 16804 | D:6      | 16804 ||| Stepping ~*~*~tactically~*~*~ (outnumbered).
 16806 | D:6      | 16806 ||| Stepping ~*~*~tactically~*~*~ (outnumbered).
 16808 | D:6      | 16808 ||| Stepping ~*~*~tactically~*~*~ (outnumbered).
 16810 | D:6      | 16810 ||| Stepping ~*~*~tactically~*~*~ (outnumbered).
 16822 | D:6      | 16822 ||| Stepping ~*~*~tactically~*~*~ (outnumbered).
 16824 | D:6      | 16824 ||| Stepping ~*~*~tactically~*~*~ (outnumbered).
 16826 | D:6      | 16826 ||| Stepping ~*~*~tactically~*~*~ (outnumbered).
 16828 | D:6      | 16828 ||| Stepping ~*~*~tactically~*~*~ (outnumbered).
 16830 | D:6      | 16830 ||| Stepping ~*~*~tactically~*~*~ (outnumbered).
 16842 | D:6      | 16842 ||| Stepping ~*~*~tactically~*~*~ (outnumbered).
 16844 | D:6      | 16844 ||| Stepping ~*~*~tactically~*~*~ (outnumbered).
 16846 | D:6      | 16846 ||| Stepping ~*~*~tactically~*~*~ (outnumbered).
 16848 | D:6      | 16848 ||| Stepping ~*~*~tactically~*~*~ (outnumbered).
 16850 | D:6      | 16850 ||| Stepping ~*~*~tactically~*~*~ (outnumbered).
 16862 | D:6      | 16862 ||| Stepping ~*~*~tactically~*~*~ (outnumbered).
 16864 | D:6      | 16864 ||| Stepping ~*~*~tactically~*~*~ (outnumbered).
 16866 | D:6      | 16866 ||| Stepping ~*~*~tactically~*~*~ (outnumbered).
 16868 | D:6      | 16868 ||| Stepping ~*~*~tactically~*~*~ (outnumbered).
 16870 | D:6      | 16870 ||| Stepping ~*~*~tactically~*~*~ (outnumbered).
 16882 | D:6      | 16882 ||| Stepping ~*~*~tactically~*~*~ (outnumbered).
 16884 | D:6      | 16884 ||| Stepping ~*~*~tactically~*~*~ (outnumbered).
 16886 | D:6      | 16886 ||| Stepping ~*~*~tactically~*~*~ (outnumbered).
 16888 | D:6      | 16888 ||| Stepping ~*~*~tactically~*~*~ (outnumbered).
 16890 | D:6      | 16890 ||| Stepping ~*~*~tactically~*~*~ (outnumbered).
 16902 | D:6      | 16902 ||| Stepping ~*~*~tactically~*~*~ (outnumbered).
 16904 | D:6      | 16904 ||| Stepping ~*~*~tactically~*~*~ (outnumbered).
 16906 | D:6      | 16906 ||| Stepping ~*~*~tactically~*~*~ (outnumbered).
 16908 | D:6      | 16908 ||| Stepping ~*~*~tactically~*~*~ (outnumbered).
 16910 | D:6      | 16910 ||| Stepping ~*~*~tactically~*~*~ (outnumbered).
 16922 | D:6      | 16922 ||| Stepping ~*~*~tactically~*~*~ (outnumbered).
 16924 | D:6      | 16924 ||| Stepping ~*~*~tactically~*~*~ (outnumbered).
 16926 | D:6      | 16926 ||| Stepping ~*~*~tactically~*~*~ (outnumbered).
 16928 | D:6      | 16928 ||| Stepping ~*~*~tactically~*~*~ (outnumbered).
 16930 | D:6      | 16930 ||| Stepping ~*~*~tactically~*~*~ (outnumbered).
 16942 | D:6      | 16942 ||| Stepping ~*~*~tactically~*~*~ (outnumbered).
 16944 | D:6      | 16944 ||| Stepping ~*~*~tactically~*~*~ (outnumbered).
 16946 | D:6      | 16946 ||| Stepping ~*~*~tactically~*~*~ (outnumbered).
 16948 | D:6      | 16948 ||| Stepping ~*~*~tactically~*~*~ (outnumbered).
 16950 | D:6      | 16950 ||| Stepping ~*~*~tactically~*~*~ (outnumbered).
 16962 | D:6      | 16962 ||| Stepping ~*~*~tactically~*~*~ (outnumbered).
 16964 | D:6      | 16964 ||| Stepping ~*~*~tactically~*~*~ (outnumbered).
 16966 | D:6      | 16966 ||| Stepping ~*~*~tactically~*~*~ (outnumbered).
 16968 | D:6      | 16968 ||| Stepping ~*~*~tactically~*~*~ (outnumbered).
 16970 | D:6      | 16970 ||| Stepping ~*~*~tactically~*~*~ (outnumbered).
 16982 | D:6      | 16982 ||| Stepping ~*~*~tactically~*~*~ (outnumbered).
 16984 | D:6      | 16984 ||| Stepping ~*~*~tactically~*~*~ (outnumbered).
 16986 | D:6      | 16986 ||| Stepping ~*~*~tactically~*~*~ (outnumbered).
 16988 | D:6      | 16988 ||| Stepping ~*~*~tactically~*~*~ (outnumbered).
 16990 | D:6      | 16990 ||| Stepping ~*~*~tactically~*~*~ (outnumbered).
 17002 | D:6      | 17002 ||| Stepping ~*~*~tactically~*~*~ (outnumbered).
 17004 | D:6      | 17004 ||| Stepping ~*~*~tactically~*~*~ (outnumbered).
 17006 | D:6      | 17006 ||| Stepping ~*~*~tactically~*~*~ (outnumbered).
 17008 | D:6      | 17008 ||| Stepping ~*~*~tactically~*~*~ (outnumbered).
 17010 | D:6      | 17010 ||| Stepping ~*~*~tactically~*~*~ (outnumbered).
 17022 | D:6      | 17022 ||| Stepping ~*~*~tactically~*~*~ (outnumbered).
 17024 | D:6      | 17024 ||| Stepping ~*~*~tactically~*~*~ (outnumbered).
 17026 | D:6      | 17026 ||| Stepping ~*~*~tactically~*~*~ (outnumbered).
 17028 | D:6      | 17028 ||| Stepping ~*~*~tactically~*~*~ (outnumbered).
 17030 | D:6      | 17030 ||| Stepping ~*~*~tactically~*~*~ (outnumbered).
 17042 | D:6      | 17042 ||| Stepping ~*~*~tactically~*~*~ (outnumbered).
 17044 | D:6      | 17044 ||| Stepping ~*~*~tactically~*~*~ (outnumbered).
 17046 | D:6      | 17046 ||| Stepping ~*~*~tactically~*~*~ (outnumbered).
 17048 | D:6      | 17048 ||| Stepping ~*~*~tactically~*~*~ (outnumbered).
 17050 | D:6      | 17050 ||| Stepping ~*~*~tactically~*~*~ (outnumbered).
 17062 | D:6      | 17062 ||| Stepping ~*~*~tactically~*~*~ (outnumbered).
 17064 | D:6      | 17064 ||| Stepping ~*~*~tactically~*~*~ (outnumbered).
 17066 | D:6      | 17066 ||| Stepping ~*~*~tactically~*~*~ (outnumbered).
 17068 | D:6      | 17068 ||| Stepping ~*~*~tactically~*~*~ (outnumbered).
 17070 | D:6      | 17070 ||| Stepping ~*~*~tactically~*~*~ (outnumbered).
 17082 | D:6      | 17082 ||| Stepping ~*~*~tactically~*~*~ (outnumbered).
 17084 | D:6      | 17084 ||| Stepping ~*~*~tactically~*~*~ (outnumbered).
 17086 | D:6      | 17086 ||| Stepping ~*~*~tactically~*~*~ (outnumbered).
 17088 | D:6      | 17088 ||| Stepping ~*~*~tactically~*~*~ (outnumbered).
 17090 | D:6      | 17090 ||| Stepping ~*~*~tactically~*~*~ (outnumbered).
 17102 | D:6      | 17102 ||| Stepping ~*~*~tactically~*~*~ (outnumbered).
 17104 | D:6      | 17104 ||| Stepping ~*~*~tactically~*~*~ (outnumbered).
 17106 | D:6      | 17106 ||| Stepping ~*~*~tactically~*~*~ (outnumbered).
 17108 | D:6      | 17108 ||| Stepping ~*~*~tactically~*~*~ (outnumbered).
 17110 | D:6      | 17110 ||| Stepping ~*~*~tactically~*~*~ (outnumbered).
 17122 | D:6      | 17122 ||| Stepping ~*~*~tactically~*~*~ (outnumbered).
 17124 | D:6      | 17124 ||| Stepping ~*~*~tactically~*~*~ (outnumbered).
 17126 | D:6      | 17126 ||| Stepping ~*~*~tactically~*~*~ (outnumbered).
 17128 | D:6      | 17128 ||| Stepping ~*~*~tactically~*~*~ (outnumbered).
 17130 | D:6      | 17130 ||| Stepping ~*~*~tactically~*~*~ (outnumbered).
 17142 | D:6      | 17142 ||| Stepping ~*~*~tactically~*~*~ (outnumbered).
 17144 | D:6      | 17144 ||| Stepping ~*~*~tactically~*~*~ (outnumbered).
 17146 | D:6      | 17146 ||| Stepping ~*~*~tactically~*~*~ (outnumbered).
 17148 | D:6      | 17148 ||| Stepping ~*~*~tactically~*~*~ (outnumbered).
 17150 | D:6      | 17150 ||| Stepping ~*~*~tactically~*~*~ (outnumbered).
 17162 | D:6      | 17162 ||| Stepping ~*~*~tactically~*~*~ (outnumbered).
 17164 | D:6      | 17164 ||| Stepping ~*~*~tactically~*~*~ (outnumbered).
 17166 | D:6      | 17166 ||| Stepping ~*~*~tactically~*~*~ (outnumbered).
 17168 | D:6      | 17168 ||| Stepping ~*~*~tactically~*~*~ (outnumbered).
 17170 | D:6      | 17170 ||| Stepping ~*~*~tactically~*~*~ (outnumbered).
 17182 | D:6      | 17182 ||| Stepping ~*~*~tactically~*~*~ (outnumbered).
 17184 | D:6      | 17184 ||| Stepping ~*~*~tactically~*~*~ (outnumbered).
 17186 | D:6      | 17186 ||| Stepping ~*~*~tactically~*~*~ (outnumbered).
 17188 | D:6      | 17188 ||| Stepping ~*~*~tactically~*~*~ (outnumbered).
 17190 | D:6      | 17190 ||| Stepping ~*~*~tactically~*~*~ (outnumbered).
 17202 | D:6      | 17202 ||| Stepping ~*~*~tactically~*~*~ (outnumbered).
 17204 | D:6      | 17204 ||| Stepping ~*~*~tactically~*~*~ (outnumbered).
 17206 | D:6      | 17206 ||| Stepping ~*~*~tactically~*~*~ (outnumbered).
 17208 | D:6      | 17208 ||| Stepping ~*~*~tactically~*~*~ (outnumbered).
 17210 | D:6      | 17210 ||| Stepping ~*~*~tactically~*~*~ (outnumbered).
 17222 | D:6      | 17222 ||| Stepping ~*~*~tactically~*~*~ (outnumbered).
 17224 | D:6      | 17224 ||| Stepping ~*~*~tactically~*~*~ (outnumbered).
 17226 | D:6      | 17226 ||| Stepping ~*~*~tactically~*~*~ (outnumbered).
 17228 | D:6      | 17228 ||| Stepping ~*~*~tactically~*~*~ (outnumbered).
 17230 | D:6      | 17230 ||| Stepping ~*~*~tactically~*~*~ (outnumbered).
 17242 | D:6      | 17242 ||| Stepping ~*~*~tactically~*~*~ (outnumbered).
 17244 | D:6      | 17244 ||| Stepping ~*~*~tactically~*~*~ (outnumbered).
 17246 | D:6      | 17246 ||| Stepping ~*~*~tactically~*~*~ (outnumbered).
 17248 | D:6      | 17248 ||| Stepping ~*~*~tactically~*~*~ (outnumbered).
 17250 | D:6      | 17250 ||| Stepping ~*~*~tactically~*~*~ (outnumbered).
 17262 | D:6      | 17262 ||| Stepping ~*~*~tactically~*~*~ (outnumbered).
 17264 | D:6      | 17264 ||| Stepping ~*~*~tactically~*~*~ (outnumbered).
 17266 | D:6      | 17266 ||| Stepping ~*~*~tactically~*~*~ (outnumbered).
 17268 | D:6      | 17268 ||| Stepping ~*~*~tactically~*~*~ (outnumbered).
 17270 | D:6      | 17270 ||| Stepping ~*~*~tactically~*~*~ (outnumbered).
 17282 | D:6      | 17282 ||| Stepping ~*~*~tactically~*~*~ (outnumbered).
 17284 | D:6      | 17284 ||| Stepping ~*~*~tactically~*~*~ (outnumbered).
 17286 | D:6      | 17286 ||| Stepping ~*~*~tactically~*~*~ (outnumbered).
 17288 | D:6      | 17288 ||| Stepping ~*~*~tactically~*~*~ (outnumbered).
 17290 | D:6      | 17290 ||| Stepping ~*~*~tactically~*~*~ (outnumbered).
 17302 | D:6      | 17302 ||| Stepping ~*~*~tactically~*~*~ (outnumbered).
 17304 | D:6      | 17304 ||| Stepping ~*~*~tactically~*~*~ (outnumbered).
 17306 | D:6      | 17306 ||| Stepping ~*~*~tactically~*~*~ (outnumbered).
 17308 | D:6      | 17308 ||| Stepping ~*~*~tactically~*~*~ (outnumbered).
 17310 | D:6      | 17310 ||| Stepping ~*~*~tactically~*~*~ (outnumbered).
 17322 | D:6      | 17322 ||| Stepping ~*~*~tactically~*~*~ (outnumbered).
 17324 | D:6      | 17324 ||| Stepping ~*~*~tactically~*~*~ (outnumbered).
 17326 | D:6      | 17326 ||| Stepping ~*~*~tactically~*~*~ (outnumbered).
 17328 | D:6      | 17328 ||| Stepping ~*~*~tactically~*~*~ (outnumbered).
 17330 | D:6      | 17330 ||| Stepping ~*~*~tactically~*~*~ (outnumbered).
 17342 | D:6      | 17342 ||| Stepping ~*~*~tactically~*~*~ (outnumbered).
 17344 | D:6      | 17344 ||| Stepping ~*~*~tactically~*~*~ (outnumbered).
 17346 | D:6      | 17346 ||| Stepping ~*~*~tactically~*~*~ (outnumbered).
 17348 | D:6      | 17348 ||| Stepping ~*~*~tactically~*~*~ (outnumbered).
 17350 | D:6      | 17350 ||| Stepping ~*~*~tactically~*~*~ (outnumbered).
 17362 | D:6      | 17362 ||| Stepping ~*~*~tactically~*~*~ (outnumbered).
 17364 | D:6      | 17364 ||| Stepping ~*~*~tactically~*~*~ (outnumbered).
 17366 | D:6      | 17366 ||| Stepping ~*~*~tactically~*~*~ (outnumbered).
 17368 | D:6      | 17368 ||| Stepping ~*~*~tactically~*~*~ (outnumbered).
 17370 | D:6      | 17370 ||| Stepping ~*~*~tactically~*~*~ (outnumbered).
 17382 | D:6      | 17382 ||| Stepping ~*~*~tactically~*~*~ (outnumbered).
 17384 | D:6      | 17384 ||| Stepping ~*~*~tactically~*~*~ (outnumbered).
 17386 | D:6      | 17386 ||| Stepping ~*~*~tactically~*~*~ (outnumbered).
 17388 | D:6      | 17388 ||| Stepping ~*~*~tactically~*~*~ (outnumbered).
 17390 | D:6      | 17390 ||| Stepping ~*~*~tactically~*~*~ (outnumbered).
 17402 | D:6      | 17402 ||| Stepping ~*~*~tactically~*~*~ (outnumbered).
 17404 | D:6      | 17404 ||| Stepping ~*~*~tactically~*~*~ (outnumbered).
 17406 | D:6      | 17406 ||| Stepping ~*~*~tactically~*~*~ (outnumbered).
 17408 | D:6      | 17408 ||| Stepping ~*~*~tactically~*~*~ (outnumbered).
 17410 | D:6      | 17410 ||| Stepping ~*~*~tactically~*~*~ (outnumbered).
 17422 | D:6      | 17422 ||| Stepping ~*~*~tactically~*~*~ (outnumbered).
 17424 | D:6      | 17424 ||| Stepping ~*~*~tactically~*~*~ (outnumbered).
 17426 | D:6      | 17426 ||| Stepping ~*~*~tactically~*~*~ (outnumbered).
 17428 | D:6      | 17428 ||| Stepping ~*~*~tactically~*~*~ (outnumbered).
 17430 | D:6      | 17430 ||| Stepping ~*~*~tactically~*~*~ (outnumbered).
 17442 | D:6      | 17442 ||| Stepping ~*~*~tactically~*~*~ (outnumbered).
 17444 | D:6      | 17444 ||| Stepping ~*~*~tactically~*~*~ (outnumbered).
 17446 | D:6      | 17446 ||| Stepping ~*~*~tactically~*~*~ (outnumbered).
 17448 | D:6      | 17448 ||| Stepping ~*~*~tactically~*~*~ (outnumbered).
 17450 | D:6      | 17450 ||| Stepping ~*~*~tactically~*~*~ (outnumbered).
 17462 | D:6      | 17462 ||| Stepping ~*~*~tactically~*~*~ (outnumbered).
 17464 | D:6      | 17464 ||| Stepping ~*~*~tactically~*~*~ (outnumbered).
 17466 | D:6      | 17466 ||| Stepping ~*~*~tactically~*~*~ (outnumbered).
 17468 | D:6      | 17468 ||| Stepping ~*~*~tactically~*~*~ (outnumbered).
 17470 | D:6      | 17470 ||| Stepping ~*~*~tactically~*~*~ (outnumbered).
 17482 | D:6      | 17482 ||| Stepping ~*~*~tactically~*~*~ (outnumbered).
 17484 | D:6      | 17484 ||| Stepping ~*~*~tactically~*~*~ (outnumbered).
 17486 | D:6      | 17486 ||| Stepping ~*~*~tactically~*~*~ (outnumbered).
 17488 | D:6      | 17488 ||| Stepping ~*~*~tactically~*~*~ (outnumbered).
 17490 | D:6      | 17490 ||| Stepping ~*~*~tactically~*~*~ (outnumbered).
 17502 | D:6      | 17502 ||| Stepping ~*~*~tactically~*~*~ (outnumbered).
 17504 | D:6      | 17504 ||| Stepping ~*~*~tactically~*~*~ (outnumbered).
 17506 | D:6      | 17506 ||| Stepping ~*~*~tactically~*~*~ (outnumbered).
 17508 | D:6      | 17508 ||| Stepping ~*~*~tactically~*~*~ (outnumbered).
 17510 | D:6      | 17510 ||| Stepping ~*~*~tactically~*~*~ (outnumbered).
 17522 | D:6      | 17522 ||| Stepping ~*~*~tactically~*~*~ (outnumbered).
 17524 | D:6      | 17524 ||| Stepping ~*~*~tactically~*~*~ (outnumbered).
 17526 | D:6      | 17526 ||| Stepping ~*~*~tactically~*~*~ (outnumbered).
 17528 | D:6      | 17528 ||| Stepping ~*~*~tactically~*~*~ (outnumbered).
 17530 | D:6      | 17530 ||| Stepping ~*~*~tactically~*~*~ (outnumbered).
 17542 | D:6      | 17542 ||| Stepping ~*~*~tactically~*~*~ (outnumbered).
 17544 | D:6      | 17544 ||| Stepping ~*~*~tactically~*~*~ (outnumbered).
 17546 | D:6      | 17546 ||| Stepping ~*~*~tactically~*~*~ (outnumbered).
 17548 | D:6      | 17548 ||| Stepping ~*~*~tactically~*~*~ (outnumbered).
 17550 | D:6      | 17550 ||| Stepping ~*~*~tactically~*~*~ (outnumbered).
 17562 | D:6      | 17562 ||| Stepping ~*~*~tactically~*~*~ (outnumbered).
 17564 | D:6      | 17564 ||| Stepping ~*~*~tactically~*~*~ (outnumbered).
 17566 | D:6      | 17566 ||| Stepping ~*~*~tactically~*~*~ (outnumbered).
 17568 | D:6      | 17568 ||| Stepping ~*~*~tactically~*~*~ (outnumbered).
 17570 | D:6      | 17570 ||| Stepping ~*~*~tactically~*~*~ (outnumbered).
 17582 | D:6      | 17582 ||| Stepping ~*~*~tactically~*~*~ (outnumbered).
 17584 | D:6      | 17584 ||| Stepping ~*~*~tactically~*~*~ (outnumbered).
 17586 | D:6      | 17586 ||| Stepping ~*~*~tactically~*~*~ (outnumbered).
 17588 | D:6      | 17588 ||| Stepping ~*~*~tactically~*~*~ (outnumbered).
 17590 | D:6      | 17590 ||| Stepping ~*~*~tactically~*~*~ (outnumbered).
 17602 | D:6      | 17602 ||| Stepping ~*~*~tactically~*~*~ (outnumbered).
 17604 | D:6      | 17604 ||| Stepping ~*~*~tactically~*~*~ (outnumbered).
 17606 | D:6      | 17606 ||| Stepping ~*~*~tactically~*~*~ (outnumbered).
 17608 | D:6      | 17608 ||| Stepping ~*~*~tactically~*~*~ (outnumbered).
 17610 | D:6      | 17610 ||| Stepping ~*~*~tactically~*~*~ (outnumbered).
 17622 | D:6      | 17622 ||| Stepping ~*~*~tactically~*~*~ (outnumbered).
 17624 | D:6      | 17624 ||| Stepping ~*~*~tactically~*~*~ (outnumbered).
 17626 | D:6      | 17626 ||| Stepping ~*~*~tactically~*~*~ (outnumbered).
 17628 | D:6      | 17628 ||| Stepping ~*~*~tactically~*~*~ (outnumbered).
 17630 | D:6      | 17630 ||| Stepping ~*~*~tactically~*~*~ (outnumbered).
 17642 | D:6      | 17642 ||| Stepping ~*~*~tactically~*~*~ (outnumbered).
 17644 | D:6      | 17644 ||| Stepping ~*~*~tactically~*~*~ (outnumbered).
 17646 | D:6      | 17646 ||| Stepping ~*~*~tactically~*~*~ (outnumbered).
 17648 | D:6      | 17648 ||| Stepping ~*~*~tactically~*~*~ (outnumbered).
 17650 | D:6      | 17650 ||| Stepping ~*~*~tactically~*~*~ (outnumbered).
 17662 | D:6      | 17662 ||| Stepping ~*~*~tactically~*~*~ (outnumbered).
 17664 | D:6      | 17664 ||| Stepping ~*~*~tactically~*~*~ (outnumbered).
 17666 | D:6      | 17666 ||| Stepping ~*~*~tactically~*~*~ (outnumbered).
 17668 | D:6      | 17668 ||| Stepping ~*~*~tactically~*~*~ (outnumbered).
 17670 | D:6      | 17670 ||| Stepping ~*~*~tactically~*~*~ (outnumbered).
 17682 | D:6      | 17682 ||| Stepping ~*~*~tactically~*~*~ (outnumbered).
 17684 | D:6      | 17684 ||| Stepping ~*~*~tactically~*~*~ (outnumbered).
 17686 | D:6      | 17686 ||| Stepping ~*~*~tactically~*~*~ (outnumbered).
 17688 | D:6      | 17688 ||| Stepping ~*~*~tactically~*~*~ (outnumbered).
 17690 | D:6      | 17690 ||| Stepping ~*~*~tactically~*~*~ (outnumbered).
 17702 | D:6      | 17702 ||| Stepping ~*~*~tactically~*~*~ (outnumbered).
 17704 | D:6      | 17704 ||| Stepping ~*~*~tactically~*~*~ (outnumbered).
 17706 | D:6      | 17706 ||| Stepping ~*~*~tactically~*~*~ (outnumbered).
 17708 | D:6      | 17708 ||| Stepping ~*~*~tactically~*~*~ (outnumbered).
 17710 | D:6      | 17710 ||| Stepping ~*~*~tactically~*~*~ (outnumbered).
 17722 | D:6      | 17722 ||| Stepping ~*~*~tactically~*~*~ (outnumbered).
 17724 | D:6      | 17724 ||| Stepping ~*~*~tactically~*~*~ (outnumbered).
 17726 | D:6      | 17726 ||| Stepping ~*~*~tactically~*~*~ (outnumbered).
 17728 | D:6      | 17728 ||| Stepping ~*~*~tactically~*~*~ (outnumbered).
 17730 | D:6      | 17730 ||| Stepping ~*~*~tactically~*~*~ (outnumbered).
 17742 | D:6      | 17742 ||| Stepping ~*~*~tactically~*~*~ (outnumbered).
 17744 | D:6      | 17744 ||| Stepping ~*~*~tactically~*~*~ (outnumbered).
 17746 | D:6      | 17746 ||| Stepping ~*~*~tactically~*~*~ (outnumbered).
 17748 | D:6      | 17748 ||| Stepping ~*~*~tactically~*~*~ (outnumbered).
 17750 | D:6      | 17750 ||| Stepping ~*~*~tactically~*~*~ (outnumbered).
 17762 | D:6      | 17762 ||| Stepping ~*~*~tactically~*~*~ (outnumbered).
 17764 | D:6      | 17764 ||| Stepping ~*~*~tactically~*~*~ (outnumbered).
 17766 | D:6      | 17766 ||| Stepping ~*~*~tactically~*~*~ (outnumbered).
 17768 | D:6      | 17768 ||| Stepping ~*~*~tactically~*~*~ (outnumbered).
 17770 | D:6      | 17770 ||| Stepping ~*~*~tactically~*~*~ (outnumbered).
 17782 | D:6      | 17782 ||| Stepping ~*~*~tactically~*~*~ (outnumbered).
 17784 | D:6      | 17784 ||| Stepping ~*~*~tactically~*~*~ (outnumbered).
 17786 | D:6      | 17786 ||| Stepping ~*~*~tactically~*~*~ (outnumbered).
 17788 | D:6      | 17788 ||| Stepping ~*~*~tactically~*~*~ (outnumbered).
 17790 | D:6      | 17790 ||| Stepping ~*~*~tactically~*~*~ (outnumbered).
 17802 | D:6      | 17802 ||| Stepping ~*~*~tactically~*~*~ (outnumbered).
 17804 | D:6      | 17804 ||| Stepping ~*~*~tactically~*~*~ (outnumbered).
 17806 | D:6      | 17806 ||| Stepping ~*~*~tactically~*~*~ (outnumbered).
 17808 | D:6      | 17808 ||| Stepping ~*~*~tactically~*~*~ (outnumbered).
 17810 | D:6      | 17810 ||| Stepping ~*~*~tactically~*~*~ (outnumbered).
 17822 | D:6      | 17822 ||| Stepping ~*~*~tactically~*~*~ (outnumbered).
 17824 | D:6      | 17824 ||| Stepping ~*~*~tactically~*~*~ (outnumbered).
 17826 | D:6      | 17826 ||| Stepping ~*~*~tactically~*~*~ (outnumbered).
 17828 | D:6      | 17828 ||| Stepping ~*~*~tactically~*~*~ (outnumbered).
 17830 | D:6      | 17830 ||| Stepping ~*~*~tactically~*~*~ (outnumbered).
 17842 | D:6      | 17842 ||| Stepping ~*~*~tactically~*~*~ (outnumbered).
 17844 | D:6      | 17844 ||| Stepping ~*~*~tactically~*~*~ (outnumbered).
 17846 | D:6      | 17846 ||| Stepping ~*~*~tactically~*~*~ (outnumbered).
 17848 | D:6      | 17848 ||| Stepping ~*~*~tactically~*~*~ (outnumbered).
 17850 | D:6      | 17850 ||| Stepping ~*~*~tactically~*~*~ (outnumbered).
 17862 | D:6      | 17862 ||| Stepping ~*~*~tactically~*~*~ (outnumbered).
 17864 | D:6      | 17864 ||| Stepping ~*~*~tactically~*~*~ (outnumbered).
 17866 | D:6      | 17866 ||| Stepping ~*~*~tactically~*~*~ (outnumbered).
 17868 | D:6      | 17868 ||| Stepping ~*~*~tactically~*~*~ (outnumbered).
 17870 | D:6      | 17870 ||| Stepping ~*~*~tactically~*~*~ (outnumbered).
 17882 | D:6      | 17882 ||| Stepping ~*~*~tactically~*~*~ (outnumbered).
 17884 | D:6      | 17884 ||| Stepping ~*~*~tactically~*~*~ (outnumbered).
 17886 | D:6      | 17886 ||| Stepping ~*~*~tactically~*~*~ (outnumbered).
 17888 | D:6      | 17888 ||| Stepping ~*~*~tactically~*~*~ (outnumbered).
 17890 | D:6      | 17890 ||| Stepping ~*~*~tactically~*~*~ (outnumbered).
 17902 | D:6      | 17902 ||| Stepping ~*~*~tactically~*~*~ (outnumbered).
 17904 | D:6      | 17904 ||| Stepping ~*~*~tactically~*~*~ (outnumbered).
 17906 | D:6      | 17906 ||| Stepping ~*~*~tactically~*~*~ (outnumbered).
 17908 | D:6      | 17908 ||| Stepping ~*~*~tactically~*~*~ (outnumbered).
 17910 | D:6      | 17910 ||| Stepping ~*~*~tactically~*~*~ (outnumbered).
 17922 | D:6      | 17922 ||| Stepping ~*~*~tactically~*~*~ (outnumbered).
 17924 | D:6      | 17924 ||| Stepping ~*~*~tactically~*~*~ (outnumbered).
 17926 | D:6      | 17926 ||| Stepping ~*~*~tactically~*~*~ (outnumbered).
 17928 | D:6      | 17928 ||| Stepping ~*~*~tactically~*~*~ (outnumbered).
 17930 | D:6      | 17930 ||| Stepping ~*~*~tactically~*~*~ (outnumbered).
 17942 | D:6      | 17942 ||| Stepping ~*~*~tactically~*~*~ (outnumbered).
 17944 | D:6      | 17944 ||| Stepping ~*~*~tactically~*~*~ (outnumbered).
 17946 | D:6      | 17946 ||| Stepping ~*~*~tactically~*~*~ (outnumbered).
 17948 | D:6      | 17948 ||| Stepping ~*~*~tactically~*~*~ (outnumbered).
 17950 | D:6      | 17950 ||| Stepping ~*~*~tactically~*~*~ (outnumbered).
 17962 | D:6      | 17962 ||| Stepping ~*~*~tactically~*~*~ (outnumbered).
 17964 | D:6      | 17964 ||| Stepping ~*~*~tactically~*~*~ (outnumbered).
 17966 | D:6      | 17966 ||| Stepping ~*~*~tactically~*~*~ (outnumbered).
 17968 | D:6      | 17968 ||| Stepping ~*~*~tactically~*~*~ (outnumbered).
 17970 | D:6      | 17970 ||| Stepping ~*~*~tactically~*~*~ (outnumbered).
 17982 | D:6      | 17982 ||| Stepping ~*~*~tactically~*~*~ (outnumbered).
 17984 | D:6      | 17984 ||| Stepping ~*~*~tactically~*~*~ (outnumbered).
 17986 | D:6      | 17986 ||| Stepping ~*~*~tactically~*~*~ (outnumbered).
 17988 | D:6      | 17988 ||| Stepping ~*~*~tactically~*~*~ (outnumbered).
 17990 | D:6      | 17990 ||| Stepping ~*~*~tactically~*~*~ (outnumbered).
 18002 | D:6      | 18002 ||| Stepping ~*~*~tactically~*~*~ (outnumbered).
 18004 | D:6      | 18004 ||| Stepping ~*~*~tactically~*~*~ (outnumbered).
 18006 | D:6      | 18006 ||| Stepping ~*~*~tactically~*~*~ (outnumbered).
 18008 | D:6      | 18008 ||| Stepping ~*~*~tactically~*~*~ (outnumbered).
 18010 | D:6      | 18010 ||| Stepping ~*~*~tactically~*~*~ (outnumbered).
 18022 | D:6      | 18022 ||| Stepping ~*~*~tactically~*~*~ (outnumbered).
 18024 | D:6      | 18024 ||| Stepping ~*~*~tactically~*~*~ (outnumbered).
 18026 | D:6      | 18026 ||| Stepping ~*~*~tactically~*~*~ (outnumbered).
 18028 | D:6      | 18028 ||| Stepping ~*~*~tactically~*~*~ (outnumbered).
 18030 | D:6      | 18030 ||| Stepping ~*~*~tactically~*~*~ (outnumbered).
 18042 | D:6      | 18042 ||| Stepping ~*~*~tactically~*~*~ (outnumbered).
 18044 | D:6      | 18044 ||| Stepping ~*~*~tactically~*~*~ (outnumbered).
 18046 | D:6      | 18046 ||| Stepping ~*~*~tactically~*~*~ (outnumbered).
 18048 | D:6      | 18048 ||| Stepping ~*~*~tactically~*~*~ (outnumbered).
 18050 | D:6      | 18050 ||| Stepping ~*~*~tactically~*~*~ (outnumbered).
 18062 | D:6      | 18062 ||| Stepping ~*~*~tactically~*~*~ (outnumbered).
 18064 | D:6      | 18064 ||| Stepping ~*~*~tactically~*~*~ (outnumbered).
 18066 | D:6      | 18066 ||| Stepping ~*~*~tactically~*~*~ (outnumbered).
 18068 | D:6      | 18068 ||| Stepping ~*~*~tactically~*~*~ (outnumbered).
 18070 | D:6      | 18070 ||| Stepping ~*~*~tactically~*~*~ (outnumbered).
 18082 | D:6      | 18082 ||| Stepping ~*~*~tactically~*~*~ (outnumbered).
 18084 | D:6      | 18084 ||| Stepping ~*~*~tactically~*~*~ (outnumbered).
 18086 | D:6      | 18086 ||| Stepping ~*~*~tactically~*~*~ (outnumbered).
 18088 | D:6      | 18088 ||| Stepping ~*~*~tactically~*~*~ (outnumbered).
 18090 | D:6      | 18090 ||| Stepping ~*~*~tactically~*~*~ (outnumbered).
 18102 | D:6      | 18102 ||| Stepping ~*~*~tactically~*~*~ (outnumbered).
 18104 | D:6      | 18104 ||| Stepping ~*~*~tactically~*~*~ (outnumbered).
 18106 | D:6      | 18106 ||| Stepping ~*~*~tactically~*~*~ (outnumbered).
 18108 | D:6      | 18108 ||| Stepping ~*~*~tactically~*~*~ (outnumbered).
 18110 | D:6      | 18110 ||| Stepping ~*~*~tactically~*~*~ (outnumbered).
 18122 | D:6      | 18122 ||| Stepping ~*~*~tactically~*~*~ (outnumbered).
 18124 | D:6      | 18124 ||| Stepping ~*~*~tactically~*~*~ (outnumbered).
 18126 | D:6      | 18126 ||| Stepping ~*~*~tactically~*~*~ (outnumbered).
 18128 | D:6      | 18128 ||| Stepping ~*~*~tactically~*~*~ (outnumbered).
 18130 | D:6      | 18130 ||| Stepping ~*~*~tactically~*~*~ (outnumbered).
 18142 | D:6      | 18142 ||| Stepping ~*~*~tactically~*~*~ (outnumbered).
 18144 | D:6      | 18144 ||| Stepping ~*~*~tactically~*~*~ (outnumbered).
 18146 | D:6      | 18146 ||| Stepping ~*~*~tactically~*~*~ (outnumbered).
 18148 | D:6      | 18148 ||| Stepping ~*~*~tactically~*~*~ (outnumbered).
 18150 | D:6      | 18150 ||| Stepping ~*~*~tactically~*~*~ (outnumbered).
 18162 | D:6      | 18162 ||| Stepping ~*~*~tactically~*~*~ (outnumbered).
 18164 | D:6      | 18164 ||| Stepping ~*~*~tactically~*~*~ (outnumbered).
 18166 | D:6      | 18166 ||| Stepping ~*~*~tactically~*~*~ (outnumbered).
 18168 | D:6      | 18168 ||| Stepping ~*~*~tactically~*~*~ (outnumbered).
 18170 | D:6      | 18170 ||| Stepping ~*~*~tactically~*~*~ (outnumbered).
 18182 | D:6      | 18182 ||| Stepping ~*~*~tactically~*~*~ (outnumbered).
 18184 | D:6      | 18184 ||| Stepping ~*~*~tactically~*~*~ (outnumbered).
 18186 | D:6      | 18186 ||| Stepping ~*~*~tactically~*~*~ (outnumbered).
 18188 | D:6      | 18188 ||| Stepping ~*~*~tactically~*~*~ (outnumbered).
 18190 | D:6      | 18190 ||| Stepping ~*~*~tactically~*~*~ (outnumbered).
 18202 | D:6      | 18202 ||| Stepping ~*~*~tactically~*~*~ (outnumbered).
 18204 | D:6      | 18204 ||| Stepping ~*~*~tactically~*~*~ (outnumbered).
 18206 | D:6      | 18206 ||| Stepping ~*~*~tactically~*~*~ (outnumbered).
 18208 | D:6      | 18208 ||| Stepping ~*~*~tactically~*~*~ (outnumbered).
 18210 | D:6      | 18210 ||| Stepping ~*~*~tactically~*~*~ (outnumbered).
 18222 | D:6      | 18222 ||| Stepping ~*~*~tactically~*~*~ (outnumbered).
 18224 | D:6      | 18224 ||| Stepping ~*~*~tactically~*~*~ (outnumbered).
 18226 | D:6      | 18226 ||| Stepping ~*~*~tactically~*~*~ (outnumbered).
 18228 | D:6      | 18228 ||| Stepping ~*~*~tactically~*~*~ (outnumbered).
 18230 | D:6      | 18230 ||| Stepping ~*~*~tactically~*~*~ (outnumbered).
 18242 | D:6      | 18242 ||| Stepping ~*~*~tactically~*~*~ (outnumbered).
 18244 | D:6      | 18244 ||| Stepping ~*~*~tactically~*~*~ (outnumbered).
 18246 | D:6      | 18246 ||| Stepping ~*~*~tactically~*~*~ (outnumbered).
 18248 | D:6      | 18248 ||| Stepping ~*~*~tactically~*~*~ (outnumbered).
 18250 | D:6      | 18250 ||| Stepping ~*~*~tactically~*~*~ (outnumbered).
 18262 | D:6      | 18262 ||| Stepping ~*~*~tactically~*~*~ (outnumbered).
 18264 | D:6      | 18264 ||| Stepping ~*~*~tactically~*~*~ (outnumbered).
 18266 | D:6      | 18266 ||| Stepping ~*~*~tactically~*~*~ (outnumbered).
 18268 | D:6      | 18268 ||| Stepping ~*~*~tactically~*~*~ (outnumbered).
 18270 | D:6      | 18270 ||| Stepping ~*~*~tactically~*~*~ (outnumbered).
 18282 | D:6      | 18282 ||| Stepping ~*~*~tactically~*~*~ (outnumbered).
 18284 | D:6      | 18284 ||| Stepping ~*~*~tactically~*~*~ (outnumbered).
 18286 | D:6      | 18286 ||| Stepping ~*~*~tactically~*~*~ (outnumbered).
 18288 | D:6      | 18288 ||| Stepping ~*~*~tactically~*~*~ (outnumbered).
 18290 | D:6      | 18290 ||| Stepping ~*~*~tactically~*~*~ (outnumbered).
 18302 | D:6      | 18302 ||| Stepping ~*~*~tactically~*~*~ (outnumbered).
 18304 | D:6      | 18304 ||| Stepping ~*~*~tactically~*~*~ (outnumbered).
 18306 | D:6      | 18306 ||| Stepping ~*~*~tactically~*~*~ (outnumbered).
 18308 | D:6      | 18308 ||| Stepping ~*~*~tactically~*~*~ (outnumbered).
 18310 | D:6      | 18310 ||| Stepping ~*~*~tactically~*~*~ (outnumbered).
 18322 | D:6      | 18322 ||| Stepping ~*~*~tactically~*~*~ (outnumbered).
 18324 | D:6      | 18324 ||| Stepping ~*~*~tactically~*~*~ (outnumbered).
 18326 | D:6      | 18326 ||| Stepping ~*~*~tactically~*~*~ (outnumbered).
 18328 | D:6      | 18328 ||| Stepping ~*~*~tactically~*~*~ (outnumbered).
 18330 | D:6      | 18330 ||| Stepping ~*~*~tactically~*~*~ (outnumbered).
 18342 | D:6      | 18342 ||| Stepping ~*~*~tactically~*~*~ (outnumbered).
 18344 | D:6      | 18344 ||| Stepping ~*~*~tactically~*~*~ (outnumbered).
 18346 | D:6      | 18346 ||| Stepping ~*~*~tactically~*~*~ (outnumbered).
 18348 | D:6      | 18348 ||| Stepping ~*~*~tactically~*~*~ (outnumbered).
 18350 | D:6      | 18350 ||| Stepping ~*~*~tactically~*~*~ (outnumbered).
 18362 | D:6      | 18362 ||| Stepping ~*~*~tactically~*~*~ (outnumbered).
 18364 | D:6      | 18364 ||| Stepping ~*~*~tactically~*~*~ (outnumbered).
 18366 | D:6      | 18366 ||| Stepping ~*~*~tactically~*~*~ (outnumbered).
 18368 | D:6      | 18368 ||| Stepping ~*~*~tactically~*~*~ (outnumbered).
 18370 | D:6      | 18370 ||| Stepping ~*~*~tactically~*~*~ (outnumbered).
 18382 | D:6      | 18382 ||| Stepping ~*~*~tactically~*~*~ (outnumbered).
 18384 | D:6      | 18384 ||| Stepping ~*~*~tactically~*~*~ (outnumbered).
 18386 | D:6      | 18386 ||| Stepping ~*~*~tactically~*~*~ (outnumbered).
 18388 | D:6      | 18388 ||| Stepping ~*~*~tactically~*~*~ (outnumbered).
 18390 | D:6      | 18390 ||| Stepping ~*~*~tactically~*~*~ (outnumbered).
 18402 | D:6      | 18402 ||| Stepping ~*~*~tactically~*~*~ (outnumbered).
 18404 | D:6      | 18404 ||| Stepping ~*~*~tactically~*~*~ (outnumbered).
 18406 | D:6      | 18406 ||| Stepping ~*~*~tactically~*~*~ (outnumbered).
 18408 | D:6      | 18408 ||| Stepping ~*~*~tactically~*~*~ (outnumbered).
 18410 | D:6      | 18410 ||| Stepping ~*~*~tactically~*~*~ (outnumbered).
 18422 | D:6      | 18422 ||| Stepping ~*~*~tactically~*~*~ (outnumbered).
 18424 | D:6      | 18424 ||| Stepping ~*~*~tactically~*~*~ (outnumbered).
 18426 | D:6      | 18426 ||| Stepping ~*~*~tactically~*~*~ (outnumbered).
 18428 | D:6      | 18428 ||| Stepping ~*~*~tactically~*~*~ (outnumbered).
 18430 | D:6      | 18430 ||| Stepping ~*~*~tactically~*~*~ (outnumbered).
 18442 | D:6      | 18442 ||| Stepping ~*~*~tactically~*~*~ (outnumbered).
 18444 | D:6      | 18444 ||| Stepping ~*~*~tactically~*~*~ (outnumbered).
 18446 | D:6      | 18446 ||| Stepping ~*~*~tactically~*~*~ (outnumbered).
 18448 | D:6      | 18448 ||| Stepping ~*~*~tactically~*~*~ (outnumbered).
 18450 | D:6      | 18450 ||| Stepping ~*~*~tactically~*~*~ (outnumbered).
 18462 | D:6      | 18462 ||| Stepping ~*~*~tactically~*~*~ (outnumbered).
 18464 | D:6      | 18464 ||| Stepping ~*~*~tactically~*~*~ (outnumbered).
 18466 | D:6      | 18466 ||| Stepping ~*~*~tactically~*~*~ (outnumbered).
 18468 | D:6      | 18468 ||| Stepping ~*~*~tactically~*~*~ (outnumbered).
 18470 | D:6      | 18470 ||| Stepping ~*~*~tactically~*~*~ (outnumbered).
 18482 | D:6      | 18482 ||| Stepping ~*~*~tactically~*~*~ (outnumbered).
 18484 | D:6      | 18484 ||| Stepping ~*~*~tactically~*~*~ (outnumbered).
 18486 | D:6      | 18486 ||| Stepping ~*~*~tactically~*~*~ (outnumbered).
 18488 | D:6      | 18488 ||| Stepping ~*~*~tactically~*~*~ (outnumbered).
 18490 | D:6      | 18490 ||| Stepping ~*~*~tactically~*~*~ (outnumbered).
 18502 | D:6      | 18502 ||| Stepping ~*~*~tactically~*~*~ (outnumbered).
 18504 | D:6      | 18504 ||| Stepping ~*~*~tactically~*~*~ (outnumbered).
 18506 | D:6      | 18506 ||| Stepping ~*~*~tactically~*~*~ (outnumbered).
 18508 | D:6      | 18508 ||| Stepping ~*~*~tactically~*~*~ (outnumbered).
 18510 | D:6      | 18510 ||| Stepping ~*~*~tactically~*~*~ (outnumbered).
 18522 | D:6      | 18522 ||| Stepping ~*~*~tactically~*~*~ (outnumbered).
 18524 | D:6      | 18524 ||| Stepping ~*~*~tactically~*~*~ (outnumbered).
 18526 | D:6      | 18526 ||| Stepping ~*~*~tactically~*~*~ (outnumbered).
 18528 | D:6      | 18528 ||| Stepping ~*~*~tactically~*~*~ (outnumbered).
 18530 | D:6      | 18530 ||| Stepping ~*~*~tactically~*~*~ (outnumbered).
 18542 | D:6      | 18542 ||| Stepping ~*~*~tactically~*~*~ (outnumbered).
 18544 | D:6      | 18544 ||| Stepping ~*~*~tactically~*~*~ (outnumbered).
 18546 | D:6      | 18546 ||| Stepping ~*~*~tactically~*~*~ (outnumbered).
 18548 | D:6      | 18548 ||| Stepping ~*~*~tactically~*~*~ (outnumbered).
 18550 | D:6      | 18550 ||| Stepping ~*~*~tactically~*~*~ (outnumbered).
 18562 | D:6      | 18562 ||| Stepping ~*~*~tactically~*~*~ (outnumbered).
 18564 | D:6      | 18564 ||| Stepping ~*~*~tactically~*~*~ (outnumbered).
 18566 | D:6      | 18566 ||| Stepping ~*~*~tactically~*~*~ (outnumbered).
 18568 | D:6      | 18568 ||| Stepping ~*~*~tactically~*~*~ (outnumbered).
 18570 | D:6      | 18570 ||| Stepping ~*~*~tactically~*~*~ (outnumbered).
 18582 | D:6      | 18582 ||| Stepping ~*~*~tactically~*~*~ (outnumbered).
 18584 | D:6      | 18584 ||| Stepping ~*~*~tactically~*~*~ (outnumbered).
 18586 | D:6      | 18586 ||| Stepping ~*~*~tactically~*~*~ (outnumbered).
 18588 | D:6      | 18588 ||| Stepping ~*~*~tactically~*~*~ (outnumbered).
 18590 | D:6      | 18590 ||| Stepping ~*~*~tactically~*~*~ (outnumbered).
 18602 | D:6      | 18602 ||| Stepping ~*~*~tactically~*~*~ (outnumbered).
 18604 | D:6      | 18604 ||| Stepping ~*~*~tactically~*~*~ (outnumbered).
 18606 | D:6      | 18606 ||| Stepping ~*~*~tactically~*~*~ (outnumbered).
 18608 | D:6      | 18608 ||| Stepping ~*~*~tactically~*~*~ (outnumbered).
 18610 | D:6      | 18610 ||| Stepping ~*~*~tactically~*~*~ (outnumbered).
 18622 | D:6      | 18622 ||| Stepping ~*~*~tactically~*~*~ (outnumbered).
 18624 | D:6      | 18624 ||| Stepping ~*~*~tactically~*~*~ (outnumbered).
 18626 | D:6      | 18626 ||| Stepping ~*~*~tactically~*~*~ (outnumbered).
 18628 | D:6      | 18628 ||| Stepping ~*~*~tactically~*~*~ (outnumbered).
 18630 | D:6      | 18630 ||| Stepping ~*~*~tactically~*~*~ (outnumbered).
 18642 | D:6      | 18642 ||| Stepping ~*~*~tactically~*~*~ (outnumbered).
 18644 | D:6      | 18644 ||| Stepping ~*~*~tactically~*~*~ (outnumbered).
 18646 | D:6      | 18646 ||| Stepping ~*~*~tactically~*~*~ (outnumbered).
 18648 | D:6      | 18648 ||| Stepping ~*~*~tactically~*~*~ (outnumbered).
 18650 | D:6      | 18650 ||| Stepping ~*~*~tactically~*~*~ (outnumbered).
 18662 | D:6      | 18662 ||| Stepping ~*~*~tactically~*~*~ (outnumbered).
 18664 | D:6      | 18664 ||| Stepping ~*~*~tactically~*~*~ (outnumbered).
 18666 | D:6      | 18666 ||| Stepping ~*~*~tactically~*~*~ (outnumbered).
 18668 | D:6      | 18668 ||| Stepping ~*~*~tactically~*~*~ (outnumbered).
 18670 | D:6      | 18670 ||| Stepping ~*~*~tactically~*~*~ (outnumbered).
 18682 | D:6      | 18682 ||| Stepping ~*~*~tactically~*~*~ (outnumbered).
 18684 | D:6      | 18684 ||| Stepping ~*~*~tactically~*~*~ (outnumbered).
 18686 | D:6      | 18686 ||| Stepping ~*~*~tactically~*~*~ (outnumbered).
 18688 | D:6      | 18688 ||| Stepping ~*~*~tactically~*~*~ (outnumbered).
 18690 | D:6      | 18690 ||| Stepping ~*~*~tactically~*~*~ (outnumbered).
 18702 | D:6      | 18702 ||| Stepping ~*~*~tactically~*~*~ (outnumbered).
 18704 | D:6      | 18704 ||| Stepping ~*~*~tactically~*~*~ (outnumbered).
 18706 | D:6      | 18706 ||| Stepping ~*~*~tactically~*~*~ (outnumbered).
 18708 | D:6      | 18708 ||| Stepping ~*~*~tactically~*~*~ (outnumbered).
 18710 | D:6      | 18710 ||| Stepping ~*~*~tactically~*~*~ (outnumbered).
 18722 | D:6      | 18722 ||| Stepping ~*~*~tactically~*~*~ (outnumbered).
 18724 | D:6      | 18724 ||| Stepping ~*~*~tactically~*~*~ (outnumbered).
 18726 | D:6      | 18726 ||| Stepping ~*~*~tactically~*~*~ (outnumbered).
 18728 | D:6      | 18728 ||| Stepping ~*~*~tactically~*~*~ (outnumbered).
 18730 | D:6      | 18730 ||| Stepping ~*~*~tactically~*~*~ (outnumbered).
 18742 | D:6      | 18742 ||| Stepping ~*~*~tactically~*~*~ (outnumbered).
 18744 | D:6      | 18744 ||| Stepping ~*~*~tactically~*~*~ (outnumbered).
 18746 | D:6      | 18746 ||| Stepping ~*~*~tactically~*~*~ (outnumbered).
 18748 | D:6      | 18748 ||| Stepping ~*~*~tactically~*~*~ (outnumbered).
 18750 | D:6      | 18750 ||| Stepping ~*~*~tactically~*~*~ (outnumbered).
 18762 | D:6      | 18762 ||| Stepping ~*~*~tactically~*~*~ (outnumbered).
 18764 | D:6      | 18764 ||| Stepping ~*~*~tactically~*~*~ (outnumbered).
 18766 | D:6      | 18766 ||| Stepping ~*~*~tactically~*~*~ (outnumbered).
 18768 | D:6      | 18768 ||| Stepping ~*~*~tactically~*~*~ (outnumbered).
 18770 | D:6      | 18770 ||| Stepping ~*~*~tactically~*~*~ (outnumbered).
 18782 | D:6      | 18782 ||| Stepping ~*~*~tactically~*~*~ (outnumbered).
 18784 | D:6      | 18784 ||| Stepping ~*~*~tactically~*~*~ (outnumbered).
 18786 | D:6      | 18786 ||| Stepping ~*~*~tactically~*~*~ (outnumbered).
 18788 | D:6      | 18788 ||| Stepping ~*~*~tactically~*~*~ (outnumbered).
 18790 | D:6      | 18790 ||| Stepping ~*~*~tactically~*~*~ (outnumbered).
 18802 | D:6      | 18802 ||| Stepping ~*~*~tactically~*~*~ (outnumbered).
 18804 | D:6      | 18804 ||| Stepping ~*~*~tactically~*~*~ (outnumbered).
 18806 | D:6      | 18806 ||| Stepping ~*~*~tactically~*~*~ (outnumbered).
 18808 | D:6      | 18808 ||| Stepping ~*~*~tactically~*~*~ (outnumbered).
 18810 | D:6      | 18810 ||| Stepping ~*~*~tactically~*~*~ (outnumbered).
 18822 | D:6      | 18822 ||| Stepping ~*~*~tactically~*~*~ (outnumbered).
 18824 | D:6      | 18824 ||| Stepping ~*~*~tactically~*~*~ (outnumbered).
 18826 | D:6      | 18826 ||| Stepping ~*~*~tactically~*~*~ (outnumbered).
 18828 | D:6      | 18828 ||| Stepping ~*~*~tactically~*~*~ (outnumbered).
 18830 | D:6      | 18830 ||| Stepping ~*~*~tactically~*~*~ (outnumbered).
 18842 | D:6      | 18842 ||| Stepping ~*~*~tactically~*~*~ (outnumbered).
 18844 | D:6      | 18844 ||| Stepping ~*~*~tactically~*~*~ (outnumbered).
 18846 | D:6      | 18846 ||| Stepping ~*~*~tactically~*~*~ (outnumbered).
 18848 | D:6      | 18848 ||| Stepping ~*~*~tactically~*~*~ (outnumbered).
 18850 | D:6      | 18850 ||| Stepping ~*~*~tactically~*~*~ (outnumbered).
 18862 | D:6      | 18862 ||| Stepping ~*~*~tactically~*~*~ (outnumbered).
 18864 | D:6      | 18864 ||| Stepping ~*~*~tactically~*~*~ (outnumbered).
 18866 | D:6      | 18866 ||| Stepping ~*~*~tactically~*~*~ (outnumbered).
 18868 | D:6      | 18868 ||| Stepping ~*~*~tactically~*~*~ (outnumbered).
 18870 | D:6      | 18870 ||| Stepping ~*~*~tactically~*~*~ (outnumbered).
 18882 | D:6      | 18882 ||| Stepping ~*~*~tactically~*~*~ (outnumbered).
 18884 | D:6      | 18884 ||| Stepping ~*~*~tactically~*~*~ (outnumbered).
 18886 | D:6      | 18886 ||| Stepping ~*~*~tactically~*~*~ (outnumbered).
 18888 | D:6      | 18888 ||| Stepping ~*~*~tactically~*~*~ (outnumbered).
 18890 | D:6      | 18890 ||| Stepping ~*~*~tactically~*~*~ (outnumbered).
 18902 | D:6      | 18902 ||| Stepping ~*~*~tactically~*~*~ (outnumbered).
 18904 | D:6      | 18904 ||| Stepping ~*~*~tactically~*~*~ (outnumbered).
 18906 | D:6      | 18906 ||| Stepping ~*~*~tactically~*~*~ (outnumbered).
 18908 | D:6      | 18908 ||| Stepping ~*~*~tactically~*~*~ (outnumbered).
 18910 | D:6      | 18910 ||| Stepping ~*~*~tactically~*~*~ (outnumbered).
 18922 | D:6      | 18922 ||| Stepping ~*~*~tactically~*~*~ (outnumbered).
 18924 | D:6      | 18924 ||| Stepping ~*~*~tactically~*~*~ (outnumbered).
 18926 | D:6      | 18926 ||| Stepping ~*~*~tactically~*~*~ (outnumbered).
 18928 | D:6      | 18928 ||| Stepping ~*~*~tactically~*~*~ (outnumbered).
 18930 | D:6      | 18930 ||| Stepping ~*~*~tactically~*~*~ (outnumbered).
 18942 | D:6      | 18942 ||| Stepping ~*~*~tactically~*~*~ (outnumbered).
 18944 | D:6      | 18944 ||| Stepping ~*~*~tactically~*~*~ (outnumbered).
 18946 | D:6      | 18946 ||| Stepping ~*~*~tactically~*~*~ (outnumbered).
 18948 | D:6      | 18948 ||| Stepping ~*~*~tactically~*~*~ (outnumbered).
 18950 | D:6      | 18950 ||| Stepping ~*~*~tactically~*~*~ (outnumbered).
 18962 | D:6      | 18962 ||| Stepping ~*~*~tactically~*~*~ (outnumbered).
 18964 | D:6      | 18964 ||| Stepping ~*~*~tactically~*~*~ (outnumbered).
 18966 | D:6      | 18966 ||| Stepping ~*~*~tactically~*~*~ (outnumbered).
 18968 | D:6      | 18968 ||| Stepping ~*~*~tactically~*~*~ (outnumbered).
 18970 | D:6      | 18970 ||| Stepping ~*~*~tactically~*~*~ (outnumbered).
 18982 | D:6      | 18982 ||| Stepping ~*~*~tactically~*~*~ (outnumbered).
 18984 | D:6      | 18984 ||| Stepping ~*~*~tactically~*~*~ (outnumbered).
 18986 | D:6      | 18986 ||| Stepping ~*~*~tactically~*~*~ (outnumbered).
 18988 | D:6      | 18988 ||| Stepping ~*~*~tactically~*~*~ (outnumbered).
 18990 | D:6      | 18990 ||| Stepping ~*~*~tactically~*~*~ (outnumbered).
 19002 | D:6      | 19002 ||| Stepping ~*~*~tactically~*~*~ (outnumbered).
 19004 | D:6      | 19004 ||| Stepping ~*~*~tactically~*~*~ (outnumbered).
 19006 | D:6      | 19006 ||| Stepping ~*~*~tactically~*~*~ (outnumbered).
 19008 | D:6      | 19008 ||| Stepping ~*~*~tactically~*~*~ (outnumbered).
 19010 | D:6      | 19010 ||| Stepping ~*~*~tactically~*~*~ (outnumbered).
 19022 | D:6      | 19022 ||| Stepping ~*~*~tactically~*~*~ (outnumbered).
 19024 | D:6      | 19024 ||| Stepping ~*~*~tactically~*~*~ (outnumbered).
 19026 | D:6      | 19026 ||| Stepping ~*~*~tactically~*~*~ (outnumbered).
 19028 | D:6      | 19028 ||| Stepping ~*~*~tactically~*~*~ (outnumbered).
 19030 | D:6      | 19030 ||| Stepping ~*~*~tactically~*~*~ (outnumbered).
 19042 | D:6      | 19042 ||| Stepping ~*~*~tactically~*~*~ (outnumbered).
 19044 | D:6      | 19044 ||| Stepping ~*~*~tactically~*~*~ (outnumbered).
 19046 | D:6      | 19046 ||| Stepping ~*~*~tactically~*~*~ (outnumbered).
 19048 | D:6      | 19048 ||| Stepping ~*~*~tactically~*~*~ (outnumbered).
 19050 | D:6      | 19050 ||| Stepping ~*~*~tactically~*~*~ (outnumbered).
 19062 | D:6      | 19062 ||| Stepping ~*~*~tactically~*~*~ (outnumbered).
 19064 | D:6      | 19064 ||| Stepping ~*~*~tactically~*~*~ (outnumbered).
 19066 | D:6      | 19066 ||| Stepping ~*~*~tactically~*~*~ (outnumbered).
 19068 | D:6      | 19068 ||| Stepping ~*~*~tactically~*~*~ (outnumbered).
 19070 | D:6      | 19070 ||| Stepping ~*~*~tactically~*~*~ (outnumbered).
 19082 | D:6      | 19082 ||| Stepping ~*~*~tactically~*~*~ (outnumbered).
 19084 | D:6      | 19084 ||| Stepping ~*~*~tactically~*~*~ (outnumbered).
 19086 | D:6      | 19086 ||| Stepping ~*~*~tactically~*~*~ (outnumbered).
 19088 | D:6      | 19088 ||| Stepping ~*~*~tactically~*~*~ (outnumbered).
 19090 | D:6      | 19090 ||| Stepping ~*~*~tactically~*~*~ (outnumbered).
 19102 | D:6      | 19102 ||| Stepping ~*~*~tactically~*~*~ (outnumbered).
 19104 | D:6      | 19104 ||| Stepping ~*~*~tactically~*~*~ (outnumbered).
 19106 | D:6      | 19106 ||| Stepping ~*~*~tactically~*~*~ (outnumbered).
 19108 | D:6      | 19108 ||| Stepping ~*~*~tactically~*~*~ (outnumbered).
 19110 | D:6      | 19110 ||| Stepping ~*~*~tactically~*~*~ (outnumbered).
 19122 | D:6      | 19122 ||| Stepping ~*~*~tactically~*~*~ (outnumbered).
 19124 | D:6      | 19124 ||| Stepping ~*~*~tactically~*~*~ (outnumbered).
 19126 | D:6      | 19126 ||| Stepping ~*~*~tactically~*~*~ (outnumbered).
 19128 | D:6      | 19128 ||| Stepping ~*~*~tactically~*~*~ (outnumbered).
 19130 | D:6      | 19130 ||| Stepping ~*~*~tactically~*~*~ (outnumbered).
 19142 | D:6      | 19142 ||| Stepping ~*~*~tactically~*~*~ (outnumbered).
 19144 | D:6      | 19144 ||| Stepping ~*~*~tactically~*~*~ (outnumbered).
 19146 | D:6      | 19146 ||| Stepping ~*~*~tactically~*~*~ (outnumbered).
 19148 | D:6      | 19148 ||| Stepping ~*~*~tactically~*~*~ (outnumbered).
 19150 | D:6      | 19150 ||| Stepping ~*~*~tactically~*~*~ (outnumbered).
 19162 | D:6      | 19162 ||| Stepping ~*~*~tactically~*~*~ (outnumbered).
 19164 | D:6      | 19164 ||| Stepping ~*~*~tactically~*~*~ (outnumbered).
 19166 | D:6      | 19166 ||| Stepping ~*~*~tactically~*~*~ (outnumbered).
 19168 | D:6      | 19168 ||| Stepping ~*~*~tactically~*~*~ (outnumbered).
 19170 | D:6      | 19170 ||| Stepping ~*~*~tactically~*~*~ (outnumbered).
 19182 | D:6      | 19182 ||| Stepping ~*~*~tactically~*~*~ (outnumbered).
 19184 | D:6      | 19184 ||| Stepping ~*~*~tactically~*~*~ (outnumbered).
 19186 | D:6      | 19186 ||| Stepping ~*~*~tactically~*~*~ (outnumbered).
 19188 | D:6      | 19188 ||| Stepping ~*~*~tactically~*~*~ (outnumbered).
 19190 | D:6      | 19190 ||| Stepping ~*~*~tactically~*~*~ (outnumbered).
 19202 | D:6      | 19202 ||| Stepping ~*~*~tactically~*~*~ (outnumbered).
 19204 | D:6      | 19204 ||| Stepping ~*~*~tactically~*~*~ (outnumbered).
 19206 | D:6      | 19206 ||| Stepping ~*~*~tactically~*~*~ (outnumbered).
 19208 | D:6      | 19208 ||| Stepping ~*~*~tactically~*~*~ (outnumbered).
 19210 | D:6      | 19210 ||| Stepping ~*~*~tactically~*~*~ (outnumbered).
 19222 | D:6      | 19222 ||| Stepping ~*~*~tactically~*~*~ (outnumbered).
 19224 | D:6      | 19224 ||| Stepping ~*~*~tactically~*~*~ (outnumbered).
 19226 | D:6      | 19226 ||| Stepping ~*~*~tactically~*~*~ (outnumbered).
 19228 | D:6      | 19228 ||| Stepping ~*~*~tactically~*~*~ (outnumbered).
 19230 | D:6      | 19230 ||| Stepping ~*~*~tactically~*~*~ (outnumbered).
 19242 | D:6      | 19242 ||| Stepping ~*~*~tactically~*~*~ (outnumbered).
 19244 | D:6      | 19244 ||| Stepping ~*~*~tactically~*~*~ (outnumbered).
 19246 | D:6      | 19246 ||| Stepping ~*~*~tactically~*~*~ (outnumbered).
 19248 | D:6      | 19248 ||| Stepping ~*~*~tactically~*~*~ (outnumbered).
 19250 | D:6      | 19250 ||| Stepping ~*~*~tactically~*~*~ (outnumbered).
 19262 | D:6      | 19262 ||| Stepping ~*~*~tactically~*~*~ (outnumbered).
 19264 | D:6      | 19264 ||| Stepping ~*~*~tactically~*~*~ (outnumbered).
 19266 | D:6      | 19266 ||| Stepping ~*~*~tactically~*~*~ (outnumbered).
 19268 | D:6      | 19268 ||| Stepping ~*~*~tactically~*~*~ (outnumbered).
 19270 | D:6      | 19270 ||| Stepping ~*~*~tactically~*~*~ (outnumbered).
 19282 | D:6      | 19282 ||| Stepping ~*~*~tactically~*~*~ (outnumbered).
 19284 | D:6      | 19284 ||| Stepping ~*~*~tactically~*~*~ (outnumbered).
 19286 | D:6      | 19286 ||| Stepping ~*~*~tactically~*~*~ (outnumbered).
 19288 | D:6      | 19288 ||| Stepping ~*~*~tactically~*~*~ (outnumbered).
 19290 | D:6      | 19290 ||| Stepping ~*~*~tactically~*~*~ (outnumbered).
 19302 | D:6      | 19302 ||| Stepping ~*~*~tactically~*~*~ (outnumbered).
 19304 | D:6      | 19304 ||| Stepping ~*~*~tactically~*~*~ (outnumbered).
 19306 | D:6      | 19306 ||| Stepping ~*~*~tactically~*~*~ (outnumbered).
 19308 | D:6      | 19308 ||| Stepping ~*~*~tactically~*~*~ (outnumbered).
 19310 | D:6      | 19310 ||| Stepping ~*~*~tactically~*~*~ (outnumbered).
 19322 | D:6      | 19322 ||| Stepping ~*~*~tactically~*~*~ (outnumbered).
 19324 | D:6      | 19324 ||| Stepping ~*~*~tactically~*~*~ (outnumbered).
 19326 | D:6      | 19326 ||| Stepping ~*~*~tactically~*~*~ (outnumbered).
 19328 | D:6      | 19328 ||| Stepping ~*~*~tactically~*~*~ (outnumbered).
 19330 | D:6      | 19330 ||| Stepping ~*~*~tactically~*~*~ (outnumbered).
 19342 | D:6      | 19342 ||| Stepping ~*~*~tactically~*~*~ (outnumbered).
 19344 | D:6      | 19344 ||| Stepping ~*~*~tactically~*~*~ (outnumbered).
 19346 | D:6      | 19346 ||| Stepping ~*~*~tactically~*~*~ (outnumbered).
 19348 | D:6      | 19348 ||| Stepping ~*~*~tactically~*~*~ (outnumbered).
 19350 | D:6      | 19350 ||| Stepping ~*~*~tactically~*~*~ (outnumbered).
 19362 | D:6      | 19362 ||| Stepping ~*~*~tactically~*~*~ (outnumbered).
 19364 | D:6      | 19364 ||| Stepping ~*~*~tactically~*~*~ (outnumbered).
 19366 | D:6      | 19366 ||| Stepping ~*~*~tactically~*~*~ (outnumbered).
 19368 | D:6      | 19368 ||| Stepping ~*~*~tactically~*~*~ (outnumbered).
 19370 | D:6      | 19370 ||| Stepping ~*~*~tactically~*~*~ (outnumbered).
 19382 | D:6      | 19382 ||| Stepping ~*~*~tactically~*~*~ (outnumbered).
 19384 | D:6      | 19384 ||| Stepping ~*~*~tactically~*~*~ (outnumbered).
 19386 | D:6      | 19386 ||| Stepping ~*~*~tactically~*~*~ (outnumbered).
 19388 | D:6      | 19388 ||| Stepping ~*~*~tactically~*~*~ (outnumbered).
 19390 | D:6      | 19390 ||| Stepping ~*~*~tactically~*~*~ (outnumbered).
 19402 | D:6      | 19402 ||| Stepping ~*~*~tactically~*~*~ (outnumbered).
 19404 | D:6      | 19404 ||| Stepping ~*~*~tactically~*~*~ (outnumbered).
 19406 | D:6      | 19406 ||| Stepping ~*~*~tactically~*~*~ (outnumbered).
 19408 | D:6      | 19408 ||| Stepping ~*~*~tactically~*~*~ (outnumbered).
 19410 | D:6      | 19410 ||| Stepping ~*~*~tactically~*~*~ (outnumbered).
 19422 | D:6      | 19422 ||| Stepping ~*~*~tactically~*~*~ (outnumbered).
 19424 | D:6      | 19424 ||| Stepping ~*~*~tactically~*~*~ (outnumbered).
 19426 | D:6      | 19426 ||| Stepping ~*~*~tactically~*~*~ (outnumbered).
 19428 | D:6      | 19428 ||| Stepping ~*~*~tactically~*~*~ (outnumbered).
 19430 | D:6      | 19430 ||| Stepping ~*~*~tactically~*~*~ (outnumbered).
 19442 | D:6      | 19442 ||| Stepping ~*~*~tactically~*~*~ (outnumbered).
 19444 | D:6      | 19444 ||| Stepping ~*~*~tactically~*~*~ (outnumbered).
 19446 | D:6      | 19446 ||| Stepping ~*~*~tactically~*~*~ (outnumbered).
 19448 | D:6      | 19448 ||| Stepping ~*~*~tactically~*~*~ (outnumbered).
 19450 | D:6      | 19450 ||| Stepping ~*~*~tactically~*~*~ (outnumbered).
 19462 | D:6      | 19462 ||| Stepping ~*~*~tactically~*~*~ (outnumbered).
 19464 | D:6      | 19464 ||| Stepping ~*~*~tactically~*~*~ (outnumbered).
 19466 | D:6      | 19466 ||| Stepping ~*~*~tactically~*~*~ (outnumbered).
 19468 | D:6      | 19468 ||| Stepping ~*~*~tactically~*~*~ (outnumbered).
 19470 | D:6      | 19470 ||| Stepping ~*~*~tactically~*~*~ (outnumbered).
 19482 | D:6      | 19482 ||| Stepping ~*~*~tactically~*~*~ (outnumbered).
 19484 | D:6      | 19484 ||| Stepping ~*~*~tactically~*~*~ (outnumbered).
 19486 | D:6      | 19486 ||| Stepping ~*~*~tactically~*~*~ (outnumbered).
 19488 | D:6      | 19488 ||| Stepping ~*~*~tactically~*~*~ (outnumbered).
 19490 | D:6      | 19490 ||| Stepping ~*~*~tactically~*~*~ (outnumbered).
 19502 | D:6      | 19502 ||| Stepping ~*~*~tactically~*~*~ (outnumbered).
 19504 | D:6      | 19504 ||| Stepping ~*~*~tactically~*~*~ (outnumbered).
 19506 | D:6      | 19506 ||| Stepping ~*~*~tactically~*~*~ (outnumbered).
 19508 | D:6      | 19508 ||| Stepping ~*~*~tactically~*~*~ (outnumbered).
 19510 | D:6      | 19510 ||| Stepping ~*~*~tactically~*~*~ (outnumbered).
 19522 | D:6      | 19522 ||| Stepping ~*~*~tactically~*~*~ (outnumbered).
 19524 | D:6      | 19524 ||| Stepping ~*~*~tactically~*~*~ (outnumbered).
 19526 | D:6      | 19526 ||| Stepping ~*~*~tactically~*~*~ (outnumbered).
 19528 | D:6      | 19528 ||| Stepping ~*~*~tactically~*~*~ (outnumbered).
 19530 | D:6      | 19530 ||| Stepping ~*~*~tactically~*~*~ (outnumbered).
 19542 | D:6      | 19542 ||| Stepping ~*~*~tactically~*~*~ (outnumbered).
 19544 | D:6      | 19544 ||| Stepping ~*~*~tactically~*~*~ (outnumbered).
 19546 | D:6      | 19546 ||| Stepping ~*~*~tactically~*~*~ (outnumbered).
 19548 | D:6      | 19548 ||| Stepping ~*~*~tactically~*~*~ (outnumbered).
 19550 | D:6      | 19550 ||| Stepping ~*~*~tactically~*~*~ (outnumbered).
 19562 | D:6      | 19562 ||| Stepping ~*~*~tactically~*~*~ (outnumbered).
 19564 | D:6      | 19564 ||| Stepping ~*~*~tactically~*~*~ (outnumbered).
 19566 | D:6      | 19566 ||| Stepping ~*~*~tactically~*~*~ (outnumbered).
 19568 | D:6      | 19568 ||| Stepping ~*~*~tactically~*~*~ (outnumbered).
 19570 | D:6      | 19570 ||| Stepping ~*~*~tactically~*~*~ (outnumbered).
 19582 | D:6      | 19582 ||| Stepping ~*~*~tactically~*~*~ (outnumbered).
 19584 | D:6      | 19584 ||| Stepping ~*~*~tactically~*~*~ (outnumbered).
 19586 | D:6      | 19586 ||| Stepping ~*~*~tactically~*~*~ (outnumbered).
 19588 | D:6      | 19588 ||| Stepping ~*~*~tactically~*~*~ (outnumbered).
 19590 | D:6      | 19590 ||| Stepping ~*~*~tactically~*~*~ (outnumbered).
 19602 | D:6      | 19602 ||| Stepping ~*~*~tactically~*~*~ (outnumbered).
 19604 | D:6      | 19604 ||| Stepping ~*~*~tactically~*~*~ (outnumbered).
 19606 | D:6      | 19606 ||| Stepping ~*~*~tactically~*~*~ (outnumbered).
 19608 | D:6      | 19608 ||| Stepping ~*~*~tactically~*~*~ (outnumbered).
 19610 | D:6      | 19610 ||| Stepping ~*~*~tactically~*~*~ (outnumbered).
 19622 | D:6      | 19622 ||| Stepping ~*~*~tactically~*~*~ (outnumbered).
 19624 | D:6      | 19624 ||| Stepping ~*~*~tactically~*~*~ (outnumbered).
 19626 | D:6      | 19626 ||| Stepping ~*~*~tactically~*~*~ (outnumbered).
 19628 | D:6      | 19628 ||| Stepping ~*~*~tactically~*~*~ (outnumbered).
 19630 | D:6      | 19630 ||| Stepping ~*~*~tactically~*~*~ (outnumbered).
 19642 | D:6      | 19642 ||| Stepping ~*~*~tactically~*~*~ (outnumbered).
 19644 | D:6      | 19644 ||| Stepping ~*~*~tactically~*~*~ (outnumbered).
 19646 | D:6      | 19646 ||| Stepping ~*~*~tactically~*~*~ (outnumbered).
 19648 | D:6      | 19648 ||| Stepping ~*~*~tactically~*~*~ (outnumbered).
 19650 | D:6      | 19650 ||| Stepping ~*~*~tactically~*~*~ (outnumbered).
 19662 | D:6      | 19662 ||| Stepping ~*~*~tactically~*~*~ (outnumbered).
 19664 | D:6      | 19664 ||| Stepping ~*~*~tactically~*~*~ (outnumbered).
 19666 | D:6      | 19666 ||| Stepping ~*~*~tactically~*~*~ (outnumbered).
 19668 | D:6      | 19668 ||| Stepping ~*~*~tactically~*~*~ (outnumbered).
 19670 | D:6      | 19670 ||| Stepping ~*~*~tactically~*~*~ (outnumbered).
 19682 | D:6      | 19682 ||| Stepping ~*~*~tactically~*~*~ (outnumbered).
 19684 | D:6      | 19684 ||| Stepping ~*~*~tactically~*~*~ (outnumbered).
 19686 | D:6      | 19686 ||| Stepping ~*~*~tactically~*~*~ (outnumbered).
 19688 | D:6      | 19688 ||| Stepping ~*~*~tactically~*~*~ (outnumbered).
 19690 | D:6      | 19690 ||| Stepping ~*~*~tactically~*~*~ (outnumbered).
 19702 | D:6      | 19702 ||| Stepping ~*~*~tactically~*~*~ (outnumbered).
 19704 | D:6      | 19704 ||| Stepping ~*~*~tactically~*~*~ (outnumbered).
 19706 | D:6      | 19706 ||| Stepping ~*~*~tactically~*~*~ (outnumbered).
 19708 | D:6      | 19708 ||| Stepping ~*~*~tactically~*~*~ (outnumbered).
 19710 | D:6      | 19710 ||| Stepping ~*~*~tactically~*~*~ (outnumbered).
 19722 | D:6      | 19722 ||| Stepping ~*~*~tactically~*~*~ (outnumbered).
 19724 | D:6      | 19724 ||| Stepping ~*~*~tactically~*~*~ (outnumbered).
 19726 | D:6      | 19726 ||| Stepping ~*~*~tactically~*~*~ (outnumbered).
 19728 | D:6      | 19728 ||| Stepping ~*~*~tactically~*~*~ (outnumbered).
 19730 | D:6      | 19730 ||| Stepping ~*~*~tactically~*~*~ (outnumbered).
 19742 | D:6      | 19742 ||| Stepping ~*~*~tactically~*~*~ (outnumbered).
 19744 | D:6      | 19744 ||| Stepping ~*~*~tactically~*~*~ (outnumbered).
 19746 | D:6      | 19746 ||| Stepping ~*~*~tactically~*~*~ (outnumbered).
 19748 | D:6      | 19748 ||| Stepping ~*~*~tactically~*~*~ (outnumbered).
 19750 | D:6      | 19750 ||| Stepping ~*~*~tactically~*~*~ (outnumbered).
 19762 | D:6      | 19762 ||| Stepping ~*~*~tactically~*~*~ (outnumbered).
 19764 | D:6      | 19764 ||| Stepping ~*~*~tactically~*~*~ (outnumbered).
 19766 | D:6      | 19766 ||| Stepping ~*~*~tactically~*~*~ (outnumbered).
 19768 | D:6      | 19768 ||| Stepping ~*~*~tactically~*~*~ (outnumbered).
 19770 | D:6      | 19770 ||| Stepping ~*~*~tactically~*~*~ (outnumbered).
 19782 | D:6      | 19782 ||| Stepping ~*~*~tactically~*~*~ (outnumbered).
 19784 | D:6      | 19784 ||| Stepping ~*~*~tactically~*~*~ (outnumbered).
 19786 | D:6      | 19786 ||| Stepping ~*~*~tactically~*~*~ (outnumbered).
 19788 | D:6      | 19788 ||| Stepping ~*~*~tactically~*~*~ (outnumbered).
 19790 | D:6      | 19790 ||| Stepping ~*~*~tactically~*~*~ (outnumbered).
 19802 | D:6      | 19802 ||| Stepping ~*~*~tactically~*~*~ (outnumbered).
 19804 | D:6      | 19804 ||| Stepping ~*~*~tactically~*~*~ (outnumbered).
 19806 | D:6      | 19806 ||| Stepping ~*~*~tactically~*~*~ (outnumbered).
 19808 | D:6      | 19808 ||| Stepping ~*~*~tactically~*~*~ (outnumbered).
 19810 | D:6      | 19810 ||| Stepping ~*~*~tactically~*~*~ (outnumbered).
 19822 | D:6      | 19822 ||| Stepping ~*~*~tactically~*~*~ (outnumbered).
 19824 | D:6      | 19824 ||| Stepping ~*~*~tactically~*~*~ (outnumbered).
 19826 | D:6      | 19826 ||| Stepping ~*~*~tactically~*~*~ (outnumbered).
 19828 | D:6      | 19828 ||| Stepping ~*~*~tactically~*~*~ (outnumbered).
 19830 | D:6      | 19830 ||| Stepping ~*~*~tactically~*~*~ (outnumbered).
 19842 | D:6      | 19842 ||| Stepping ~*~*~tactically~*~*~ (outnumbered).
 19844 | D:6      | 19844 ||| Stepping ~*~*~tactically~*~*~ (outnumbered).
 19846 | D:6      | 19846 ||| Stepping ~*~*~tactically~*~*~ (outnumbered).
 19848 | D:6      | 19848 ||| Stepping ~*~*~tactically~*~*~ (outnumbered).
 19850 | D:6      | 19850 ||| Stepping ~*~*~tactically~*~*~ (outnumbered).
 19862 | D:6      | 19862 ||| Stepping ~*~*~tactically~*~*~ (outnumbered).
 19864 | D:6      | 19864 ||| Stepping ~*~*~tactically~*~*~ (outnumbered).
 19866 | D:6      | 19866 ||| Stepping ~*~*~tactically~*~*~ (outnumbered).
 19868 | D:6      | 19868 ||| Stepping ~*~*~tactically~*~*~ (outnumbered).
 19870 | D:6      | 19870 ||| Stepping ~*~*~tactically~*~*~ (outnumbered).
 19882 | D:6      | 19882 ||| Stepping ~*~*~tactically~*~*~ (outnumbered).
 19884 | D:6      | 19884 ||| Stepping ~*~*~tactically~*~*~ (outnumbered).
 19886 | D:6      | 19886 ||| Stepping ~*~*~tactically~*~*~ (outnumbered).
 19888 | D:6      | 19888 ||| Stepping ~*~*~tactically~*~*~ (outnumbered).
 19890 | D:6      | 19890 ||| Stepping ~*~*~tactically~*~*~ (outnumbered).
 19902 | D:6      | 19902 ||| Stepping ~*~*~tactically~*~*~ (outnumbered).
 19904 | D:6      | 19904 ||| Stepping ~*~*~tactically~*~*~ (outnumbered).
 19906 | D:6      | 19906 ||| Stepping ~*~*~tactically~*~*~ (outnumbered).
 19908 | D:6      | 19908 ||| Stepping ~*~*~tactically~*~*~ (outnumbered).
 19910 | D:6      | 19910 ||| Stepping ~*~*~tactically~*~*~ (outnumbered).
 19922 | D:6      | 19922 ||| Stepping ~*~*~tactically~*~*~ (outnumbered).
 19924 | D:6      | 19924 ||| Stepping ~*~*~tactically~*~*~ (outnumbered).
 19926 | D:6      | 19926 ||| Stepping ~*~*~tactically~*~*~ (outnumbered).
 19928 | D:6      | 19928 ||| Stepping ~*~*~tactically~*~*~ (outnumbered).
 19930 | D:6      | 19930 ||| Stepping ~*~*~tactically~*~*~ (outnumbered).
 19942 | D:6      | 19942 ||| Stepping ~*~*~tactically~*~*~ (outnumbered).
 19944 | D:6      | 19944 ||| Stepping ~*~*~tactically~*~*~ (outnumbered).
 19946 | D:6      | 19946 ||| Stepping ~*~*~tactically~*~*~ (outnumbered).
 19948 | D:6      | 19948 ||| Stepping ~*~*~tactically~*~*~ (outnumbered).
 19950 | D:6      | 19950 ||| Stepping ~*~*~tactically~*~*~ (outnumbered).
 19962 | D:6      | 19962 ||| Stepping ~*~*~tactically~*~*~ (outnumbered).
 19964 | D:6      | 19964 ||| Stepping ~*~*~tactically~*~*~ (outnumbered).
 19966 | D:6      | 19966 ||| Stepping ~*~*~tactically~*~*~ (outnumbered).
 19968 | D:6      | 19968 ||| Stepping ~*~*~tactically~*~*~ (outnumbered).
 19970 | D:6      | 19970 ||| Stepping ~*~*~tactically~*~*~ (outnumbered).
 19982 | D:6      | 19982 ||| Stepping ~*~*~tactically~*~*~ (outnumbered).
 19984 | D:6      | 19984 ||| Stepping ~*~*~tactically~*~*~ (outnumbered).
 19986 | D:6      | 19986 ||| Stepping ~*~*~tactically~*~*~ (outnumbered).
 19988 | D:6      | 19988 ||| Stepping ~*~*~tactically~*~*~ (outnumbered).
 19990 | D:6      | 19990 ||| Stepping ~*~*~tactically~*~*~ (outnumbered).
 20002 | D:6      | 20002 ||| Stepping ~*~*~tactically~*~*~ (outnumbered).
 20004 | D:6      | 20004 ||| Stepping ~*~*~tactically~*~*~ (outnumbered).
 20006 | D:6      | 20006 ||| Stepping ~*~*~tactically~*~*~ (outnumbered).
 20008 | D:6      | 20008 ||| Stepping ~*~*~tactically~*~*~ (outnumbered).
 20010 | D:6      | 20010 ||| Stepping ~*~*~tactically~*~*~ (outnumbered).
 20022 | D:6      | 20022 ||| Stepping ~*~*~tactically~*~*~ (outnumbered).
 20024 | D:6      | 20024 ||| Stepping ~*~*~tactically~*~*~ (outnumbered).
 20026 | D:6      | 20026 ||| Stepping ~*~*~tactically~*~*~ (outnumbered).
 20028 | D:6      | 20028 ||| Stepping ~*~*~tactically~*~*~ (outnumbered).
 20030 | D:6      | 20030 ||| Stepping ~*~*~tactically~*~*~ (outnumbered).
 20042 | D:6      | 20042 ||| Stepping ~*~*~tactically~*~*~ (outnumbered).
 20044 | D:6      | 20044 ||| Stepping ~*~*~tactically~*~*~ (outnumbered).
 20046 | D:6      | 20046 ||| Stepping ~*~*~tactically~*~*~ (outnumbered).
 20048 | D:6      | 20048 ||| Stepping ~*~*~tactically~*~*~ (outnumbered).
 20050 | D:6      | 20050 ||| Stepping ~*~*~tactically~*~*~ (outnumbered).
 20062 | D:6      | 20062 ||| Stepping ~*~*~tactically~*~*~ (outnumbered).
 20064 | D:6      | 20064 ||| Stepping ~*~*~tactically~*~*~ (outnumbered).
 20066 | D:6      | 20066 ||| Stepping ~*~*~tactically~*~*~ (outnumbered).
 20068 | D:6      | 20068 ||| Stepping ~*~*~tactically~*~*~ (outnumbered).
 20070 | D:6      | 20070 ||| Stepping ~*~*~tactically~*~*~ (outnumbered).
 20082 | D:6      | 20082 ||| Stepping ~*~*~tactically~*~*~ (outnumbered).
 20084 | D:6      | 20084 ||| Stepping ~*~*~tactically~*~*~ (outnumbered).
 20086 | D:6      | 20086 ||| Stepping ~*~*~tactically~*~*~ (outnumbered).
 20088 | D:6      | 20088 ||| Stepping ~*~*~tactically~*~*~ (outnumbered).
 20090 | D:6      | 20090 ||| Stepping ~*~*~tactically~*~*~ (outnumbered).
 20102 | D:6      | 20102 ||| Stepping ~*~*~tactically~*~*~ (outnumbered).
 20104 | D:6      | 20104 ||| Stepping ~*~*~tactically~*~*~ (outnumbered).
 20106 | D:6      | 20106 ||| Stepping ~*~*~tactically~*~*~ (outnumbered).
 20108 | D:6      | 20108 ||| Stepping ~*~*~tactically~*~*~ (outnumbered).
 20110 | D:6      | 20110 ||| Stepping ~*~*~tactically~*~*~ (outnumbered).
 20122 | D:6      | 20122 ||| Stepping ~*~*~tactically~*~*~ (outnumbered).
 20124 | D:6      | 20124 ||| Stepping ~*~*~tactically~*~*~ (outnumbered).
 20126 | D:6      | 20126 ||| Stepping ~*~*~tactically~*~*~ (outnumbered).
 20128 | D:6      | 20128 ||| Stepping ~*~*~tactically~*~*~ (outnumbered).
 20130 | D:6      | 20130 ||| Stepping ~*~*~tactically~*~*~ (outnumbered).
 20142 | D:6      | 20142 ||| Stepping ~*~*~tactically~*~*~ (outnumbered).
 20144 | D:6      | 20144 ||| Stepping ~*~*~tactically~*~*~ (outnumbered).
 20146 | D:6      | 20146 ||| Stepping ~*~*~tactically~*~*~ (outnumbered).
 20148 | D:6      | 20148 ||| Stepping ~*~*~tactically~*~*~ (outnumbered).
 20150 | D:6      | 20150 ||| Stepping ~*~*~tactically~*~*~ (outnumbered).
 20162 | D:6      | 20162 ||| Stepping ~*~*~tactically~*~*~ (outnumbered).
 20164 | D:6      | 20164 ||| Stepping ~*~*~tactically~*~*~ (outnumbered).
 20166 | D:6      | 20166 ||| Stepping ~*~*~tactically~*~*~ (outnumbered).
 20168 | D:6      | 20168 ||| Stepping ~*~*~tactically~*~*~ (outnumbered).
 20170 | D:6      | 20170 ||| Stepping ~*~*~tactically~*~*~ (outnumbered).
 20182 | D:6      | 20182 ||| Stepping ~*~*~tactically~*~*~ (outnumbered).
 20184 | D:6      | 20184 ||| Stepping ~*~*~tactically~*~*~ (outnumbered).
 20186 | D:6      | 20186 ||| Stepping ~*~*~tactically~*~*~ (outnumbered).
 20188 | D:6      | 20188 ||| Stepping ~*~*~tactically~*~*~ (outnumbered).
 20190 | D:6      | 20190 ||| Stepping ~*~*~tactically~*~*~ (outnumbered).
 20202 | D:6      | 20202 ||| Stepping ~*~*~tactically~*~*~ (outnumbered).
 20204 | D:6      | 20204 ||| Stepping ~*~*~tactically~*~*~ (outnumbered).
 20206 | D:6      | 20206 ||| Stepping ~*~*~tactically~*~*~ (outnumbered).
 20208 | D:6      | 20208 ||| Stepping ~*~*~tactically~*~*~ (outnumbered).
 20210 | D:6      | 20210 ||| Stepping ~*~*~tactically~*~*~ (outnumbered).
 20222 | D:6      | 20222 ||| Stepping ~*~*~tactically~*~*~ (outnumbered).
 20224 | D:6      | 20224 ||| Stepping ~*~*~tactically~*~*~ (outnumbered).
 20226 | D:6      | 20226 ||| Stepping ~*~*~tactically~*~*~ (outnumbered).
 20228 | D:6      | 20228 ||| Stepping ~*~*~tactically~*~*~ (outnumbered).
 20230 | D:6      | 20230 ||| Stepping ~*~*~tactically~*~*~ (outnumbered).
 20242 | D:6      | 20242 ||| Stepping ~*~*~tactically~*~*~ (outnumbered).
 20244 | D:6      | 20244 ||| Stepping ~*~*~tactically~*~*~ (outnumbered).
 20246 | D:6      | 20246 ||| Stepping ~*~*~tactically~*~*~ (outnumbered).
 20248 | D:6      | 20248 ||| Stepping ~*~*~tactically~*~*~ (outnumbered).
 20250 | D:6      | 20250 ||| Stepping ~*~*~tactically~*~*~ (outnumbered).
 20262 | D:6      | 20262 ||| Stepping ~*~*~tactically~*~*~ (outnumbered).
 20264 | D:6      | 20264 ||| Stepping ~*~*~tactically~*~*~ (outnumbered).
 20266 | D:6      | 20266 ||| Stepping ~*~*~tactically~*~*~ (outnumbered).
 20268 | D:6      | 20268 ||| Stepping ~*~*~tactically~*~*~ (outnumbered).
 20270 | D:6      | 20270 ||| Stepping ~*~*~tactically~*~*~ (outnumbered).
 20282 | D:6      | 20282 ||| Stepping ~*~*~tactically~*~*~ (outnumbered).
 20284 | D:6      | 20284 ||| Stepping ~*~*~tactically~*~*~ (outnumbered).
 20286 | D:6      | 20286 ||| Stepping ~*~*~tactically~*~*~ (outnumbered).
 20288 | D:6      | 20288 ||| Stepping ~*~*~tactically~*~*~ (outnumbered).
 20290 | D:6      | 20290 ||| Stepping ~*~*~tactically~*~*~ (outnumbered).
 20302 | D:6      | 20302 ||| Stepping ~*~*~tactically~*~*~ (outnumbered).
 20304 | D:6      | 20304 ||| Stepping ~*~*~tactically~*~*~ (outnumbered).
 20306 | D:6      | 20306 ||| Stepping ~*~*~tactically~*~*~ (outnumbered).
 20308 | D:6      | 20308 ||| Stepping ~*~*~tactically~*~*~ (outnumbered).
 20310 | D:6      | 20310 ||| Stepping ~*~*~tactically~*~*~ (outnumbered).
 20322 | D:6      | 20322 ||| Stepping ~*~*~tactically~*~*~ (outnumbered).
 20324 | D:6      | 20324 ||| Stepping ~*~*~tactically~*~*~ (outnumbered).
 20326 | D:6      | 20326 ||| Stepping ~*~*~tactically~*~*~ (outnumbered).
 20328 | D:6      | 20328 ||| Stepping ~*~*~tactically~*~*~ (outnumbered).
 20330 | D:6      | 20330 ||| Stepping ~*~*~tactically~*~*~ (outnumbered).
 20342 | D:6      | 20342 ||| Stepping ~*~*~tactically~*~*~ (outnumbered).
 20344 | D:6      | 20344 ||| Stepping ~*~*~tactically~*~*~ (outnumbered).
 20346 | D:6      | 20346 ||| Stepping ~*~*~tactically~*~*~ (outnumbered).
 20348 | D:6      | 20348 ||| Stepping ~*~*~tactically~*~*~ (outnumbered).
 20350 | D:6      | 20350 ||| Stepping ~*~*~tactically~*~*~ (outnumbered).
 20362 | D:6      | 20362 ||| Stepping ~*~*~tactically~*~*~ (outnumbered).
 20364 | D:6      | 20364 ||| Stepping ~*~*~tactically~*~*~ (outnumbered).
 20366 | D:6      | 20366 ||| Stepping ~*~*~tactically~*~*~ (outnumbered).
 20368 | D:6      | 20368 ||| Stepping ~*~*~tactically~*~*~ (outnumbered).
 20370 | D:6      | 20370 ||| Stepping ~*~*~tactically~*~*~ (outnumbered).
 20382 | D:6      | 20382 ||| Stepping ~*~*~tactically~*~*~ (outnumbered).
 20384 | D:6      | 20384 ||| Stepping ~*~*~tactically~*~*~ (outnumbered).
 20386 | D:6      | 20386 ||| Stepping ~*~*~tactically~*~*~ (outnumbered).
 20388 | D:6      | 20388 ||| Stepping ~*~*~tactically~*~*~ (outnumbered).
 20390 | D:6      | 20390 ||| Stepping ~*~*~tactically~*~*~ (outnumbered).
 20402 | D:6      | 20402 ||| Stepping ~*~*~tactically~*~*~ (outnumbered).
 20404 | D:6      | 20404 ||| Stepping ~*~*~tactically~*~*~ (outnumbered).
 20406 | D:6      | 20406 ||| Stepping ~*~*~tactically~*~*~ (outnumbered).
 20408 | D:6      | 20408 ||| Stepping ~*~*~tactically~*~*~ (outnumbered).
 20410 | D:6      | 20410 ||| Stepping ~*~*~tactically~*~*~ (outnumbered).
 20422 | D:6      | 20422 ||| Stepping ~*~*~tactically~*~*~ (outnumbered).
 20424 | D:6      | 20424 ||| Stepping ~*~*~tactically~*~*~ (outnumbered).
 20426 | D:6      | 20426 ||| Stepping ~*~*~tactically~*~*~ (outnumbered).
 20428 | D:6      | 20428 ||| Stepping ~*~*~tactically~*~*~ (outnumbered).
 20430 | D:6      | 20430 ||| Stepping ~*~*~tactically~*~*~ (outnumbered).
 20442 | D:6      | 20442 ||| Stepping ~*~*~tactically~*~*~ (outnumbered).
 20444 | D:6      | 20444 ||| Stepping ~*~*~tactically~*~*~ (outnumbered).
 20446 | D:6      | 20446 ||| Stepping ~*~*~tactically~*~*~ (outnumbered).
 20448 | D:6      | 20448 ||| Stepping ~*~*~tactically~*~*~ (outnumbered).
 20450 | D:6      | 20450 ||| Stepping ~*~*~tactically~*~*~ (outnumbered).
 20462 | D:6      | 20462 ||| Stepping ~*~*~tactically~*~*~ (outnumbered).
 20464 | D:6      | 20464 ||| Stepping ~*~*~tactically~*~*~ (outnumbered).
 20466 | D:6      | 20466 ||| Stepping ~*~*~tactically~*~*~ (outnumbered).
 20468 | D:6      | 20468 ||| Stepping ~*~*~tactically~*~*~ (outnumbered).
 20470 | D:6      | 20470 ||| Stepping ~*~*~tactically~*~*~ (outnumbered).
 20482 | D:6      | 20482 ||| Stepping ~*~*~tactically~*~*~ (outnumbered).
 20484 | D:6      | 20484 ||| Stepping ~*~*~tactically~*~*~ (outnumbered).
 20486 | D:6      | 20486 ||| Stepping ~*~*~tactically~*~*~ (outnumbered).
 20488 | D:6      | 20488 ||| Stepping ~*~*~tactically~*~*~ (outnumbered).
 20490 | D:6      | 20490 ||| Stepping ~*~*~tactically~*~*~ (outnumbered).
 20502 | D:6      | 20502 ||| Stepping ~*~*~tactically~*~*~ (outnumbered).
 20504 | D:6      | 20504 ||| Stepping ~*~*~tactically~*~*~ (outnumbered).
 20506 | D:6      | 20506 ||| Stepping ~*~*~tactically~*~*~ (outnumbered).
 20508 | D:6      | 20508 ||| Stepping ~*~*~tactically~*~*~ (outnumbered).
 20510 | D:6      | 20510 ||| Stepping ~*~*~tactically~*~*~ (outnumbered).
 20522 | D:6      | 20522 ||| Stepping ~*~*~tactically~*~*~ (outnumbered).
 20524 | D:6      | 20524 ||| Stepping ~*~*~tactically~*~*~ (outnumbered).
 20526 | D:6      | 20526 ||| Stepping ~*~*~tactically~*~*~ (outnumbered).
 20528 | D:6      | 20528 ||| Stepping ~*~*~tactically~*~*~ (outnumbered).
 20530 | D:6      | 20530 ||| Stepping ~*~*~tactically~*~*~ (outnumbered).
 20542 | D:6      | 20542 ||| Stepping ~*~*~tactically~*~*~ (outnumbered).
 20544 | D:6      | 20544 ||| Stepping ~*~*~tactically~*~*~ (outnumbered).
 20546 | D:6      | 20546 ||| Stepping ~*~*~tactically~*~*~ (outnumbered).
 20548 | D:6      | 20548 ||| Stepping ~*~*~tactically~*~*~ (outnumbered).
 20550 | D:6      | 20550 ||| Stepping ~*~*~tactically~*~*~ (outnumbered).
 20562 | D:6      | 20562 ||| Stepping ~*~*~tactically~*~*~ (outnumbered).
 20564 | D:6      | 20564 ||| Stepping ~*~*~tactically~*~*~ (outnumbered).
 20566 | D:6      | 20566 ||| Stepping ~*~*~tactically~*~*~ (outnumbered).
 20568 | D:6      | 20568 ||| Stepping ~*~*~tactically~*~*~ (outnumbered).
 20570 | D:6      | 20570 ||| Stepping ~*~*~tactically~*~*~ (outnumbered).
 20582 | D:6      | 20582 ||| Stepping ~*~*~tactically~*~*~ (outnumbered).
 20584 | D:6      | 20584 ||| Stepping ~*~*~tactically~*~*~ (outnumbered).
 20586 | D:6      | 20586 ||| Stepping ~*~*~tactically~*~*~ (outnumbered).
 20588 | D:6      | 20588 ||| Stepping ~*~*~tactically~*~*~ (outnumbered).
 20590 | D:6      | 20590 ||| Stepping ~*~*~tactically~*~*~ (outnumbered).
 20602 | D:6      | 20602 ||| Stepping ~*~*~tactically~*~*~ (outnumbered).
 20604 | D:6      | 20604 ||| Stepping ~*~*~tactically~*~*~ (outnumbered).
 20606 | D:6      | 20606 ||| Stepping ~*~*~tactically~*~*~ (outnumbered).
 20608 | D:6      | 20608 ||| Stepping ~*~*~tactically~*~*~ (outnumbered).
 20610 | D:6      | 20610 ||| Stepping ~*~*~tactically~*~*~ (outnumbered).
 20622 | D:6      | 20622 ||| Stepping ~*~*~tactically~*~*~ (outnumbered).
 20624 | D:6      | 20624 ||| Stepping ~*~*~tactically~*~*~ (outnumbered).
 20626 | D:6      | 20626 ||| Stepping ~*~*~tactically~*~*~ (outnumbered).
 20628 | D:6      | 20628 ||| Stepping ~*~*~tactically~*~*~ (outnumbered).
 20630 | D:6      | 20630 ||| Stepping ~*~*~tactically~*~*~ (outnumbered).
 20642 | D:6      | 20642 ||| Stepping ~*~*~tactically~*~*~ (outnumbered).
 20644 | D:6      | 20644 ||| Stepping ~*~*~tactically~*~*~ (outnumbered).
 20646 | D:6      | 20646 ||| Stepping ~*~*~tactically~*~*~ (outnumbered).
 20648 | D:6      | 20648 ||| Stepping ~*~*~tactically~*~*~ (outnumbered).
 20650 | D:6      | 20650 ||| Stepping ~*~*~tactically~*~*~ (outnumbered).
 20662 | D:6      | 20662 ||| Stepping ~*~*~tactically~*~*~ (outnumbered).
 20664 | D:6      | 20664 ||| Stepping ~*~*~tactically~*~*~ (outnumbered).
 20666 | D:6      | 20666 ||| Stepping ~*~*~tactically~*~*~ (outnumbered).
 20668 | D:6      | 20668 ||| Stepping ~*~*~tactically~*~*~ (outnumbered).
 20670 | D:6      | 20670 ||| Stepping ~*~*~tactically~*~*~ (outnumbered).
 20682 | D:6      | 20682 ||| Stepping ~*~*~tactically~*~*~ (outnumbered).
 20684 | D:6      | 20684 ||| Stepping ~*~*~tactically~*~*~ (outnumbered).
 20686 | D:6      | 20686 ||| Stepping ~*~*~tactically~*~*~ (outnumbered).
 20688 | D:6      | 20688 ||| Stepping ~*~*~tactically~*~*~ (outnumbered).
 20690 | D:6      | 20690 ||| Stepping ~*~*~tactically~*~*~ (outnumbered).
 20702 | D:6      | 20702 ||| Stepping ~*~*~tactically~*~*~ (outnumbered).
 20704 | D:6      | 20704 ||| Stepping ~*~*~tactically~*~*~ (outnumbered).
 20706 | D:6      | 20706 ||| Stepping ~*~*~tactically~*~*~ (outnumbered).
 20708 | D:6      | 20708 ||| Stepping ~*~*~tactically~*~*~ (outnumbered).
 20710 | D:6      | 20710 ||| Stepping ~*~*~tactically~*~*~ (outnumbered).
 20722 | D:6      | 20722 ||| Stepping ~*~*~tactically~*~*~ (outnumbered).
 20724 | D:6      | 20724 ||| Stepping ~*~*~tactically~*~*~ (outnumbered).
 20726 | D:6      | 20726 ||| Stepping ~*~*~tactically~*~*~ (outnumbered).
 20728 | D:6      | 20728 ||| Stepping ~*~*~tactically~*~*~ (outnumbered).
 20730 | D:6      | 20730 ||| Stepping ~*~*~tactically~*~*~ (outnumbered).
 20742 | D:6      | 20742 ||| Stepping ~*~*~tactically~*~*~ (outnumbered).
 20744 | D:6      | 20744 ||| Stepping ~*~*~tactically~*~*~ (outnumbered).
 20746 | D:6      | 20746 ||| Stepping ~*~*~tactically~*~*~ (outnumbered).
 20748 | D:6      | 20748 ||| Stepping ~*~*~tactically~*~*~ (outnumbered).
 20750 | D:6      | 20750 ||| Stepping ~*~*~tactically~*~*~ (outnumbered).
 20762 | D:6      | 20762 ||| Stepping ~*~*~tactically~*~*~ (outnumbered).
 20764 | D:6      | 20764 ||| Stepping ~*~*~tactically~*~*~ (outnumbered).
 20766 | D:6      | 20766 ||| Stepping ~*~*~tactically~*~*~ (outnumbered).
 20768 | D:6      | 20768 ||| Stepping ~*~*~tactically~*~*~ (outnumbered).
 20770 | D:6      | 20770 ||| Stepping ~*~*~tactically~*~*~ (outnumbered).
 20782 | D:6      | 20782 ||| Stepping ~*~*~tactically~*~*~ (outnumbered).
 20784 | D:6      | 20784 ||| Stepping ~*~*~tactically~*~*~ (outnumbered).
 20786 | D:6      | 20786 ||| Stepping ~*~*~tactically~*~*~ (outnumbered).
 20788 | D:6      | 20788 ||| Stepping ~*~*~tactically~*~*~ (outnumbered).
 20790 | D:6      | 20790 ||| Stepping ~*~*~tactically~*~*~ (outnumbered).
 20802 | D:6      | 20802 ||| Stepping ~*~*~tactically~*~*~ (outnumbered).
 20804 | D:6      | 20804 ||| Stepping ~*~*~tactically~*~*~ (outnumbered).
 20806 | D:6      | 20806 ||| Stepping ~*~*~tactically~*~*~ (outnumbered).
 20808 | D:6      | 20808 ||| Stepping ~*~*~tactically~*~*~ (outnumbered).
 20810 | D:6      | 20810 ||| Stepping ~*~*~tactically~*~*~ (outnumbered).
 20822 | D:6      | 20822 ||| Stepping ~*~*~tactically~*~*~ (outnumbered).
 20824 | D:6      | 20824 ||| Stepping ~*~*~tactically~*~*~ (outnumbered).
 20826 | D:6      | 20826 ||| Stepping ~*~*~tactically~*~*~ (outnumbered).
 20828 | D:6      | 20828 ||| Stepping ~*~*~tactically~*~*~ (outnumbered).
 20830 | D:6      | 20830 ||| Stepping ~*~*~tactically~*~*~ (outnumbered).
 20842 | D:6      | 20842 ||| Stepping ~*~*~tactically~*~*~ (outnumbered).
 20844 | D:6      | 20844 ||| Stepping ~*~*~tactically~*~*~ (outnumbered).
 20846 | D:6      | 20846 ||| Stepping ~*~*~tactically~*~*~ (outnumbered).
 20848 | D:6      | 20848 ||| Stepping ~*~*~tactically~*~*~ (outnumbered).
 20850 | D:6      | 20850 ||| Stepping ~*~*~tactically~*~*~ (outnumbered).
 20862 | D:6      | 20862 ||| Stepping ~*~*~tactically~*~*~ (outnumbered).
 20864 | D:6      | 20864 ||| Stepping ~*~*~tactically~*~*~ (outnumbered).
 20866 | D:6      | 20866 ||| Stepping ~*~*~tactically~*~*~ (outnumbered).
 20868 | D:6      | 20868 ||| Stepping ~*~*~tactically~*~*~ (outnumbered).
 20870 | D:6      | 20870 ||| Stepping ~*~*~tactically~*~*~ (outnumbered).
 20882 | D:6      | 20882 ||| Stepping ~*~*~tactically~*~*~ (outnumbered).
 20884 | D:6      | 20884 ||| Stepping ~*~*~tactically~*~*~ (outnumbered).
 20886 | D:6      | 20886 ||| Stepping ~*~*~tactically~*~*~ (outnumbered).
 20888 | D:6      | 20888 ||| Stepping ~*~*~tactically~*~*~ (outnumbered).
 20890 | D:6      | 20890 ||| Stepping ~*~*~tactically~*~*~ (outnumbered).
 20902 | D:6      | 20902 ||| Stepping ~*~*~tactically~*~*~ (outnumbered).
 20904 | D:6      | 20904 ||| Stepping ~*~*~tactically~*~*~ (outnumbered).
 20906 | D:6      | 20906 ||| Stepping ~*~*~tactically~*~*~ (outnumbered).
 20908 | D:6      | 20908 ||| Stepping ~*~*~tactically~*~*~ (outnumbered).
 20910 | D:6      | 20910 ||| Stepping ~*~*~tactically~*~*~ (outnumbered).
 20922 | D:6      | 20922 ||| Stepping ~*~*~tactically~*~*~ (outnumbered).
 20924 | D:6      | 20924 ||| Stepping ~*~*~tactically~*~*~ (outnumbered).
 20926 | D:6      | 20926 ||| Stepping ~*~*~tactically~*~*~ (outnumbered).
 20928 | D:6      | 20928 ||| Stepping ~*~*~tactically~*~*~ (outnumbered).
 20930 | D:6      | 20930 ||| Stepping ~*~*~tactically~*~*~ (outnumbered).
 20942 | D:6      | 20942 ||| Stepping ~*~*~tactically~*~*~ (outnumbered).
 20944 | D:6      | 20944 ||| Stepping ~*~*~tactically~*~*~ (outnumbered).
 20946 | D:6      | 20946 ||| Stepping ~*~*~tactically~*~*~ (outnumbered).
 20948 | D:6      | 20948 ||| Stepping ~*~*~tactically~*~*~ (outnumbered).
 20950 | D:6      | 20950 ||| Stepping ~*~*~tactically~*~*~ (outnumbered).
 20962 | D:6      | 20962 ||| Stepping ~*~*~tactically~*~*~ (outnumbered).
 20964 | D:6      | 20964 ||| Stepping ~*~*~tactically~*~*~ (outnumbered).
 20966 | D:6      | 20966 ||| Stepping ~*~*~tactically~*~*~ (outnumbered).
 20968 | D:6      | 20968 ||| Stepping ~*~*~tactically~*~*~ (outnumbered).
 20970 | D:6      | 20970 ||| Stepping ~*~*~tactically~*~*~ (outnumbered).
 20982 | D:6      | 20982 ||| Stepping ~*~*~tactically~*~*~ (outnumbered).
 20984 | D:6      | 20984 ||| Stepping ~*~*~tactically~*~*~ (outnumbered).
 20986 | D:6      | 20986 ||| Stepping ~*~*~tactically~*~*~ (outnumbered).
 20988 | D:6      | 20988 ||| Stepping ~*~*~tactically~*~*~ (outnumbered).
 20990 | D:6      | 20990 ||| Stepping ~*~*~tactically~*~*~ (outnumbered).
 21002 | D:6      | 21002 ||| Stepping ~*~*~tactically~*~*~ (outnumbered).
 21004 | D:6      | 21004 ||| Stepping ~*~*~tactically~*~*~ (outnumbered).
 21006 | D:6      | 21006 ||| Stepping ~*~*~tactically~*~*~ (outnumbered).
 21008 | D:6      | 21008 ||| Stepping ~*~*~tactically~*~*~ (outnumbered).
 21010 | D:6      | 21010 ||| Stepping ~*~*~tactically~*~*~ (outnumbered).
 21022 | D:6      | 21022 ||| Stepping ~*~*~tactically~*~*~ (outnumbered).
 21024 | D:6      | 21024 ||| Stepping ~*~*~tactically~*~*~ (outnumbered).
 21026 | D:6      | 21026 ||| Stepping ~*~*~tactically~*~*~ (outnumbered).
 21028 | D:6      | 21028 ||| Stepping ~*~*~tactically~*~*~ (outnumbered).
 21030 | D:6      | 21030 ||| Stepping ~*~*~tactically~*~*~ (outnumbered).
 21042 | D:6      | 21042 ||| Stepping ~*~*~tactically~*~*~ (outnumbered).
 21044 | D:6      | 21044 ||| Stepping ~*~*~tactically~*~*~ (outnumbered).
 21046 | D:6      | 21046 ||| Stepping ~*~*~tactically~*~*~ (outnumbered).
 21048 | D:6      | 21048 ||| Stepping ~*~*~tactically~*~*~ (outnumbered).
 21050 | D:6      | 21050 ||| Stepping ~*~*~tactically~*~*~ (outnumbered).
 21062 | D:6      | 21062 ||| Stepping ~*~*~tactically~*~*~ (outnumbered).
 21064 | D:6      | 21064 ||| Stepping ~*~*~tactically~*~*~ (outnumbered).
 21066 | D:6      | 21066 ||| Stepping ~*~*~tactically~*~*~ (outnumbered).
 21068 | D:6      | 21068 ||| Stepping ~*~*~tactically~*~*~ (outnumbered).
 21070 | D:6      | 21070 ||| Stepping ~*~*~tactically~*~*~ (outnumbered).
 21082 | D:6      | 21082 ||| Stepping ~*~*~tactically~*~*~ (outnumbered).
 21084 | D:6      | 21084 ||| Stepping ~*~*~tactically~*~*~ (outnumbered).
 21086 | D:6      | 21086 ||| Stepping ~*~*~tactically~*~*~ (outnumbered).
 21088 | D:6      | 21088 ||| Stepping ~*~*~tactically~*~*~ (outnumbered).
 21090 | D:6      | 21090 ||| Stepping ~*~*~tactically~*~*~ (outnumbered).
 21102 | D:6      | 21102 ||| Stepping ~*~*~tactically~*~*~ (outnumbered).
 21104 | D:6      | 21104 ||| Stepping ~*~*~tactically~*~*~ (outnumbered).
 21106 | D:6      | 21106 ||| Stepping ~*~*~tactically~*~*~ (outnumbered).
 21108 | D:6      | 21108 ||| Stepping ~*~*~tactically~*~*~ (outnumbered).
 21110 | D:6      | 21110 ||| Stepping ~*~*~tactically~*~*~ (outnumbered).
 21122 | D:6      | 21122 ||| Stepping ~*~*~tactically~*~*~ (outnumbered).
 21124 | D:6      | 21124 ||| Stepping ~*~*~tactically~*~*~ (outnumbered).
 21126 | D:6      | 21126 ||| Stepping ~*~*~tactically~*~*~ (outnumbered).
 21128 | D:6      | 21128 ||| Stepping ~*~*~tactically~*~*~ (outnumbered).
 21130 | D:6      | 21130 ||| Stepping ~*~*~tactically~*~*~ (outnumbered).
 21142 | D:6      | 21142 ||| Stepping ~*~*~tactically~*~*~ (outnumbered).
 21144 | D:6      | 21144 ||| Stepping ~*~*~tactically~*~*~ (outnumbered).
 21146 | D:6      | 21146 ||| Stepping ~*~*~tactically~*~*~ (outnumbered).
 21148 | D:6      | 21148 ||| Stepping ~*~*~tactically~*~*~ (outnumbered).
 21150 | D:6      | 21150 ||| Stepping ~*~*~tactically~*~*~ (outnumbered).
 21162 | D:6      | 21162 ||| Stepping ~*~*~tactically~*~*~ (outnumbered).
 21164 | D:6      | 21164 ||| Stepping ~*~*~tactically~*~*~ (outnumbered).
 21166 | D:6      | 21166 ||| Stepping ~*~*~tactically~*~*~ (outnumbered).
 21168 | D:6      | 21168 ||| Stepping ~*~*~tactically~*~*~ (outnumbered).
 21170 | D:6      | 21170 ||| Stepping ~*~*~tactically~*~*~ (outnumbered).
 21182 | D:6      | 21182 ||| Stepping ~*~*~tactically~*~*~ (outnumbered).
 21184 | D:6      | 21184 ||| Stepping ~*~*~tactically~*~*~ (outnumbered).
 21186 | D:6      | 21186 ||| Stepping ~*~*~tactically~*~*~ (outnumbered).
 21188 | D:6      | 21188 ||| Stepping ~*~*~tactically~*~*~ (outnumbered).
 21190 | D:6      | 21190 ||| Stepping ~*~*~tactically~*~*~ (outnumbered).
 21202 | D:6      | 21202 ||| Stepping ~*~*~tactically~*~*~ (outnumbered).
 21204 | D:6      | 21204 ||| Stepping ~*~*~tactically~*~*~ (outnumbered).
 21206 | D:6      | 21206 ||| Stepping ~*~*~tactically~*~*~ (outnumbered).
 21208 | D:6      | 21208 ||| Stepping ~*~*~tactically~*~*~ (outnumbered).
 21210 | D:6      | 21210 ||| Stepping ~*~*~tactically~*~*~ (outnumbered).
 21222 | D:6      | 21222 ||| Stepping ~*~*~tactically~*~*~ (outnumbered).
 21224 | D:6      | 21224 ||| Stepping ~*~*~tactically~*~*~ (outnumbered).
 21226 | D:6      | 21226 ||| Stepping ~*~*~tactically~*~*~ (outnumbered).
 21228 | D:6      | 21228 ||| Stepping ~*~*~tactically~*~*~ (outnumbered).
 21230 | D:6      | 21230 ||| Stepping ~*~*~tactically~*~*~ (outnumbered).
 21242 | D:6      | 21242 ||| Stepping ~*~*~tactically~*~*~ (outnumbered).
 21244 | D:6      | 21244 ||| Stepping ~*~*~tactically~*~*~ (outnumbered).
 21246 | D:6      | 21246 ||| Stepping ~*~*~tactically~*~*~ (outnumbered).
 21248 | D:6      | 21248 ||| Stepping ~*~*~tactically~*~*~ (outnumbered).
 21250 | D:6      | 21250 ||| Stepping ~*~*~tactically~*~*~ (outnumbered).
 21262 | D:6      | 21262 ||| Stepping ~*~*~tactically~*~*~ (outnumbered).
 21264 | D:6      | 21264 ||| Stepping ~*~*~tactically~*~*~ (outnumbered).
 21266 | D:6      | 21266 ||| Stepping ~*~*~tactically~*~*~ (outnumbered).
 21268 | D:6      | 21268 ||| Stepping ~*~*~tactically~*~*~ (outnumbered).
 21270 | D:6      | 21270 ||| Stepping ~*~*~tactically~*~*~ (outnumbered).
 21282 | D:6      | 21282 ||| Stepping ~*~*~tactically~*~*~ (outnumbered).
 21284 | D:6      | 21284 ||| Stepping ~*~*~tactically~*~*~ (outnumbered).
 21286 | D:6      | 21286 ||| Stepping ~*~*~tactically~*~*~ (outnumbered).
 21288 | D:6      | 21288 ||| Stepping ~*~*~tactically~*~*~ (outnumbered).
 21290 | D:6      | 21290 ||| Stepping ~*~*~tactically~*~*~ (outnumbered).
 21302 | D:6      | 21302 ||| Stepping ~*~*~tactically~*~*~ (outnumbered).
 21304 | D:6      | 21304 ||| Stepping ~*~*~tactically~*~*~ (outnumbered).
 21306 | D:6      | 21306 ||| Stepping ~*~*~tactically~*~*~ (outnumbered).
 21308 | D:6      | 21308 ||| Stepping ~*~*~tactically~*~*~ (outnumbered).
 21310 | D:6      | 21310 ||| Stepping ~*~*~tactically~*~*~ (outnumbered).
 21322 | D:6      | 21322 ||| Stepping ~*~*~tactically~*~*~ (outnumbered).
 21324 | D:6      | 21324 ||| Stepping ~*~*~tactically~*~*~ (outnumbered).
 21326 | D:6      | 21326 ||| Stepping ~*~*~tactically~*~*~ (outnumbered).
 21328 | D:6      | 21328 ||| Stepping ~*~*~tactically~*~*~ (outnumbered).
 21330 | D:6      | 21330 ||| Stepping ~*~*~tactically~*~*~ (outnumbered).
 21342 | D:6      | 21342 ||| Stepping ~*~*~tactically~*~*~ (outnumbered).
 21344 | D:6      | 21344 ||| Stepping ~*~*~tactically~*~*~ (outnumbered).
 21346 | D:6      | 21346 ||| Stepping ~*~*~tactically~*~*~ (outnumbered).
 21348 | D:6      | 21348 ||| Stepping ~*~*~tactically~*~*~ (outnumbered).
 21350 | D:6      | 21350 ||| Stepping ~*~*~tactically~*~*~ (outnumbered).
 21362 | D:6      | 21362 ||| Stepping ~*~*~tactically~*~*~ (outnumbered).
 21364 | D:6      | 21364 ||| Stepping ~*~*~tactically~*~*~ (outnumbered).
 21366 | D:6      | 21366 ||| Stepping ~*~*~tactically~*~*~ (outnumbered).
 21368 | D:6      | 21368 ||| Stepping ~*~*~tactically~*~*~ (outnumbered).
 21370 | D:6      | 21370 ||| Stepping ~*~*~tactically~*~*~ (outnumbered).
 21382 | D:6      | 21382 ||| Stepping ~*~*~tactically~*~*~ (outnumbered).
 21384 | D:6      | 21384 ||| Stepping ~*~*~tactically~*~*~ (outnumbered).
 21386 | D:6      | 21386 ||| Stepping ~*~*~tactically~*~*~ (outnumbered).
 21388 | D:6      | 21388 ||| Stepping ~*~*~tactically~*~*~ (outnumbered).
 21390 | D:6      | 21390 ||| Stepping ~*~*~tactically~*~*~ (outnumbered).
 21402 | D:6      | 21402 ||| Stepping ~*~*~tactically~*~*~ (outnumbered).
 21404 | D:6      | 21404 ||| Stepping ~*~*~tactically~*~*~ (outnumbered).
 21406 | D:6      | 21406 ||| Stepping ~*~*~tactically~*~*~ (outnumbered).
 21408 | D:6      | 21408 ||| Stepping ~*~*~tactically~*~*~ (outnumbered).
 21410 | D:6      | 21410 ||| Stepping ~*~*~tactically~*~*~ (outnumbered).
 21422 | D:6      | 21422 ||| Stepping ~*~*~tactically~*~*~ (outnumbered).
 21424 | D:6      | 21424 ||| Stepping ~*~*~tactically~*~*~ (outnumbered).
 21426 | D:6      | 21426 ||| Stepping ~*~*~tactically~*~*~ (outnumbered).
 21428 | D:6      | 21428 ||| Stepping ~*~*~tactically~*~*~ (outnumbered).
 21430 | D:6      | 21430 ||| Stepping ~*~*~tactically~*~*~ (outnumbered).
 21442 | D:6      | 21442 ||| Stepping ~*~*~tactically~*~*~ (outnumbered).
 21444 | D:6      | 21444 ||| Stepping ~*~*~tactically~*~*~ (outnumbered).
 21446 | D:6      | 21446 ||| Stepping ~*~*~tactically~*~*~ (outnumbered).
 21448 | D:6      | 21448 ||| Stepping ~*~*~tactically~*~*~ (outnumbered).
 21450 | D:6      | 21450 ||| Stepping ~*~*~tactically~*~*~ (outnumbered).
 21462 | D:6      | 21462 ||| Stepping ~*~*~tactically~*~*~ (outnumbered).
 21464 | D:6      | 21464 ||| Stepping ~*~*~tactically~*~*~ (outnumbered).
 21466 | D:6      | 21466 ||| Stepping ~*~*~tactically~*~*~ (outnumbered).
 21468 | D:6      | 21468 ||| Stepping ~*~*~tactically~*~*~ (outnumbered).
 21470 | D:6      | 21470 ||| Stepping ~*~*~tactically~*~*~ (outnumbered).
 21482 | D:6      | 21482 ||| Stepping ~*~*~tactically~*~*~ (outnumbered).
 21484 | D:6      | 21484 ||| Stepping ~*~*~tactically~*~*~ (outnumbered).
 21486 | D:6      | 21486 ||| Stepping ~*~*~tactically~*~*~ (outnumbered).
 21488 | D:6      | 21488 ||| Stepping ~*~*~tactically~*~*~ (outnumbered).
 21490 | D:6      | 21490 ||| Stepping ~*~*~tactically~*~*~ (outnumbered).
 21502 | D:6      | 21502 ||| Stepping ~*~*~tactically~*~*~ (outnumbered).
 21504 | D:6      | 21504 ||| Stepping ~*~*~tactically~*~*~ (outnumbered).
 21506 | D:6      | 21506 ||| Stepping ~*~*~tactically~*~*~ (outnumbered).
 21508 | D:6      | 21508 ||| Stepping ~*~*~tactically~*~*~ (outnumbered).
 21510 | D:6      | 21510 ||| Stepping ~*~*~tactically~*~*~ (outnumbered).
 21522 | D:6      | 21522 ||| Stepping ~*~*~tactically~*~*~ (outnumbered).
 21524 | D:6      | 21524 ||| Stepping ~*~*~tactically~*~*~ (outnumbered).
 21526 | D:6      | 21526 ||| Stepping ~*~*~tactically~*~*~ (outnumbered).
 21528 | D:6      | 21528 ||| Stepping ~*~*~tactically~*~*~ (outnumbered).
 21530 | D:6      | 21530 ||| Stepping ~*~*~tactically~*~*~ (outnumbered).
 21542 | D:6      | 21542 ||| Stepping ~*~*~tactically~*~*~ (outnumbered).
 21544 | D:6      | 21544 ||| Stepping ~*~*~tactically~*~*~ (outnumbered).
 21546 | D:6      | 21546 ||| Stepping ~*~*~tactically~*~*~ (outnumbered).
 21548 | D:6      | 21548 ||| Stepping ~*~*~tactically~*~*~ (outnumbered).
 21550 | D:6      | 21550 ||| Stepping ~*~*~tactically~*~*~ (outnumbered).
 21562 | D:6      | 21562 ||| Stepping ~*~*~tactically~*~*~ (outnumbered).
 21564 | D:6      | 21564 ||| Stepping ~*~*~tactically~*~*~ (outnumbered).
 21566 | D:6      | 21566 ||| Stepping ~*~*~tactically~*~*~ (outnumbered).
 21568 | D:6      | 21568 ||| Stepping ~*~*~tactically~*~*~ (outnumbered).
 21570 | D:6      | 21570 ||| Stepping ~*~*~tactically~*~*~ (outnumbered).
 21582 | D:6      | 21582 ||| Stepping ~*~*~tactically~*~*~ (outnumbered).
 21584 | D:6      | 21584 ||| Stepping ~*~*~tactically~*~*~ (outnumbered).
 21586 | D:6      | 21586 ||| Stepping ~*~*~tactically~*~*~ (outnumbered).
 21588 | D:6      | 21588 ||| Stepping ~*~*~tactically~*~*~ (outnumbered).
 21590 | D:6      | 21590 ||| Stepping ~*~*~tactically~*~*~ (outnumbered).
 21602 | D:6      | 21602 ||| Stepping ~*~*~tactically~*~*~ (outnumbered).
 21604 | D:6      | 21604 ||| Stepping ~*~*~tactically~*~*~ (outnumbered).
 21606 | D:6      | 21606 ||| Stepping ~*~*~tactically~*~*~ (outnumbered).
 21608 | D:6      | 21608 ||| Stepping ~*~*~tactically~*~*~ (outnumbered).
 21610 | D:6      | 21610 ||| Stepping ~*~*~tactically~*~*~ (outnumbered).
 21622 | D:6      | 21622 ||| Stepping ~*~*~tactically~*~*~ (outnumbered).
 21624 | D:6      | 21624 ||| Stepping ~*~*~tactically~*~*~ (outnumbered).
 21626 | D:6      | 21626 ||| Stepping ~*~*~tactically~*~*~ (outnumbered).
 21628 | D:6      | 21628 ||| Stepping ~*~*~tactically~*~*~ (outnumbered).
 21630 | D:6      | 21630 ||| Stepping ~*~*~tactically~*~*~ (outnumbered).
 21642 | D:6      | 21642 ||| Stepping ~*~*~tactically~*~*~ (outnumbered).
 21644 | D:6      | 21644 ||| Stepping ~*~*~tactically~*~*~ (outnumbered).
 21646 | D:6      | 21646 ||| Stepping ~*~*~tactically~*~*~ (outnumbered).
 21648 | D:6      | 21648 ||| Stepping ~*~*~tactically~*~*~ (outnumbered).
 21650 | D:6      | 21650 ||| Stepping ~*~*~tactically~*~*~ (outnumbered).
 21662 | D:6      | 21662 ||| Stepping ~*~*~tactically~*~*~ (outnumbered).
 21664 | D:6      | 21664 ||| Stepping ~*~*~tactically~*~*~ (outnumbered).
 21666 | D:6      | 21666 ||| Stepping ~*~*~tactically~*~*~ (outnumbered).
 21668 | D:6      | 21668 ||| Stepping ~*~*~tactically~*~*~ (outnumbered).
 21670 | D:6      | 21670 ||| Stepping ~*~*~tactically~*~*~ (outnumbered).
 21682 | D:6      | 21682 ||| Stepping ~*~*~tactically~*~*~ (outnumbered).
 21684 | D:6      | 21684 ||| Stepping ~*~*~tactically~*~*~ (outnumbered).
 21686 | D:6      | 21686 ||| Stepping ~*~*~tactically~*~*~ (outnumbered).
 21688 | D:6      | 21688 ||| Stepping ~*~*~tactically~*~*~ (outnumbered).
 21690 | D:6      | 21690 ||| Stepping ~*~*~tactically~*~*~ (outnumbered).
 21702 | D:6      | 21702 ||| Stepping ~*~*~tactically~*~*~ (outnumbered).
 21704 | D:6      | 21704 ||| Stepping ~*~*~tactically~*~*~ (outnumbered).
 21706 | D:6      | 21706 ||| Stepping ~*~*~tactically~*~*~ (outnumbered).
 21708 | D:6      | 21708 ||| Stepping ~*~*~tactically~*~*~ (outnumbered).
 21710 | D:6      | 21710 ||| Stepping ~*~*~tactically~*~*~ (outnumbered).
 21722 | D:6      | 21722 ||| Stepping ~*~*~tactically~*~*~ (outnumbered).
 21724 | D:6      | 21724 ||| Stepping ~*~*~tactically~*~*~ (outnumbered).
 21726 | D:6      | 21726 ||| Stepping ~*~*~tactically~*~*~ (outnumbered).
 21728 | D:6      | 21728 ||| Stepping ~*~*~tactically~*~*~ (outnumbered).
 21730 | D:6      | 21730 ||| Stepping ~*~*~tactically~*~*~ (outnumbered).
 21742 | D:6      | 21742 ||| Stepping ~*~*~tactically~*~*~ (outnumbered).
 21744 | D:6      | 21744 ||| Stepping ~*~*~tactically~*~*~ (outnumbered).
 21746 | D:6      | 21746 ||| Stepping ~*~*~tactically~*~*~ (outnumbered).
 21748 | D:6      | 21748 ||| Stepping ~*~*~tactically~*~*~ (outnumbered).
 21750 | D:6      | 21750 ||| Stepping ~*~*~tactically~*~*~ (outnumbered).
 21762 | D:6      | 21762 ||| Stepping ~*~*~tactically~*~*~ (outnumbered).
 21764 | D:6      | 21764 ||| Stepping ~*~*~tactically~*~*~ (outnumbered).
 21766 | D:6      | 21766 ||| Stepping ~*~*~tactically~*~*~ (outnumbered).
 21768 | D:6      | 21768 ||| Stepping ~*~*~tactically~*~*~ (outnumbered).
 21770 | D:6      | 21770 ||| Stepping ~*~*~tactically~*~*~ (outnumbered).
 21782 | D:6      | 21782 ||| Stepping ~*~*~tactically~*~*~ (outnumbered).
 21784 | D:6      | 21784 ||| Stepping ~*~*~tactically~*~*~ (outnumbered).
 21786 | D:6      | 21786 ||| Stepping ~*~*~tactically~*~*~ (outnumbered).
 21788 | D:6      | 21788 ||| Stepping ~*~*~tactically~*~*~ (outnumbered).
 21790 | D:6      | 21790 ||| Stepping ~*~*~tactically~*~*~ (outnumbered).
 21802 | D:6      | 21802 ||| Stepping ~*~*~tactically~*~*~ (outnumbered).
 21804 | D:6      | 21804 ||| Stepping ~*~*~tactically~*~*~ (outnumbered).
 21806 | D:6      | 21806 ||| Stepping ~*~*~tactically~*~*~ (outnumbered).
 21808 | D:6      | 21808 ||| Stepping ~*~*~tactically~*~*~ (outnumbered).
 21810 | D:6      | 21810 ||| Stepping ~*~*~tactically~*~*~ (outnumbered).
 21822 | D:6      | 21822 ||| Stepping ~*~*~tactically~*~*~ (outnumbered).
 21824 | D:6      | 21824 ||| Stepping ~*~*~tactically~*~*~ (outnumbered).
 21826 | D:6      | 21826 ||| Stepping ~*~*~tactically~*~*~ (outnumbered).
 21828 | D:6      | 21828 ||| Stepping ~*~*~tactically~*~*~ (outnumbered).
 21830 | D:6      | 21830 ||| Stepping ~*~*~tactically~*~*~ (outnumbered).
 21842 | D:6      | 21842 ||| Stepping ~*~*~tactically~*~*~ (outnumbered).
 21844 | D:6      | 21844 ||| Stepping ~*~*~tactically~*~*~ (outnumbered).
 21846 | D:6      | 21846 ||| Stepping ~*~*~tactically~*~*~ (outnumbered).
 21848 | D:6      | 21848 ||| Stepping ~*~*~tactically~*~*~ (outnumbered).
 21850 | D:6      | 21850 ||| Stepping ~*~*~tactically~*~*~ (outnumbered).
 21862 | D:6      | 21862 ||| Stepping ~*~*~tactically~*~*~ (outnumbered).
 21864 | D:6      | 21864 ||| Stepping ~*~*~tactically~*~*~ (outnumbered).
 21866 | D:6      | 21866 ||| Stepping ~*~*~tactically~*~*~ (outnumbered).
 21868 | D:6      | 21868 ||| Stepping ~*~*~tactically~*~*~ (outnumbered).
 21870 | D:6      | 21870 ||| Stepping ~*~*~tactically~*~*~ (outnumbered).
 21882 | D:6      | 21882 ||| Stepping ~*~*~tactically~*~*~ (outnumbered).
 21884 | D:6      | 21884 ||| Stepping ~*~*~tactically~*~*~ (outnumbered).
 21886 | D:6      | 21886 ||| Stepping ~*~*~tactically~*~*~ (outnumbered).
 21888 | D:6      | 21888 ||| Stepping ~*~*~tactically~*~*~ (outnumbered).
 21890 | D:6      | 21890 ||| Stepping ~*~*~tactically~*~*~ (outnumbered).
 21902 | D:6      | 21902 ||| Stepping ~*~*~tactically~*~*~ (outnumbered).
 21904 | D:6      | 21904 ||| Stepping ~*~*~tactically~*~*~ (outnumbered).
 21906 | D:6      | 21906 ||| Stepping ~*~*~tactically~*~*~ (outnumbered).
 21908 | D:6      | 21908 ||| Stepping ~*~*~tactically~*~*~ (outnumbered).
 21910 | D:6      | 21910 ||| Stepping ~*~*~tactically~*~*~ (outnumbered).
 21922 | D:6      | 21922 ||| Stepping ~*~*~tactically~*~*~ (outnumbered).
 21924 | D:6      | 21924 ||| Stepping ~*~*~tactically~*~*~ (outnumbered).
 21926 | D:6      | 21926 ||| Stepping ~*~*~tactically~*~*~ (outnumbered).
 21928 | D:6      | 21928 ||| Stepping ~*~*~tactically~*~*~ (outnumbered).
 21930 | D:6      | 21930 ||| Stepping ~*~*~tactically~*~*~ (outnumbered).
 21942 | D:6      | 21942 ||| Stepping ~*~*~tactically~*~*~ (outnumbered).
 21944 | D:6      | 21944 ||| Stepping ~*~*~tactically~*~*~ (outnumbered).
 21946 | D:6      | 21946 ||| Stepping ~*~*~tactically~*~*~ (outnumbered).
 21948 | D:6      | 21948 ||| Stepping ~*~*~tactically~*~*~ (outnumbered).
 21950 | D:6      | 21950 ||| Stepping ~*~*~tactically~*~*~ (outnumbered).
 21962 | D:6      | 21962 ||| Stepping ~*~*~tactically~*~*~ (outnumbered).
 21964 | D:6      | 21964 ||| Stepping ~*~*~tactically~*~*~ (outnumbered).
 21966 | D:6      | 21966 ||| Stepping ~*~*~tactically~*~*~ (outnumbered).
 21968 | D:6      | 21968 ||| Stepping ~*~*~tactically~*~*~ (outnumbered).
 21970 | D:6      | 21970 ||| Stepping ~*~*~tactically~*~*~ (outnumbered).
 21982 | D:6      | 21982 ||| Stepping ~*~*~tactically~*~*~ (outnumbered).
 21984 | D:6      | 21984 ||| Stepping ~*~*~tactically~*~*~ (outnumbered).
 21986 | D:6      | 21986 ||| Stepping ~*~*~tactically~*~*~ (outnumbered).
 21988 | D:6      | 21988 ||| Stepping ~*~*~tactically~*~*~ (outnumbered).
 21990 | D:6      | 21990 ||| Stepping ~*~*~tactically~*~*~ (outnumbered).
 22002 | D:6      | 22002 ||| Stepping ~*~*~tactically~*~*~ (outnumbered).
 22004 | D:6      | 22004 ||| Stepping ~*~*~tactically~*~*~ (outnumbered).
 22006 | D:6      | 22006 ||| Stepping ~*~*~tactically~*~*~ (outnumbered).
 22008 | D:6      | 22008 ||| Stepping ~*~*~tactically~*~*~ (outnumbered).
 22010 | D:6      | 22010 ||| Stepping ~*~*~tactically~*~*~ (outnumbered).
 22022 | D:6      | 22022 ||| Stepping ~*~*~tactically~*~*~ (outnumbered).
 22024 | D:6      | 22024 ||| Stepping ~*~*~tactically~*~*~ (outnumbered).
 22026 | D:6      | 22026 ||| Stepping ~*~*~tactically~*~*~ (outnumbered).
 22028 | D:6      | 22028 ||| Stepping ~*~*~tactically~*~*~ (outnumbered).
 22030 | D:6      | 22030 ||| Stepping ~*~*~tactically~*~*~ (outnumbered).
 22042 | D:6      | 22042 ||| Stepping ~*~*~tactically~*~*~ (outnumbered).
 22044 | D:6      | 22044 ||| Stepping ~*~*~tactically~*~*~ (outnumbered).
 22046 | D:6      | 22046 ||| Stepping ~*~*~tactically~*~*~ (outnumbered).
 22048 | D:6      | 22048 ||| Stepping ~*~*~tactically~*~*~ (outnumbered).
 22050 | D:6      | 22050 ||| Stepping ~*~*~tactically~*~*~ (outnumbered).
 22062 | D:6      | 22062 ||| Stepping ~*~*~tactically~*~*~ (outnumbered).
 22064 | D:6      | 22064 ||| Stepping ~*~*~tactically~*~*~ (outnumbered).
 22066 | D:6      | 22066 ||| Stepping ~*~*~tactically~*~*~ (outnumbered).
 22068 | D:6      | 22068 ||| Stepping ~*~*~tactically~*~*~ (outnumbered).
 22070 | D:6      | 22070 ||| Stepping ~*~*~tactically~*~*~ (outnumbered).
 22082 | D:6      | 22082 ||| Stepping ~*~*~tactically~*~*~ (outnumbered).
 22084 | D:6      | 22084 ||| Stepping ~*~*~tactically~*~*~ (outnumbered).
 22086 | D:6      | 22086 ||| Stepping ~*~*~tactically~*~*~ (outnumbered).
 22088 | D:6      | 22088 ||| Stepping ~*~*~tactically~*~*~ (outnumbered).
 22090 | D:6      | 22090 ||| Stepping ~*~*~tactically~*~*~ (outnumbered).
 22102 | D:6      | 22102 ||| Stepping ~*~*~tactically~*~*~ (outnumbered).
 22104 | D:6      | 22104 ||| Stepping ~*~*~tactically~*~*~ (outnumbered).
 22106 | D:6      | 22106 ||| Stepping ~*~*~tactically~*~*~ (outnumbered).
 22108 | D:6      | 22108 ||| Stepping ~*~*~tactically~*~*~ (outnumbered).
 22110 | D:6      | 22110 ||| Stepping ~*~*~tactically~*~*~ (outnumbered).
 22122 | D:6      | 22122 ||| Stepping ~*~*~tactically~*~*~ (outnumbered).
 22124 | D:6      | 22124 ||| Stepping ~*~*~tactically~*~*~ (outnumbered).
 22126 | D:6      | 22126 ||| Stepping ~*~*~tactically~*~*~ (outnumbered).
 22128 | D:6      | 22128 ||| Stepping ~*~*~tactically~*~*~ (outnumbered).
 22130 | D:6      | 22130 ||| Stepping ~*~*~tactically~*~*~ (outnumbered).
 22142 | D:6      | 22142 ||| Stepping ~*~*~tactically~*~*~ (outnumbered).
 22144 | D:6      | 22144 ||| Stepping ~*~*~tactically~*~*~ (outnumbered).
 22146 | D:6      | 22146 ||| Stepping ~*~*~tactically~*~*~ (outnumbered).
 22148 | D:6      | 22148 ||| Stepping ~*~*~tactically~*~*~ (outnumbered).
 22150 | D:6      | 22150 ||| Stepping ~*~*~tactically~*~*~ (outnumbered).
 22162 | D:6      | 22162 ||| Stepping ~*~*~tactically~*~*~ (outnumbered).
 22164 | D:6      | 22164 ||| Stepping ~*~*~tactically~*~*~ (outnumbered).
 22166 | D:6      | 22166 ||| Stepping ~*~*~tactically~*~*~ (outnumbered).
 22168 | D:6      | 22168 ||| Stepping ~*~*~tactically~*~*~ (outnumbered).
 22170 | D:6      | 22170 ||| Stepping ~*~*~tactically~*~*~ (outnumbered).
 22182 | D:6      | 22182 ||| Stepping ~*~*~tactically~*~*~ (outnumbered).
 22184 | D:6      | 22184 ||| Stepping ~*~*~tactically~*~*~ (outnumbered).
 22186 | D:6      | 22186 ||| Stepping ~*~*~tactically~*~*~ (outnumbered).
 22188 | D:6      | 22188 ||| Stepping ~*~*~tactically~*~*~ (outnumbered).
 22190 | D:6      | 22190 ||| Stepping ~*~*~tactically~*~*~ (outnumbered).
 22202 | D:6      | 22202 ||| Stepping ~*~*~tactically~*~*~ (outnumbered).
 22204 | D:6      | 22204 ||| Stepping ~*~*~tactically~*~*~ (outnumbered).
 22206 | D:6      | 22206 ||| Stepping ~*~*~tactically~*~*~ (outnumbered).
 22208 | D:6      | 22208 ||| Stepping ~*~*~tactically~*~*~ (outnumbered).
 22210 | D:6      | 22210 ||| Stepping ~*~*~tactically~*~*~ (outnumbered).
 22222 | D:6      | 22222 ||| Stepping ~*~*~tactically~*~*~ (outnumbered).
 22224 | D:6      | 22224 ||| Stepping ~*~*~tactically~*~*~ (outnumbered).
 22226 | D:6      | 22226 ||| Stepping ~*~*~tactically~*~*~ (outnumbered).
 22228 | D:6      | 22228 ||| Stepping ~*~*~tactically~*~*~ (outnumbered).
 22230 | D:6      | 22230 ||| Stepping ~*~*~tactically~*~*~ (outnumbered).
 22242 | D:6      | 22242 ||| Stepping ~*~*~tactically~*~*~ (outnumbered).
 22244 | D:6      | 22244 ||| Stepping ~*~*~tactically~*~*~ (outnumbered).
 22246 | D:6      | 22246 ||| Stepping ~*~*~tactically~*~*~ (outnumbered).
 22248 | D:6      | 22248 ||| Stepping ~*~*~tactically~*~*~ (outnumbered).
 22250 | D:6      | 22250 ||| Stepping ~*~*~tactically~*~*~ (outnumbered).
 22262 | D:6      | 22262 ||| Stepping ~*~*~tactically~*~*~ (outnumbered).
 22264 | D:6      | 22264 ||| Stepping ~*~*~tactically~*~*~ (outnumbered).
 22266 | D:6      | 22266 ||| Stepping ~*~*~tactically~*~*~ (outnumbered).
 22268 | D:6      | 22268 ||| Stepping ~*~*~tactically~*~*~ (outnumbered).
 22270 | D:6      | 22270 ||| Stepping ~*~*~tactically~*~*~ (outnumbered).
 22282 | D:6      | 22282 ||| Stepping ~*~*~tactically~*~*~ (outnumbered).
 22284 | D:6      | 22284 ||| Stepping ~*~*~tactically~*~*~ (outnumbered).
 22286 | D:6      | 22286 ||| Stepping ~*~*~tactically~*~*~ (outnumbered).
 22288 | D:6      | 22288 ||| Stepping ~*~*~tactically~*~*~ (outnumbered).
 22290 | D:6      | 22290 ||| Stepping ~*~*~tactically~*~*~ (outnumbered).
 22302 | D:6      | 22302 ||| Stepping ~*~*~tactically~*~*~ (outnumbered).
 22304 | D:6      | 22304 ||| Stepping ~*~*~tactically~*~*~ (outnumbered).
 22306 | D:6      | 22306 ||| Stepping ~*~*~tactically~*~*~ (outnumbered).
 22308 | D:6      | 22308 ||| Stepping ~*~*~tactically~*~*~ (outnumbered).
 22310 | D:6      | 22310 ||| Stepping ~*~*~tactically~*~*~ (outnumbered).
 22322 | D:6      | 22322 ||| Stepping ~*~*~tactically~*~*~ (outnumbered).
 22324 | D:6      | 22324 ||| Stepping ~*~*~tactically~*~*~ (outnumbered).
 22326 | D:6      | 22326 ||| Stepping ~*~*~tactically~*~*~ (outnumbered).
 22328 | D:6      | 22328 ||| Stepping ~*~*~tactically~*~*~ (outnumbered).
 22330 | D:6      | 22330 ||| Stepping ~*~*~tactically~*~*~ (outnumbered).
 22342 | D:6      | 22342 ||| Stepping ~*~*~tactically~*~*~ (outnumbered).
 22344 | D:6      | 22344 ||| Stepping ~*~*~tactically~*~*~ (outnumbered).
 22346 | D:6      | 22346 ||| Stepping ~*~*~tactically~*~*~ (outnumbered).
 22348 | D:6      | 22348 ||| Stepping ~*~*~tactically~*~*~ (outnumbered).
 22350 | D:6      | 22350 ||| Stepping ~*~*~tactically~*~*~ (outnumbered).
 22362 | D:6      | 22362 ||| Stepping ~*~*~tactically~*~*~ (outnumbered).
 22364 | D:6      | 22364 ||| Stepping ~*~*~tactically~*~*~ (outnumbered).
 22366 | D:6      | 22366 ||| Stepping ~*~*~tactically~*~*~ (outnumbered).
 22368 | D:6      | 22368 ||| Stepping ~*~*~tactically~*~*~ (outnumbered).
 22370 | D:6      | 22370 ||| Stepping ~*~*~tactically~*~*~ (outnumbered).
 22382 | D:6      | 22382 ||| Stepping ~*~*~tactically~*~*~ (outnumbered).
 22384 | D:6      | 22384 ||| Stepping ~*~*~tactically~*~*~ (outnumbered).
 22386 | D:6      | 22386 ||| Stepping ~*~*~tactically~*~*~ (outnumbered).
 22388 | D:6      | 22388 ||| Stepping ~*~*~tactically~*~*~ (outnumbered).
 22390 | D:6      | 22390 ||| Stepping ~*~*~tactically~*~*~ (outnumbered).
 22402 | D:6      | 22402 ||| Stepping ~*~*~tactically~*~*~ (outnumbered).
 22404 | D:6      | 22404 ||| Stepping ~*~*~tactically~*~*~ (outnumbered).
 22406 | D:6      | 22406 ||| Stepping ~*~*~tactically~*~*~ (outnumbered).
 22408 | D:6      | 22408 ||| Stepping ~*~*~tactically~*~*~ (outnumbered).
 22410 | D:6      | 22410 ||| Stepping ~*~*~tactically~*~*~ (outnumbered).
 22422 | D:6      | 22422 ||| Stepping ~*~*~tactically~*~*~ (outnumbered).
 22424 | D:6      | 22424 ||| Stepping ~*~*~tactically~*~*~ (outnumbered).
 22426 | D:6      | 22426 ||| Stepping ~*~*~tactically~*~*~ (outnumbered).
 22428 | D:6      | 22428 ||| Stepping ~*~*~tactically~*~*~ (outnumbered).
 22430 | D:6      | 22430 ||| Stepping ~*~*~tactically~*~*~ (outnumbered).
 22442 | D:6      | 22442 ||| Stepping ~*~*~tactically~*~*~ (outnumbered).
 22444 | D:6      | 22444 ||| Stepping ~*~*~tactically~*~*~ (outnumbered).
 22446 | D:6      | 22446 ||| Stepping ~*~*~tactically~*~*~ (outnumbered).
 22448 | D:6      | 22448 ||| Stepping ~*~*~tactically~*~*~ (outnumbered).
 22450 | D:6      | 22450 ||| Stepping ~*~*~tactically~*~*~ (outnumbered).
 22462 | D:6      | 22462 ||| Stepping ~*~*~tactically~*~*~ (outnumbered).
 22464 | D:6      | 22464 ||| Stepping ~*~*~tactically~*~*~ (outnumbered).
 22466 | D:6      | 22466 ||| Stepping ~*~*~tactically~*~*~ (outnumbered).
 22468 | D:6      | 22468 ||| Stepping ~*~*~tactically~*~*~ (outnumbered).
 22470 | D:6      | 22470 ||| Stepping ~*~*~tactically~*~*~ (outnumbered).
 22482 | D:6      | 22482 ||| Stepping ~*~*~tactically~*~*~ (outnumbered).
 22484 | D:6      | 22484 ||| Stepping ~*~*~tactically~*~*~ (outnumbered).
 22486 | D:6      | 22486 ||| Stepping ~*~*~tactically~*~*~ (outnumbered).
 22488 | D:6      | 22488 ||| Stepping ~*~*~tactically~*~*~ (outnumbered).
 22490 | D:6      | 22490 ||| Stepping ~*~*~tactically~*~*~ (outnumbered).
 22502 | D:6      | 22502 ||| Stepping ~*~*~tactically~*~*~ (outnumbered).
 22504 | D:6      | 22504 ||| Stepping ~*~*~tactically~*~*~ (outnumbered).
 22506 | D:6      | 22506 ||| Stepping ~*~*~tactically~*~*~ (outnumbered).
 22508 | D:6      | 22508 ||| Stepping ~*~*~tactically~*~*~ (outnumbered).
 22510 | D:6      | 22510 ||| Stepping ~*~*~tactically~*~*~ (outnumbered).
 22522 | D:6      | 22522 ||| Stepping ~*~*~tactically~*~*~ (outnumbered).
 22524 | D:6      | 22524 ||| Stepping ~*~*~tactically~*~*~ (outnumbered).
 22526 | D:6      | 22526 ||| Stepping ~*~*~tactically~*~*~ (outnumbered).
 22528 | D:6      | 22528 ||| Stepping ~*~*~tactically~*~*~ (outnumbered).
 22530 | D:6      | 22530 ||| Stepping ~*~*~tactically~*~*~ (outnumbered).
 22542 | D:6      | 22542 ||| Stepping ~*~*~tactically~*~*~ (outnumbered).
 22544 | D:6      | 22544 ||| Stepping ~*~*~tactically~*~*~ (outnumbered).
 22546 | D:6      | 22546 ||| Stepping ~*~*~tactically~*~*~ (outnumbered).
 22548 | D:6      | 22548 ||| Stepping ~*~*~tactically~*~*~ (outnumbered).
 22550 | D:6      | 22550 ||| Stepping ~*~*~tactically~*~*~ (outnumbered).
 22562 | D:6      | 22562 ||| Stepping ~*~*~tactically~*~*~ (outnumbered).
 22564 | D:6      | 22564 ||| Stepping ~*~*~tactically~*~*~ (outnumbered).
 22566 | D:6      | 22566 ||| Stepping ~*~*~tactically~*~*~ (outnumbered).
 22568 | D:6      | 22568 ||| Stepping ~*~*~tactically~*~*~ (outnumbered).
 22570 | D:6      | 22570 ||| Stepping ~*~*~tactically~*~*~ (outnumbered).
 22582 | D:6      | 22582 ||| Stepping ~*~*~tactically~*~*~ (outnumbered).
 22584 | D:6      | 22584 ||| Stepping ~*~*~tactically~*~*~ (outnumbered).
 22586 | D:6      | 22586 ||| Stepping ~*~*~tactically~*~*~ (outnumbered).
 22588 | D:6      | 22588 ||| Stepping ~*~*~tactically~*~*~ (outnumbered).
 22590 | D:6      | 22590 ||| Stepping ~*~*~tactically~*~*~ (outnumbered).
 22602 | D:6      | 22602 ||| Stepping ~*~*~tactically~*~*~ (outnumbered).
 22604 | D:6      | 22604 ||| Stepping ~*~*~tactically~*~*~ (outnumbered).
 22606 | D:6      | 22606 ||| Stepping ~*~*~tactically~*~*~ (outnumbered).
 22608 | D:6      | 22608 ||| Stepping ~*~*~tactically~*~*~ (outnumbered).
 22610 | D:6      | 22610 ||| Stepping ~*~*~tactically~*~*~ (outnumbered).
 22622 | D:6      | 22622 ||| Stepping ~*~*~tactically~*~*~ (outnumbered).
 22624 | D:6      | 22624 ||| Stepping ~*~*~tactically~*~*~ (outnumbered).
 22626 | D:6      | 22626 ||| Stepping ~*~*~tactically~*~*~ (outnumbered).
 22628 | D:6      | 22628 ||| Stepping ~*~*~tactically~*~*~ (outnumbered).
 22630 | D:6      | 22630 ||| Stepping ~*~*~tactically~*~*~ (outnumbered).
 22642 | D:6      | 22642 ||| Stepping ~*~*~tactically~*~*~ (outnumbered).
 22644 | D:6      | 22644 ||| Stepping ~*~*~tactically~*~*~ (outnumbered).
 22646 | D:6      | 22646 ||| Stepping ~*~*~tactically~*~*~ (outnumbered).
 22648 | D:6      | 22648 ||| Stepping ~*~*~tactically~*~*~ (outnumbered).
 22650 | D:6      | 22650 ||| Stepping ~*~*~tactically~*~*~ (outnumbered).
 22662 | D:6      | 22662 ||| Stepping ~*~*~tactically~*~*~ (outnumbered).
 22664 | D:6      | 22664 ||| Stepping ~*~*~tactically~*~*~ (outnumbered).
 22666 | D:6      | 22666 ||| Stepping ~*~*~tactically~*~*~ (outnumbered).
 22668 | D:6      | 22668 ||| Stepping ~*~*~tactically~*~*~ (outnumbered).
 22670 | D:6      | 22670 ||| Stepping ~*~*~tactically~*~*~ (outnumbered).
 22682 | D:6      | 22682 ||| Stepping ~*~*~tactically~*~*~ (outnumbered).
 22684 | D:6      | 22684 ||| Stepping ~*~*~tactically~*~*~ (outnumbered).
 22686 | D:6      | 22686 ||| Stepping ~*~*~tactically~*~*~ (outnumbered).
 22688 | D:6      | 22688 ||| Stepping ~*~*~tactically~*~*~ (outnumbered).
 22690 | D:6      | 22690 ||| Stepping ~*~*~tactically~*~*~ (outnumbered).
 22702 | D:6      | 22702 ||| Stepping ~*~*~tactically~*~*~ (outnumbered).
 22704 | D:6      | 22704 ||| Stepping ~*~*~tactically~*~*~ (outnumbered).
 22706 | D:6      | 22706 ||| Stepping ~*~*~tactically~*~*~ (outnumbered).
 22708 | D:6      | 22708 ||| Stepping ~*~*~tactically~*~*~ (outnumbered).
 22710 | D:6      | 22710 ||| Stepping ~*~*~tactically~*~*~ (outnumbered).
 22722 | D:6      | 22722 ||| Stepping ~*~*~tactically~*~*~ (outnumbered).
 22724 | D:6      | 22724 ||| Stepping ~*~*~tactically~*~*~ (outnumbered).
 22726 | D:6      | 22726 ||| Stepping ~*~*~tactically~*~*~ (outnumbered).
 22728 | D:6      | 22728 ||| Stepping ~*~*~tactically~*~*~ (outnumbered).
 22730 | D:6      | 22730 ||| Stepping ~*~*~tactically~*~*~ (outnumbered).
 22742 | D:6      | 22742 ||| Stepping ~*~*~tactically~*~*~ (outnumbered).
 22744 | D:6      | 22744 ||| Stepping ~*~*~tactically~*~*~ (outnumbered).
 22746 | D:6      | 22746 ||| Stepping ~*~*~tactically~*~*~ (outnumbered).
 22748 | D:6      | 22748 ||| Stepping ~*~*~tactically~*~*~ (outnumbered).
 22750 | D:6      | 22750 ||| Stepping ~*~*~tactically~*~*~ (outnumbered).
 22762 | D:6      | 22762 ||| Stepping ~*~*~tactically~*~*~ (outnumbered).
 22764 | D:6      | 22764 ||| Stepping ~*~*~tactically~*~*~ (outnumbered).
 22766 | D:6      | 22766 ||| Stepping ~*~*~tactically~*~*~ (outnumbered).
 22768 | D:6      | 22768 ||| Stepping ~*~*~tactically~*~*~ (outnumbered).
 22770 | D:6      | 22770 ||| Stepping ~*~*~tactically~*~*~ (outnumbered).
 22782 | D:6      | 22782 ||| Stepping ~*~*~tactically~*~*~ (outnumbered).
 22784 | D:6      | 22784 ||| Stepping ~*~*~tactically~*~*~ (outnumbered).
 22786 | D:6      | 22786 ||| Stepping ~*~*~tactically~*~*~ (outnumbered).
 22788 | D:6      | 22788 ||| Stepping ~*~*~tactically~*~*~ (outnumbered).
 22790 | D:6      | 22790 ||| Stepping ~*~*~tactically~*~*~ (outnumbered).
 22802 | D:6      | 22802 ||| Stepping ~*~*~tactically~*~*~ (outnumbered).
 22804 | D:6      | 22804 ||| Stepping ~*~*~tactically~*~*~ (outnumbered).
 22806 | D:6      | 22806 ||| Stepping ~*~*~tactically~*~*~ (outnumbered).
 22808 | D:6      | 22808 ||| Stepping ~*~*~tactically~*~*~ (outnumbered).
 22810 | D:6      | 22810 ||| Stepping ~*~*~tactically~*~*~ (outnumbered).
 22822 | D:6      | 22822 ||| Stepping ~*~*~tactically~*~*~ (outnumbered).
 22824 | D:6      | 22824 ||| Stepping ~*~*~tactically~*~*~ (outnumbered).
 22826 | D:6      | 22826 ||| Stepping ~*~*~tactically~*~*~ (outnumbered).
 22828 | D:6      | 22828 ||| Stepping ~*~*~tactically~*~*~ (outnumbered).
 22830 | D:6      | 22830 ||| Stepping ~*~*~tactically~*~*~ (outnumbered).
 22842 | D:6      | 22842 ||| Stepping ~*~*~tactically~*~*~ (outnumbered).
 22844 | D:6      | 22844 ||| Stepping ~*~*~tactically~*~*~ (outnumbered).
 22846 | D:6      | 22846 ||| Stepping ~*~*~tactically~*~*~ (outnumbered).
 22848 | D:6      | 22848 ||| Stepping ~*~*~tactically~*~*~ (outnumbered).
 22850 | D:6      | 22850 ||| Stepping ~*~*~tactically~*~*~ (outnumbered).
 22862 | D:6      | 22862 ||| Stepping ~*~*~tactically~*~*~ (outnumbered).
 22864 | D:6      | 22864 ||| Stepping ~*~*~tactically~*~*~ (outnumbered).
 22866 | D:6      | 22866 ||| Stepping ~*~*~tactically~*~*~ (outnumbered).
 22868 | D:6      | 22868 ||| Stepping ~*~*~tactically~*~*~ (outnumbered).
 22870 | D:6      | 22870 ||| Stepping ~*~*~tactically~*~*~ (outnumbered).
 22882 | D:6      | 22882 ||| Stepping ~*~*~tactically~*~*~ (outnumbered).
 22884 | D:6      | 22884 ||| Stepping ~*~*~tactically~*~*~ (outnumbered).
 22886 | D:6      | 22886 ||| Stepping ~*~*~tactically~*~*~ (outnumbered).
 22888 | D:6      | 22888 ||| Stepping ~*~*~tactically~*~*~ (outnumbered).
 22890 | D:6      | 22890 ||| Stepping ~*~*~tactically~*~*~ (outnumbered).
 22902 | D:6      | 22902 ||| Stepping ~*~*~tactically~*~*~ (outnumbered).
 22904 | D:6      | 22904 ||| Stepping ~*~*~tactically~*~*~ (outnumbered).
 22906 | D:6      | 22906 ||| Stepping ~*~*~tactically~*~*~ (outnumbered).
 22908 | D:6      | 22908 ||| Stepping ~*~*~tactically~*~*~ (outnumbered).
 22910 | D:6      | 22910 ||| Stepping ~*~*~tactically~*~*~ (outnumbered).
 22922 | D:6      | 22922 ||| Stepping ~*~*~tactically~*~*~ (outnumbered).
 22924 | D:6      | 22924 ||| Stepping ~*~*~tactically~*~*~ (outnumbered).
 22926 | D:6      | 22926 ||| Stepping ~*~*~tactically~*~*~ (outnumbered).
 22928 | D:6      | 22928 ||| Stepping ~*~*~tactically~*~*~ (outnumbered).
 22930 | D:6      | 22930 ||| Stepping ~*~*~tactically~*~*~ (outnumbered).
 22942 | D:6      | 22942 ||| Stepping ~*~*~tactically~*~*~ (outnumbered).
 22944 | D:6      | 22944 ||| Stepping ~*~*~tactically~*~*~ (outnumbered).
 22946 | D:6      | 22946 ||| Stepping ~*~*~tactically~*~*~ (outnumbered).
 22948 | D:6      | 22948 ||| Stepping ~*~*~tactically~*~*~ (outnumbered).
 22950 | D:6      | 22950 ||| Stepping ~*~*~tactically~*~*~ (outnumbered).
 22962 | D:6      | 22962 ||| Stepping ~*~*~tactically~*~*~ (outnumbered).
 22964 | D:6      | 22964 ||| Stepping ~*~*~tactically~*~*~ (outnumbered).
 22966 | D:6      | 22966 ||| Stepping ~*~*~tactically~*~*~ (outnumbered).
 22968 | D:6      | 22968 ||| Stepping ~*~*~tactically~*~*~ (outnumbered).
 22970 | D:6      | 22970 ||| Stepping ~*~*~tactically~*~*~ (outnumbered).
 22982 | D:6      | 22982 ||| Stepping ~*~*~tactically~*~*~ (outnumbered).
 22984 | D:6      | 22984 ||| Stepping ~*~*~tactically~*~*~ (outnumbered).
 22986 | D:6      | 22986 ||| Stepping ~*~*~tactically~*~*~ (outnumbered).
 22988 | D:6      | 22988 ||| Stepping ~*~*~tactically~*~*~ (outnumbered).
 22990 | D:6      | 22990 ||| Stepping ~*~*~tactically~*~*~ (outnumbered).
 23002 | D:6      | 23002 ||| Stepping ~*~*~tactically~*~*~ (outnumbered).
 23004 | D:6      | 23004 ||| Stepping ~*~*~tactically~*~*~ (outnumbered).
 23006 | D:6      | 23006 ||| Stepping ~*~*~tactically~*~*~ (outnumbered).
 23008 | D:6      | 23008 ||| Stepping ~*~*~tactically~*~*~ (outnumbered).
 23010 | D:6      | 23010 ||| Stepping ~*~*~tactically~*~*~ (outnumbered).
 23022 | D:6      | 23022 ||| Stepping ~*~*~tactically~*~*~ (outnumbered).
 23024 | D:6      | 23024 ||| Stepping ~*~*~tactically~*~*~ (outnumbered).
 23026 | D:6      | 23026 ||| Stepping ~*~*~tactically~*~*~ (outnumbered).
 23028 | D:6      | 23028 ||| Stepping ~*~*~tactically~*~*~ (outnumbered).
 23030 | D:6      | 23030 ||| Stepping ~*~*~tactically~*~*~ (outnumbered).
 23042 | D:6      | 23042 ||| Stepping ~*~*~tactically~*~*~ (outnumbered).
 23044 | D:6      | 23044 ||| Stepping ~*~*~tactically~*~*~ (outnumbered).
 23046 | D:6      | 23046 ||| Stepping ~*~*~tactically~*~*~ (outnumbered).
 23048 | D:6      | 23048 ||| Stepping ~*~*~tactically~*~*~ (outnumbered).
 23050 | D:6      | 23050 ||| Stepping ~*~*~tactically~*~*~ (outnumbered).
 23062 | D:6      | 23062 ||| Stepping ~*~*~tactically~*~*~ (outnumbered).
 23064 | D:6      | 23064 ||| Stepping ~*~*~tactically~*~*~ (outnumbered).
 23066 | D:6      | 23066 ||| Stepping ~*~*~tactically~*~*~ (outnumbered).
 23068 | D:6      | 23068 ||| Stepping ~*~*~tactically~*~*~ (outnumbered).
 23070 | D:6      | 23070 ||| Stepping ~*~*~tactically~*~*~ (outnumbered).
 23082 | D:6      | 23082 ||| Stepping ~*~*~tactically~*~*~ (outnumbered).
 23084 | D:6      | 23084 ||| Stepping ~*~*~tactically~*~*~ (outnumbered).
 23086 | D:6      | 23086 ||| Stepping ~*~*~tactically~*~*~ (outnumbered).
 23088 | D:6      | 23088 ||| Stepping ~*~*~tactically~*~*~ (outnumbered).
 23090 | D:6      | 23090 ||| Stepping ~*~*~tactically~*~*~ (outnumbered).
 23102 | D:6      | 23102 ||| Stepping ~*~*~tactically~*~*~ (outnumbered).
 23104 | D:6      | 23104 ||| Stepping ~*~*~tactically~*~*~ (outnumbered).
 23106 | D:6      | 23106 ||| Stepping ~*~*~tactically~*~*~ (outnumbered).
 23108 | D:6      | 23108 ||| Stepping ~*~*~tactically~*~*~ (outnumbered).
 23110 | D:6      | 23110 ||| Stepping ~*~*~tactically~*~*~ (outnumbered).
 23122 | D:6      | 23122 ||| Stepping ~*~*~tactically~*~*~ (outnumbered).
 23124 | D:6      | 23124 ||| Stepping ~*~*~tactically~*~*~ (outnumbered).
 23126 | D:6      | 23126 ||| Stepping ~*~*~tactically~*~*~ (outnumbered).
 23128 | D:6      | 23128 ||| Stepping ~*~*~tactically~*~*~ (outnumbered).
 23130 | D:6      | 23130 ||| Stepping ~*~*~tactically~*~*~ (outnumbered).
 23142 | D:6      | 23142 ||| Stepping ~*~*~tactically~*~*~ (outnumbered).
 23144 | D:6      | 23144 ||| Stepping ~*~*~tactically~*~*~ (outnumbered).
 23146 | D:6      | 23146 ||| Stepping ~*~*~tactically~*~*~ (outnumbered).
 23148 | D:6      | 23148 ||| Stepping ~*~*~tactically~*~*~ (outnumbered).
 23150 | D:6      | 23150 ||| Stepping ~*~*~tactically~*~*~ (outnumbered).
 23162 | D:6      | 23162 ||| Stepping ~*~*~tactically~*~*~ (outnumbered).
 23164 | D:6      | 23164 ||| Stepping ~*~*~tactically~*~*~ (outnumbered).
 23166 | D:6      | 23166 ||| Stepping ~*~*~tactically~*~*~ (outnumbered).
 23168 | D:6      | 23168 ||| Stepping ~*~*~tactically~*~*~ (outnumbered).
 23170 | D:6      | 23170 ||| Stepping ~*~*~tactically~*~*~ (outnumbered).
 23182 | D:6      | 23182 ||| Stepping ~*~*~tactically~*~*~ (outnumbered).
 23184 | D:6      | 23184 ||| Stepping ~*~*~tactically~*~*~ (outnumbered).
 23186 | D:6      | 23186 ||| Stepping ~*~*~tactically~*~*~ (outnumbered).
 23188 | D:6      | 23188 ||| Stepping ~*~*~tactically~*~*~ (outnumbered).
 23190 | D:6      | 23190 ||| Stepping ~*~*~tactically~*~*~ (outnumbered).
 23202 | D:6      | 23202 ||| Stepping ~*~*~tactically~*~*~ (outnumbered).
 23204 | D:6      | 23204 ||| Stepping ~*~*~tactically~*~*~ (outnumbered).
 23206 | D:6      | 23206 ||| Stepping ~*~*~tactically~*~*~ (outnumbered).
 23208 | D:6      | 23208 ||| Stepping ~*~*~tactically~*~*~ (outnumbered).
 23210 | D:6      | 23210 ||| Stepping ~*~*~tactically~*~*~ (outnumbered).
 23222 | D:6      | 23222 ||| Stepping ~*~*~tactically~*~*~ (outnumbered).
 23224 | D:6      | 23224 ||| Stepping ~*~*~tactically~*~*~ (outnumbered).
 23226 | D:6      | 23226 ||| Stepping ~*~*~tactically~*~*~ (outnumbered).
 23228 | D:6      | 23228 ||| Stepping ~*~*~tactically~*~*~ (outnumbered).
 23230 | D:6      | 23230 ||| Stepping ~*~*~tactically~*~*~ (outnumbered).
 23242 | D:6      | 23242 ||| Stepping ~*~*~tactically~*~*~ (outnumbered).
 23244 | D:6      | 23244 ||| Stepping ~*~*~tactically~*~*~ (outnumbered).
 23246 | D:6      | 23246 ||| Stepping ~*~*~tactically~*~*~ (outnumbered).
 23248 | D:6      | 23248 ||| Stepping ~*~*~tactically~*~*~ (outnumbered).
 23250 | D:6      | 23250 ||| Stepping ~*~*~tactically~*~*~ (outnumbered).
 23262 | D:6      | 23262 ||| Stepping ~*~*~tactically~*~*~ (outnumbered).
 23264 | D:6      | 23264 ||| Stepping ~*~*~tactically~*~*~ (outnumbered).
 23266 | D:6      | 23266 ||| Stepping ~*~*~tactically~*~*~ (outnumbered).
 23268 | D:6      | 23268 ||| Stepping ~*~*~tactically~*~*~ (outnumbered).
 23270 | D:6      | 23270 ||| Stepping ~*~*~tactically~*~*~ (outnumbered).
 23282 | D:6      | 23282 ||| Stepping ~*~*~tactically~*~*~ (outnumbered).
 23284 | D:6      | 23284 ||| Stepping ~*~*~tactically~*~*~ (outnumbered).
 23286 | D:6      | 23286 ||| Stepping ~*~*~tactically~*~*~ (outnumbered).
 23288 | D:6      | 23288 ||| Stepping ~*~*~tactically~*~*~ (outnumbered).
 23290 | D:6      | 23290 ||| Stepping ~*~*~tactically~*~*~ (outnumbered).
 23302 | D:6      | 23302 ||| Stepping ~*~*~tactically~*~*~ (outnumbered).
 23304 | D:6      | 23304 ||| Stepping ~*~*~tactically~*~*~ (outnumbered).
 23306 | D:6      | 23306 ||| Stepping ~*~*~tactically~*~*~ (outnumbered).
 23308 | D:6      | 23308 ||| Stepping ~*~*~tactically~*~*~ (outnumbered).
 23310 | D:6      | 23310 ||| Stepping ~*~*~tactically~*~*~ (outnumbered).
 23322 | D:6      | 23322 ||| Stepping ~*~*~tactically~*~*~ (outnumbered).
 23324 | D:6      | 23324 ||| Stepping ~*~*~tactically~*~*~ (outnumbered).
 23326 | D:6      | 23326 ||| Stepping ~*~*~tactically~*~*~ (outnumbered).
 23328 | D:6      | 23328 ||| Stepping ~*~*~tactically~*~*~ (outnumbered).
 23330 | D:6      | 23330 ||| Stepping ~*~*~tactically~*~*~ (outnumbered).
 23342 | D:6      | 23342 ||| Stepping ~*~*~tactically~*~*~ (outnumbered).
 23344 | D:6      | 23344 ||| Stepping ~*~*~tactically~*~*~ (outnumbered).
 23346 | D:6      | 23346 ||| Stepping ~*~*~tactically~*~*~ (outnumbered).
 23348 | D:6      | 23348 ||| Stepping ~*~*~tactically~*~*~ (outnumbered).
 23350 | D:6      | 23350 ||| Stepping ~*~*~tactically~*~*~ (outnumbered).
 23362 | D:6      | 23362 ||| Stepping ~*~*~tactically~*~*~ (outnumbered).
 23364 | D:6      | 23364 ||| Stepping ~*~*~tactically~*~*~ (outnumbered).
 23366 | D:6      | 23366 ||| Stepping ~*~*~tactically~*~*~ (outnumbered).
 23368 | D:6      | 23368 ||| Stepping ~*~*~tactically~*~*~ (outnumbered).
 23370 | D:6      | 23370 ||| Stepping ~*~*~tactically~*~*~ (outnumbered).
 23382 | D:6      | 23382 ||| Stepping ~*~*~tactically~*~*~ (outnumbered).
 23384 | D:6      | 23384 ||| Stepping ~*~*~tactically~*~*~ (outnumbered).
 23386 | D:6      | 23386 ||| Stepping ~*~*~tactically~*~*~ (outnumbered).
 23388 | D:6      | 23388 ||| Stepping ~*~*~tactically~*~*~ (outnumbered).
 23390 | D:6      | 23390 ||| Stepping ~*~*~tactically~*~*~ (outnumbered).
 23402 | D:6      | 23402 ||| Stepping ~*~*~tactically~*~*~ (outnumbered).
 23404 | D:6      | 23404 ||| Stepping ~*~*~tactically~*~*~ (outnumbered).
 23406 | D:6      | 23406 ||| Stepping ~*~*~tactically~*~*~ (outnumbered).
 23408 | D:6      | 23408 ||| Stepping ~*~*~tactically~*~*~ (outnumbered).
 23410 | D:6      | 23410 ||| Stepping ~*~*~tactically~*~*~ (outnumbered).
 23422 | D:6      | 23422 ||| Stepping ~*~*~tactically~*~*~ (outnumbered).
 23424 | D:6      | 23424 ||| Stepping ~*~*~tactically~*~*~ (outnumbered).
 23426 | D:6      | 23426 ||| Stepping ~*~*~tactically~*~*~ (outnumbered).
 23428 | D:6      | 23428 ||| Stepping ~*~*~tactically~*~*~ (outnumbered).
 23430 | D:6      | 23430 ||| Stepping ~*~*~tactically~*~*~ (outnumbered).
 23442 | D:6      | 23442 ||| Stepping ~*~*~tactically~*~*~ (outnumbered).
 23444 | D:6      | 23444 ||| Stepping ~*~*~tactically~*~*~ (outnumbered).
 23446 | D:6      | 23446 ||| Stepping ~*~*~tactically~*~*~ (outnumbered).
 23448 | D:6      | 23448 ||| Stepping ~*~*~tactically~*~*~ (outnumbered).
 23450 | D:6      | 23450 ||| Stepping ~*~*~tactically~*~*~ (outnumbered).
 23462 | D:6      | 23462 ||| Stepping ~*~*~tactically~*~*~ (outnumbered).
 23464 | D:6      | 23464 ||| Stepping ~*~*~tactically~*~*~ (outnumbered).
 23466 | D:6      | 23466 ||| Stepping ~*~*~tactically~*~*~ (outnumbered).
 23468 | D:6      | 23468 ||| Stepping ~*~*~tactically~*~*~ (outnumbered).
 23470 | D:6      | 23470 ||| Stepping ~*~*~tactically~*~*~ (outnumbered).
 23482 | D:6      | 23482 ||| Stepping ~*~*~tactically~*~*~ (outnumbered).
 23484 | D:6      | 23484 ||| Stepping ~*~*~tactically~*~*~ (outnumbered).
 23486 | D:6      | 23486 ||| Stepping ~*~*~tactically~*~*~ (outnumbered).
 23488 | D:6      | 23488 ||| Stepping ~*~*~tactically~*~*~ (outnumbered).
 23490 | D:6      | 23490 ||| Stepping ~*~*~tactically~*~*~ (outnumbered).
 23502 | D:6      | 23502 ||| Stepping ~*~*~tactically~*~*~ (outnumbered).
 23504 | D:6      | 23504 ||| Stepping ~*~*~tactically~*~*~ (outnumbered).
 23506 | D:6      | 23506 ||| Stepping ~*~*~tactically~*~*~ (outnumbered).
 23508 | D:6      | 23508 ||| Stepping ~*~*~tactically~*~*~ (outnumbered).
 23510 | D:6      | 23510 ||| Stepping ~*~*~tactically~*~*~ (outnumbered).
 23522 | D:6      | 23522 ||| Stepping ~*~*~tactically~*~*~ (outnumbered).
 23524 | D:6      | 23524 ||| Stepping ~*~*~tactically~*~*~ (outnumbered).
 23526 | D:6      | 23526 ||| Stepping ~*~*~tactically~*~*~ (outnumbered).
 23528 | D:6      | 23528 ||| Stepping ~*~*~tactically~*~*~ (outnumbered).
 23530 | D:6      | 23530 ||| Stepping ~*~*~tactically~*~*~ (outnumbered).
 23542 | D:6      | 23542 ||| Stepping ~*~*~tactically~*~*~ (outnumbered).
 23544 | D:6      | 23544 ||| Stepping ~*~*~tactically~*~*~ (outnumbered).
 23546 | D:6      | 23546 ||| Stepping ~*~*~tactically~*~*~ (outnumbered).
 23548 | D:6      | 23548 ||| Stepping ~*~*~tactically~*~*~ (outnumbered).
 23550 | D:6      | 23550 ||| Stepping ~*~*~tactically~*~*~ (outnumbered).
 23562 | D:6      | 23562 ||| Stepping ~*~*~tactically~*~*~ (outnumbered).
 23564 | D:6      | 23564 ||| Stepping ~*~*~tactically~*~*~ (outnumbered).
 23566 | D:6      | 23566 ||| Stepping ~*~*~tactically~*~*~ (outnumbered).
 23568 | D:6      | 23568 ||| Stepping ~*~*~tactically~*~*~ (outnumbered).
 23570 | D:6      | 23570 ||| Stepping ~*~*~tactically~*~*~ (outnumbered).
 23582 | D:6      | 23582 ||| Stepping ~*~*~tactically~*~*~ (outnumbered).
 23584 | D:6      | 23584 ||| Stepping ~*~*~tactically~*~*~ (outnumbered).
 23586 | D:6      | 23586 ||| Stepping ~*~*~tactically~*~*~ (outnumbered).
 23588 | D:6      | 23588 ||| Stepping ~*~*~tactically~*~*~ (outnumbered).
 23590 | D:6      | 23590 ||| Stepping ~*~*~tactically~*~*~ (outnumbered).
 23602 | D:6      | 23602 ||| Stepping ~*~*~tactically~*~*~ (outnumbered).
 23604 | D:6      | 23604 ||| Stepping ~*~*~tactically~*~*~ (outnumbered).
 23606 | D:6      | 23606 ||| Stepping ~*~*~tactically~*~*~ (outnumbered).
 23608 | D:6      | 23608 ||| Stepping ~*~*~tactically~*~*~ (outnumbered).
 23610 | D:6      | 23610 ||| Stepping ~*~*~tactically~*~*~ (outnumbered).
 23622 | D:6      | 23622 ||| Stepping ~*~*~tactically~*~*~ (outnumbered).
 23624 | D:6      | 23624 ||| Stepping ~*~*~tactically~*~*~ (outnumbered).
 23626 | D:6      | 23626 ||| Stepping ~*~*~tactically~*~*~ (outnumbered).
 23628 | D:6      | 23628 ||| Stepping ~*~*~tactically~*~*~ (outnumbered).
 23630 | D:6      | 23630 ||| Stepping ~*~*~tactically~*~*~ (outnumbered).
 23642 | D:6      | 23642 ||| Stepping ~*~*~tactically~*~*~ (outnumbered).
 23644 | D:6      | 23644 ||| Stepping ~*~*~tactically~*~*~ (outnumbered).
 23646 | D:6      | 23646 ||| Stepping ~*~*~tactically~*~*~ (outnumbered).
 23648 | D:6      | 23648 ||| Stepping ~*~*~tactically~*~*~ (outnumbered).
 23650 | D:6      | 23650 ||| Stepping ~*~*~tactically~*~*~ (outnumbered).
 23662 | D:6      | 23662 ||| Stepping ~*~*~tactically~*~*~ (outnumbered).
 23664 | D:6      | 23664 ||| Stepping ~*~*~tactically~*~*~ (outnumbered).
 23666 | D:6      | 23666 ||| Stepping ~*~*~tactically~*~*~ (outnumbered).
 23668 | D:6      | 23668 ||| Stepping ~*~*~tactically~*~*~ (outnumbered).
 23670 | D:6      | 23670 ||| Stepping ~*~*~tactically~*~*~ (outnumbered).
 23682 | D:6      | 23682 ||| Stepping ~*~*~tactically~*~*~ (outnumbered).
 23684 | D:6      | 23684 ||| Stepping ~*~*~tactically~*~*~ (outnumbered).
 23686 | D:6      | 23686 ||| Stepping ~*~*~tactically~*~*~ (outnumbered).
 23688 | D:6      | 23688 ||| Stepping ~*~*~tactically~*~*~ (outnumbered).
 23690 | D:6      | 23690 ||| Stepping ~*~*~tactically~*~*~ (outnumbered).
 23702 | D:6      | 23702 ||| Stepping ~*~*~tactically~*~*~ (outnumbered).
 23704 | D:6      | 23704 ||| Stepping ~*~*~tactically~*~*~ (outnumbered).
 23706 | D:6      | 23706 ||| Stepping ~*~*~tactically~*~*~ (outnumbered).
 23708 | D:6      | 23708 ||| Stepping ~*~*~tactically~*~*~ (outnumbered).
 23710 | D:6      | 23710 ||| Stepping ~*~*~tactically~*~*~ (outnumbered).
 23722 | D:6      | 23722 ||| Stepping ~*~*~tactically~*~*~ (outnumbered).
 23724 | D:6      | 23724 ||| Stepping ~*~*~tactically~*~*~ (outnumbered).
 23726 | D:6      | 23726 ||| Stepping ~*~*~tactically~*~*~ (outnumbered).
 23728 | D:6      | 23728 ||| Stepping ~*~*~tactically~*~*~ (outnumbered).
 23730 | D:6      | 23730 ||| Stepping ~*~*~tactically~*~*~ (outnumbered).
 23742 | D:6      | 23742 ||| Stepping ~*~*~tactically~*~*~ (outnumbered).
 23744 | D:6      | 23744 ||| Stepping ~*~*~tactically~*~*~ (outnumbered).
 23746 | D:6      | 23746 ||| Stepping ~*~*~tactically~*~*~ (outnumbered).
 23748 | D:6      | 23748 ||| Stepping ~*~*~tactically~*~*~ (outnumbered).
 23750 | D:6      | 23750 ||| Stepping ~*~*~tactically~*~*~ (outnumbered).
 23762 | D:6      | 23762 ||| Stepping ~*~*~tactically~*~*~ (outnumbered).
 23764 | D:6      | 23764 ||| Stepping ~*~*~tactically~*~*~ (outnumbered).
 23766 | D:6      | 23766 ||| Stepping ~*~*~tactically~*~*~ (outnumbered).
 23768 | D:6      | 23768 ||| Stepping ~*~*~tactically~*~*~ (outnumbered).
 23770 | D:6      | 23770 ||| Stepping ~*~*~tactically~*~*~ (outnumbered).
 23782 | D:6      | 23782 ||| Stepping ~*~*~tactically~*~*~ (outnumbered).
 23784 | D:6      | 23784 ||| Stepping ~*~*~tactically~*~*~ (outnumbered).
 23786 | D:6      | 23786 ||| Stepping ~*~*~tactically~*~*~ (outnumbered).
 23788 | D:6      | 23788 ||| Stepping ~*~*~tactically~*~*~ (outnumbered).
 23790 | D:6      | 23790 ||| Stepping ~*~*~tactically~*~*~ (outnumbered).
 23802 | D:6      | 23802 ||| Stepping ~*~*~tactically~*~*~ (outnumbered).
 23804 | D:6      | 23804 ||| Stepping ~*~*~tactically~*~*~ (outnumbered).
 23806 | D:6      | 23806 ||| Stepping ~*~*~tactically~*~*~ (outnumbered).
 23808 | D:6      | 23808 ||| Stepping ~*~*~tactically~*~*~ (outnumbered).
 23810 | D:6      | 23810 ||| Stepping ~*~*~tactically~*~*~ (outnumbered).
 23822 | D:6      | 23822 ||| Stepping ~*~*~tactically~*~*~ (outnumbered).
 23824 | D:6      | 23824 ||| Stepping ~*~*~tactically~*~*~ (outnumbered).
 23826 | D:6      | 23826 ||| Stepping ~*~*~tactically~*~*~ (outnumbered).
 23828 | D:6      | 23828 ||| Stepping ~*~*~tactically~*~*~ (outnumbered).
 23830 | D:6      | 23830 ||| Stepping ~*~*~tactically~*~*~ (outnumbered).
 23842 | D:6      | 23842 ||| Stepping ~*~*~tactically~*~*~ (outnumbered).
 23844 | D:6      | 23844 ||| Stepping ~*~*~tactically~*~*~ (outnumbered).
 23846 | D:6      | 23846 ||| Stepping ~*~*~tactically~*~*~ (outnumbered).
 23848 | D:6      | 23848 ||| Stepping ~*~*~tactically~*~*~ (outnumbered).
 23850 | D:6      | 23850 ||| Stepping ~*~*~tactically~*~*~ (outnumbered).
 23862 | D:6      | 23862 ||| Stepping ~*~*~tactically~*~*~ (outnumbered).
 23864 | D:6      | 23864 ||| Stepping ~*~*~tactically~*~*~ (outnumbered).
 23866 | D:6      | 23866 ||| Stepping ~*~*~tactically~*~*~ (outnumbered).
 23868 | D:6      | 23868 ||| Stepping ~*~*~tactically~*~*~ (outnumbered).
 23870 | D:6      | 23870 ||| Stepping ~*~*~tactically~*~*~ (outnumbered).
 23882 | D:6      | 23882 ||| Stepping ~*~*~tactically~*~*~ (outnumbered).
 23884 | D:6      | 23884 ||| Stepping ~*~*~tactically~*~*~ (outnumbered).
 23886 | D:6      | 23886 ||| Stepping ~*~*~tactically~*~*~ (outnumbered).
 23888 | D:6      | 23888 ||| Stepping ~*~*~tactically~*~*~ (outnumbered).
 23890 | D:6      | 23890 ||| Stepping ~*~*~tactically~*~*~ (outnumbered).
 23902 | D:6      | 23902 ||| Stepping ~*~*~tactically~*~*~ (outnumbered).
 23904 | D:6      | 23904 ||| Stepping ~*~*~tactically~*~*~ (outnumbered).
 23906 | D:6      | 23906 ||| Stepping ~*~*~tactically~*~*~ (outnumbered).
 23908 | D:6      | 23908 ||| Stepping ~*~*~tactically~*~*~ (outnumbered).
 23910 | D:6      | 23910 ||| Stepping ~*~*~tactically~*~*~ (outnumbered).
 23922 | D:6      | 23922 ||| Stepping ~*~*~tactically~*~*~ (outnumbered).
 23924 | D:6      | 23924 ||| Stepping ~*~*~tactically~*~*~ (outnumbered).
 23926 | D:6      | 23926 ||| Stepping ~*~*~tactically~*~*~ (outnumbered).
 23928 | D:6      | 23928 ||| Stepping ~*~*~tactically~*~*~ (outnumbered).
 23930 | D:6      | 23930 ||| Stepping ~*~*~tactically~*~*~ (outnumbered).
 23942 | D:6      | 23942 ||| Stepping ~*~*~tactically~*~*~ (outnumbered).
 23944 | D:6      | 23944 ||| Stepping ~*~*~tactically~*~*~ (outnumbered).
 23946 | D:6      | 23946 ||| Stepping ~*~*~tactically~*~*~ (outnumbered).
 23948 | D:6      | 23948 ||| Stepping ~*~*~tactically~*~*~ (outnumbered).
 23950 | D:6      | 23950 ||| Stepping ~*~*~tactically~*~*~ (outnumbered).
 23962 | D:6      | 23962 ||| Stepping ~*~*~tactically~*~*~ (outnumbered).
 23964 | D:6      | 23964 ||| Stepping ~*~*~tactically~*~*~ (outnumbered).
 23966 | D:6      | 23966 ||| Stepping ~*~*~tactically~*~*~ (outnumbered).
 23968 | D:6      | 23968 ||| Stepping ~*~*~tactically~*~*~ (outnumbered).
 23970 | D:6      | 23970 ||| Stepping ~*~*~tactically~*~*~ (outnumbered).
 23982 | D:6      | 23982 ||| Stepping ~*~*~tactically~*~*~ (outnumbered).
 23984 | D:6      | 23984 ||| Stepping ~*~*~tactically~*~*~ (outnumbered).
 23986 | D:6      | 23986 ||| Stepping ~*~*~tactically~*~*~ (outnumbered).
 23988 | D:6      | 23988 ||| Stepping ~*~*~tactically~*~*~ (outnumbered).
 23990 | D:6      | 23990 ||| Stepping ~*~*~tactically~*~*~ (outnumbered).
 24002 | D:6      | 24002 ||| Stepping ~*~*~tactically~*~*~ (outnumbered).
 24004 | D:6      | 24004 ||| Stepping ~*~*~tactically~*~*~ (outnumbered).
 24006 | D:6      | 24006 ||| Stepping ~*~*~tactically~*~*~ (outnumbered).
 24008 | D:6      | 24008 ||| Stepping ~*~*~tactically~*~*~ (outnumbered).
 24010 | D:6      | 24010 ||| Stepping ~*~*~tactically~*~*~ (outnumbered).
 24022 | D:6      | 24022 ||| Stepping ~*~*~tactically~*~*~ (outnumbered).
 24024 | D:6      | 24024 ||| Stepping ~*~*~tactically~*~*~ (outnumbered).
 24026 | D:6      | 24026 ||| Stepping ~*~*~tactically~*~*~ (outnumbered).
 24028 | D:6      | 24028 ||| Stepping ~*~*~tactically~*~*~ (outnumbered).
 24030 | D:6      | 24030 ||| Stepping ~*~*~tactically~*~*~ (outnumbered).
 24042 | D:6      | 24042 ||| Stepping ~*~*~tactically~*~*~ (outnumbered).
 24044 | D:6      | 24044 ||| Stepping ~*~*~tactically~*~*~ (outnumbered).
 24046 | D:6      | 24046 ||| Stepping ~*~*~tactically~*~*~ (outnumbered).
 24048 | D:6      | 24048 ||| Stepping ~*~*~tactically~*~*~ (outnumbered).
 24050 | D:6      | 24050 ||| Stepping ~*~*~tactically~*~*~ (outnumbered).
 24062 | D:6      | 24062 ||| Stepping ~*~*~tactically~*~*~ (outnumbered).
 24064 | D:6      | 24064 ||| Stepping ~*~*~tactically~*~*~ (outnumbered).
 24066 | D:6      | 24066 ||| Stepping ~*~*~tactically~*~*~ (outnumbered).
 24068 | D:6      | 24068 ||| Stepping ~*~*~tactically~*~*~ (outnumbered).
 24070 | D:6      | 24070 ||| Stepping ~*~*~tactically~*~*~ (outnumbered).
 24082 | D:6      | 24082 ||| Stepping ~*~*~tactically~*~*~ (outnumbered).
 24084 | D:6      | 24084 ||| Stepping ~*~*~tactically~*~*~ (outnumbered).
 24086 | D:6      | 24086 ||| Stepping ~*~*~tactically~*~*~ (outnumbered).
 24088 | D:6      | 24088 ||| Stepping ~*~*~tactically~*~*~ (outnumbered).
 24090 | D:6      | 24090 ||| Stepping ~*~*~tactically~*~*~ (outnumbered).
 24102 | D:6      | 24102 ||| Stepping ~*~*~tactically~*~*~ (outnumbered).
 24104 | D:6      | 24104 ||| Stepping ~*~*~tactically~*~*~ (outnumbered).
 24106 | D:6      | 24106 ||| Stepping ~*~*~tactically~*~*~ (outnumbered).
 24108 | D:6      | 24108 ||| Stepping ~*~*~tactically~*~*~ (outnumbered).
 24110 | D:6      | 24110 ||| Stepping ~*~*~tactically~*~*~ (outnumbered).
 24122 | D:6      | 24122 ||| Stepping ~*~*~tactically~*~*~ (outnumbered).
 24124 | D:6      | 24124 ||| Stepping ~*~*~tactically~*~*~ (outnumbered).
 24126 | D:6      | 24126 ||| Stepping ~*~*~tactically~*~*~ (outnumbered).
 24128 | D:6      | 24128 ||| Stepping ~*~*~tactically~*~*~ (outnumbered).
 24130 | D:6      | 24130 ||| Stepping ~*~*~tactically~*~*~ (outnumbered).
 24142 | D:6      | 24142 ||| Stepping ~*~*~tactically~*~*~ (outnumbered).
 24144 | D:6      | 24144 ||| Stepping ~*~*~tactically~*~*~ (outnumbered).
 24146 | D:6      | 24146 ||| Stepping ~*~*~tactically~*~*~ (outnumbered).
 24148 | D:6      | 24148 ||| Stepping ~*~*~tactically~*~*~ (outnumbered).
 24150 | D:6      | 24150 ||| Stepping ~*~*~tactically~*~*~ (outnumbered).
 24162 | D:6      | 24162 ||| Stepping ~*~*~tactically~*~*~ (outnumbered).
 24164 | D:6      | 24164 ||| Stepping ~*~*~tactically~*~*~ (outnumbered).
 24166 | D:6      | 24166 ||| Stepping ~*~*~tactically~*~*~ (outnumbered).
 24168 | D:6      | 24168 ||| Stepping ~*~*~tactically~*~*~ (outnumbered).
 24170 | D:6      | 24170 ||| Stepping ~*~*~tactically~*~*~ (outnumbered).
 24182 | D:6      | 24182 ||| Stepping ~*~*~tactically~*~*~ (outnumbered).
 24184 | D:6      | 24184 ||| Stepping ~*~*~tactically~*~*~ (outnumbered).
 24186 | D:6      | 24186 ||| Stepping ~*~*~tactically~*~*~ (outnumbered).
 24188 | D:6      | 24188 ||| Stepping ~*~*~tactically~*~*~ (outnumbered).
 24190 | D:6      | 24190 ||| Stepping ~*~*~tactically~*~*~ (outnumbered).
 24202 | D:6      | 24202 ||| Stepping ~*~*~tactically~*~*~ (outnumbered).
 24204 | D:6      | 24204 ||| Stepping ~*~*~tactically~*~*~ (outnumbered).
 24206 | D:6      | 24206 ||| Stepping ~*~*~tactically~*~*~ (outnumbered).
 24208 | D:6      | 24208 ||| Stepping ~*~*~tactically~*~*~ (outnumbered).
 24210 | D:6      | 24210 ||| Stepping ~*~*~tactically~*~*~ (outnumbered).
 24222 | D:6      | 24222 ||| Stepping ~*~*~tactically~*~*~ (outnumbered).
 24224 | D:6      | 24224 ||| Stepping ~*~*~tactically~*~*~ (outnumbered).
 24226 | D:6      | 24226 ||| Stepping ~*~*~tactically~*~*~ (outnumbered).
 24228 | D:6      | 24228 ||| Stepping ~*~*~tactically~*~*~ (outnumbered).
 24230 | D:6      | 24230 ||| Stepping ~*~*~tactically~*~*~ (outnumbered).
 24242 | D:6      | 24242 ||| Stepping ~*~*~tactically~*~*~ (outnumbered).
 24244 | D:6      | 24244 ||| Stepping ~*~*~tactically~*~*~ (outnumbered).
 24246 | D:6      | 24246 ||| Stepping ~*~*~tactically~*~*~ (outnumbered).
 24248 | D:6      | 24248 ||| Stepping ~*~*~tactically~*~*~ (outnumbered).
 24250 | D:6      | 24250 ||| Stepping ~*~*~tactically~*~*~ (outnumbered).
 24262 | D:6      | 24262 ||| Stepping ~*~*~tactically~*~*~ (outnumbered).
 24264 | D:6      | 24264 ||| Stepping ~*~*~tactically~*~*~ (outnumbered).
 24266 | D:6      | 24266 ||| Stepping ~*~*~tactically~*~*~ (outnumbered).
 24268 | D:6      | 24268 ||| Stepping ~*~*~tactically~*~*~ (outnumbered).
 24270 | D:6      | 24270 ||| Stepping ~*~*~tactically~*~*~ (outnumbered).
 24282 | D:6      | 24282 ||| Stepping ~*~*~tactically~*~*~ (outnumbered).
 24284 | D:6      | 24284 ||| Stepping ~*~*~tactically~*~*~ (outnumbered).
 24286 | D:6      | 24286 ||| Stepping ~*~*~tactically~*~*~ (outnumbered).
 24288 | D:6      | 24288 ||| Stepping ~*~*~tactically~*~*~ (outnumbered).
 24290 | D:6      | 24290 ||| Stepping ~*~*~tactically~*~*~ (outnumbered).
 24302 | D:6      | 24302 ||| Stepping ~*~*~tactically~*~*~ (outnumbered).
 24304 | D:6      | 24304 ||| Stepping ~*~*~tactically~*~*~ (outnumbered).
 24306 | D:6      | 24306 ||| Stepping ~*~*~tactically~*~*~ (outnumbered).
 24308 | D:6      | 24308 ||| Stepping ~*~*~tactically~*~*~ (outnumbered).
 24310 | D:6      | 24310 ||| Stepping ~*~*~tactically~*~*~ (outnumbered).
 24322 | D:6      | 24322 ||| Stepping ~*~*~tactically~*~*~ (outnumbered).
 24324 | D:6      | 24324 ||| Stepping ~*~*~tactically~*~*~ (outnumbered).
 24326 | D:6      | 24326 ||| Stepping ~*~*~tactically~*~*~ (outnumbered).
 24328 | D:6      | 24328 ||| Stepping ~*~*~tactically~*~*~ (outnumbered).
 24330 | D:6      | 24330 ||| Stepping ~*~*~tactically~*~*~ (outnumbered).
 24342 | D:6      | 24342 ||| Stepping ~*~*~tactically~*~*~ (outnumbered).
 24344 | D:6      | 24344 ||| Stepping ~*~*~tactically~*~*~ (outnumbered).
 24346 | D:6      | 24346 ||| Stepping ~*~*~tactically~*~*~ (outnumbered).
 24348 | D:6      | 24348 ||| Stepping ~*~*~tactically~*~*~ (outnumbered).
 24350 | D:6      | 24350 ||| Stepping ~*~*~tactically~*~*~ (outnumbered).
 24362 | D:6      | 24362 ||| Stepping ~*~*~tactically~*~*~ (outnumbered).
 24364 | D:6      | 24364 ||| Stepping ~*~*~tactically~*~*~ (outnumbered).
 24366 | D:6      | 24366 ||| Stepping ~*~*~tactically~*~*~ (outnumbered).
 24368 | D:6      | 24368 ||| Stepping ~*~*~tactically~*~*~ (outnumbered).
 24370 | D:6      | 24370 ||| Stepping ~*~*~tactically~*~*~ (outnumbered).
 24382 | D:6      | 24382 ||| Stepping ~*~*~tactically~*~*~ (outnumbered).
 24384 | D:6      | 24384 ||| Stepping ~*~*~tactically~*~*~ (outnumbered).
 24386 | D:6      | 24386 ||| Stepping ~*~*~tactically~*~*~ (outnumbered).
 24388 | D:6      | 24388 ||| Stepping ~*~*~tactically~*~*~ (outnumbered).
 24390 | D:6      | 24390 ||| Stepping ~*~*~tactically~*~*~ (outnumbered).
 24402 | D:6      | 24402 ||| Stepping ~*~*~tactically~*~*~ (outnumbered).
 24404 | D:6      | 24404 ||| Stepping ~*~*~tactically~*~*~ (outnumbered).
 24406 | D:6      | 24406 ||| Stepping ~*~*~tactically~*~*~ (outnumbered).
 24408 | D:6      | 24408 ||| Stepping ~*~*~tactically~*~*~ (outnumbered).
 24410 | D:6      | 24410 ||| Stepping ~*~*~tactically~*~*~ (outnumbered).
 24422 | D:6      | 24422 ||| Stepping ~*~*~tactically~*~*~ (outnumbered).
 24424 | D:6      | 24424 ||| Stepping ~*~*~tactically~*~*~ (outnumbered).
 24426 | D:6      | 24426 ||| Stepping ~*~*~tactically~*~*~ (outnumbered).
 24428 | D:6      | 24428 ||| Stepping ~*~*~tactically~*~*~ (outnumbered).
 24430 | D:6      | 24430 ||| Stepping ~*~*~tactically~*~*~ (outnumbered).
 24442 | D:6      | 24442 ||| Stepping ~*~*~tactically~*~*~ (outnumbered).
 24444 | D:6      | 24444 ||| Stepping ~*~*~tactically~*~*~ (outnumbered).
 24446 | D:6      | 24446 ||| Stepping ~*~*~tactically~*~*~ (outnumbered).
 24448 | D:6      | 24448 ||| Stepping ~*~*~tactically~*~*~ (outnumbered).
 24450 | D:6      | 24450 ||| Stepping ~*~*~tactically~*~*~ (outnumbered).
 24462 | D:6      | 24462 ||| Stepping ~*~*~tactically~*~*~ (outnumbered).
 24464 | D:6      | 24464 ||| Stepping ~*~*~tactically~*~*~ (outnumbered).
 24466 | D:6      | 24466 ||| Stepping ~*~*~tactically~*~*~ (outnumbered).
 24468 | D:6      | 24468 ||| Stepping ~*~*~tactically~*~*~ (outnumbered).
 24470 | D:6      | 24470 ||| Stepping ~*~*~tactically~*~*~ (outnumbered).
 24482 | D:6      | 24482 ||| Stepping ~*~*~tactically~*~*~ (outnumbered).
 24484 | D:6      | 24484 ||| Stepping ~*~*~tactically~*~*~ (outnumbered).
 24486 | D:6      | 24486 ||| Stepping ~*~*~tactically~*~*~ (outnumbered).
 24488 | D:6      | 24488 ||| Stepping ~*~*~tactically~*~*~ (outnumbered).
 24490 | D:6      | 24490 ||| Stepping ~*~*~tactically~*~*~ (outnumbered).
 24502 | D:6      | 24502 ||| Stepping ~*~*~tactically~*~*~ (outnumbered).
 24504 | D:6      | 24504 ||| Stepping ~*~*~tactically~*~*~ (outnumbered).
 24506 | D:6      | 24506 ||| Stepping ~*~*~tactically~*~*~ (outnumbered).
 24508 | D:6      | 24508 ||| Stepping ~*~*~tactically~*~*~ (outnumbered).
 24510 | D:6      | 24510 ||| Stepping ~*~*~tactically~*~*~ (outnumbered).
 24522 | D:6      | 24522 ||| Stepping ~*~*~tactically~*~*~ (outnumbered).
 24524 | D:6      | 24524 ||| Stepping ~*~*~tactically~*~*~ (outnumbered).
 24526 | D:6      | 24526 ||| Stepping ~*~*~tactically~*~*~ (outnumbered).
 24528 | D:6      | 24528 ||| Stepping ~*~*~tactically~*~*~ (outnumbered).
 24530 | D:6      | 24530 ||| Stepping ~*~*~tactically~*~*~ (outnumbered).
 24542 | D:6      | 24542 ||| Stepping ~*~*~tactically~*~*~ (outnumbered).
 24544 | D:6      | 24544 ||| Stepping ~*~*~tactically~*~*~ (outnumbered).
 24546 | D:6      | 24546 ||| Stepping ~*~*~tactically~*~*~ (outnumbered).
 24548 | D:6      | 24548 ||| Stepping ~*~*~tactically~*~*~ (outnumbered).
 24550 | D:6      | 24550 ||| Stepping ~*~*~tactically~*~*~ (outnumbered).
 24562 | D:6      | 24562 ||| Stepping ~*~*~tactically~*~*~ (outnumbered).
 24564 | D:6      | 24564 ||| Stepping ~*~*~tactically~*~*~ (outnumbered).
 24566 | D:6      | 24566 ||| Stepping ~*~*~tactically~*~*~ (outnumbered).
 24568 | D:6      | 24568 ||| Stepping ~*~*~tactically~*~*~ (outnumbered).
 24570 | D:6      | 24570 ||| Stepping ~*~*~tactically~*~*~ (outnumbered).
 24582 | D:6      | 24582 ||| Stepping ~*~*~tactically~*~*~ (outnumbered).
 24584 | D:6      | 24584 ||| Stepping ~*~*~tactically~*~*~ (outnumbered).
 24586 | D:6      | 24586 ||| Stepping ~*~*~tactically~*~*~ (outnumbered).
 24588 | D:6      | 24588 ||| Stepping ~*~*~tactically~*~*~ (outnumbered).
 24590 | D:6      | 24590 ||| Stepping ~*~*~tactically~*~*~ (outnumbered).
 24602 | D:6      | 24602 ||| Stepping ~*~*~tactically~*~*~ (outnumbered).
 24604 | D:6      | 24604 ||| Stepping ~*~*~tactically~*~*~ (outnumbered).
 24606 | D:6      | 24606 ||| Stepping ~*~*~tactically~*~*~ (outnumbered).
 24608 | D:6      | 24608 ||| Stepping ~*~*~tactically~*~*~ (outnumbered).
 24610 | D:6      | 24610 ||| Stepping ~*~*~tactically~*~*~ (outnumbered).
 24622 | D:6      | 24622 ||| Stepping ~*~*~tactically~*~*~ (outnumbered).
 24624 | D:6      | 24624 ||| Stepping ~*~*~tactically~*~*~ (outnumbered).
 24626 | D:6      | 24626 ||| Stepping ~*~*~tactically~*~*~ (outnumbered).
 24628 | D:6      | 24628 ||| Stepping ~*~*~tactically~*~*~ (outnumbered).
 24630 | D:6      | 24630 ||| Stepping ~*~*~tactically~*~*~ (outnumbered).
 24642 | D:6      | 24642 ||| Stepping ~*~*~tactically~*~*~ (outnumbered).
 24644 | D:6      | 24644 ||| Stepping ~*~*~tactically~*~*~ (outnumbered).
 24646 | D:6      | 24646 ||| Stepping ~*~*~tactically~*~*~ (outnumbered).
 24648 | D:6      | 24648 ||| Stepping ~*~*~tactically~*~*~ (outnumbered).
 24650 | D:6      | 24650 ||| Stepping ~*~*~tactically~*~*~ (outnumbered).
 24662 | D:6      | 24662 ||| Stepping ~*~*~tactically~*~*~ (outnumbered).
 24664 | D:6      | 24664 ||| Stepping ~*~*~tactically~*~*~ (outnumbered).
 24666 | D:6      | 24666 ||| Stepping ~*~*~tactically~*~*~ (outnumbered).
 24668 | D:6      | 24668 ||| Stepping ~*~*~tactically~*~*~ (outnumbered).
 24670 | D:6      | 24670 ||| Stepping ~*~*~tactically~*~*~ (outnumbered).
 24682 | D:6      | 24682 ||| Stepping ~*~*~tactically~*~*~ (outnumbered).
 24684 | D:6      | 24684 ||| Stepping ~*~*~tactically~*~*~ (outnumbered).
 24686 | D:6      | 24686 ||| Stepping ~*~*~tactically~*~*~ (outnumbered).
 24688 | D:6      | 24688 ||| Stepping ~*~*~tactically~*~*~ (outnumbered).
 24690 | D:6      | 24690 ||| Stepping ~*~*~tactically~*~*~ (outnumbered).
 24702 | D:6      | 24702 ||| Stepping ~*~*~tactically~*~*~ (outnumbered).
 24704 | D:6      | 24704 ||| Stepping ~*~*~tactically~*~*~ (outnumbered).
 24706 | D:6      | 24706 ||| Stepping ~*~*~tactically~*~*~ (outnumbered).
 24708 | D:6      | 24708 ||| Stepping ~*~*~tactically~*~*~ (outnumbered).
 24710 | D:6      | 24710 ||| Stepping ~*~*~tactically~*~*~ (outnumbered).
 24722 | D:6      | 24722 ||| Stepping ~*~*~tactically~*~*~ (outnumbered).
 24724 | D:6      | 24724 ||| Stepping ~*~*~tactically~*~*~ (outnumbered).
 24726 | D:6      | 24726 ||| Stepping ~*~*~tactically~*~*~ (outnumbered).
 24728 | D:6      | 24728 ||| Stepping ~*~*~tactically~*~*~ (outnumbered).
 24730 | D:6      | 24730 ||| Stepping ~*~*~tactically~*~*~ (outnumbered).
 24742 | D:6      | 24742 ||| Stepping ~*~*~tactically~*~*~ (outnumbered).
 24744 | D:6      | 24744 ||| Stepping ~*~*~tactically~*~*~ (outnumbered).
 24746 | D:6      | 24746 ||| Stepping ~*~*~tactically~*~*~ (outnumbered).
 24748 | D:6      | 24748 ||| Stepping ~*~*~tactically~*~*~ (outnumbered).
 24750 | D:6      | 24750 ||| Stepping ~*~*~tactically~*~*~ (outnumbered).
 24762 | D:6      | 24762 ||| Stepping ~*~*~tactically~*~*~ (outnumbered).
 24764 | D:6      | 24764 ||| Stepping ~*~*~tactically~*~*~ (outnumbered).
 24766 | D:6      | 24766 ||| Stepping ~*~*~tactically~*~*~ (outnumbered).
 24768 | D:6      | 24768 ||| Stepping ~*~*~tactically~*~*~ (outnumbered).
 24770 | D:6      | 24770 ||| Stepping ~*~*~tactically~*~*~ (outnumbered).
 24782 | D:6      | 24782 ||| Stepping ~*~*~tactically~*~*~ (outnumbered).
 24784 | D:6      | 24784 ||| Stepping ~*~*~tactically~*~*~ (outnumbered).
 24786 | D:6      | 24786 ||| Stepping ~*~*~tactically~*~*~ (outnumbered).
 24788 | D:6      | 24788 ||| Stepping ~*~*~tactically~*~*~ (outnumbered).
 24790 | D:6      | 24790 ||| Stepping ~*~*~tactically~*~*~ (outnumbered).
 24802 | D:6      | 24802 ||| Stepping ~*~*~tactically~*~*~ (outnumbered).
 24804 | D:6      | 24804 ||| Stepping ~*~*~tactically~*~*~ (outnumbered).
 24806 | D:6      | 24806 ||| Stepping ~*~*~tactically~*~*~ (outnumbered).
 24808 | D:6      | 24808 ||| Stepping ~*~*~tactically~*~*~ (outnumbered).
 24810 | D:6      | 24810 ||| Stepping ~*~*~tactically~*~*~ (outnumbered).
 24822 | D:6      | 24822 ||| Stepping ~*~*~tactically~*~*~ (outnumbered).
 24824 | D:6      | 24824 ||| Stepping ~*~*~tactically~*~*~ (outnumbered).
 24826 | D:6      | 24826 ||| Stepping ~*~*~tactically~*~*~ (outnumbered).
 24828 | D:6      | 24828 ||| Stepping ~*~*~tactically~*~*~ (outnumbered).
 24830 | D:6      | 24830 ||| Stepping ~*~*~tactically~*~*~ (outnumbered).
 24842 | D:6      | 24842 ||| Stepping ~*~*~tactically~*~*~ (outnumbered).
 24844 | D:6      | 24844 ||| Stepping ~*~*~tactically~*~*~ (outnumbered).
 24846 | D:6      | 24846 ||| Stepping ~*~*~tactically~*~*~ (outnumbered).
 24848 | D:6      | 24848 ||| Stepping ~*~*~tactically~*~*~ (outnumbered).
 24850 | D:6      | 24850 ||| Stepping ~*~*~tactically~*~*~ (outnumbered).
 24862 | D:6      | 24862 ||| Stepping ~*~*~tactically~*~*~ (outnumbered).
 24864 | D:6      | 24864 ||| Stepping ~*~*~tactically~*~*~ (outnumbered).
 24866 | D:6      | 24866 ||| Stepping ~*~*~tactically~*~*~ (outnumbered).
 24868 | D:6      | 24868 ||| Stepping ~*~*~tactically~*~*~ (outnumbered).
 24870 | D:6      | 24870 ||| Stepping ~*~*~tactically~*~*~ (outnumbered).
 24882 | D:6      | 24882 ||| Stepping ~*~*~tactically~*~*~ (outnumbered).
 24884 | D:6      | 24884 ||| Stepping ~*~*~tactically~*~*~ (outnumbered).
 24886 | D:6      | 24886 ||| Stepping ~*~*~tactically~*~*~ (outnumbered).
 24888 | D:6      | 24888 ||| Stepping ~*~*~tactically~*~*~ (outnumbered).
 24890 | D:6      | 24890 ||| Stepping ~*~*~tactically~*~*~ (outnumbered).
 24902 | D:6      | 24902 ||| Stepping ~*~*~tactically~*~*~ (outnumbered).
 24904 | D:6      | 24904 ||| Stepping ~*~*~tactically~*~*~ (outnumbered).
 24906 | D:6      | 24906 ||| Stepping ~*~*~tactically~*~*~ (outnumbered).
 24908 | D:6      | 24908 ||| Stepping ~*~*~tactically~*~*~ (outnumbered).
 24910 | D:6      | 24910 ||| Stepping ~*~*~tactically~*~*~ (outnumbered).
 24922 | D:6      | 24922 ||| Stepping ~*~*~tactically~*~*~ (outnumbered).
 24924 | D:6      | 24924 ||| Stepping ~*~*~tactically~*~*~ (outnumbered).
 24926 | D:6      | 24926 ||| Stepping ~*~*~tactically~*~*~ (outnumbered).
 24928 | D:6      | 24928 ||| Stepping ~*~*~tactically~*~*~ (outnumbered).
 24930 | D:6      | 24930 ||| Stepping ~*~*~tactically~*~*~ (outnumbered).
 24942 | D:6      | 24942 ||| Stepping ~*~*~tactically~*~*~ (outnumbered).
 24944 | D:6      | 24944 ||| Stepping ~*~*~tactically~*~*~ (outnumbered).
 24946 | D:6      | 24946 ||| Stepping ~*~*~tactically~*~*~ (outnumbered).
 24948 | D:6      | 24948 ||| Stepping ~*~*~tactically~*~*~ (outnumbered).
 24950 | D:6      | 24950 ||| Stepping ~*~*~tactically~*~*~ (outnumbered).
 24962 | D:6      | 24962 ||| Stepping ~*~*~tactically~*~*~ (outnumbered).
 24964 | D:6      | 24964 ||| Stepping ~*~*~tactically~*~*~ (outnumbered).
 24966 | D:6      | 24966 ||| Stepping ~*~*~tactically~*~*~ (outnumbered).
 24968 | D:6      | 24968 ||| Stepping ~*~*~tactically~*~*~ (outnumbered).
 24970 | D:6      | 24970 ||| Stepping ~*~*~tactically~*~*~ (outnumbered).
 24982 | D:6      | 24982 ||| Stepping ~*~*~tactically~*~*~ (outnumbered).
 24984 | D:6      | 24984 ||| Stepping ~*~*~tactically~*~*~ (outnumbered).
 24986 | D:6      | 24986 ||| Stepping ~*~*~tactically~*~*~ (outnumbered).
 24988 | D:6      | 24988 ||| Stepping ~*~*~tactically~*~*~ (outnumbered).
 24990 | D:6      | 24990 ||| Stepping ~*~*~tactically~*~*~ (outnumbered).
 25002 | D:6      | 25002 ||| Stepping ~*~*~tactically~*~*~ (outnumbered).
 25004 | D:6      | 25004 ||| Stepping ~*~*~tactically~*~*~ (outnumbered).
 25006 | D:6      | 25006 ||| Stepping ~*~*~tactically~*~*~ (outnumbered).
 25008 | D:6      | 25008 ||| Stepping ~*~*~tactically~*~*~ (outnumbered).
 25010 | D:6      | 25010 ||| Stepping ~*~*~tactically~*~*~ (outnumbered).
 25022 | D:6      | 25022 ||| Stepping ~*~*~tactically~*~*~ (outnumbered).
 25024 | D:6      | 25024 ||| Stepping ~*~*~tactically~*~*~ (outnumbered).
 25026 | D:6      | 25026 ||| Stepping ~*~*~tactically~*~*~ (outnumbered).
 25028 | D:6      | 25028 ||| Stepping ~*~*~tactically~*~*~ (outnumbered).
 25030 | D:6      | 25030 ||| Stepping ~*~*~tactically~*~*~ (outnumbered).
 25042 | D:6      | 25042 ||| Stepping ~*~*~tactically~*~*~ (outnumbered).
 25044 | D:6      | 25044 ||| Stepping ~*~*~tactically~*~*~ (outnumbered).
 25046 | D:6      | 25046 ||| Stepping ~*~*~tactically~*~*~ (outnumbered).
 25048 | D:6      | 25048 ||| Stepping ~*~*~tactically~*~*~ (outnumbered).
 25050 | D:6      | 25050 ||| Stepping ~*~*~tactically~*~*~ (outnumbered).
 25062 | D:6      | 25062 ||| Stepping ~*~*~tactically~*~*~ (outnumbered).
 25064 | D:6      | 25064 ||| Stepping ~*~*~tactically~*~*~ (outnumbered).
 25066 | D:6      | 25066 ||| Stepping ~*~*~tactically~*~*~ (outnumbered).
 25068 | D:6      | 25068 ||| Stepping ~*~*~tactically~*~*~ (outnumbered).
 25070 | D:6      | 25070 ||| Stepping ~*~*~tactically~*~*~ (outnumbered).
 25082 | D:6      | 25082 ||| Stepping ~*~*~tactically~*~*~ (outnumbered).
 25084 | D:6      | 25084 ||| Stepping ~*~*~tactically~*~*~ (outnumbered).
 25086 | D:6      | 25086 ||| Stepping ~*~*~tactically~*~*~ (outnumbered).
 25088 | D:6      | 25088 ||| Stepping ~*~*~tactically~*~*~ (outnumbered).
 25090 | D:6      | 25090 ||| Stepping ~*~*~tactically~*~*~ (outnumbered).
 25102 | D:6      | 25102 ||| Stepping ~*~*~tactically~*~*~ (outnumbered).
 25104 | D:6      | 25104 ||| Stepping ~*~*~tactically~*~*~ (outnumbered).
 25106 | D:6      | 25106 ||| Stepping ~*~*~tactically~*~*~ (outnumbered).
 25108 | D:6      | 25108 ||| Stepping ~*~*~tactically~*~*~ (outnumbered).
 25110 | D:6      | 25110 ||| Stepping ~*~*~tactically~*~*~ (outnumbered).
 25122 | D:6      | 25122 ||| Stepping ~*~*~tactically~*~*~ (outnumbered).
 25124 | D:6      | 25124 ||| Stepping ~*~*~tactically~*~*~ (outnumbered).
 25126 | D:6      | 25126 ||| Stepping ~*~*~tactically~*~*~ (outnumbered).
 25128 | D:6      | 25128 ||| Stepping ~*~*~tactically~*~*~ (outnumbered).
 25130 | D:6      | 25130 ||| Stepping ~*~*~tactically~*~*~ (outnumbered).
 25142 | D:6      | 25142 ||| Stepping ~*~*~tactically~*~*~ (outnumbered).
 25144 | D:6      | 25144 ||| Stepping ~*~*~tactically~*~*~ (outnumbered).
 25146 | D:6      | 25146 ||| Stepping ~*~*~tactically~*~*~ (outnumbered).
 25148 | D:6      | 25148 ||| Stepping ~*~*~tactically~*~*~ (outnumbered).
 25150 | D:6      | 25150 ||| Stepping ~*~*~tactically~*~*~ (outnumbered).
 25162 | D:6      | 25162 ||| Stepping ~*~*~tactically~*~*~ (outnumbered).
 25164 | D:6      | 25164 ||| Stepping ~*~*~tactically~*~*~ (outnumbered).
 25166 | D:6      | 25166 ||| Stepping ~*~*~tactically~*~*~ (outnumbered).
 25168 | D:6      | 25168 ||| Stepping ~*~*~tactically~*~*~ (outnumbered).
 25170 | D:6      | 25170 ||| Stepping ~*~*~tactically~*~*~ (outnumbered).
 25182 | D:6      | 25182 ||| Stepping ~*~*~tactically~*~*~ (outnumbered).
 25184 | D:6      | 25184 ||| Stepping ~*~*~tactically~*~*~ (outnumbered).
 25186 | D:6      | 25186 ||| Stepping ~*~*~tactically~*~*~ (outnumbered).
 25188 | D:6      | 25188 ||| Stepping ~*~*~tactically~*~*~ (outnumbered).
 25190 | D:6      | 25190 ||| Stepping ~*~*~tactically~*~*~ (outnumbered).
 25202 | D:6      | 25202 ||| Stepping ~*~*~tactically~*~*~ (outnumbered).
 25204 | D:6      | 25204 ||| Stepping ~*~*~tactically~*~*~ (outnumbered).
 25206 | D:6      | 25206 ||| Stepping ~*~*~tactically~*~*~ (outnumbered).
 25208 | D:6      | 25208 ||| Stepping ~*~*~tactically~*~*~ (outnumbered).
 25210 | D:6      | 25210 ||| Stepping ~*~*~tactically~*~*~ (outnumbered).
 25222 | D:6      | 25222 ||| Stepping ~*~*~tactically~*~*~ (outnumbered).
 25224 | D:6      | 25224 ||| Stepping ~*~*~tactically~*~*~ (outnumbered).
 25226 | D:6      | 25226 ||| Stepping ~*~*~tactically~*~*~ (outnumbered).
 25228 | D:6      | 25228 ||| Stepping ~*~*~tactically~*~*~ (outnumbered).
 25230 | D:6      | 25230 ||| Stepping ~*~*~tactically~*~*~ (outnumbered).
 25242 | D:6      | 25242 ||| Stepping ~*~*~tactically~*~*~ (outnumbered).
 25244 | D:6      | 25244 ||| Stepping ~*~*~tactically~*~*~ (outnumbered).
 25246 | D:6      | 25246 ||| Stepping ~*~*~tactically~*~*~ (outnumbered).
 25248 | D:6      | 25248 ||| Stepping ~*~*~tactically~*~*~ (outnumbered).
 25250 | D:6      | 25250 ||| Stepping ~*~*~tactically~*~*~ (outnumbered).
 25262 | D:6      | 25262 ||| Stepping ~*~*~tactically~*~*~ (outnumbered).
 25264 | D:6      | 25264 ||| Stepping ~*~*~tactically~*~*~ (outnumbered).
 25266 | D:6      | 25266 ||| Stepping ~*~*~tactically~*~*~ (outnumbered).
 25268 | D:6      | 25268 ||| Stepping ~*~*~tactically~*~*~ (outnumbered).
 25270 | D:6      | 25270 ||| Stepping ~*~*~tactically~*~*~ (outnumbered).
 25282 | D:6      | 25282 ||| Stepping ~*~*~tactically~*~*~ (outnumbered).
 25284 | D:6      | 25284 ||| Stepping ~*~*~tactically~*~*~ (outnumbered).
 25286 | D:6      | 25286 ||| Stepping ~*~*~tactically~*~*~ (outnumbered).
 25288 | D:6      | 25288 ||| Stepping ~*~*~tactically~*~*~ (outnumbered).
 25290 | D:6      | 25290 ||| Stepping ~*~*~tactically~*~*~ (outnumbered).
 25302 | D:6      | 25302 ||| Stepping ~*~*~tactically~*~*~ (outnumbered).
 25304 | D:6      | 25304 ||| Stepping ~*~*~tactically~*~*~ (outnumbered).
 25306 | D:6      | 25306 ||| Stepping ~*~*~tactically~*~*~ (outnumbered).
 25308 | D:6      | 25308 ||| Stepping ~*~*~tactically~*~*~ (outnumbered).
 25310 | D:6      | 25310 ||| Stepping ~*~*~tactically~*~*~ (outnumbered).
 25322 | D:6      | 25322 ||| Stepping ~*~*~tactically~*~*~ (outnumbered).
 25324 | D:6      | 25324 ||| Stepping ~*~*~tactically~*~*~ (outnumbered).
 25326 | D:6      | 25326 ||| Stepping ~*~*~tactically~*~*~ (outnumbered).
 25328 | D:6      | 25328 ||| Stepping ~*~*~tactically~*~*~ (outnumbered).
 25330 | D:6      | 25330 ||| Stepping ~*~*~tactically~*~*~ (outnumbered).
 25342 | D:6      | 25342 ||| Stepping ~*~*~tactically~*~*~ (outnumbered).
 25344 | D:6      | 25344 ||| Stepping ~*~*~tactically~*~*~ (outnumbered).
 25346 | D:6      | 25346 ||| Stepping ~*~*~tactically~*~*~ (outnumbered).
 25348 | D:6      | 25348 ||| Stepping ~*~*~tactically~*~*~ (outnumbered).
 25350 | D:6      | 25350 ||| Stepping ~*~*~tactically~*~*~ (outnumbered).
 25362 | D:6      | 25362 ||| Stepping ~*~*~tactically~*~*~ (outnumbered).
 25364 | D:6      | 25364 ||| Stepping ~*~*~tactically~*~*~ (outnumbered).
 25366 | D:6      | 25366 ||| Stepping ~*~*~tactically~*~*~ (outnumbered).
 25368 | D:6      | 25368 ||| Stepping ~*~*~tactically~*~*~ (outnumbered).
 25370 | D:6      | 25370 ||| Stepping ~*~*~tactically~*~*~ (outnumbered).
 25382 | D:6      | 25382 ||| Stepping ~*~*~tactically~*~*~ (outnumbered).
 25384 | D:6      | 25384 ||| Stepping ~*~*~tactically~*~*~ (outnumbered).
 25386 | D:6      | 25386 ||| Stepping ~*~*~tactically~*~*~ (outnumbered).
 25388 | D:6      | 25388 ||| Stepping ~*~*~tactically~*~*~ (outnumbered).
 25390 | D:6      | 25390 ||| Stepping ~*~*~tactically~*~*~ (outnumbered).
 25402 | D:6      | 25402 ||| Stepping ~*~*~tactically~*~*~ (outnumbered).
 25404 | D:6      | 25404 ||| Stepping ~*~*~tactically~*~*~ (outnumbered).
 25406 | D:6      | 25406 ||| Stepping ~*~*~tactically~*~*~ (outnumbered).
 25408 | D:6      | 25408 ||| Stepping ~*~*~tactically~*~*~ (outnumbered).
 25410 | D:6      | 25410 ||| Stepping ~*~*~tactically~*~*~ (outnumbered).
 25422 | D:6      | 25422 ||| Stepping ~*~*~tactically~*~*~ (outnumbered).
 25424 | D:6      | 25424 ||| Stepping ~*~*~tactically~*~*~ (outnumbered).
 25426 | D:6      | 25426 ||| Stepping ~*~*~tactically~*~*~ (outnumbered).
 25428 | D:6      | 25428 ||| Stepping ~*~*~tactically~*~*~ (outnumbered).
 25430 | D:6      | 25430 ||| Stepping ~*~*~tactically~*~*~ (outnumbered).
 25442 | D:6      | 25442 ||| Stepping ~*~*~tactically~*~*~ (outnumbered).
 25444 | D:6      | 25444 ||| Stepping ~*~*~tactically~*~*~ (outnumbered).
 25446 | D:6      | 25446 ||| Stepping ~*~*~tactically~*~*~ (outnumbered).
 25448 | D:6      | 25448 ||| Stepping ~*~*~tactically~*~*~ (outnumbered).
 25450 | D:6      | 25450 ||| Stepping ~*~*~tactically~*~*~ (outnumbered).
 25462 | D:6      | 25462 ||| Stepping ~*~*~tactically~*~*~ (outnumbered).
 25464 | D:6      | 25464 ||| Stepping ~*~*~tactically~*~*~ (outnumbered).
 25466 | D:6      | 25466 ||| Stepping ~*~*~tactically~*~*~ (outnumbered).
 25468 | D:6      | 25468 ||| Stepping ~*~*~tactically~*~*~ (outnumbered).
 25470 | D:6      | 25470 ||| Stepping ~*~*~tactically~*~*~ (outnumbered).
 25482 | D:6      | 25482 ||| Stepping ~*~*~tactically~*~*~ (outnumbered).
 25484 | D:6      | 25484 ||| Stepping ~*~*~tactically~*~*~ (outnumbered).
 25486 | D:6      | 25486 ||| Stepping ~*~*~tactically~*~*~ (outnumbered).
 25488 | D:6      | 25488 ||| Stepping ~*~*~tactically~*~*~ (outnumbered).
 25490 | D:6      | 25490 ||| Stepping ~*~*~tactically~*~*~ (outnumbered).
 25502 | D:6      | 25502 ||| Stepping ~*~*~tactically~*~*~ (outnumbered).
 25504 | D:6      | 25504 ||| Stepping ~*~*~tactically~*~*~ (outnumbered).
 25506 | D:6      | 25506 ||| Stepping ~*~*~tactically~*~*~ (outnumbered).
 25508 | D:6      | 25508 ||| Stepping ~*~*~tactically~*~*~ (outnumbered).
 25510 | D:6      | 25510 ||| Stepping ~*~*~tactically~*~*~ (outnumbered).
 25522 | D:6      | 25522 ||| Stepping ~*~*~tactically~*~*~ (outnumbered).
 25524 | D:6      | 25524 ||| Stepping ~*~*~tactically~*~*~ (outnumbered).
 25526 | D:6      | 25526 ||| Stepping ~*~*~tactically~*~*~ (outnumbered).
 25528 | D:6      | 25528 ||| Stepping ~*~*~tactically~*~*~ (outnumbered).
 25530 | D:6      | 25530 ||| Stepping ~*~*~tactically~*~*~ (outnumbered).
 25542 | D:6      | 25542 ||| Stepping ~*~*~tactically~*~*~ (outnumbered).
 25544 | D:6      | 25544 ||| Stepping ~*~*~tactically~*~*~ (outnumbered).
 25546 | D:6      | 25546 ||| Stepping ~*~*~tactically~*~*~ (outnumbered).
 25548 | D:6      | 25548 ||| Stepping ~*~*~tactically~*~*~ (outnumbered).
 25550 | D:6      | 25550 ||| Stepping ~*~*~tactically~*~*~ (outnumbered).
 25562 | D:6      | 25562 ||| Stepping ~*~*~tactically~*~*~ (outnumbered).
 25564 | D:6      | 25564 ||| Stepping ~*~*~tactically~*~*~ (outnumbered).
 25566 | D:6      | 25566 ||| Stepping ~*~*~tactically~*~*~ (outnumbered).
 25568 | D:6      | 25568 ||| Stepping ~*~*~tactically~*~*~ (outnumbered).
 25570 | D:6      | 25570 ||| Stepping ~*~*~tactically~*~*~ (outnumbered).
 25582 | D:6      | 25582 ||| Stepping ~*~*~tactically~*~*~ (outnumbered).
 25584 | D:6      | 25584 ||| Stepping ~*~*~tactically~*~*~ (outnumbered).
 25586 | D:6      | 25586 ||| Stepping ~*~*~tactically~*~*~ (outnumbered).
 25588 | D:6      | 25588 ||| Stepping ~*~*~tactically~*~*~ (outnumbered).
 25590 | D:6      | 25590 ||| Stepping ~*~*~tactically~*~*~ (outnumbered).
 25602 | D:6      | 25602 ||| Stepping ~*~*~tactically~*~*~ (outnumbered).
 25604 | D:6      | 25604 ||| Stepping ~*~*~tactically~*~*~ (outnumbered).
 25606 | D:6      | 25606 ||| Stepping ~*~*~tactically~*~*~ (outnumbered).
 25608 | D:6      | 25608 ||| Stepping ~*~*~tactically~*~*~ (outnumbered).
 25610 | D:6      | 25610 ||| Stepping ~*~*~tactically~*~*~ (outnumbered).
 25622 | D:6      | 25622 ||| Stepping ~*~*~tactically~*~*~ (outnumbered).
 25624 | D:6      | 25624 ||| Stepping ~*~*~tactically~*~*~ (outnumbered).
 25626 | D:6      | 25626 ||| Stepping ~*~*~tactically~*~*~ (outnumbered).
 25628 | D:6      | 25628 ||| Stepping ~*~*~tactically~*~*~ (outnumbered).
 25630 | D:6      | 25630 ||| Stepping ~*~*~tactically~*~*~ (outnumbered).
 25642 | D:6      | 25642 ||| Stepping ~*~*~tactically~*~*~ (outnumbered).
 25644 | D:6      | 25644 ||| Stepping ~*~*~tactically~*~*~ (outnumbered).
 25646 | D:6      | 25646 ||| Stepping ~*~*~tactically~*~*~ (outnumbered).
 25648 | D:6      | 25648 ||| Stepping ~*~*~tactically~*~*~ (outnumbered).
 25650 | D:6      | 25650 ||| Stepping ~*~*~tactically~*~*~ (outnumbered).
 25662 | D:6      | 25662 ||| Stepping ~*~*~tactically~*~*~ (outnumbered).
 25664 | D:6      | 25664 ||| Stepping ~*~*~tactically~*~*~ (outnumbered).
 25666 | D:6      | 25666 ||| Stepping ~*~*~tactically~*~*~ (outnumbered).
 25668 | D:6      | 25668 ||| Stepping ~*~*~tactically~*~*~ (outnumbered).
 25670 | D:6      | 25670 ||| Stepping ~*~*~tactically~*~*~ (outnumbered).
 25682 | D:6      | 25682 ||| Stepping ~*~*~tactically~*~*~ (outnumbered).
 25684 | D:6      | 25684 ||| Stepping ~*~*~tactically~*~*~ (outnumbered).
 25686 | D:6      | 25686 ||| Stepping ~*~*~tactically~*~*~ (outnumbered).
 25688 | D:6      | 25688 ||| Stepping ~*~*~tactically~*~*~ (outnumbered).
 25690 | D:6      | 25690 ||| Stepping ~*~*~tactically~*~*~ (outnumbered).
 25702 | D:6      | 25702 ||| Stepping ~*~*~tactically~*~*~ (outnumbered).
 25704 | D:6      | 25704 ||| Stepping ~*~*~tactically~*~*~ (outnumbered).
 25706 | D:6      | 25706 ||| Stepping ~*~*~tactically~*~*~ (outnumbered).
 25708 | D:6      | 25708 ||| Stepping ~*~*~tactically~*~*~ (outnumbered).
 25710 | D:6      | 25710 ||| Stepping ~*~*~tactically~*~*~ (outnumbered).
 25722 | D:6      | 25722 ||| Stepping ~*~*~tactically~*~*~ (outnumbered).
 25724 | D:6      | 25724 ||| Stepping ~*~*~tactically~*~*~ (outnumbered).
 25726 | D:6      | 25726 ||| Stepping ~*~*~tactically~*~*~ (outnumbered).
 25728 | D:6      | 25728 ||| Stepping ~*~*~tactically~*~*~ (outnumbered).
 25730 | D:6      | 25730 ||| Stepping ~*~*~tactically~*~*~ (outnumbered).
 25742 | D:6      | 25742 ||| Stepping ~*~*~tactically~*~*~ (outnumbered).
 25744 | D:6      | 25744 ||| Stepping ~*~*~tactically~*~*~ (outnumbered).
 25746 | D:6      | 25746 ||| Stepping ~*~*~tactically~*~*~ (outnumbered).
 25748 | D:6      | 25748 ||| Stepping ~*~*~tactically~*~*~ (outnumbered).
 25750 | D:6      | 25750 ||| Stepping ~*~*~tactically~*~*~ (outnumbered).
 25762 | D:6      | 25762 ||| Stepping ~*~*~tactically~*~*~ (outnumbered).
 25764 | D:6      | 25764 ||| Stepping ~*~*~tactically~*~*~ (outnumbered).
 25766 | D:6      | 25766 ||| Stepping ~*~*~tactically~*~*~ (outnumbered).
 25768 | D:6      | 25768 ||| Stepping ~*~*~tactically~*~*~ (outnumbered).
 25770 | D:6      | 25770 ||| Stepping ~*~*~tactically~*~*~ (outnumbered).
 25782 | D:6      | 25782 ||| Stepping ~*~*~tactically~*~*~ (outnumbered).
 25784 | D:6      | 25784 ||| Stepping ~*~*~tactically~*~*~ (outnumbered).
 25786 | D:6      | 25786 ||| Stepping ~*~*~tactically~*~*~ (outnumbered).
 25788 | D:6      | 25788 ||| Stepping ~*~*~tactically~*~*~ (outnumbered).
 25790 | D:6      | 25790 ||| Stepping ~*~*~tactically~*~*~ (outnumbered).
 25802 | D:6      | 25802 ||| Stepping ~*~*~tactically~*~*~ (outnumbered).
 25804 | D:6      | 25804 ||| Stepping ~*~*~tactically~*~*~ (outnumbered).
 25806 | D:6      | 25806 ||| Stepping ~*~*~tactically~*~*~ (outnumbered).
 25808 | D:6      | 25808 ||| Stepping ~*~*~tactically~*~*~ (outnumbered).
 25810 | D:6      | 25810 ||| Stepping ~*~*~tactically~*~*~ (outnumbered).
 25822 | D:6      | 25822 ||| Stepping ~*~*~tactically~*~*~ (outnumbered).
 25824 | D:6      | 25824 ||| Stepping ~*~*~tactically~*~*~ (outnumbered).
 25826 | D:6      | 25826 ||| Stepping ~*~*~tactically~*~*~ (outnumbered).
 25828 | D:6      | 25828 ||| Stepping ~*~*~tactically~*~*~ (outnumbered).
 25830 | D:6      | 25830 ||| Stepping ~*~*~tactically~*~*~ (outnumbered).
 25842 | D:6      | 25842 ||| Stepping ~*~*~tactically~*~*~ (outnumbered).
 25844 | D:6      | 25844 ||| Stepping ~*~*~tactically~*~*~ (outnumbered).
 25846 | D:6      | 25846 ||| Stepping ~*~*~tactically~*~*~ (outnumbered).
 25848 | D:6      | 25848 ||| Stepping ~*~*~tactically~*~*~ (outnumbered).
 25850 | D:6      | 25850 ||| Stepping ~*~*~tactically~*~*~ (outnumbered).
 25862 | D:6      | 25862 ||| Stepping ~*~*~tactically~*~*~ (outnumbered).
 25864 | D:6      | 25864 ||| Stepping ~*~*~tactically~*~*~ (outnumbered).
 25866 | D:6      | 25866 ||| Stepping ~*~*~tactically~*~*~ (outnumbered).
 25868 | D:6      | 25868 ||| Stepping ~*~*~tactically~*~*~ (outnumbered).
 25870 | D:6      | 25870 ||| Stepping ~*~*~tactically~*~*~ (outnumbered).
 25882 | D:6      | 25882 ||| Stepping ~*~*~tactically~*~*~ (outnumbered).
 25884 | D:6      | 25884 ||| Stepping ~*~*~tactically~*~*~ (outnumbered).
 25886 | D:6      | 25886 ||| Stepping ~*~*~tactically~*~*~ (outnumbered).
 25888 | D:6      | 25888 ||| Stepping ~*~*~tactically~*~*~ (outnumbered).
 25890 | D:6      | 25890 ||| Stepping ~*~*~tactically~*~*~ (outnumbered).
 25902 | D:6      | 25902 ||| Stepping ~*~*~tactically~*~*~ (outnumbered).
 25904 | D:6      | 25904 ||| Stepping ~*~*~tactically~*~*~ (outnumbered).
 25906 | D:6      | 25906 ||| Stepping ~*~*~tactically~*~*~ (outnumbered).
 25908 | D:6      | 25908 ||| Stepping ~*~*~tactically~*~*~ (outnumbered).
 25910 | D:6      | 25910 ||| Stepping ~*~*~tactically~*~*~ (outnumbered).
 25922 | D:6      | 25922 ||| Stepping ~*~*~tactically~*~*~ (outnumbered).
 25924 | D:6      | 25924 ||| Stepping ~*~*~tactically~*~*~ (outnumbered).
 25926 | D:6      | 25926 ||| Stepping ~*~*~tactically~*~*~ (outnumbered).
 25928 | D:6      | 25928 ||| Stepping ~*~*~tactically~*~*~ (outnumbered).
 25930 | D:6      | 25930 ||| Stepping ~*~*~tactically~*~*~ (outnumbered).
 25942 | D:6      | 25942 ||| Stepping ~*~*~tactically~*~*~ (outnumbered).
 25944 | D:6      | 25944 ||| Stepping ~*~*~tactically~*~*~ (outnumbered).
 25946 | D:6      | 25946 ||| Stepping ~*~*~tactically~*~*~ (outnumbered).
 25948 | D:6      | 25948 ||| Stepping ~*~*~tactically~*~*~ (outnumbered).
 25950 | D:6      | 25950 ||| Stepping ~*~*~tactically~*~*~ (outnumbered).
 25962 | D:6      | 25962 ||| Stepping ~*~*~tactically~*~*~ (outnumbered).
 25964 | D:6      | 25964 ||| Stepping ~*~*~tactically~*~*~ (outnumbered).
 25966 | D:6      | 25966 ||| Stepping ~*~*~tactically~*~*~ (outnumbered).
 25968 | D:6      | 25968 ||| Stepping ~*~*~tactically~*~*~ (outnumbered).
 25970 | D:6      | 25970 ||| Stepping ~*~*~tactically~*~*~ (outnumbered).
 25982 | D:6      | 25982 ||| Stepping ~*~*~tactically~*~*~ (outnumbered).
 25984 | D:6      | 25984 ||| Stepping ~*~*~tactically~*~*~ (outnumbered).
 25986 | D:6      | 25986 ||| Stepping ~*~*~tactically~*~*~ (outnumbered).
 25988 | D:6      | 25988 ||| Stepping ~*~*~tactically~*~*~ (outnumbered).
 25990 | D:6      | 25990 ||| Stepping ~*~*~tactically~*~*~ (outnumbered).
 26002 | D:6      | 26002 ||| Stepping ~*~*~tactically~*~*~ (outnumbered).
 26004 | D:6      | 26004 ||| Stepping ~*~*~tactically~*~*~ (outnumbered).
 26006 | D:6      | 26006 ||| Stepping ~*~*~tactically~*~*~ (outnumbered).
 26008 | D:6      | 26008 ||| Stepping ~*~*~tactically~*~*~ (outnumbered).
 26010 | D:6      | 26010 ||| Stepping ~*~*~tactically~*~*~ (outnumbered).
 26022 | D:6      | 26022 ||| Stepping ~*~*~tactically~*~*~ (outnumbered).
 26024 | D:6      | 26024 ||| Stepping ~*~*~tactically~*~*~ (outnumbered).
 26026 | D:6      | 26026 ||| Stepping ~*~*~tactically~*~*~ (outnumbered).
 26028 | D:6      | 26028 ||| Stepping ~*~*~tactically~*~*~ (outnumbered).
 26030 | D:6      | 26030 ||| Stepping ~*~*~tactically~*~*~ (outnumbered).
 26042 | D:6      | 26042 ||| Stepping ~*~*~tactically~*~*~ (outnumbered).
 26044 | D:6      | 26044 ||| Stepping ~*~*~tactically~*~*~ (outnumbered).
 26046 | D:6      | 26046 ||| Stepping ~*~*~tactically~*~*~ (outnumbered).
 26048 | D:6      | 26048 ||| Stepping ~*~*~tactically~*~*~ (outnumbered).
 26050 | D:6      | 26050 ||| Stepping ~*~*~tactically~*~*~ (outnumbered).
 26062 | D:6      | 26062 ||| Stepping ~*~*~tactically~*~*~ (outnumbered).
 26064 | D:6      | 26064 ||| Stepping ~*~*~tactically~*~*~ (outnumbered).
 26066 | D:6      | 26066 ||| Stepping ~*~*~tactically~*~*~ (outnumbered).
 26068 | D:6      | 26068 ||| Stepping ~*~*~tactically~*~*~ (outnumbered).
 26070 | D:6      | 26070 ||| Stepping ~*~*~tactically~*~*~ (outnumbered).
 26082 | D:6      | 26082 ||| Stepping ~*~*~tactically~*~*~ (outnumbered).
 26084 | D:6      | 26084 ||| Stepping ~*~*~tactically~*~*~ (outnumbered).
 26086 | D:6      | 26086 ||| Stepping ~*~*~tactically~*~*~ (outnumbered).
 26088 | D:6      | 26088 ||| Stepping ~*~*~tactically~*~*~ (outnumbered).
 26090 | D:6      | 26090 ||| Stepping ~*~*~tactically~*~*~ (outnumbered).
 26102 | D:6      | 26102 ||| Stepping ~*~*~tactically~*~*~ (outnumbered).
 26104 | D:6      | 26104 ||| Stepping ~*~*~tactically~*~*~ (outnumbered).
 26106 | D:6      | 26106 ||| Stepping ~*~*~tactically~*~*~ (outnumbered).
 26108 | D:6      | 26108 ||| Stepping ~*~*~tactically~*~*~ (outnumbered).
 26110 | D:6      | 26110 ||| Stepping ~*~*~tactically~*~*~ (outnumbered).
 26122 | D:6      | 26122 ||| Stepping ~*~*~tactically~*~*~ (outnumbered).
 26124 | D:6      | 26124 ||| Stepping ~*~*~tactically~*~*~ (outnumbered).
 26126 | D:6      | 26126 ||| Stepping ~*~*~tactically~*~*~ (outnumbered).
 26128 | D:6      | 26128 ||| Stepping ~*~*~tactically~*~*~ (outnumbered).
 26130 | D:6      | 26130 ||| Stepping ~*~*~tactically~*~*~ (outnumbered).
 26142 | D:6      | 26142 ||| Stepping ~*~*~tactically~*~*~ (outnumbered).
 26144 | D:6      | 26144 ||| Stepping ~*~*~tactically~*~*~ (outnumbered).
 26146 | D:6      | 26146 ||| Stepping ~*~*~tactically~*~*~ (outnumbered).
 26148 | D:6      | 26148 ||| Stepping ~*~*~tactically~*~*~ (outnumbered).
 26150 | D:6      | 26150 ||| Stepping ~*~*~tactically~*~*~ (outnumbered).
 26162 | D:6      | 26162 ||| Stepping ~*~*~tactically~*~*~ (outnumbered).
 26164 | D:6      | 26164 ||| Stepping ~*~*~tactically~*~*~ (outnumbered).
 26166 | D:6      | 26166 ||| Stepping ~*~*~tactically~*~*~ (outnumbered).
 26168 | D:6      | 26168 ||| Stepping ~*~*~tactically~*~*~ (outnumbered).
 26170 | D:6      | 26170 ||| Stepping ~*~*~tactically~*~*~ (outnumbered).
 26182 | D:6      | 26182 ||| Stepping ~*~*~tactically~*~*~ (outnumbered).
 26184 | D:6      | 26184 ||| Stepping ~*~*~tactically~*~*~ (outnumbered).
 26186 | D:6      | 26186 ||| Stepping ~*~*~tactically~*~*~ (outnumbered).
 26188 | D:6      | 26188 ||| Stepping ~*~*~tactically~*~*~ (outnumbered).
 26190 | D:6      | 26190 ||| Stepping ~*~*~tactically~*~*~ (outnumbered).
 26202 | D:6      | 26202 ||| Stepping ~*~*~tactically~*~*~ (outnumbered).
 26204 | D:6      | 26204 ||| Stepping ~*~*~tactically~*~*~ (outnumbered).
 26206 | D:6      | 26206 ||| Stepping ~*~*~tactically~*~*~ (outnumbered).
 26208 | D:6      | 26208 ||| Stepping ~*~*~tactically~*~*~ (outnumbered).
 26210 | D:6      | 26210 ||| Stepping ~*~*~tactically~*~*~ (outnumbered).
 26222 | D:6      | 26222 ||| Stepping ~*~*~tactically~*~*~ (outnumbered).
 26224 | D:6      | 26224 ||| Stepping ~*~*~tactically~*~*~ (outnumbered).
 26226 | D:6      | 26226 ||| Stepping ~*~*~tactically~*~*~ (outnumbered).
 26228 | D:6      | 26228 ||| Stepping ~*~*~tactically~*~*~ (outnumbered).
 26230 | D:6      | 26230 ||| Stepping ~*~*~tactically~*~*~ (outnumbered).
 26242 | D:6      | 26242 ||| Stepping ~*~*~tactically~*~*~ (outnumbered).
 26244 | D:6      | 26244 ||| Stepping ~*~*~tactically~*~*~ (outnumbered).
 26246 | D:6      | 26246 ||| Stepping ~*~*~tactically~*~*~ (outnumbered).
 26248 | D:6      | 26248 ||| Stepping ~*~*~tactically~*~*~ (outnumbered).
 26250 | D:6      | 26250 ||| Stepping ~*~*~tactically~*~*~ (outnumbered).
 26262 | D:6      | 26262 ||| Stepping ~*~*~tactically~*~*~ (outnumbered).
 26264 | D:6      | 26264 ||| Stepping ~*~*~tactically~*~*~ (outnumbered).
 26266 | D:6      | 26266 ||| Stepping ~*~*~tactically~*~*~ (outnumbered).
 26268 | D:6      | 26268 ||| Stepping ~*~*~tactically~*~*~ (outnumbered).
 26270 | D:6      | 26270 ||| Stepping ~*~*~tactically~*~*~ (outnumbered).
 26282 | D:6      | 26282 ||| Stepping ~*~*~tactically~*~*~ (outnumbered).
 26284 | D:6      | 26284 ||| Stepping ~*~*~tactically~*~*~ (outnumbered).
 26286 | D:6      | 26286 ||| Stepping ~*~*~tactically~*~*~ (outnumbered).
 26288 | D:6      | 26288 ||| Stepping ~*~*~tactically~*~*~ (outnumbered).
 26290 | D:6      | 26290 ||| Stepping ~*~*~tactically~*~*~ (outnumbered).
 26302 | D:6      | 26302 ||| Stepping ~*~*~tactically~*~*~ (outnumbered).
 26304 | D:6      | 26304 ||| Stepping ~*~*~tactically~*~*~ (outnumbered).
 26306 | D:6      | 26306 ||| Stepping ~*~*~tactically~*~*~ (outnumbered).
 26308 | D:6      | 26308 ||| Stepping ~*~*~tactically~*~*~ (outnumbered).
 26310 | D:6      | 26310 ||| Stepping ~*~*~tactically~*~*~ (outnumbered).
 26322 | D:6      | 26322 ||| Stepping ~*~*~tactically~*~*~ (outnumbered).
 26324 | D:6      | 26324 ||| Stepping ~*~*~tactically~*~*~ (outnumbered).
 26326 | D:6      | 26326 ||| Stepping ~*~*~tactically~*~*~ (outnumbered).
 26328 | D:6      | 26328 ||| Stepping ~*~*~tactically~*~*~ (outnumbered).
 26330 | D:6      | 26330 ||| Stepping ~*~*~tactically~*~*~ (outnumbered).
 26342 | D:6      | 26342 ||| Stepping ~*~*~tactically~*~*~ (outnumbered).
 26344 | D:6      | 26344 ||| Stepping ~*~*~tactically~*~*~ (outnumbered).
 26346 | D:6      | 26346 ||| Stepping ~*~*~tactically~*~*~ (outnumbered).
 26348 | D:6      | 26348 ||| Stepping ~*~*~tactically~*~*~ (outnumbered).
 26350 | D:6      | 26350 ||| Stepping ~*~*~tactically~*~*~ (outnumbered).
 26362 | D:6      | 26362 ||| Stepping ~*~*~tactically~*~*~ (outnumbered).
 26364 | D:6      | 26364 ||| Stepping ~*~*~tactically~*~*~ (outnumbered).
 26366 | D:6      | 26366 ||| Stepping ~*~*~tactically~*~*~ (outnumbered).
 26368 | D:6      | 26368 ||| Stepping ~*~*~tactically~*~*~ (outnumbered).
 26370 | D:6      | 26370 ||| Stepping ~*~*~tactically~*~*~ (outnumbered).
 26382 | D:6      | 26382 ||| Stepping ~*~*~tactically~*~*~ (outnumbered).
 26384 | D:6      | 26384 ||| Stepping ~*~*~tactically~*~*~ (outnumbered).
 26386 | D:6      | 26386 ||| Stepping ~*~*~tactically~*~*~ (outnumbered).
 26388 | D:6      | 26388 ||| Stepping ~*~*~tactically~*~*~ (outnumbered).
 26390 | D:6      | 26390 ||| Stepping ~*~*~tactically~*~*~ (outnumbered).
 26402 | D:6      | 26402 ||| Stepping ~*~*~tactically~*~*~ (outnumbered).
 26404 | D:6      | 26404 ||| Stepping ~*~*~tactically~*~*~ (outnumbered).
 26406 | D:6      | 26406 ||| Stepping ~*~*~tactically~*~*~ (outnumbered).
 26408 | D:6      | 26408 ||| Stepping ~*~*~tactically~*~*~ (outnumbered).
 26410 | D:6      | 26410 ||| Stepping ~*~*~tactically~*~*~ (outnumbered).
 26422 | D:6      | 26422 ||| Stepping ~*~*~tactically~*~*~ (outnumbered).
 26424 | D:6      | 26424 ||| Stepping ~*~*~tactically~*~*~ (outnumbered).
 26426 | D:6      | 26426 ||| Stepping ~*~*~tactically~*~*~ (outnumbered).
 26428 | D:6      | 26428 ||| Stepping ~*~*~tactically~*~*~ (outnumbered).
 26430 | D:6      | 26430 ||| Stepping ~*~*~tactically~*~*~ (outnumbered).
 26442 | D:6      | 26442 ||| Stepping ~*~*~tactically~*~*~ (outnumbered).
 26444 | D:6      | 26444 ||| Stepping ~*~*~tactically~*~*~ (outnumbered).
 26446 | D:6      | 26446 ||| Stepping ~*~*~tactically~*~*~ (outnumbered).
 26448 | D:6      | 26448 ||| Stepping ~*~*~tactically~*~*~ (outnumbered).
 26450 | D:6      | 26450 ||| Stepping ~*~*~tactically~*~*~ (outnumbered).
 26462 | D:6      | 26462 ||| Stepping ~*~*~tactically~*~*~ (outnumbered).
 26464 | D:6      | 26464 ||| Stepping ~*~*~tactically~*~*~ (outnumbered).
 26466 | D:6      | 26466 ||| Stepping ~*~*~tactically~*~*~ (outnumbered).
 26468 | D:6      | 26468 ||| Stepping ~*~*~tactically~*~*~ (outnumbered).
 26470 | D:6      | 26470 ||| Stepping ~*~*~tactically~*~*~ (outnumbered).
 26482 | D:6      | 26482 ||| Stepping ~*~*~tactically~*~*~ (outnumbered).
 26484 | D:6      | 26484 ||| Stepping ~*~*~tactically~*~*~ (outnumbered).
 26486 | D:6      | 26486 ||| Stepping ~*~*~tactically~*~*~ (outnumbered).
 26488 | D:6      | 26488 ||| Stepping ~*~*~tactically~*~*~ (outnumbered).
 26490 | D:6      | 26490 ||| Stepping ~*~*~tactically~*~*~ (outnumbered).
 26502 | D:6      | 26502 ||| Stepping ~*~*~tactically~*~*~ (outnumbered).
 26504 | D:6      | 26504 ||| Stepping ~*~*~tactically~*~*~ (outnumbered).
 26506 | D:6      | 26506 ||| Stepping ~*~*~tactically~*~*~ (outnumbered).
 26508 | D:6      | 26508 ||| Stepping ~*~*~tactically~*~*~ (outnumbered).
 26510 | D:6      | 26510 ||| Stepping ~*~*~tactically~*~*~ (outnumbered).
 26522 | D:6      | 26522 ||| Stepping ~*~*~tactically~*~*~ (outnumbered).
 26524 | D:6      | 26524 ||| Stepping ~*~*~tactically~*~*~ (outnumbered).
 26526 | D:6      | 26526 ||| Stepping ~*~*~tactically~*~*~ (outnumbered).
 26528 | D:6      | 26528 ||| Stepping ~*~*~tactically~*~*~ (outnumbered).
 26530 | D:6      | 26530 ||| Stepping ~*~*~tactically~*~*~ (outnumbered).
 26542 | D:6      | 26542 ||| Stepping ~*~*~tactically~*~*~ (outnumbered).
 26544 | D:6      | 26544 ||| Stepping ~*~*~tactically~*~*~ (outnumbered).
 26546 | D:6      | 26546 ||| Stepping ~*~*~tactically~*~*~ (outnumbered).
 26548 | D:6      | 26548 ||| Stepping ~*~*~tactically~*~*~ (outnumbered).
 26550 | D:6      | 26550 ||| Stepping ~*~*~tactically~*~*~ (outnumbered).
 26562 | D:6      | 26562 ||| Stepping ~*~*~tactically~*~*~ (outnumbered).
 26564 | D:6      | 26564 ||| Stepping ~*~*~tactically~*~*~ (outnumbered).
 26566 | D:6      | 26566 ||| Stepping ~*~*~tactically~*~*~ (outnumbered).
 26568 | D:6      | 26568 ||| Stepping ~*~*~tactically~*~*~ (outnumbered).
 26570 | D:6      | 26570 ||| Stepping ~*~*~tactically~*~*~ (outnumbered).
 26582 | D:6      | 26582 ||| Stepping ~*~*~tactically~*~*~ (outnumbered).
 26584 | D:6      | 26584 ||| Stepping ~*~*~tactically~*~*~ (outnumbered).
 26586 | D:6      | 26586 ||| Stepping ~*~*~tactically~*~*~ (outnumbered).
 26588 | D:6      | 26588 ||| Stepping ~*~*~tactically~*~*~ (outnumbered).
 26590 | D:6      | 26590 ||| Stepping ~*~*~tactically~*~*~ (outnumbered).
 26602 | D:6      | 26602 ||| Stepping ~*~*~tactically~*~*~ (outnumbered).
 26604 | D:6      | 26604 ||| Stepping ~*~*~tactically~*~*~ (outnumbered).
 26606 | D:6      | 26606 ||| Stepping ~*~*~tactically~*~*~ (outnumbered).
 26608 | D:6      | 26608 ||| Stepping ~*~*~tactically~*~*~ (outnumbered).
 26610 | D:6      | 26610 ||| Stepping ~*~*~tactically~*~*~ (outnumbered).
 26622 | D:6      | 26622 ||| Stepping ~*~*~tactically~*~*~ (outnumbered).
 26624 | D:6      | 26624 ||| Stepping ~*~*~tactically~*~*~ (outnumbered).
 26626 | D:6      | 26626 ||| Stepping ~*~*~tactically~*~*~ (outnumbered).
 26628 | D:6      | 26628 ||| Stepping ~*~*~tactically~*~*~ (outnumbered).
 26630 | D:6      | 26630 ||| Stepping ~*~*~tactically~*~*~ (outnumbered).
 26642 | D:6      | 26642 ||| Stepping ~*~*~tactically~*~*~ (outnumbered).
 26644 | D:6      | 26644 ||| Stepping ~*~*~tactically~*~*~ (outnumbered).
 26646 | D:6      | 26646 ||| Stepping ~*~*~tactically~*~*~ (outnumbered).
 26648 | D:6      | 26648 ||| Stepping ~*~*~tactically~*~*~ (outnumbered).
 26650 | D:6      | 26650 ||| Stepping ~*~*~tactically~*~*~ (outnumbered).
 26662 | D:6      | 26662 ||| Stepping ~*~*~tactically~*~*~ (outnumbered).
 26664 | D:6      | 26664 ||| Stepping ~*~*~tactically~*~*~ (outnumbered).
 26666 | D:6      | 26666 ||| Stepping ~*~*~tactically~*~*~ (outnumbered).
 26668 | D:6      | 26668 ||| Stepping ~*~*~tactically~*~*~ (outnumbered).
 26670 | D:6      | 26670 ||| Stepping ~*~*~tactically~*~*~ (outnumbered).
 26682 | D:6      | 26682 ||| Stepping ~*~*~tactically~*~*~ (outnumbered).
 26684 | D:6      | 26684 ||| Stepping ~*~*~tactically~*~*~ (outnumbered).
 26686 | D:6      | 26686 ||| Stepping ~*~*~tactically~*~*~ (outnumbered).
 26688 | D:6      | 26688 ||| Stepping ~*~*~tactically~*~*~ (outnumbered).
 26690 | D:6      | 26690 ||| Stepping ~*~*~tactically~*~*~ (outnumbered).
 26702 | D:6      | 26702 ||| Stepping ~*~*~tactically~*~*~ (outnumbered).
 26704 | D:6      | 26704 ||| Stepping ~*~*~tactically~*~*~ (outnumbered).
 26706 | D:6      | 26706 ||| Stepping ~*~*~tactically~*~*~ (outnumbered).
 26708 | D:6      | 26708 ||| Stepping ~*~*~tactically~*~*~ (outnumbered).
 26710 | D:6      | 26710 ||| Stepping ~*~*~tactically~*~*~ (outnumbered).
 26722 | D:6      | 26722 ||| Stepping ~*~*~tactically~*~*~ (outnumbered).
 26724 | D:6      | 26724 ||| Stepping ~*~*~tactically~*~*~ (outnumbered).
 26726 | D:6      | 26726 ||| Stepping ~*~*~tactically~*~*~ (outnumbered).
 26728 | D:6      | 26728 ||| Stepping ~*~*~tactically~*~*~ (outnumbered).
 26730 | D:6      | 26730 ||| Stepping ~*~*~tactically~*~*~ (outnumbered).
 26742 | D:6      | 26742 ||| Stepping ~*~*~tactically~*~*~ (outnumbered).
 26744 | D:6      | 26744 ||| Stepping ~*~*~tactically~*~*~ (outnumbered).
 26746 | D:6      | 26746 ||| Stepping ~*~*~tactically~*~*~ (outnumbered).
 26748 | D:6      | 26748 ||| Stepping ~*~*~tactically~*~*~ (outnumbered).
 26750 | D:6      | 26750 ||| Stepping ~*~*~tactically~*~*~ (outnumbered).
 26762 | D:6      | 26762 ||| Stepping ~*~*~tactically~*~*~ (outnumbered).
 26764 | D:6      | 26764 ||| Stepping ~*~*~tactically~*~*~ (outnumbered).
 26766 | D:6      | 26766 ||| Stepping ~*~*~tactically~*~*~ (outnumbered).
 26768 | D:6      | 26768 ||| Stepping ~*~*~tactically~*~*~ (outnumbered).
 26770 | D:6      | 26770 ||| Stepping ~*~*~tactically~*~*~ (outnumbered).
 26782 | D:6      | 26782 ||| Stepping ~*~*~tactically~*~*~ (outnumbered).
 26784 | D:6      | 26784 ||| Stepping ~*~*~tactically~*~*~ (outnumbered).
 26786 | D:6      | 26786 ||| Stepping ~*~*~tactically~*~*~ (outnumbered).
 26788 | D:6      | 26788 ||| Stepping ~*~*~tactically~*~*~ (outnumbered).
 26790 | D:6      | 26790 ||| Stepping ~*~*~tactically~*~*~ (outnumbered).
 26802 | D:6      | 26802 ||| Stepping ~*~*~tactically~*~*~ (outnumbered).
 26804 | D:6      | 26804 ||| Stepping ~*~*~tactically~*~*~ (outnumbered).
 26806 | D:6      | 26806 ||| Stepping ~*~*~tactically~*~*~ (outnumbered).
 26808 | D:6      | 26808 ||| Stepping ~*~*~tactically~*~*~ (outnumbered).
 26810 | D:6      | 26810 ||| Stepping ~*~*~tactically~*~*~ (outnumbered).
 26822 | D:6      | 26822 ||| Stepping ~*~*~tactically~*~*~ (outnumbered).
 26824 | D:6      | 26824 ||| Stepping ~*~*~tactically~*~*~ (outnumbered).
 26826 | D:6      | 26826 ||| Stepping ~*~*~tactically~*~*~ (outnumbered).
 26828 | D:6      | 26828 ||| Stepping ~*~*~tactically~*~*~ (outnumbered).
 26830 | D:6      | 26830 ||| Stepping ~*~*~tactically~*~*~ (outnumbered).
 26842 | D:6      | 26842 ||| Stepping ~*~*~tactically~*~*~ (outnumbered).
 26844 | D:6      | 26844 ||| Stepping ~*~*~tactically~*~*~ (outnumbered).
 26846 | D:6      | 26846 ||| Stepping ~*~*~tactically~*~*~ (outnumbered).
 26848 | D:6      | 26848 ||| Stepping ~*~*~tactically~*~*~ (outnumbered).
 26850 | D:6      | 26850 ||| Stepping ~*~*~tactically~*~*~ (outnumbered).
 26862 | D:6      | 26862 ||| Stepping ~*~*~tactically~*~*~ (outnumbered).
 26864 | D:6      | 26864 ||| Stepping ~*~*~tactically~*~*~ (outnumbered).
 26866 | D:6      | 26866 ||| Stepping ~*~*~tactically~*~*~ (outnumbered).
 26868 | D:6      | 26868 ||| Stepping ~*~*~tactically~*~*~ (outnumbered).
 26870 | D:6      | 26870 ||| Stepping ~*~*~tactically~*~*~ (outnumbered).
 26882 | D:6      | 26882 ||| Stepping ~*~*~tactically~*~*~ (outnumbered).
 26884 | D:6      | 26884 ||| Stepping ~*~*~tactically~*~*~ (outnumbered).
 26886 | D:6      | 26886 ||| Stepping ~*~*~tactically~*~*~ (outnumbered).
 26888 | D:6      | 26888 ||| Stepping ~*~*~tactically~*~*~ (outnumbered).
 26890 | D:6      | 26890 ||| Stepping ~*~*~tactically~*~*~ (outnumbered).
 26902 | D:6      | 26902 ||| Stepping ~*~*~tactically~*~*~ (outnumbered).
 26904 | D:6      | 26904 ||| Stepping ~*~*~tactically~*~*~ (outnumbered).
 26906 | D:6      | 26906 ||| Stepping ~*~*~tactically~*~*~ (outnumbered).
 26908 | D:6      | 26908 ||| Stepping ~*~*~tactically~*~*~ (outnumbered).
 26910 | D:6      | 26910 ||| Stepping ~*~*~tactically~*~*~ (outnumbered).
 26922 | D:6      | 26922 ||| Stepping ~*~*~tactically~*~*~ (outnumbered).
 26924 | D:6      | 26924 ||| Stepping ~*~*~tactically~*~*~ (outnumbered).
 26926 | D:6      | 26926 ||| Stepping ~*~*~tactically~*~*~ (outnumbered).
 26928 | D:6      | 26928 ||| Stepping ~*~*~tactically~*~*~ (outnumbered).
 26930 | D:6      | 26930 ||| Stepping ~*~*~tactically~*~*~ (outnumbered).
 26942 | D:6      | 26942 ||| Stepping ~*~*~tactically~*~*~ (outnumbered).
 26944 | D:6      | 26944 ||| Stepping ~*~*~tactically~*~*~ (outnumbered).
 26946 | D:6      | 26946 ||| Stepping ~*~*~tactically~*~*~ (outnumbered).
 26948 | D:6      | 26948 ||| Stepping ~*~*~tactically~*~*~ (outnumbered).
 26950 | D:6      | 26950 ||| Stepping ~*~*~tactically~*~*~ (outnumbered).
 26962 | D:6      | 26962 ||| Stepping ~*~*~tactically~*~*~ (outnumbered).
 26964 | D:6      | 26964 ||| Stepping ~*~*~tactically~*~*~ (outnumbered).
 26966 | D:6      | 26966 ||| Stepping ~*~*~tactically~*~*~ (outnumbered).
 26968 | D:6      | 26968 ||| Stepping ~*~*~tactically~*~*~ (outnumbered).
 26970 | D:6      | 26970 ||| Stepping ~*~*~tactically~*~*~ (outnumbered).
 26982 | D:6      | 26982 ||| Stepping ~*~*~tactically~*~*~ (outnumbered).
 26984 | D:6      | 26984 ||| Stepping ~*~*~tactically~*~*~ (outnumbered).
 26986 | D:6      | 26986 ||| Stepping ~*~*~tactically~*~*~ (outnumbered).
 26988 | D:6      | 26988 ||| Stepping ~*~*~tactically~*~*~ (outnumbered).
 26990 | D:6      | 26990 ||| Stepping ~*~*~tactically~*~*~ (outnumbered).
 27002 | D:6      | 27002 ||| Stepping ~*~*~tactically~*~*~ (outnumbered).
 27004 | D:6      | 27004 ||| Stepping ~*~*~tactically~*~*~ (outnumbered).
 27006 | D:6      | 27006 ||| Stepping ~*~*~tactically~*~*~ (outnumbered).
 27008 | D:6      | 27008 ||| Stepping ~*~*~tactically~*~*~ (outnumbered).
 27010 | D:6      | 27010 ||| Stepping ~*~*~tactically~*~*~ (outnumbered).
 27022 | D:6      | 27022 ||| Stepping ~*~*~tactically~*~*~ (outnumbered).
 27024 | D:6      | 27024 ||| Stepping ~*~*~tactically~*~*~ (outnumbered).
 27026 | D:6      | 27026 ||| Stepping ~*~*~tactically~*~*~ (outnumbered).
 27028 | D:6      | 27028 ||| Stepping ~*~*~tactically~*~*~ (outnumbered).
 27030 | D:6      | 27030 ||| Stepping ~*~*~tactically~*~*~ (outnumbered).
 27042 | D:6      | 27042 ||| Stepping ~*~*~tactically~*~*~ (outnumbered).
 27044 | D:6      | 27044 ||| Stepping ~*~*~tactically~*~*~ (outnumbered).
 27046 | D:6      | 27046 ||| Stepping ~*~*~tactically~*~*~ (outnumbered).
 27048 | D:6      | 27048 ||| Stepping ~*~*~tactically~*~*~ (outnumbered).
 27050 | D:6      | 27050 ||| Stepping ~*~*~tactically~*~*~ (outnumbered).
 27062 | D:6      | 27062 ||| Stepping ~*~*~tactically~*~*~ (outnumbered).
 27064 | D:6      | 27064 ||| Stepping ~*~*~tactically~*~*~ (outnumbered).
 27066 | D:6      | 27066 ||| Stepping ~*~*~tactically~*~*~ (outnumbered).
 27068 | D:6      | 27068 ||| Stepping ~*~*~tactically~*~*~ (outnumbered).
 27070 | D:6      | 27070 ||| Stepping ~*~*~tactically~*~*~ (outnumbered).
 27082 | D:6      | 27082 ||| Stepping ~*~*~tactically~*~*~ (outnumbered).
 27084 | D:6      | 27084 ||| Stepping ~*~*~tactically~*~*~ (outnumbered).
 27086 | D:6      | 27086 ||| Stepping ~*~*~tactically~*~*~ (outnumbered).
 27088 | D:6      | 27088 ||| Stepping ~*~*~tactically~*~*~ (outnumbered).
 27090 | D:6      | 27090 ||| Stepping ~*~*~tactically~*~*~ (outnumbered).
 27102 | D:6      | 27102 ||| Stepping ~*~*~tactically~*~*~ (outnumbered).
 27104 | D:6      | 27104 ||| Stepping ~*~*~tactically~*~*~ (outnumbered).
 27106 | D:6      | 27106 ||| Stepping ~*~*~tactically~*~*~ (outnumbered).
 27108 | D:6      | 27108 ||| Stepping ~*~*~tactically~*~*~ (outnumbered).
 27110 | D:6      | 27110 ||| Stepping ~*~*~tactically~*~*~ (outnumbered).
 27122 | D:6      | 27122 ||| Stepping ~*~*~tactically~*~*~ (outnumbered).
 27124 | D:6      | 27124 ||| Stepping ~*~*~tactically~*~*~ (outnumbered).
 27126 | D:6      | 27126 ||| Stepping ~*~*~tactically~*~*~ (outnumbered).
 27128 | D:6      | 27128 ||| Stepping ~*~*~tactically~*~*~ (outnumbered).
 27130 | D:6      | 27130 ||| Stepping ~*~*~tactically~*~*~ (outnumbered).
 27142 | D:6      | 27142 ||| Stepping ~*~*~tactically~*~*~ (outnumbered).
 27144 | D:6      | 27144 ||| Stepping ~*~*~tactically~*~*~ (outnumbered).
 27146 | D:6      | 27146 ||| Stepping ~*~*~tactically~*~*~ (outnumbered).
 27148 | D:6      | 27148 ||| Stepping ~*~*~tactically~*~*~ (outnumbered).
 27150 | D:6      | 27150 ||| Stepping ~*~*~tactically~*~*~ (outnumbered).
 27162 | D:6      | 27162 ||| Stepping ~*~*~tactically~*~*~ (outnumbered).
 27164 | D:6      | 27164 ||| Stepping ~*~*~tactically~*~*~ (outnumbered).
 27166 | D:6      | 27166 ||| Stepping ~*~*~tactically~*~*~ (outnumbered).
 27168 | D:6      | 27168 ||| Stepping ~*~*~tactically~*~*~ (outnumbered).
 27170 | D:6      | 27170 ||| Stepping ~*~*~tactically~*~*~ (outnumbered).
 27182 | D:6      | 27182 ||| Stepping ~*~*~tactically~*~*~ (outnumbered).
 27184 | D:6      | 27184 ||| Stepping ~*~*~tactically~*~*~ (outnumbered).
 27186 | D:6      | 27186 ||| Stepping ~*~*~tactically~*~*~ (outnumbered).
 27188 | D:6      | 27188 ||| Stepping ~*~*~tactically~*~*~ (outnumbered).
 27190 | D:6      | 27190 ||| Stepping ~*~*~tactically~*~*~ (outnumbered).
 27202 | D:6      | 27202 ||| Stepping ~*~*~tactically~*~*~ (outnumbered).
 27204 | D:6      | 27204 ||| Stepping ~*~*~tactically~*~*~ (outnumbered).
 27206 | D:6      | 27206 ||| Stepping ~*~*~tactically~*~*~ (outnumbered).
 27208 | D:6      | 27208 ||| Stepping ~*~*~tactically~*~*~ (outnumbered).
 27210 | D:6      | 27210 ||| Stepping ~*~*~tactically~*~*~ (outnumbered).
 27222 | D:6      | 27222 ||| Stepping ~*~*~tactically~*~*~ (outnumbered).
 27224 | D:6      | 27224 ||| Stepping ~*~*~tactically~*~*~ (outnumbered).
 27226 | D:6      | 27226 ||| Stepping ~*~*~tactically~*~*~ (outnumbered).
 27228 | D:6      | 27228 ||| Stepping ~*~*~tactically~*~*~ (outnumbered).
 27230 | D:6      | 27230 ||| Stepping ~*~*~tactically~*~*~ (outnumbered).
 27242 | D:6      | 27242 ||| Stepping ~*~*~tactically~*~*~ (outnumbered).
 27244 | D:6      | 27244 ||| Stepping ~*~*~tactically~*~*~ (outnumbered).
 27246 | D:6      | 27246 ||| Stepping ~*~*~tactically~*~*~ (outnumbered).
 27248 | D:6      | 27248 ||| Stepping ~*~*~tactically~*~*~ (outnumbered).
 27250 | D:6      | 27250 ||| Stepping ~*~*~tactically~*~*~ (outnumbered).
 27262 | D:6      | 27262 ||| Stepping ~*~*~tactically~*~*~ (outnumbered).
 27264 | D:6      | 27264 ||| Stepping ~*~*~tactically~*~*~ (outnumbered).
 27266 | D:6      | 27266 ||| Stepping ~*~*~tactically~*~*~ (outnumbered).
 27268 | D:6      | 27268 ||| Stepping ~*~*~tactically~*~*~ (outnumbered).
 27270 | D:6      | 27270 ||| Stepping ~*~*~tactically~*~*~ (outnumbered).
 27282 | D:6      | 27282 ||| Stepping ~*~*~tactically~*~*~ (outnumbered).
 27284 | D:6      | 27284 ||| Stepping ~*~*~tactically~*~*~ (outnumbered).
 27286 | D:6      | 27286 ||| Stepping ~*~*~tactically~*~*~ (outnumbered).
 27288 | D:6      | 27288 ||| Stepping ~*~*~tactically~*~*~ (outnumbered).
 27290 | D:6      | 27290 ||| Stepping ~*~*~tactically~*~*~ (outnumbered).
 27302 | D:6      | 27302 ||| Stepping ~*~*~tactically~*~*~ (outnumbered).
 27304 | D:6      | 27304 ||| Stepping ~*~*~tactically~*~*~ (outnumbered).
 27306 | D:6      | 27306 ||| Stepping ~*~*~tactically~*~*~ (outnumbered).
 27308 | D:6      | 27308 ||| Stepping ~*~*~tactically~*~*~ (outnumbered).
 27310 | D:6      | 27310 ||| Stepping ~*~*~tactically~*~*~ (outnumbered).
 27322 | D:6      | 27322 ||| Stepping ~*~*~tactically~*~*~ (outnumbered).
 27324 | D:6      | 27324 ||| Stepping ~*~*~tactically~*~*~ (outnumbered).
 27326 | D:6      | 27326 ||| Stepping ~*~*~tactically~*~*~ (outnumbered).
 27328 | D:6      | 27328 ||| Stepping ~*~*~tactically~*~*~ (outnumbered).
 27330 | D:6      | 27330 ||| Stepping ~*~*~tactically~*~*~ (outnumbered).
 27342 | D:6      | 27342 ||| Stepping ~*~*~tactically~*~*~ (outnumbered).
 27344 | D:6      | 27344 ||| Stepping ~*~*~tactically~*~*~ (outnumbered).
 27346 | D:6      | 27346 ||| Stepping ~*~*~tactically~*~*~ (outnumbered).
 27348 | D:6      | 27348 ||| Stepping ~*~*~tactically~*~*~ (outnumbered).
 27350 | D:6      | 27350 ||| Stepping ~*~*~tactically~*~*~ (outnumbered).
 27362 | D:6      | 27362 ||| Stepping ~*~*~tactically~*~*~ (outnumbered).
 27364 | D:6      | 27364 ||| Stepping ~*~*~tactically~*~*~ (outnumbered).
 27366 | D:6      | 27366 ||| Stepping ~*~*~tactically~*~*~ (outnumbered).
 27368 | D:6      | 27368 ||| Stepping ~*~*~tactically~*~*~ (outnumbered).
 27370 | D:6      | 27370 ||| Stepping ~*~*~tactically~*~*~ (outnumbered).
 27382 | D:6      | 27382 ||| Stepping ~*~*~tactically~*~*~ (outnumbered).
 27384 | D:6      | 27384 ||| Stepping ~*~*~tactically~*~*~ (outnumbered).
 27386 | D:6      | 27386 ||| Stepping ~*~*~tactically~*~*~ (outnumbered).
 27388 | D:6      | 27388 ||| Stepping ~*~*~tactically~*~*~ (outnumbered).
 27390 | D:6      | 27390 ||| Stepping ~*~*~tactically~*~*~ (outnumbered).
 27402 | D:6      | 27402 ||| Stepping ~*~*~tactically~*~*~ (outnumbered).
 27404 | D:6      | 27404 ||| Stepping ~*~*~tactically~*~*~ (outnumbered).
 27406 | D:6      | 27406 ||| Stepping ~*~*~tactically~*~*~ (outnumbered).
 27408 | D:6      | 27408 ||| Stepping ~*~*~tactically~*~*~ (outnumbered).
 27410 | D:6      | 27410 ||| Stepping ~*~*~tactically~*~*~ (outnumbered).
 27422 | D:6      | 27422 ||| Stepping ~*~*~tactically~*~*~ (outnumbered).
 27424 | D:6      | 27424 ||| Stepping ~*~*~tactically~*~*~ (outnumbered).
 27426 | D:6      | 27426 ||| Stepping ~*~*~tactically~*~*~ (outnumbered).
 27428 | D:6      | 27428 ||| Stepping ~*~*~tactically~*~*~ (outnumbered).
 27430 | D:6      | 27430 ||| Stepping ~*~*~tactically~*~*~ (outnumbered).
 27442 | D:6      | 27442 ||| Stepping ~*~*~tactically~*~*~ (outnumbered).
 27444 | D:6      | 27444 ||| Stepping ~*~*~tactically~*~*~ (outnumbered).
 27446 | D:6      | 27446 ||| Stepping ~*~*~tactically~*~*~ (outnumbered).
 27448 | D:6      | 27448 ||| Stepping ~*~*~tactically~*~*~ (outnumbered).
 27450 | D:6      | 27450 ||| Stepping ~*~*~tactically~*~*~ (outnumbered).
 27462 | D:6      | 27462 ||| Stepping ~*~*~tactically~*~*~ (outnumbered).
 27464 | D:6      | 27464 ||| Stepping ~*~*~tactically~*~*~ (outnumbered).
 27466 | D:6      | 27466 ||| Stepping ~*~*~tactically~*~*~ (outnumbered).
 27468 | D:6      | 27468 ||| Stepping ~*~*~tactically~*~*~ (outnumbered).
 27470 | D:6      | 27470 ||| Stepping ~*~*~tactically~*~*~ (outnumbered).
 27482 | D:6      | 27482 ||| Stepping ~*~*~tactically~*~*~ (outnumbered).
 27484 | D:6      | 27484 ||| Stepping ~*~*~tactically~*~*~ (outnumbered).
 27486 | D:6      | 27486 ||| Stepping ~*~*~tactically~*~*~ (outnumbered).
 27488 | D:6      | 27488 ||| Stepping ~*~*~tactically~*~*~ (outnumbered).
 27490 | D:6      | 27490 ||| Stepping ~*~*~tactically~*~*~ (outnumbered).
 27502 | D:6      | 27502 ||| Stepping ~*~*~tactically~*~*~ (outnumbered).
 27504 | D:6      | 27504 ||| Stepping ~*~*~tactically~*~*~ (outnumbered).
 27506 | D:6      | 27506 ||| Stepping ~*~*~tactically~*~*~ (outnumbered).
 27508 | D:6      | 27508 ||| Stepping ~*~*~tactically~*~*~ (outnumbered).
 27510 | D:6      | 27510 ||| Stepping ~*~*~tactically~*~*~ (outnumbered).
 27522 | D:6      | 27522 ||| Stepping ~*~*~tactically~*~*~ (outnumbered).
 27524 | D:6      | 27524 ||| Stepping ~*~*~tactically~*~*~ (outnumbered).
 27526 | D:6      | 27526 ||| Stepping ~*~*~tactically~*~*~ (outnumbered).
 27528 | D:6      | 27528 ||| Stepping ~*~*~tactically~*~*~ (outnumbered).
 27530 | D:6      | 27530 ||| Stepping ~*~*~tactically~*~*~ (outnumbered).
 27542 | D:6      | 27542 ||| Stepping ~*~*~tactically~*~*~ (outnumbered).
 27544 | D:6      | 27544 ||| Stepping ~*~*~tactically~*~*~ (outnumbered).
 27546 | D:6      | 27546 ||| Stepping ~*~*~tactically~*~*~ (outnumbered).
 27548 | D:6      | 27548 ||| Stepping ~*~*~tactically~*~*~ (outnumbered).
 27550 | D:6      | 27550 ||| Stepping ~*~*~tactically~*~*~ (outnumbered).
 27562 | D:6      | 27562 ||| Stepping ~*~*~tactically~*~*~ (outnumbered).
 27564 | D:6      | 27564 ||| Stepping ~*~*~tactically~*~*~ (outnumbered).
 27566 | D:6      | 27566 ||| Stepping ~*~*~tactically~*~*~ (outnumbered).
 27568 | D:6      | 27568 ||| Stepping ~*~*~tactically~*~*~ (outnumbered).
 27570 | D:6      | 27570 ||| Stepping ~*~*~tactically~*~*~ (outnumbered).
 27582 | D:6      | 27582 ||| Stepping ~*~*~tactically~*~*~ (outnumbered).
 27584 | D:6      | 27584 ||| Stepping ~*~*~tactically~*~*~ (outnumbered).
 27586 | D:6      | 27586 ||| Stepping ~*~*~tactically~*~*~ (outnumbered).
 27588 | D:6      | 27588 ||| Stepping ~*~*~tactically~*~*~ (outnumbered).
 27590 | D:6      | 27590 ||| Stepping ~*~*~tactically~*~*~ (outnumbered).
 27602 | D:6      | 27602 ||| Stepping ~*~*~tactically~*~*~ (outnumbered).
 27604 | D:6      | 27604 ||| Stepping ~*~*~tactically~*~*~ (outnumbered).
 27606 | D:6      | 27606 ||| Stepping ~*~*~tactically~*~*~ (outnumbered).
 27608 | D:6      | 27608 ||| Stepping ~*~*~tactically~*~*~ (outnumbered).
 27610 | D:6      | 27610 ||| Stepping ~*~*~tactically~*~*~ (outnumbered).
 27622 | D:6      | 27622 ||| Stepping ~*~*~tactically~*~*~ (outnumbered).
 27624 | D:6      | 27624 ||| Stepping ~*~*~tactically~*~*~ (outnumbered).
 27626 | D:6      | 27626 ||| Stepping ~*~*~tactically~*~*~ (outnumbered).
 27628 | D:6      | 27628 ||| Stepping ~*~*~tactically~*~*~ (outnumbered).
 27630 | D:6      | 27630 ||| Stepping ~*~*~tactically~*~*~ (outnumbered).
 27642 | D:6      | 27642 ||| Stepping ~*~*~tactically~*~*~ (outnumbered).
 27644 | D:6      | 27644 ||| Stepping ~*~*~tactically~*~*~ (outnumbered).
 27646 | D:6      | 27646 ||| Stepping ~*~*~tactically~*~*~ (outnumbered).
 27648 | D:6      | 27648 ||| Stepping ~*~*~tactically~*~*~ (outnumbered).
 27650 | D:6      | 27650 ||| Stepping ~*~*~tactically~*~*~ (outnumbered).
 27662 | D:6      | 27662 ||| Stepping ~*~*~tactically~*~*~ (outnumbered).
 27664 | D:6      | 27664 ||| Stepping ~*~*~tactically~*~*~ (outnumbered).
 27666 | D:6      | 27666 ||| Stepping ~*~*~tactically~*~*~ (outnumbered).
 27668 | D:6      | 27668 ||| Stepping ~*~*~tactically~*~*~ (outnumbered).
 27670 | D:6      | 27670 ||| Stepping ~*~*~tactically~*~*~ (outnumbered).
 27682 | D:6      | 27682 ||| Stepping ~*~*~tactically~*~*~ (outnumbered).
 27684 | D:6      | 27684 ||| Stepping ~*~*~tactically~*~*~ (outnumbered).
 27686 | D:6      | 27686 ||| Stepping ~*~*~tactically~*~*~ (outnumbered).
 27688 | D:6      | 27688 ||| Stepping ~*~*~tactically~*~*~ (outnumbered).
 27690 | D:6      | 27690 ||| Stepping ~*~*~tactically~*~*~ (outnumbered).
 27702 | D:6      | 27702 ||| Stepping ~*~*~tactically~*~*~ (outnumbered).
 27704 | D:6      | 27704 ||| Stepping ~*~*~tactically~*~*~ (outnumbered).
 27706 | D:6      | 27706 ||| Stepping ~*~*~tactically~*~*~ (outnumbered).
 27708 | D:6      | 27708 ||| Stepping ~*~*~tactically~*~*~ (outnumbered).
 27710 | D:6      | 27710 ||| Stepping ~*~*~tactically~*~*~ (outnumbered).
 27722 | D:6      | 27722 ||| Stepping ~*~*~tactically~*~*~ (outnumbered).
 27724 | D:6      | 27724 ||| Stepping ~*~*~tactically~*~*~ (outnumbered).
 27726 | D:6      | 27726 ||| Stepping ~*~*~tactically~*~*~ (outnumbered).
 27728 | D:6      | 27728 ||| Stepping ~*~*~tactically~*~*~ (outnumbered).
 27730 | D:6      | 27730 ||| Stepping ~*~*~tactically~*~*~ (outnumbered).
 27742 | D:6      | 27742 ||| Stepping ~*~*~tactically~*~*~ (outnumbered).
 27744 | D:6      | 27744 ||| Stepping ~*~*~tactically~*~*~ (outnumbered).
 27746 | D:6      | 27746 ||| Stepping ~*~*~tactically~*~*~ (outnumbered).
 27748 | D:6      | 27748 ||| Stepping ~*~*~tactically~*~*~ (outnumbered).
 27750 | D:6      | 27750 ||| Stepping ~*~*~tactically~*~*~ (outnumbered).
 27762 | D:6      | 27762 ||| Stepping ~*~*~tactically~*~*~ (outnumbered).
 27764 | D:6      | 27764 ||| Stepping ~*~*~tactically~*~*~ (outnumbered).
 27766 | D:6      | 27766 ||| Stepping ~*~*~tactically~*~*~ (outnumbered).
 27768 | D:6      | 27768 ||| Stepping ~*~*~tactically~*~*~ (outnumbered).
 27770 | D:6      | 27770 ||| Stepping ~*~*~tactically~*~*~ (outnumbered).
 27782 | D:6      | 27782 ||| Stepping ~*~*~tactically~*~*~ (outnumbered).
 27784 | D:6      | 27784 ||| Stepping ~*~*~tactically~*~*~ (outnumbered).
 27786 | D:6      | 27786 ||| Stepping ~*~*~tactically~*~*~ (outnumbered).
 27788 | D:6      | 27788 ||| Stepping ~*~*~tactically~*~*~ (outnumbered).
 27790 | D:6      | 27790 ||| Stepping ~*~*~tactically~*~*~ (outnumbered).
 27802 | D:6      | 27802 ||| Stepping ~*~*~tactically~*~*~ (outnumbered).
 27804 | D:6      | 27804 ||| Stepping ~*~*~tactically~*~*~ (outnumbered).
 27806 | D:6      | 27806 ||| Stepping ~*~*~tactically~*~*~ (outnumbered).
 27808 | D:6      | 27808 ||| Stepping ~*~*~tactically~*~*~ (outnumbered).
 27810 | D:6      | 27810 ||| Stepping ~*~*~tactically~*~*~ (outnumbered).
 27822 | D:6      | 27822 ||| Stepping ~*~*~tactically~*~*~ (outnumbered).
 27824 | D:6      | 27824 ||| Stepping ~*~*~tactically~*~*~ (outnumbered).
 27826 | D:6      | 27826 ||| Stepping ~*~*~tactically~*~*~ (outnumbered).
 27828 | D:6      | 27828 ||| Stepping ~*~*~tactically~*~*~ (outnumbered).
 27830 | D:6      | 27830 ||| Stepping ~*~*~tactically~*~*~ (outnumbered).
 27842 | D:6      | 27842 ||| Stepping ~*~*~tactically~*~*~ (outnumbered).
 27844 | D:6      | 27844 ||| Stepping ~*~*~tactically~*~*~ (outnumbered).
 27846 | D:6      | 27846 ||| Stepping ~*~*~tactically~*~*~ (outnumbered).
 27848 | D:6      | 27848 ||| Stepping ~*~*~tactically~*~*~ (outnumbered).
 27850 | D:6      | 27850 ||| Stepping ~*~*~tactically~*~*~ (outnumbered).
 27862 | D:6      | 27862 ||| Stepping ~*~*~tactically~*~*~ (outnumbered).
 27864 | D:6      | 27864 ||| Stepping ~*~*~tactically~*~*~ (outnumbered).
 27866 | D:6      | 27866 ||| Stepping ~*~*~tactically~*~*~ (outnumbered).
 27868 | D:6      | 27868 ||| Stepping ~*~*~tactically~*~*~ (outnumbered).
 27870 | D:6      | 27870 ||| Stepping ~*~*~tactically~*~*~ (outnumbered).
 27882 | D:6      | 27882 ||| Stepping ~*~*~tactically~*~*~ (outnumbered).
 27884 | D:6      | 27884 ||| Stepping ~*~*~tactically~*~*~ (outnumbered).
 27886 | D:6      | 27886 ||| Stepping ~*~*~tactically~*~*~ (outnumbered).
 27888 | D:6      | 27888 ||| Stepping ~*~*~tactically~*~*~ (outnumbered).
 27890 | D:6      | 27890 ||| Stepping ~*~*~tactically~*~*~ (outnumbered).
 27902 | D:6      | 27902 ||| Stepping ~*~*~tactically~*~*~ (outnumbered).
 27904 | D:6      | 27904 ||| Stepping ~*~*~tactically~*~*~ (outnumbered).
 27906 | D:6      | 27906 ||| Stepping ~*~*~tactically~*~*~ (outnumbered).
 27908 | D:6      | 27908 ||| Stepping ~*~*~tactically~*~*~ (outnumbered).
 27910 | D:6      | 27910 ||| Stepping ~*~*~tactically~*~*~ (outnumbered).
 27922 | D:6      | 27922 ||| Stepping ~*~*~tactically~*~*~ (outnumbered).
 27924 | D:6      | 27924 ||| Stepping ~*~*~tactically~*~*~ (outnumbered).
 27926 | D:6      | 27926 ||| Stepping ~*~*~tactically~*~*~ (outnumbered).
 27928 | D:6      | 27928 ||| Stepping ~*~*~tactically~*~*~ (outnumbered).
 27930 | D:6      | 27930 ||| Stepping ~*~*~tactically~*~*~ (outnumbered).
 27942 | D:6      | 27942 ||| Stepping ~*~*~tactically~*~*~ (outnumbered).
 27944 | D:6      | 27944 ||| Stepping ~*~*~tactically~*~*~ (outnumbered).
 27946 | D:6      | 27946 ||| Stepping ~*~*~tactically~*~*~ (outnumbered).
 27948 | D:6      | 27948 ||| Stepping ~*~*~tactically~*~*~ (outnumbered).
 27950 | D:6      | 27950 ||| Stepping ~*~*~tactically~*~*~ (outnumbered).
 27962 | D:6      | 27962 ||| Stepping ~*~*~tactically~*~*~ (outnumbered).
 27964 | D:6      | 27964 ||| Stepping ~*~*~tactically~*~*~ (outnumbered).
 27966 | D:6      | 27966 ||| Stepping ~*~*~tactically~*~*~ (outnumbered).
 27968 | D:6      | 27968 ||| Stepping ~*~*~tactically~*~*~ (outnumbered).
 27970 | D:6      | 27970 ||| Stepping ~*~*~tactically~*~*~ (outnumbered).
 27982 | D:6      | 27982 ||| Stepping ~*~*~tactically~*~*~ (outnumbered).
 27984 | D:6      | 27984 ||| Stepping ~*~*~tactically~*~*~ (outnumbered).
 27986 | D:6      | 27986 ||| Stepping ~*~*~tactically~*~*~ (outnumbered).
 27988 | D:6      | 27988 ||| Stepping ~*~*~tactically~*~*~ (outnumbered).
 27990 | D:6      | 27990 ||| Stepping ~*~*~tactically~*~*~ (outnumbered).
 28002 | D:6      | 28002 ||| Stepping ~*~*~tactically~*~*~ (outnumbered).
 28004 | D:6      | 28004 ||| Stepping ~*~*~tactically~*~*~ (outnumbered).
 28006 | D:6      | 28006 ||| Stepping ~*~*~tactically~*~*~ (outnumbered).
 28008 | D:6      | 28008 ||| Stepping ~*~*~tactically~*~*~ (outnumbered).
 28010 | D:6      | 28010 ||| Stepping ~*~*~tactically~*~*~ (outnumbered).
 28022 | D:6      | 28022 ||| Stepping ~*~*~tactically~*~*~ (outnumbered).
 28024 | D:6      | 28024 ||| Stepping ~*~*~tactically~*~*~ (outnumbered).
 28026 | D:6      | 28026 ||| Stepping ~*~*~tactically~*~*~ (outnumbered).
 28028 | D:6      | 28028 ||| Stepping ~*~*~tactically~*~*~ (outnumbered).
 28030 | D:6      | 28030 ||| Stepping ~*~*~tactically~*~*~ (outnumbered).
 28042 | D:6      | 28042 ||| Stepping ~*~*~tactically~*~*~ (outnumbered).
 28044 | D:6      | 28044 ||| Stepping ~*~*~tactically~*~*~ (outnumbered).
 28046 | D:6      | 28046 ||| Stepping ~*~*~tactically~*~*~ (outnumbered).
 28048 | D:6      | 28048 ||| Stepping ~*~*~tactically~*~*~ (outnumbered).
 28050 | D:6      | 28050 ||| Stepping ~*~*~tactically~*~*~ (outnumbered).
 28062 | D:6      | 28062 ||| Stepping ~*~*~tactically~*~*~ (outnumbered).
 28064 | D:6      | 28064 ||| Stepping ~*~*~tactically~*~*~ (outnumbered).
 28066 | D:6      | 28066 ||| Stepping ~*~*~tactically~*~*~ (outnumbered).
 28068 | D:6      | 28068 ||| Stepping ~*~*~tactically~*~*~ (outnumbered).
 28070 | D:6      | 28070 ||| Stepping ~*~*~tactically~*~*~ (outnumbered).
 28082 | D:6      | 28082 ||| Stepping ~*~*~tactically~*~*~ (outnumbered).
 28084 | D:6      | 28084 ||| Stepping ~*~*~tactically~*~*~ (outnumbered).
 28086 | D:6      | 28086 ||| Stepping ~*~*~tactically~*~*~ (outnumbered).
 28088 | D:6      | 28088 ||| Stepping ~*~*~tactically~*~*~ (outnumbered).
 28090 | D:6      | 28090 ||| Stepping ~*~*~tactically~*~*~ (outnumbered).
 28102 | D:6      | 28102 ||| Stepping ~*~*~tactically~*~*~ (outnumbered).
 28104 | D:6      | 28104 ||| Stepping ~*~*~tactically~*~*~ (outnumbered).
 28106 | D:6      | 28106 ||| Stepping ~*~*~tactically~*~*~ (outnumbered).
 28108 | D:6      | 28108 ||| Stepping ~*~*~tactically~*~*~ (outnumbered).
 28110 | D:6      | 28110 ||| Stepping ~*~*~tactically~*~*~ (outnumbered).
 28122 | D:6      | 28122 ||| Stepping ~*~*~tactically~*~*~ (outnumbered).
 28124 | D:6      | 28124 ||| Stepping ~*~*~tactically~*~*~ (outnumbered).
 28126 | D:6      | 28126 ||| Stepping ~*~*~tactically~*~*~ (outnumbered).
 28128 | D:6      | 28128 ||| Stepping ~*~*~tactically~*~*~ (outnumbered).
 28130 | D:6      | 28130 ||| Stepping ~*~*~tactically~*~*~ (outnumbered).
 28142 | D:6      | 28142 ||| Stepping ~*~*~tactically~*~*~ (outnumbered).
 28144 | D:6      | 28144 ||| Stepping ~*~*~tactically~*~*~ (outnumbered).
 28146 | D:6      | 28146 ||| Stepping ~*~*~tactically~*~*~ (outnumbered).
 28148 | D:6      | 28148 ||| Stepping ~*~*~tactically~*~*~ (outnumbered).
 28150 | D:6      | 28150 ||| Stepping ~*~*~tactically~*~*~ (outnumbered).
 28162 | D:6      | 28162 ||| Stepping ~*~*~tactically~*~*~ (outnumbered).
 28164 | D:6      | 28164 ||| Stepping ~*~*~tactically~*~*~ (outnumbered).
 28166 | D:6      | 28166 ||| Stepping ~*~*~tactically~*~*~ (outnumbered).
 28168 | D:6      | 28168 ||| Stepping ~*~*~tactically~*~*~ (outnumbered).
 28170 | D:6      | 28170 ||| Stepping ~*~*~tactically~*~*~ (outnumbered).
 28182 | D:6      | 28182 ||| Stepping ~*~*~tactically~*~*~ (outnumbered).
 28184 | D:6      | 28184 ||| Stepping ~*~*~tactically~*~*~ (outnumbered).
 28186 | D:6      | 28186 ||| Stepping ~*~*~tactically~*~*~ (outnumbered).
 28188 | D:6      | 28188 ||| Stepping ~*~*~tactically~*~*~ (outnumbered).
 28190 | D:6      | 28190 ||| Stepping ~*~*~tactically~*~*~ (outnumbered).
 28202 | D:6      | 28202 ||| Stepping ~*~*~tactically~*~*~ (outnumbered).
 28204 | D:6      | 28204 ||| Stepping ~*~*~tactically~*~*~ (outnumbered).
 28206 | D:6      | 28206 ||| Stepping ~*~*~tactically~*~*~ (outnumbered).
 28208 | D:6      | 28208 ||| Stepping ~*~*~tactically~*~*~ (outnumbered).
 28210 | D:6      | 28210 ||| Stepping ~*~*~tactically~*~*~ (outnumbered).
 28222 | D:6      | 28222 ||| Stepping ~*~*~tactically~*~*~ (outnumbered).
 28224 | D:6      | 28224 ||| Stepping ~*~*~tactically~*~*~ (outnumbered).
 28226 | D:6      | 28226 ||| Stepping ~*~*~tactically~*~*~ (outnumbered).
 28228 | D:6      | 28228 ||| Stepping ~*~*~tactically~*~*~ (outnumbered).
 28230 | D:6      | 28230 ||| Stepping ~*~*~tactically~*~*~ (outnumbered).
 28242 | D:6      | 28242 ||| Stepping ~*~*~tactically~*~*~ (outnumbered).
 28244 | D:6      | 28244 ||| Stepping ~*~*~tactically~*~*~ (outnumbered).
 28246 | D:6      | 28246 ||| Stepping ~*~*~tactically~*~*~ (outnumbered).
 28248 | D:6      | 28248 ||| Stepping ~*~*~tactically~*~*~ (outnumbered).
 28250 | D:6      | 28250 ||| Stepping ~*~*~tactically~*~*~ (outnumbered).
 28262 | D:6      | 28262 ||| Stepping ~*~*~tactically~*~*~ (outnumbered).
 28264 | D:6      | 28264 ||| Stepping ~*~*~tactically~*~*~ (outnumbered).
 28266 | D:6      | 28266 ||| Stepping ~*~*~tactically~*~*~ (outnumbered).
 28268 | D:6      | 28268 ||| Stepping ~*~*~tactically~*~*~ (outnumbered).
 28270 | D:6      | 28270 ||| Stepping ~*~*~tactically~*~*~ (outnumbered).
 28282 | D:6      | 28282 ||| Stepping ~*~*~tactically~*~*~ (outnumbered).
 28284 | D:6      | 28284 ||| Stepping ~*~*~tactically~*~*~ (outnumbered).
 28286 | D:6      | 28286 ||| Stepping ~*~*~tactically~*~*~ (outnumbered).
 28288 | D:6      | 28288 ||| Stepping ~*~*~tactically~*~*~ (outnumbered).
 28290 | D:6      | 28290 ||| Stepping ~*~*~tactically~*~*~ (outnumbered).
 28302 | D:6      | 28302 ||| Stepping ~*~*~tactically~*~*~ (outnumbered).
 28304 | D:6      | 28304 ||| Stepping ~*~*~tactically~*~*~ (outnumbered).
 28306 | D:6      | 28306 ||| Stepping ~*~*~tactically~*~*~ (outnumbered).
 28308 | D:6      | 28308 ||| Stepping ~*~*~tactically~*~*~ (outnumbered).
 28310 | D:6      | 28310 ||| Stepping ~*~*~tactically~*~*~ (outnumbered).
 28322 | D:6      | 28322 ||| Stepping ~*~*~tactically~*~*~ (outnumbered).
 28324 | D:6      | 28324 ||| Stepping ~*~*~tactically~*~*~ (outnumbered).
 28326 | D:6      | 28326 ||| Stepping ~*~*~tactically~*~*~ (outnumbered).
 28328 | D:6      | 28328 ||| Stepping ~*~*~tactically~*~*~ (outnumbered).
 28330 | D:6      | 28330 ||| Stepping ~*~*~tactically~*~*~ (outnumbered).
 28342 | D:6      | 28342 ||| Stepping ~*~*~tactically~*~*~ (outnumbered).
 28344 | D:6      | 28344 ||| Stepping ~*~*~tactically~*~*~ (outnumbered).
 28346 | D:6      | 28346 ||| Stepping ~*~*~tactically~*~*~ (outnumbered).
 28348 | D:6      | 28348 ||| Stepping ~*~*~tactically~*~*~ (outnumbered).
 28350 | D:6      | 28350 ||| Stepping ~*~*~tactically~*~*~ (outnumbered).
 28362 | D:6      | 28362 ||| Stepping ~*~*~tactically~*~*~ (outnumbered).
 28364 | D:6      | 28364 ||| Stepping ~*~*~tactically~*~*~ (outnumbered).
 28366 | D:6      | 28366 ||| Stepping ~*~*~tactically~*~*~ (outnumbered).
 28368 | D:6      | 28368 ||| Stepping ~*~*~tactically~*~*~ (outnumbered).
 28370 | D:6      | 28370 ||| Stepping ~*~*~tactically~*~*~ (outnumbered).
 28382 | D:6      | 28382 ||| Stepping ~*~*~tactically~*~*~ (outnumbered).
 28384 | D:6      | 28384 ||| Stepping ~*~*~tactically~*~*~ (outnumbered).
 28386 | D:6      | 28386 ||| Stepping ~*~*~tactically~*~*~ (outnumbered).
 28388 | D:6      | 28388 ||| Stepping ~*~*~tactically~*~*~ (outnumbered).
 28390 | D:6      | 28390 ||| Stepping ~*~*~tactically~*~*~ (outnumbered).
 28402 | D:6      | 28402 ||| Stepping ~*~*~tactically~*~*~ (outnumbered).
 28404 | D:6      | 28404 ||| Stepping ~*~*~tactically~*~*~ (outnumbered).
 28406 | D:6      | 28406 ||| Stepping ~*~*~tactically~*~*~ (outnumbered).
 28408 | D:6      | 28408 ||| Stepping ~*~*~tactically~*~*~ (outnumbered).
 28410 | D:6      | 28410 ||| Stepping ~*~*~tactically~*~*~ (outnumbered).
 28422 | D:6      | 28422 ||| Stepping ~*~*~tactically~*~*~ (outnumbered).
 28424 | D:6      | 28424 ||| Stepping ~*~*~tactically~*~*~ (outnumbered).
 28426 | D:6      | 28426 ||| Stepping ~*~*~tactically~*~*~ (outnumbered).
 28428 | D:6      | 28428 ||| Stepping ~*~*~tactically~*~*~ (outnumbered).
 28430 | D:6      | 28430 ||| Stepping ~*~*~tactically~*~*~ (outnumbered).
 28442 | D:6      | 28442 ||| Stepping ~*~*~tactically~*~*~ (outnumbered).
 28444 | D:6      | 28444 ||| Stepping ~*~*~tactically~*~*~ (outnumbered).
 28446 | D:6      | 28446 ||| Stepping ~*~*~tactically~*~*~ (outnumbered).
 28448 | D:6      | 28448 ||| Stepping ~*~*~tactically~*~*~ (outnumbered).
 28450 | D:6      | 28450 ||| Stepping ~*~*~tactically~*~*~ (outnumbered).
 28462 | D:6      | 28462 ||| Stepping ~*~*~tactically~*~*~ (outnumbered).
 28464 | D:6      | 28464 ||| Stepping ~*~*~tactically~*~*~ (outnumbered).
 28466 | D:6      | 28466 ||| Stepping ~*~*~tactically~*~*~ (outnumbered).
 28468 | D:6      | 28468 ||| Stepping ~*~*~tactically~*~*~ (outnumbered).
 28470 | D:6      | 28470 ||| Stepping ~*~*~tactically~*~*~ (outnumbered).
 28482 | D:6      | 28482 ||| Stepping ~*~*~tactically~*~*~ (outnumbered).
 28484 | D:6      | 28484 ||| Stepping ~*~*~tactically~*~*~ (outnumbered).
 28486 | D:6      | 28486 ||| Stepping ~*~*~tactically~*~*~ (outnumbered).
 28488 | D:6      | 28488 ||| Stepping ~*~*~tactically~*~*~ (outnumbered).
 28490 | D:6      | 28490 ||| Stepping ~*~*~tactically~*~*~ (outnumbered).
 28502 | D:6      | 28502 ||| Stepping ~*~*~tactically~*~*~ (outnumbered).
 28504 | D:6      | 28504 ||| Stepping ~*~*~tactically~*~*~ (outnumbered).
 28506 | D:6      | 28506 ||| Stepping ~*~*~tactically~*~*~ (outnumbered).
 28508 | D:6      | 28508 ||| Stepping ~*~*~tactically~*~*~ (outnumbered).
 28510 | D:6      | 28510 ||| Stepping ~*~*~tactically~*~*~ (outnumbered).
 28522 | D:6      | 28522 ||| Stepping ~*~*~tactically~*~*~ (outnumbered).
 28524 | D:6      | 28524 ||| Stepping ~*~*~tactically~*~*~ (outnumbered).
 28526 | D:6      | 28526 ||| Stepping ~*~*~tactically~*~*~ (outnumbered).
 28528 | D:6      | 28528 ||| Stepping ~*~*~tactically~*~*~ (outnumbered).
 28530 | D:6      | 28530 ||| Stepping ~*~*~tactically~*~*~ (outnumbered).
 28542 | D:6      | 28542 ||| Stepping ~*~*~tactically~*~*~ (outnumbered).
 28544 | D:6      | 28544 ||| Stepping ~*~*~tactically~*~*~ (outnumbered).
 28546 | D:6      | 28546 ||| Stepping ~*~*~tactically~*~*~ (outnumbered).
 28548 | D:6      | 28548 ||| Stepping ~*~*~tactically~*~*~ (outnumbered).
 28550 | D:6      | 28550 ||| Stepping ~*~*~tactically~*~*~ (outnumbered).
 28562 | D:6      | 28562 ||| Stepping ~*~*~tactically~*~*~ (outnumbered).
 28564 | D:6      | 28564 ||| Stepping ~*~*~tactically~*~*~ (outnumbered).
 28566 | D:6      | 28566 ||| Stepping ~*~*~tactically~*~*~ (outnumbered).
 28568 | D:6      | 28568 ||| Stepping ~*~*~tactically~*~*~ (outnumbered).
 28570 | D:6      | 28570 ||| Stepping ~*~*~tactically~*~*~ (outnumbered).
 28582 | D:6      | 28582 ||| Stepping ~*~*~tactically~*~*~ (outnumbered).
 28584 | D:6      | 28584 ||| Stepping ~*~*~tactically~*~*~ (outnumbered).
 28586 | D:6      | 28586 ||| Stepping ~*~*~tactically~*~*~ (outnumbered).
 28588 | D:6      | 28588 ||| Stepping ~*~*~tactically~*~*~ (outnumbered).
 28590 | D:6      | 28590 ||| Stepping ~*~*~tactically~*~*~ (outnumbered).
 28602 | D:6      | 28602 ||| Stepping ~*~*~tactically~*~*~ (outnumbered).
 28604 | D:6      | 28604 ||| Stepping ~*~*~tactically~*~*~ (outnumbered).
 28606 | D:6      | 28606 ||| Stepping ~*~*~tactically~*~*~ (outnumbered).
 28608 | D:6      | 28608 ||| Stepping ~*~*~tactically~*~*~ (outnumbered).
 28610 | D:6      | 28610 ||| Stepping ~*~*~tactically~*~*~ (outnumbered).
 28622 | D:6      | 28622 ||| Stepping ~*~*~tactically~*~*~ (outnumbered).
 28624 | D:6      | 28624 ||| Stepping ~*~*~tactically~*~*~ (outnumbered).
 28626 | D:6      | 28626 ||| Stepping ~*~*~tactically~*~*~ (outnumbered).
 28628 | D:6      | 28628 ||| Stepping ~*~*~tactically~*~*~ (outnumbered).
 28630 | D:6      | 28630 ||| Stepping ~*~*~tactically~*~*~ (outnumbered).
 28642 | D:6      | 28642 ||| Stepping ~*~*~tactically~*~*~ (outnumbered).
 28644 | D:6      | 28644 ||| Stepping ~*~*~tactically~*~*~ (outnumbered).
 28646 | D:6      | 28646 ||| Stepping ~*~*~tactically~*~*~ (outnumbered).
 28648 | D:6      | 28648 ||| Stepping ~*~*~tactically~*~*~ (outnumbered).
 28650 | D:6      | 28650 ||| Stepping ~*~*~tactically~*~*~ (outnumbered).
 28662 | D:6      | 28662 ||| Stepping ~*~*~tactically~*~*~ (outnumbered).
 28664 | D:6      | 28664 ||| Stepping ~*~*~tactically~*~*~ (outnumbered).
 28666 | D:6      | 28666 ||| Stepping ~*~*~tactically~*~*~ (outnumbered).
 28668 | D:6      | 28668 ||| Stepping ~*~*~tactically~*~*~ (outnumbered).
 28670 | D:6      | 28670 ||| Stepping ~*~*~tactically~*~*~ (outnumbered).
 28682 | D:6      | 28682 ||| Stepping ~*~*~tactically~*~*~ (outnumbered).
 28684 | D:6      | 28684 ||| Stepping ~*~*~tactically~*~*~ (outnumbered).
 28686 | D:6      | 28686 ||| Stepping ~*~*~tactically~*~*~ (outnumbered).
 28688 | D:6      | 28688 ||| Stepping ~*~*~tactically~*~*~ (outnumbered).
 28690 | D:6      | 28690 ||| Stepping ~*~*~tactically~*~*~ (outnumbered).
 28702 | D:6      | 28702 ||| Stepping ~*~*~tactically~*~*~ (outnumbered).
 28704 | D:6      | 28704 ||| Stepping ~*~*~tactically~*~*~ (outnumbered).
 28706 | D:6      | 28706 ||| Stepping ~*~*~tactically~*~*~ (outnumbered).
 28708 | D:6      | 28708 ||| Stepping ~*~*~tactically~*~*~ (outnumbered).
 28710 | D:6      | 28710 ||| Stepping ~*~*~tactically~*~*~ (outnumbered).
 28722 | D:6      | 28722 ||| Stepping ~*~*~tactically~*~*~ (outnumbered).
 28724 | D:6      | 28724 ||| Stepping ~*~*~tactically~*~*~ (outnumbered).
 28726 | D:6      | 28726 ||| Stepping ~*~*~tactically~*~*~ (outnumbered).
 28728 | D:6      | 28728 ||| Stepping ~*~*~tactically~*~*~ (outnumbered).
 28730 | D:6      | 28730 ||| Stepping ~*~*~tactically~*~*~ (outnumbered).
 28742 | D:6      | 28742 ||| Stepping ~*~*~tactically~*~*~ (outnumbered).
 28744 | D:6      | 28744 ||| Stepping ~*~*~tactically~*~*~ (outnumbered).
 28746 | D:6      | 28746 ||| Stepping ~*~*~tactically~*~*~ (outnumbered).
 28748 | D:6      | 28748 ||| Stepping ~*~*~tactically~*~*~ (outnumbered).
 28750 | D:6      | 28750 ||| Stepping ~*~*~tactically~*~*~ (outnumbered).
 28762 | D:6      | 28762 ||| Stepping ~*~*~tactically~*~*~ (outnumbered).
 28764 | D:6      | 28764 ||| Stepping ~*~*~tactically~*~*~ (outnumbered).
 28766 | D:6      | 28766 ||| Stepping ~*~*~tactically~*~*~ (outnumbered).
 28768 | D:6      | 28768 ||| Stepping ~*~*~tactically~*~*~ (outnumbered).
 28770 | D:6      | 28770 ||| Stepping ~*~*~tactically~*~*~ (outnumbered).
 28782 | D:6      | 28782 ||| Stepping ~*~*~tactically~*~*~ (outnumbered).
 28784 | D:6      | 28784 ||| Stepping ~*~*~tactically~*~*~ (outnumbered).
 28786 | D:6      | 28786 ||| Stepping ~*~*~tactically~*~*~ (outnumbered).
 28788 | D:6      | 28788 ||| Stepping ~*~*~tactically~*~*~ (outnumbered).
 28790 | D:6      | 28790 ||| Stepping ~*~*~tactically~*~*~ (outnumbered).
 28802 | D:6      | 28802 ||| Stepping ~*~*~tactically~*~*~ (outnumbered).
 28804 | D:6      | 28804 ||| Stepping ~*~*~tactically~*~*~ (outnumbered).
 28806 | D:6      | 28806 ||| Stepping ~*~*~tactically~*~*~ (outnumbered).
 28808 | D:6      | 28808 ||| Stepping ~*~*~tactically~*~*~ (outnumbered).
 28810 | D:6      | 28810 ||| Stepping ~*~*~tactically~*~*~ (outnumbered).
 28822 | D:6      | 28822 ||| Stepping ~*~*~tactically~*~*~ (outnumbered).
 28824 | D:6      | 28824 ||| Stepping ~*~*~tactically~*~*~ (outnumbered).
 28826 | D:6      | 28826 ||| Stepping ~*~*~tactically~*~*~ (outnumbered).
 28828 | D:6      | 28828 ||| Stepping ~*~*~tactically~*~*~ (outnumbered).
 28830 | D:6      | 28830 ||| Stepping ~*~*~tactically~*~*~ (outnumbered).
 28842 | D:6      | 28842 ||| Stepping ~*~*~tactically~*~*~ (outnumbered).
 28844 | D:6      | 28844 ||| Stepping ~*~*~tactically~*~*~ (outnumbered).
 28846 | D:6      | 28846 ||| Stepping ~*~*~tactically~*~*~ (outnumbered).
 28848 | D:6      | 28848 ||| Stepping ~*~*~tactically~*~*~ (outnumbered).
 28850 | D:6      | 28850 ||| Stepping ~*~*~tactically~*~*~ (outnumbered).
 28862 | D:6      | 28862 ||| Stepping ~*~*~tactically~*~*~ (outnumbered).
 28864 | D:6      | 28864 ||| Stepping ~*~*~tactically~*~*~ (outnumbered).
 28866 | D:6      | 28866 ||| Stepping ~*~*~tactically~*~*~ (outnumbered).
 28868 | D:6      | 28868 ||| Stepping ~*~*~tactically~*~*~ (outnumbered).
 28870 | D:6      | 28870 ||| Stepping ~*~*~tactically~*~*~ (outnumbered).
 28882 | D:6      | 28882 ||| Stepping ~*~*~tactically~*~*~ (outnumbered).
 28884 | D:6      | 28884 ||| Stepping ~*~*~tactically~*~*~ (outnumbered).
 28886 | D:6      | 28886 ||| Stepping ~*~*~tactically~*~*~ (outnumbered).
 28888 | D:6      | 28888 ||| Stepping ~*~*~tactically~*~*~ (outnumbered).
 28890 | D:6      | 28890 ||| Stepping ~*~*~tactically~*~*~ (outnumbered).
 28902 | D:6      | 28902 ||| Stepping ~*~*~tactically~*~*~ (outnumbered).
 28904 | D:6      | 28904 ||| Stepping ~*~*~tactically~*~*~ (outnumbered).
 28906 | D:6      | 28906 ||| Stepping ~*~*~tactically~*~*~ (outnumbered).
 28908 | D:6      | 28908 ||| Stepping ~*~*~tactically~*~*~ (outnumbered).
 28910 | D:6      | 28910 ||| Stepping ~*~*~tactically~*~*~ (outnumbered).
 28922 | D:6      | 28922 ||| Stepping ~*~*~tactically~*~*~ (outnumbered).
 28924 | D:6      | 28924 ||| Stepping ~*~*~tactically~*~*~ (outnumbered).
 28926 | D:6      | 28926 ||| Stepping ~*~*~tactically~*~*~ (outnumbered).
 28928 | D:6      | 28928 ||| Stepping ~*~*~tactically~*~*~ (outnumbered).
 28930 | D:6      | 28930 ||| Stepping ~*~*~tactically~*~*~ (outnumbered).
 28942 | D:6      | 28942 ||| Stepping ~*~*~tactically~*~*~ (outnumbered).
 28944 | D:6      | 28944 ||| Stepping ~*~*~tactically~*~*~ (outnumbered).
 28946 | D:6      | 28946 ||| Stepping ~*~*~tactically~*~*~ (outnumbered).
 28948 | D:6      | 28948 ||| Stepping ~*~*~tactically~*~*~ (outnumbered).
 28950 | D:6      | 28950 ||| Stepping ~*~*~tactically~*~*~ (outnumbered).
 28962 | D:6      | 28962 ||| Stepping ~*~*~tactically~*~*~ (outnumbered).
 28964 | D:6      | 28964 ||| Stepping ~*~*~tactically~*~*~ (outnumbered).
 28966 | D:6      | 28966 ||| Stepping ~*~*~tactically~*~*~ (outnumbered).
 28968 | D:6      | 28968 ||| Stepping ~*~*~tactically~*~*~ (outnumbered).
 28970 | D:6      | 28970 ||| Stepping ~*~*~tactically~*~*~ (outnumbered).
 28982 | D:6      | 28982 ||| Stepping ~*~*~tactically~*~*~ (outnumbered).
 28984 | D:6      | 28984 ||| Stepping ~*~*~tactically~*~*~ (outnumbered).
 28986 | D:6      | 28986 ||| Stepping ~*~*~tactically~*~*~ (outnumbered).
 28988 | D:6      | 28988 ||| Stepping ~*~*~tactically~*~*~ (outnumbered).
 28990 | D:6      | 28990 ||| Stepping ~*~*~tactically~*~*~ (outnumbered).
 29002 | D:6      | 29002 ||| Stepping ~*~*~tactically~*~*~ (outnumbered).
 29004 | D:6      | 29004 ||| Stepping ~*~*~tactically~*~*~ (outnumbered).
 29006 | D:6      | 29006 ||| Stepping ~*~*~tactically~*~*~ (outnumbered).
 29008 | D:6      | 29008 ||| Stepping ~*~*~tactically~*~*~ (outnumbered).
 29010 | D:6      | 29010 ||| Stepping ~*~*~tactically~*~*~ (outnumbered).
 29022 | D:6      | 29022 ||| Stepping ~*~*~tactically~*~*~ (outnumbered).
 29024 | D:6      | 29024 ||| Stepping ~*~*~tactically~*~*~ (outnumbered).
 29026 | D:6      | 29026 ||| Stepping ~*~*~tactically~*~*~ (outnumbered).
 29028 | D:6      | 29028 ||| Stepping ~*~*~tactically~*~*~ (outnumbered).
 29030 | D:6      | 29030 ||| Stepping ~*~*~tactically~*~*~ (outnumbered).
 29042 | D:6      | 29042 ||| Stepping ~*~*~tactically~*~*~ (outnumbered).
 29044 | D:6      | 29044 ||| Stepping ~*~*~tactically~*~*~ (outnumbered).
 29046 | D:6      | 29046 ||| Stepping ~*~*~tactically~*~*~ (outnumbered).
 29048 | D:6      | 29048 ||| Stepping ~*~*~tactically~*~*~ (outnumbered).
 29050 | D:6      | 29050 ||| Stepping ~*~*~tactically~*~*~ (outnumbered).
 29062 | D:6      | 29062 ||| Stepping ~*~*~tactically~*~*~ (outnumbered).
 29064 | D:6      | 29064 ||| Stepping ~*~*~tactically~*~*~ (outnumbered).
 29066 | D:6      | 29066 ||| Stepping ~*~*~tactically~*~*~ (outnumbered).
 29068 | D:6      | 29068 ||| Stepping ~*~*~tactically~*~*~ (outnumbered).
 29070 | D:6      | 29070 ||| Stepping ~*~*~tactically~*~*~ (outnumbered).
 29082 | D:6      | 29082 ||| Stepping ~*~*~tactically~*~*~ (outnumbered).
 29084 | D:6      | 29084 ||| Stepping ~*~*~tactically~*~*~ (outnumbered).
 29086 | D:6      | 29086 ||| Stepping ~*~*~tactically~*~*~ (outnumbered).
 29088 | D:6      | 29088 ||| Stepping ~*~*~tactically~*~*~ (outnumbered).
 29090 | D:6      | 29090 ||| Stepping ~*~*~tactically~*~*~ (outnumbered).
 29102 | D:6      | 29102 ||| Stepping ~*~*~tactically~*~*~ (outnumbered).
 29104 | D:6      | 29104 ||| Stepping ~*~*~tactically~*~*~ (outnumbered).
 29106 | D:6      | 29106 ||| Stepping ~*~*~tactically~*~*~ (outnumbered).
 29108 | D:6      | 29108 ||| Stepping ~*~*~tactically~*~*~ (outnumbered).
 29110 | D:6      | 29110 ||| Stepping ~*~*~tactically~*~*~ (outnumbered).
 29122 | D:6      | 29122 ||| Stepping ~*~*~tactically~*~*~ (outnumbered).
 29124 | D:6      | 29124 ||| Stepping ~*~*~tactically~*~*~ (outnumbered).
 29126 | D:6      | 29126 ||| Stepping ~*~*~tactically~*~*~ (outnumbered).
 29128 | D:6      | 29128 ||| Stepping ~*~*~tactically~*~*~ (outnumbered).
 29130 | D:6      | 29130 ||| Stepping ~*~*~tactically~*~*~ (outnumbered).
 29142 | D:6      | 29142 ||| Stepping ~*~*~tactically~*~*~ (outnumbered).
 29144 | D:6      | 29144 ||| Stepping ~*~*~tactically~*~*~ (outnumbered).
 29146 | D:6      | 29146 ||| Stepping ~*~*~tactically~*~*~ (outnumbered).
 29148 | D:6      | 29148 ||| Stepping ~*~*~tactically~*~*~ (outnumbered).
 29150 | D:6      | 29150 ||| Stepping ~*~*~tactically~*~*~ (outnumbered).
 29162 | D:6      | 29162 ||| Stepping ~*~*~tactically~*~*~ (outnumbered).
 29164 | D:6      | 29164 ||| Stepping ~*~*~tactically~*~*~ (outnumbered).
 29166 | D:6      | 29166 ||| Stepping ~*~*~tactically~*~*~ (outnumbered).
 29168 | D:6      | 29168 ||| Stepping ~*~*~tactically~*~*~ (outnumbered).
 29170 | D:6      | 29170 ||| Stepping ~*~*~tactically~*~*~ (outnumbered).
 29182 | D:6      | 29182 ||| Stepping ~*~*~tactically~*~*~ (outnumbered).
 29184 | D:6      | 29184 ||| Stepping ~*~*~tactically~*~*~ (outnumbered).
 29186 | D:6      | 29186 ||| Stepping ~*~*~tactically~*~*~ (outnumbered).
 29188 | D:6      | 29188 ||| Stepping ~*~*~tactically~*~*~ (outnumbered).
 29190 | D:6      | 29190 ||| Stepping ~*~*~tactically~*~*~ (outnumbered).
 29202 | D:6      | 29202 ||| Stepping ~*~*~tactically~*~*~ (outnumbered).
 29204 | D:6      | 29204 ||| Stepping ~*~*~tactically~*~*~ (outnumbered).
 29206 | D:6      | 29206 ||| Stepping ~*~*~tactically~*~*~ (outnumbered).
 29208 | D:6      | 29208 ||| Stepping ~*~*~tactically~*~*~ (outnumbered).
 29210 | D:6      | 29210 ||| Stepping ~*~*~tactically~*~*~ (outnumbered).
 29222 | D:6      | 29222 ||| Stepping ~*~*~tactically~*~*~ (outnumbered).
 29224 | D:6      | 29224 ||| Stepping ~*~*~tactically~*~*~ (outnumbered).
 29226 | D:6      | 29226 ||| Stepping ~*~*~tactically~*~*~ (outnumbered).
 29228 | D:6      | 29228 ||| Stepping ~*~*~tactically~*~*~ (outnumbered).
 29230 | D:6      | 29230 ||| Stepping ~*~*~tactically~*~*~ (outnumbered).
 29242 | D:6      | 29242 ||| Stepping ~*~*~tactically~*~*~ (outnumbered).
 29244 | D:6      | 29244 ||| Stepping ~*~*~tactically~*~*~ (outnumbered).
 29246 | D:6      | 29246 ||| Stepping ~*~*~tactically~*~*~ (outnumbered).
 29248 | D:6      | 29248 ||| Stepping ~*~*~tactically~*~*~ (outnumbered).
 29250 | D:6      | 29250 ||| Stepping ~*~*~tactically~*~*~ (outnumbered).
 29262 | D:6      | 29262 ||| Stepping ~*~*~tactically~*~*~ (outnumbered).
 29264 | D:6      | 29264 ||| Stepping ~*~*~tactically~*~*~ (outnumbered).
 29266 | D:6      | 29266 ||| Stepping ~*~*~tactically~*~*~ (outnumbered).
 29268 | D:6      | 29268 ||| Stepping ~*~*~tactically~*~*~ (outnumbered).
 29270 | D:6      | 29270 ||| Stepping ~*~*~tactically~*~*~ (outnumbered).
 29282 | D:6      | 29282 ||| Stepping ~*~*~tactically~*~*~ (outnumbered).
 29284 | D:6      | 29284 ||| Stepping ~*~*~tactically~*~*~ (outnumbered).
 29286 | D:6      | 29286 ||| Stepping ~*~*~tactically~*~*~ (outnumbered).
 29288 | D:6      | 29288 ||| Stepping ~*~*~tactically~*~*~ (outnumbered).
 29290 | D:6      | 29290 ||| Stepping ~*~*~tactically~*~*~ (outnumbered).
 29302 | D:6      | 29302 ||| Stepping ~*~*~tactically~*~*~ (outnumbered).
 29304 | D:6      | 29304 ||| Stepping ~*~*~tactically~*~*~ (outnumbered).
 29306 | D:6      | 29306 ||| Stepping ~*~*~tactically~*~*~ (outnumbered).
 29308 | D:6      | 29308 ||| Stepping ~*~*~tactically~*~*~ (outnumbered).
 29310 | D:6      | 29310 ||| Stepping ~*~*~tactically~*~*~ (outnumbered).
 29322 | D:6      | 29322 ||| Stepping ~*~*~tactically~*~*~ (outnumbered).
 29324 | D:6      | 29324 ||| Stepping ~*~*~tactically~*~*~ (outnumbered).
 29326 | D:6      | 29326 ||| Stepping ~*~*~tactically~*~*~ (outnumbered).
 29328 | D:6      | 29328 ||| Stepping ~*~*~tactically~*~*~ (outnumbered).
 29330 | D:6      | 29330 ||| Stepping ~*~*~tactically~*~*~ (outnumbered).
 29342 | D:6      | 29342 ||| Stepping ~*~*~tactically~*~*~ (outnumbered).
 29344 | D:6      | 29344 ||| Stepping ~*~*~tactically~*~*~ (outnumbered).
 29346 | D:6      | 29346 ||| Stepping ~*~*~tactically~*~*~ (outnumbered).
 29348 | D:6      | 29348 ||| Stepping ~*~*~tactically~*~*~ (outnumbered).
 29350 | D:6      | 29350 ||| Stepping ~*~*~tactically~*~*~ (outnumbered).
 29362 | D:6      | 29362 ||| Stepping ~*~*~tactically~*~*~ (outnumbered).
 29364 | D:6      | 29364 ||| Stepping ~*~*~tactically~*~*~ (outnumbered).
 29366 | D:6      | 29366 ||| Stepping ~*~*~tactically~*~*~ (outnumbered).
 29368 | D:6      | 29368 ||| Stepping ~*~*~tactically~*~*~ (outnumbered).
 29370 | D:6      | 29370 ||| Stepping ~*~*~tactically~*~*~ (outnumbered).
 29382 | D:6      | 29382 ||| Stepping ~*~*~tactically~*~*~ (outnumbered).
 29384 | D:6      | 29384 ||| Stepping ~*~*~tactically~*~*~ (outnumbered).
 29386 | D:6      | 29386 ||| Stepping ~*~*~tactically~*~*~ (outnumbered).
 29388 | D:6      | 29388 ||| Stepping ~*~*~tactically~*~*~ (outnumbered).
 29390 | D:6      | 29390 ||| Stepping ~*~*~tactically~*~*~ (outnumbered).
 29402 | D:6      | 29402 ||| Stepping ~*~*~tactically~*~*~ (outnumbered).
 29404 | D:6      | 29404 ||| Stepping ~*~*~tactically~*~*~ (outnumbered).
 29406 | D:6      | 29406 ||| Stepping ~*~*~tactically~*~*~ (outnumbered).
 29408 | D:6      | 29408 ||| Stepping ~*~*~tactically~*~*~ (outnumbered).
 29410 | D:6      | 29410 ||| Stepping ~*~*~tactically~*~*~ (outnumbered).
 29422 | D:6      | 29422 ||| Stepping ~*~*~tactically~*~*~ (outnumbered).
 29424 | D:6      | 29424 ||| Stepping ~*~*~tactically~*~*~ (outnumbered).
 29426 | D:6      | 29426 ||| Stepping ~*~*~tactically~*~*~ (outnumbered).
 29428 | D:6      | 29428 ||| Stepping ~*~*~tactically~*~*~ (outnumbered).
 29430 | D:6      | 29430 ||| Stepping ~*~*~tactically~*~*~ (outnumbered).
 29442 | D:6      | 29442 ||| Stepping ~*~*~tactically~*~*~ (outnumbered).
 29444 | D:6      | 29444 ||| Stepping ~*~*~tactically~*~*~ (outnumbered).
 29446 | D:6      | 29446 ||| Stepping ~*~*~tactically~*~*~ (outnumbered).
 29448 | D:6      | 29448 ||| Stepping ~*~*~tactically~*~*~ (outnumbered).
 29450 | D:6      | 29450 ||| Stepping ~*~*~tactically~*~*~ (outnumbered).
 29462 | D:6      | 29462 ||| Stepping ~*~*~tactically~*~*~ (outnumbered).
 29464 | D:6      | 29464 ||| Stepping ~*~*~tactically~*~*~ (outnumbered).
 29466 | D:6      | 29466 ||| Stepping ~*~*~tactically~*~*~ (outnumbered).
 29468 | D:6      | 29468 ||| Stepping ~*~*~tactically~*~*~ (outnumbered).
 29470 | D:6      | 29470 ||| Stepping ~*~*~tactically~*~*~ (outnumbered).
 29482 | D:6      | 29482 ||| Stepping ~*~*~tactically~*~*~ (outnumbered).
 29484 | D:6      | 29484 ||| Stepping ~*~*~tactically~*~*~ (outnumbered).
 29486 | D:6      | 29486 ||| Stepping ~*~*~tactically~*~*~ (outnumbered).
 29488 | D:6      | 29488 ||| Stepping ~*~*~tactically~*~*~ (outnumbered).
 29490 | D:6      | 29490 ||| Stepping ~*~*~tactically~*~*~ (outnumbered).
 29502 | D:6      | 29502 ||| Stepping ~*~*~tactically~*~*~ (outnumbered).
 29504 | D:6      | 29504 ||| Stepping ~*~*~tactically~*~*~ (outnumbered).
 29506 | D:6      | 29506 ||| Stepping ~*~*~tactically~*~*~ (outnumbered).
 29508 | D:6      | 29508 ||| Stepping ~*~*~tactically~*~*~ (outnumbered).
 29510 | D:6      | 29510 ||| Stepping ~*~*~tactically~*~*~ (outnumbered).
 29522 | D:6      | 29522 ||| Stepping ~*~*~tactically~*~*~ (outnumbered).
 29524 | D:6      | 29524 ||| Stepping ~*~*~tactically~*~*~ (outnumbered).
 29526 | D:6      | 29526 ||| Stepping ~*~*~tactically~*~*~ (outnumbered).
 29528 | D:6      | 29528 ||| Stepping ~*~*~tactically~*~*~ (outnumbered).
 29530 | D:6      | 29530 ||| Stepping ~*~*~tactically~*~*~ (outnumbered).
 29542 | D:6      | 29542 ||| Stepping ~*~*~tactically~*~*~ (outnumbered).
 29544 | D:6      | 29544 ||| Stepping ~*~*~tactically~*~*~ (outnumbered).
 29546 | D:6      | 29546 ||| Stepping ~*~*~tactically~*~*~ (outnumbered).
 29548 | D:6      | 29548 ||| Stepping ~*~*~tactically~*~*~ (outnumbered).
 29550 | D:6      | 29550 ||| Stepping ~*~*~tactically~*~*~ (outnumbered).
 29562 | D:6      | 29562 ||| Stepping ~*~*~tactically~*~*~ (outnumbered).
 29564 | D:6      | 29564 ||| Stepping ~*~*~tactically~*~*~ (outnumbered).
 29566 | D:6      | 29566 ||| Stepping ~*~*~tactically~*~*~ (outnumbered).
 29568 | D:6      | 29568 ||| Stepping ~*~*~tactically~*~*~ (outnumbered).
 29570 | D:6      | 29570 ||| Stepping ~*~*~tactically~*~*~ (outnumbered).
 29582 | D:6      | 29582 ||| Stepping ~*~*~tactically~*~*~ (outnumbered).
 29584 | D:6      | 29584 ||| Stepping ~*~*~tactically~*~*~ (outnumbered).
 29586 | D:6      | 29586 ||| Stepping ~*~*~tactically~*~*~ (outnumbered).
 29588 | D:6      | 29588 ||| Stepping ~*~*~tactically~*~*~ (outnumbered).
 29590 | D:6      | 29590 ||| Stepping ~*~*~tactically~*~*~ (outnumbered).
 29602 | D:6      | 29602 ||| Stepping ~*~*~tactically~*~*~ (outnumbered).
 29604 | D:6      | 29604 ||| Stepping ~*~*~tactically~*~*~ (outnumbered).
 29606 | D:6      | 29606 ||| Stepping ~*~*~tactically~*~*~ (outnumbered).
 29608 | D:6      | 29608 ||| Stepping ~*~*~tactically~*~*~ (outnumbered).
 29610 | D:6      | 29610 ||| Stepping ~*~*~tactically~*~*~ (outnumbered).
 29622 | D:6      | 29622 ||| Stepping ~*~*~tactically~*~*~ (outnumbered).
 29624 | D:6      | 29624 ||| Stepping ~*~*~tactically~*~*~ (outnumbered).
 29626 | D:6      | 29626 ||| Stepping ~*~*~tactically~*~*~ (outnumbered).
 29628 | D:6      | 29628 ||| Stepping ~*~*~tactically~*~*~ (outnumbered).
 29630 | D:6      | 29630 ||| Stepping ~*~*~tactically~*~*~ (outnumbered).
 29642 | D:6      | 29642 ||| Stepping ~*~*~tactically~*~*~ (outnumbered).
 29644 | D:6      | 29644 ||| Stepping ~*~*~tactically~*~*~ (outnumbered).
 29646 | D:6      | 29646 ||| Stepping ~*~*~tactically~*~*~ (outnumbered).
 29648 | D:6      | 29648 ||| Stepping ~*~*~tactically~*~*~ (outnumbered).
 29650 | D:6      | 29650 ||| Stepping ~*~*~tactically~*~*~ (outnumbered).
 29662 | D:6      | 29662 ||| Stepping ~*~*~tactically~*~*~ (outnumbered).
 29664 | D:6      | 29664 ||| Stepping ~*~*~tactically~*~*~ (outnumbered).
 29666 | D:6      | 29666 ||| Stepping ~*~*~tactically~*~*~ (outnumbered).
 29668 | D:6      | 29668 ||| Stepping ~*~*~tactically~*~*~ (outnumbered).
 29670 | D:6      | 29670 ||| Stepping ~*~*~tactically~*~*~ (outnumbered).
 29682 | D:6      | 29682 ||| Stepping ~*~*~tactically~*~*~ (outnumbered).
 29684 | D:6      | 29684 ||| Stepping ~*~*~tactically~*~*~ (outnumbered).
 29686 | D:6      | 29686 ||| Stepping ~*~*~tactically~*~*~ (outnumbered).
 29688 | D:6      | 29688 ||| Stepping ~*~*~tactically~*~*~ (outnumbered).
 29690 | D:6      | 29690 ||| Stepping ~*~*~tactically~*~*~ (outnumbered).
 29702 | D:6      | 29702 ||| Stepping ~*~*~tactically~*~*~ (outnumbered).
 29704 | D:6      | 29704 ||| Stepping ~*~*~tactically~*~*~ (outnumbered).
 29706 | D:6      | 29706 ||| Stepping ~*~*~tactically~*~*~ (outnumbered).
 29708 | D:6      | 29708 ||| Stepping ~*~*~tactically~*~*~ (outnumbered).
 29710 | D:6      | 29710 ||| Stepping ~*~*~tactically~*~*~ (outnumbered).
 29722 | D:6      | 29722 ||| Stepping ~*~*~tactically~*~*~ (outnumbered).
 29724 | D:6      | 29724 ||| Stepping ~*~*~tactically~*~*~ (outnumbered).
 29726 | D:6      | 29726 ||| Stepping ~*~*~tactically~*~*~ (outnumbered).
 29728 | D:6      | 29728 ||| Stepping ~*~*~tactically~*~*~ (outnumbered).
 29730 | D:6      | 29730 ||| Stepping ~*~*~tactically~*~*~ (outnumbered).
 29742 | D:6      | 29742 ||| Stepping ~*~*~tactically~*~*~ (outnumbered).
 29744 | D:6      | 29744 ||| Stepping ~*~*~tactically~*~*~ (outnumbered).
 29746 | D:6      | 29746 ||| Stepping ~*~*~tactically~*~*~ (outnumbered).
 29748 | D:6      | 29748 ||| Stepping ~*~*~tactically~*~*~ (outnumbered).
 29750 | D:6      | 29750 ||| Stepping ~*~*~tactically~*~*~ (outnumbered).
 29762 | D:6      | 29762 ||| Stepping ~*~*~tactically~*~*~ (outnumbered).
 29764 | D:6      | 29764 ||| Stepping ~*~*~tactically~*~*~ (outnumbered).
 29766 | D:6      | 29766 ||| Stepping ~*~*~tactically~*~*~ (outnumbered).
 29768 | D:6      | 29768 ||| Stepping ~*~*~tactically~*~*~ (outnumbered).
 29770 | D:6      | 29770 ||| Stepping ~*~*~tactically~*~*~ (outnumbered).
 29782 | D:6      | 29782 ||| Stepping ~*~*~tactically~*~*~ (outnumbered).
 29784 | D:6      | 29784 ||| Stepping ~*~*~tactically~*~*~ (outnumbered).
 29786 | D:6      | 29786 ||| Stepping ~*~*~tactically~*~*~ (outnumbered).
 29788 | D:6      | 29788 ||| Stepping ~*~*~tactically~*~*~ (outnumbered).
 29790 | D:6      | 29790 ||| Stepping ~*~*~tactically~*~*~ (outnumbered).
 29802 | D:6      | 29802 ||| Stepping ~*~*~tactically~*~*~ (outnumbered).
 29804 | D:6      | 29804 ||| Stepping ~*~*~tactically~*~*~ (outnumbered).
 29806 | D:6      | 29806 ||| Stepping ~*~*~tactically~*~*~ (outnumbered).
 29808 | D:6      | 29808 ||| Stepping ~*~*~tactically~*~*~ (outnumbered).
 29810 | D:6      | 29810 ||| Stepping ~*~*~tactically~*~*~ (outnumbered).
 29822 | D:6      | 29822 ||| Stepping ~*~*~tactically~*~*~ (outnumbered).
 29824 | D:6      | 29824 ||| Stepping ~*~*~tactically~*~*~ (outnumbered).
 29826 | D:6      | 29826 ||| Stepping ~*~*~tactically~*~*~ (outnumbered).
 29828 | D:6      | 29828 ||| Stepping ~*~*~tactically~*~*~ (outnumbered).
 29830 | D:6      | 29830 ||| Stepping ~*~*~tactically~*~*~ (outnumbered).
 29842 | D:6      | 29842 ||| Stepping ~*~*~tactically~*~*~ (outnumbered).
 29844 | D:6      | 29844 ||| Stepping ~*~*~tactically~*~*~ (outnumbered).
 29846 | D:6      | 29846 ||| Stepping ~*~*~tactically~*~*~ (outnumbered).
 29848 | D:6      | 29848 ||| Stepping ~*~*~tactically~*~*~ (outnumbered).
 29850 | D:6      | 29850 ||| Stepping ~*~*~tactically~*~*~ (outnumbered).
 29862 | D:6      | 29862 ||| Stepping ~*~*~tactically~*~*~ (outnumbered).
 29864 | D:6      | 29864 ||| Stepping ~*~*~tactically~*~*~ (outnumbered).
 29866 | D:6      | 29866 ||| Stepping ~*~*~tactically~*~*~ (outnumbered).
 29868 | D:6      | 29868 ||| Stepping ~*~*~tactically~*~*~ (outnumbered).
 29870 | D:6      | 29870 ||| Stepping ~*~*~tactically~*~*~ (outnumbered).
 29882 | D:6      | 29882 ||| Stepping ~*~*~tactically~*~*~ (outnumbered).
 29884 | D:6      | 29884 ||| Stepping ~*~*~tactically~*~*~ (outnumbered).
 29886 | D:6      | 29886 ||| Stepping ~*~*~tactically~*~*~ (outnumbered).
 29888 | D:6      | 29888 ||| Stepping ~*~*~tactically~*~*~ (outnumbered).
 29890 | D:6      | 29890 ||| Stepping ~*~*~tactically~*~*~ (outnumbered).
 29902 | D:6      | 29902 ||| Stepping ~*~*~tactically~*~*~ (outnumbered).
 29904 | D:6      | 29904 ||| Stepping ~*~*~tactically~*~*~ (outnumbered).
 29906 | D:6      | 29906 ||| Stepping ~*~*~tactically~*~*~ (outnumbered).
 29908 | D:6      | 29908 ||| Stepping ~*~*~tactically~*~*~ (outnumbered).
 29910 | D:6      | 29910 ||| Stepping ~*~*~tactically~*~*~ (outnumbered).
 29922 | D:6      | 29922 ||| Stepping ~*~*~tactically~*~*~ (outnumbered).
 29924 | D:6      | 29924 ||| Stepping ~*~*~tactically~*~*~ (outnumbered).
 29926 | D:6      | 29926 ||| Stepping ~*~*~tactically~*~*~ (outnumbered).
 29928 | D:6      | 29928 ||| Stepping ~*~*~tactically~*~*~ (outnumbered).
 29930 | D:6      | 29930 ||| Stepping ~*~*~tactically~*~*~ (outnumbered).
 29942 | D:6      | 29942 ||| Stepping ~*~*~tactically~*~*~ (outnumbered).
 29944 | D:6      | 29944 ||| Stepping ~*~*~tactically~*~*~ (outnumbered).
 29946 | D:6      | 29946 ||| Stepping ~*~*~tactically~*~*~ (outnumbered).
 29948 | D:6      | 29948 ||| Stepping ~*~*~tactically~*~*~ (outnumbered).
 29950 | D:6      | 29950 ||| Stepping ~*~*~tactically~*~*~ (outnumbered).
 29962 | D:6      | 29962 ||| Stepping ~*~*~tactically~*~*~ (outnumbered).
 29964 | D:6      | 29964 ||| Stepping ~*~*~tactically~*~*~ (outnumbered).
 29966 | D:6      | 29966 ||| Stepping ~*~*~tactically~*~*~ (outnumbered).
 29968 | D:6      | 29968 ||| Stepping ~*~*~tactically~*~*~ (outnumbered).
 29970 | D:6      | 29970 ||| Stepping ~*~*~tactically~*~*~ (outnumbered).
 29982 | D:6      | 29982 ||| Stepping ~*~*~tactically~*~*~ (outnumbered).
 29984 | D:6      | 29984 ||| Stepping ~*~*~tactically~*~*~ (outnumbered).
 29986 | D:6      | 29986 ||| Stepping ~*~*~tactically~*~*~ (outnumbered).
 29988 | D:6      | 29988 ||| Stepping ~*~*~tactically~*~*~ (outnumbered).
 29990 | D:6      | 29990 ||| Stepping ~*~*~tactically~*~*~ (outnumbered).
 30002 | D:6      | 30002 ||| Stepping ~*~*~tactically~*~*~ (outnumbered).
 30004 | D:6      | 30004 ||| Stepping ~*~*~tactically~*~*~ (outnumbered).
 30006 | D:6      | 30006 ||| Stepping ~*~*~tactically~*~*~ (outnumbered).
 30008 | D:6      | 30008 ||| Stepping ~*~*~tactically~*~*~ (outnumbered).
 30010 | D:6      | 30010 ||| Stepping ~*~*~tactically~*~*~ (outnumbered).
 30022 | D:6      | 30022 ||| Stepping ~*~*~tactically~*~*~ (outnumbered).
 30024 | D:6      | 30024 ||| Stepping ~*~*~tactically~*~*~ (outnumbered).
 30026 | D:6      | 30026 ||| Stepping ~*~*~tactically~*~*~ (outnumbered).
 30028 | D:6      | 30028 ||| Stepping ~*~*~tactically~*~*~ (outnumbered).
 30030 | D:6      | 30030 ||| Stepping ~*~*~tactically~*~*~ (outnumbered).
 30042 | D:6      | 30042 ||| Stepping ~*~*~tactically~*~*~ (outnumbered).
 30044 | D:6      | 30044 ||| Stepping ~*~*~tactically~*~*~ (outnumbered).
 30046 | D:6      | 30046 ||| Stepping ~*~*~tactically~*~*~ (outnumbered).
 30048 | D:6      | 30048 ||| Stepping ~*~*~tactically~*~*~ (outnumbered).
 30050 | D:6      | 30050 ||| Stepping ~*~*~tactically~*~*~ (outnumbered).
 30062 | D:6      | 30062 ||| Stepping ~*~*~tactically~*~*~ (outnumbered).
 30064 | D:6      | 30064 ||| Stepping ~*~*~tactically~*~*~ (outnumbered).
 30066 | D:6      | 30066 ||| Stepping ~*~*~tactically~*~*~ (outnumbered).
 30068 | D:6      | 30068 ||| Stepping ~*~*~tactically~*~*~ (outnumbered).
 30070 | D:6      | 30070 ||| Stepping ~*~*~tactically~*~*~ (outnumbered).
 30082 | D:6      | 30082 ||| Stepping ~*~*~tactically~*~*~ (outnumbered).
 30084 | D:6      | 30084 ||| Stepping ~*~*~tactically~*~*~ (outnumbered).
 30086 | D:6      | 30086 ||| Stepping ~*~*~tactically~*~*~ (outnumbered).
 30088 | D:6      | 30088 ||| Stepping ~*~*~tactically~*~*~ (outnumbered).
 30090 | D:6      | 30090 ||| Stepping ~*~*~tactically~*~*~ (outnumbered).
 30102 | D:6      | 30102 ||| Stepping ~*~*~tactically~*~*~ (outnumbered).
 30104 | D:6      | 30104 ||| Stepping ~*~*~tactically~*~*~ (outnumbered).
 30106 | D:6      | 30106 ||| Stepping ~*~*~tactically~*~*~ (outnumbered).
 30108 | D:6      | 30108 ||| Stepping ~*~*~tactically~*~*~ (outnumbered).
 30110 | D:6      | 30110 ||| Stepping ~*~*~tactically~*~*~ (outnumbered).
 30122 | D:6      | 30122 ||| Stepping ~*~*~tactically~*~*~ (outnumbered).
 30124 | D:6      | 30124 ||| Stepping ~*~*~tactically~*~*~ (outnumbered).
 30126 | D:6      | 30126 ||| Stepping ~*~*~tactically~*~*~ (outnumbered).
 30128 | D:6      | 30128 ||| Stepping ~*~*~tactically~*~*~ (outnumbered).
 30130 | D:6      | 30130 ||| Stepping ~*~*~tactically~*~*~ (outnumbered).
 30142 | D:6      | 30142 ||| Stepping ~*~*~tactically~*~*~ (outnumbered).
 30144 | D:6      | 30144 ||| Stepping ~*~*~tactically~*~*~ (outnumbered).
 30146 | D:6      | 30146 ||| Stepping ~*~*~tactically~*~*~ (outnumbered).
 30148 | D:6      | 30148 ||| Stepping ~*~*~tactically~*~*~ (outnumbered).
 30150 | D:6      | 30150 ||| Stepping ~*~*~tactically~*~*~ (outnumbered).
 30162 | D:6      | 30162 ||| Stepping ~*~*~tactically~*~*~ (outnumbered).
 30164 | D:6      | 30164 ||| Stepping ~*~*~tactically~*~*~ (outnumbered).
 30166 | D:6      | 30166 ||| Stepping ~*~*~tactically~*~*~ (outnumbered).
 30168 | D:6      | 30168 ||| Stepping ~*~*~tactically~*~*~ (outnumbered).
 30170 | D:6      | 30170 ||| Stepping ~*~*~tactically~*~*~ (outnumbered).
 30182 | D:6      | 30182 ||| Stepping ~*~*~tactically~*~*~ (outnumbered).
 30184 | D:6      | 30184 ||| Stepping ~*~*~tactically~*~*~ (outnumbered).
 30186 | D:6      | 30186 ||| Stepping ~*~*~tactically~*~*~ (outnumbered).
 30188 | D:6      | 30188 ||| Stepping ~*~*~tactically~*~*~ (outnumbered).
 30190 | D:6      | 30190 ||| Stepping ~*~*~tactically~*~*~ (outnumbered).
 30202 | D:6      | 30202 ||| Stepping ~*~*~tactically~*~*~ (outnumbered).
 30204 | D:6      | 30204 ||| Stepping ~*~*~tactically~*~*~ (outnumbered).
 30206 | D:6      | 30206 ||| Stepping ~*~*~tactically~*~*~ (outnumbered).
 30208 | D:6      | 30208 ||| Stepping ~*~*~tactically~*~*~ (outnumbered).
 30210 | D:6      | 30210 ||| Stepping ~*~*~tactically~*~*~ (outnumbered).
 30222 | D:6      | 30222 ||| Stepping ~*~*~tactically~*~*~ (outnumbered).
 30224 | D:6      | 30224 ||| Stepping ~*~*~tactically~*~*~ (outnumbered).
 30226 | D:6      | 30226 ||| Stepping ~*~*~tactically~*~*~ (outnumbered).
 30228 | D:6      | 30228 ||| Stepping ~*~*~tactically~*~*~ (outnumbered).
 30230 | D:6      | 30230 ||| Stepping ~*~*~tactically~*~*~ (outnumbered).
 30242 | D:6      | 30242 ||| Stepping ~*~*~tactically~*~*~ (outnumbered).
 30244 | D:6      | 30244 ||| Stepping ~*~*~tactically~*~*~ (outnumbered).
 30246 | D:6      | 30246 ||| Stepping ~*~*~tactically~*~*~ (outnumbered).
 30248 | D:6      | 30248 ||| Stepping ~*~*~tactically~*~*~ (outnumbered).
 30250 | D:6      | 30250 ||| Stepping ~*~*~tactically~*~*~ (outnumbered).
 30262 | D:6      | 30262 ||| Stepping ~*~*~tactically~*~*~ (outnumbered).
 30264 | D:6      | 30264 ||| Stepping ~*~*~tactically~*~*~ (outnumbered).
 30266 | D:6      | 30266 ||| Stepping ~*~*~tactically~*~*~ (outnumbered).
 30268 | D:6      | 30268 ||| Stepping ~*~*~tactically~*~*~ (outnumbered).
 30270 | D:6      | 30270 ||| Stepping ~*~*~tactically~*~*~ (outnumbered).
 30282 | D:6      | 30282 ||| Stepping ~*~*~tactically~*~*~ (outnumbered).
 30284 | D:6      | 30284 ||| Stepping ~*~*~tactically~*~*~ (outnumbered).
 30286 | D:6      | 30286 ||| Stepping ~*~*~tactically~*~*~ (outnumbered).
 30288 | D:6      | 30288 ||| Stepping ~*~*~tactically~*~*~ (outnumbered).
 30290 | D:6      | 30290 ||| Stepping ~*~*~tactically~*~*~ (outnumbered).
 30302 | D:6      | 30302 ||| Stepping ~*~*~tactically~*~*~ (outnumbered).
 30304 | D:6      | 30304 ||| Stepping ~*~*~tactically~*~*~ (outnumbered).
 30306 | D:6      | 30306 ||| Stepping ~*~*~tactically~*~*~ (outnumbered).
 30308 | D:6      | 30308 ||| Stepping ~*~*~tactically~*~*~ (outnumbered).
 30310 | D:6      | 30310 ||| Stepping ~*~*~tactically~*~*~ (outnumbered).
 30322 | D:6      | 30322 ||| Stepping ~*~*~tactically~*~*~ (outnumbered).
 30324 | D:6      | 30324 ||| Stepping ~*~*~tactically~*~*~ (outnumbered).
 30326 | D:6      | 30326 ||| Stepping ~*~*~tactically~*~*~ (outnumbered).
 30328 | D:6      | 30328 ||| Stepping ~*~*~tactically~*~*~ (outnumbered).
 30330 | D:6      | 30330 ||| Stepping ~*~*~tactically~*~*~ (outnumbered).
 30342 | D:6      | 30342 ||| Stepping ~*~*~tactically~*~*~ (outnumbered).
 30344 | D:6      | 30344 ||| Stepping ~*~*~tactically~*~*~ (outnumbered).
 30346 | D:6      | 30346 ||| Stepping ~*~*~tactically~*~*~ (outnumbered).
 30348 | D:6      | 30348 ||| Stepping ~*~*~tactically~*~*~ (outnumbered).
 30350 | D:6      | 30350 ||| Stepping ~*~*~tactically~*~*~ (outnumbered).
 30362 | D:6      | 30362 ||| Stepping ~*~*~tactically~*~*~ (outnumbered).
 30364 | D:6      | 30364 ||| Stepping ~*~*~tactically~*~*~ (outnumbered).
 30366 | D:6      | 30366 ||| Stepping ~*~*~tactically~*~*~ (outnumbered).
 30368 | D:6      | 30368 ||| Stepping ~*~*~tactically~*~*~ (outnumbered).
 30370 | D:6      | 30370 ||| Stepping ~*~*~tactically~*~*~ (outnumbered).
 30382 | D:6      | 30382 ||| Stepping ~*~*~tactically~*~*~ (outnumbered).
 30384 | D:6      | 30384 ||| Stepping ~*~*~tactically~*~*~ (outnumbered).
 30386 | D:6      | 30386 ||| Stepping ~*~*~tactically~*~*~ (outnumbered).
 30388 | D:6      | 30388 ||| Stepping ~*~*~tactically~*~*~ (outnumbered).
 30390 | D:6      | 30390 ||| Stepping ~*~*~tactically~*~*~ (outnumbered).
 30402 | D:6      | 30402 ||| Stepping ~*~*~tactically~*~*~ (outnumbered).
 30404 | D:6      | 30404 ||| Stepping ~*~*~tactically~*~*~ (outnumbered).
 30406 | D:6      | 30406 ||| Stepping ~*~*~tactically~*~*~ (outnumbered).
 30408 | D:6      | 30408 ||| Stepping ~*~*~tactically~*~*~ (outnumbered).
 30410 | D:6      | 30410 ||| Stepping ~*~*~tactically~*~*~ (outnumbered).
 30422 | D:6      | 30422 ||| Stepping ~*~*~tactically~*~*~ (outnumbered).
 30424 | D:6      | 30424 ||| Stepping ~*~*~tactically~*~*~ (outnumbered).
 30426 | D:6      | 30426 ||| Stepping ~*~*~tactically~*~*~ (outnumbered).
 30428 | D:6      | 30428 ||| Stepping ~*~*~tactically~*~*~ (outnumbered).
 30430 | D:6      | 30430 ||| Stepping ~*~*~tactically~*~*~ (outnumbered).
 30442 | D:6      | 30442 ||| Stepping ~*~*~tactically~*~*~ (outnumbered).
 30444 | D:6      | 30444 ||| Stepping ~*~*~tactically~*~*~ (outnumbered).
 30446 | D:6      | 30446 ||| Stepping ~*~*~tactically~*~*~ (outnumbered).
 30448 | D:6      | 30448 ||| Stepping ~*~*~tactically~*~*~ (outnumbered).
 30450 | D:6      | 30450 ||| Stepping ~*~*~tactically~*~*~ (outnumbered).
 30462 | D:6      | 30462 ||| Stepping ~*~*~tactically~*~*~ (outnumbered).
 30464 | D:6      | 30464 ||| Stepping ~*~*~tactically~*~*~ (outnumbered).
 30466 | D:6      | 30466 ||| Stepping ~*~*~tactically~*~*~ (outnumbered).
 30468 | D:6      | 30468 ||| Stepping ~*~*~tactically~*~*~ (outnumbered).
 30470 | D:6      | 30470 ||| Stepping ~*~*~tactically~*~*~ (outnumbered).
 30482 | D:6      | 30482 ||| Stepping ~*~*~tactically~*~*~ (outnumbered).
 30484 | D:6      | 30484 ||| Stepping ~*~*~tactically~*~*~ (outnumbered).
 30486 | D:6      | 30486 ||| Stepping ~*~*~tactically~*~*~ (outnumbered).
 30488 | D:6      | 30488 ||| Stepping ~*~*~tactically~*~*~ (outnumbered).
 30490 | D:6      | 30490 ||| Stepping ~*~*~tactically~*~*~ (outnumbered).
 30502 | D:6      | 30502 ||| Stepping ~*~*~tactically~*~*~ (outnumbered).
 30504 | D:6      | 30504 ||| Stepping ~*~*~tactically~*~*~ (outnumbered).
 30506 | D:6      | 30506 ||| Stepping ~*~*~tactically~*~*~ (outnumbered).
 30508 | D:6      | 30508 ||| Stepping ~*~*~tactically~*~*~ (outnumbered).
 30510 | D:6      | 30510 ||| Stepping ~*~*~tactically~*~*~ (outnumbered).
 30522 | D:6      | 30522 ||| Stepping ~*~*~tactically~*~*~ (outnumbered).
 30524 | D:6      | 30524 ||| Stepping ~*~*~tactically~*~*~ (outnumbered).
 30526 | D:6      | 30526 ||| Stepping ~*~*~tactically~*~*~ (outnumbered).
 30528 | D:6      | 30528 ||| Stepping ~*~*~tactically~*~*~ (outnumbered).
 30530 | D:6      | 30530 ||| Stepping ~*~*~tactically~*~*~ (outnumbered).
 30542 | D:6      | 30542 ||| Stepping ~*~*~tactically~*~*~ (outnumbered).
 30544 | D:6      | 30544 ||| Stepping ~*~*~tactically~*~*~ (outnumbered).
 30546 | D:6      | 30546 ||| Stepping ~*~*~tactically~*~*~ (outnumbered).
 30548 | D:6      | 30548 ||| Stepping ~*~*~tactically~*~*~ (outnumbered).
 30550 | D:6      | 30550 ||| Stepping ~*~*~tactically~*~*~ (outnumbered).
 30562 | D:6      | 30562 ||| Stepping ~*~*~tactically~*~*~ (outnumbered).
 30564 | D:6      | 30564 ||| Stepping ~*~*~tactically~*~*~ (outnumbered).
 30566 | D:6      | 30566 ||| Stepping ~*~*~tactically~*~*~ (outnumbered).
 30568 | D:6      | 30568 ||| Stepping ~*~*~tactically~*~*~ (outnumbered).
 30570 | D:6      | 30570 ||| Stepping ~*~*~tactically~*~*~ (outnumbered).
 30582 | D:6      | 30582 ||| Stepping ~*~*~tactically~*~*~ (outnumbered).
 30584 | D:6      | 30584 ||| Stepping ~*~*~tactically~*~*~ (outnumbered).
 30586 | D:6      | 30586 ||| Stepping ~*~*~tactically~*~*~ (outnumbered).
 30588 | D:6      | 30588 ||| Stepping ~*~*~tactically~*~*~ (outnumbered).
 30590 | D:6      | 30590 ||| Stepping ~*~*~tactically~*~*~ (outnumbered).
 30602 | D:6      | 30602 ||| Stepping ~*~*~tactically~*~*~ (outnumbered).
 30604 | D:6      | 30604 ||| Stepping ~*~*~tactically~*~*~ (outnumbered).
 30606 | D:6      | 30606 ||| Stepping ~*~*~tactically~*~*~ (outnumbered).
 30608 | D:6      | 30608 ||| Stepping ~*~*~tactically~*~*~ (outnumbered).
 30610 | D:6      | 30610 ||| Stepping ~*~*~tactically~*~*~ (outnumbered).
 30622 | D:6      | 30622 ||| Stepping ~*~*~tactically~*~*~ (outnumbered).
 30624 | D:6      | 30624 ||| Stepping ~*~*~tactically~*~*~ (outnumbered).
 30626 | D:6      | 30626 ||| Stepping ~*~*~tactically~*~*~ (outnumbered).
 30628 | D:6      | 30628 ||| Stepping ~*~*~tactically~*~*~ (outnumbered).
 30630 | D:6      | 30630 ||| Stepping ~*~*~tactically~*~*~ (outnumbered).
 30642 | D:6      | 30642 ||| Stepping ~*~*~tactically~*~*~ (outnumbered).
 30644 | D:6      | 30644 ||| Stepping ~*~*~tactically~*~*~ (outnumbered).
 30646 | D:6      | 30646 ||| Stepping ~*~*~tactically~*~*~ (outnumbered).
 30648 | D:6      | 30648 ||| Stepping ~*~*~tactically~*~*~ (outnumbered).
 30650 | D:6      | 30650 ||| Stepping ~*~*~tactically~*~*~ (outnumbered).
 30662 | D:6      | 30662 ||| Stepping ~*~*~tactically~*~*~ (outnumbered).
 30664 | D:6      | 30664 ||| Stepping ~*~*~tactically~*~*~ (outnumbered).
 30666 | D:6      | 30666 ||| Stepping ~*~*~tactically~*~*~ (outnumbered).
 30668 | D:6      | 30668 ||| Stepping ~*~*~tactically~*~*~ (outnumbered).
 30670 | D:6      | 30670 ||| Stepping ~*~*~tactically~*~*~ (outnumbered).
 30682 | D:6      | 30682 ||| Stepping ~*~*~tactically~*~*~ (outnumbered).
 30684 | D:6      | 30684 ||| Stepping ~*~*~tactically~*~*~ (outnumbered).
 30686 | D:6      | 30686 ||| Stepping ~*~*~tactically~*~*~ (outnumbered).
 30688 | D:6      | 30688 ||| Stepping ~*~*~tactically~*~*~ (outnumbered).
 30690 | D:6      | 30690 ||| Stepping ~*~*~tactically~*~*~ (outnumbered).
 30702 | D:6      | 30702 ||| Stepping ~*~*~tactically~*~*~ (outnumbered).
 30704 | D:6      | 30704 ||| Stepping ~*~*~tactically~*~*~ (outnumbered).
 30706 | D:6      | 30706 ||| Stepping ~*~*~tactically~*~*~ (outnumbered).
 30708 | D:6      | 30708 ||| Stepping ~*~*~tactically~*~*~ (outnumbered).
 30710 | D:6      | 30710 ||| Stepping ~*~*~tactically~*~*~ (outnumbered).
 30722 | D:6      | 30722 ||| Stepping ~*~*~tactically~*~*~ (outnumbered).
 30724 | D:6      | 30724 ||| Stepping ~*~*~tactically~*~*~ (outnumbered).
 30726 | D:6      | 30726 ||| Stepping ~*~*~tactically~*~*~ (outnumbered).
 30728 | D:6      | 30728 ||| Stepping ~*~*~tactically~*~*~ (outnumbered).
 30730 | D:6      | 30730 ||| Stepping ~*~*~tactically~*~*~ (outnumbered).
 30742 | D:6      | 30742 ||| Stepping ~*~*~tactically~*~*~ (outnumbered).
 30744 | D:6      | 30744 ||| Stepping ~*~*~tactically~*~*~ (outnumbered).
 30746 | D:6      | 30746 ||| Stepping ~*~*~tactically~*~*~ (outnumbered).
 30748 | D:6      | 30748 ||| Stepping ~*~*~tactically~*~*~ (outnumbered).
 30750 | D:6      | 30750 ||| Stepping ~*~*~tactically~*~*~ (outnumbered).
 30762 | D:6      | 30762 ||| Stepping ~*~*~tactically~*~*~ (outnumbered).
 30764 | D:6      | 30764 ||| Stepping ~*~*~tactically~*~*~ (outnumbered).
 30766 | D:6      | 30766 ||| Stepping ~*~*~tactically~*~*~ (outnumbered).
 30768 | D:6      | 30768 ||| Stepping ~*~*~tactically~*~*~ (outnumbered).
 30770 | D:6      | 30770 ||| Stepping ~*~*~tactically~*~*~ (outnumbered).
 30782 | D:6      | 30782 ||| Stepping ~*~*~tactically~*~*~ (outnumbered).
 30784 | D:6      | 30784 ||| Stepping ~*~*~tactically~*~*~ (outnumbered).
 30786 | D:6      | 30786 ||| Stepping ~*~*~tactically~*~*~ (outnumbered).
 30788 | D:6      | 30788 ||| Stepping ~*~*~tactically~*~*~ (outnumbered).
 30790 | D:6      | 30790 ||| Stepping ~*~*~tactically~*~*~ (outnumbered).
 30802 | D:6      | 30802 ||| Stepping ~*~*~tactically~*~*~ (outnumbered).
 30804 | D:6      | 30804 ||| Stepping ~*~*~tactically~*~*~ (outnumbered).
 30806 | D:6      | 30806 ||| Stepping ~*~*~tactically~*~*~ (outnumbered).
 30808 | D:6      | 30808 ||| Stepping ~*~*~tactically~*~*~ (outnumbered).
 30810 | D:6      | 30810 ||| Stepping ~*~*~tactically~*~*~ (outnumbered).
 30822 | D:6      | 30822 ||| Stepping ~*~*~tactically~*~*~ (outnumbered).
 30824 | D:6      | 30824 ||| Stepping ~*~*~tactically~*~*~ (outnumbered).
 30826 | D:6      | 30826 ||| Stepping ~*~*~tactically~*~*~ (outnumbered).
 30828 | D:6      | 30828 ||| Stepping ~*~*~tactically~*~*~ (outnumbered).
 30830 | D:6      | 30830 ||| Stepping ~*~*~tactically~*~*~ (outnumbered).
 30842 | D:6      | 30842 ||| Stepping ~*~*~tactically~*~*~ (outnumbered).
 30844 | D:6      | 30844 ||| Stepping ~*~*~tactically~*~*~ (outnumbered).
 30846 | D:6      | 30846 ||| Stepping ~*~*~tactically~*~*~ (outnumbered).
 30848 | D:6      | 30848 ||| Stepping ~*~*~tactically~*~*~ (outnumbered).
 30850 | D:6      | 30850 ||| Stepping ~*~*~tactically~*~*~ (outnumbered).
 30862 | D:6      | 30862 ||| Stepping ~*~*~tactically~*~*~ (outnumbered).
 30864 | D:6      | 30864 ||| Stepping ~*~*~tactically~*~*~ (outnumbered).
 30866 | D:6      | 30866 ||| Stepping ~*~*~tactically~*~*~ (outnumbered).
 30868 | D:6      | 30868 ||| Stepping ~*~*~tactically~*~*~ (outnumbered).
 30870 | D:6      | 30870 ||| Stepping ~*~*~tactically~*~*~ (outnumbered).
 30882 | D:6      | 30882 ||| Stepping ~*~*~tactically~*~*~ (outnumbered).
 30884 | D:6      | 30884 ||| Stepping ~*~*~tactically~*~*~ (outnumbered).
 30886 | D:6      | 30886 ||| Stepping ~*~*~tactically~*~*~ (outnumbered).
 30888 | D:6      | 30888 ||| Stepping ~*~*~tactically~*~*~ (outnumbered).
 30890 | D:6      | 30890 ||| Stepping ~*~*~tactically~*~*~ (outnumbered).
 30902 | D:6      | 30902 ||| Stepping ~*~*~tactically~*~*~ (outnumbered).
 30904 | D:6      | 30904 ||| Stepping ~*~*~tactically~*~*~ (outnumbered).
 30906 | D:6      | 30906 ||| Stepping ~*~*~tactically~*~*~ (outnumbered).
 30908 | D:6      | 30908 ||| Stepping ~*~*~tactically~*~*~ (outnumbered).
 30910 | D:6      | 30910 ||| Stepping ~*~*~tactically~*~*~ (outnumbered).
 30922 | D:6      | 30922 ||| Stepping ~*~*~tactically~*~*~ (outnumbered).
 30924 | D:6      | 30924 ||| Stepping ~*~*~tactically~*~*~ (outnumbered).
 30926 | D:6      | 30926 ||| Stepping ~*~*~tactically~*~*~ (outnumbered).
 30928 | D:6      | 30928 ||| Stepping ~*~*~tactically~*~*~ (outnumbered).
 30930 | D:6      | 30930 ||| Stepping ~*~*~tactically~*~*~ (outnumbered).
 30942 | D:6      | 30942 ||| Stepping ~*~*~tactically~*~*~ (outnumbered).
 30944 | D:6      | 30944 ||| Stepping ~*~*~tactically~*~*~ (outnumbered).
 30946 | D:6      | 30946 ||| Stepping ~*~*~tactically~*~*~ (outnumbered).
 30948 | D:6      | 30948 ||| Stepping ~*~*~tactically~*~*~ (outnumbered).
 30950 | D:6      | 30950 ||| Stepping ~*~*~tactically~*~*~ (outnumbered).
 30962 | D:6      | 30962 ||| Stepping ~*~*~tactically~*~*~ (outnumbered).
 30964 | D:6      | 30964 ||| Stepping ~*~*~tactically~*~*~ (outnumbered).
 30966 | D:6      | 30966 ||| Stepping ~*~*~tactically~*~*~ (outnumbered).
 30968 | D:6      | 30968 ||| Stepping ~*~*~tactically~*~*~ (outnumbered).
 30970 | D:6      | 30970 ||| Stepping ~*~*~tactically~*~*~ (outnumbered).
 30982 | D:6      | 30982 ||| Stepping ~*~*~tactically~*~*~ (outnumbered).
 30984 | D:6      | 30984 ||| Stepping ~*~*~tactically~*~*~ (outnumbered).
 30986 | D:6      | 30986 ||| Stepping ~*~*~tactically~*~*~ (outnumbered).
 30988 | D:6      | 30988 ||| Stepping ~*~*~tactically~*~*~ (outnumbered).
 30990 | D:6      | 30990 ||| Stepping ~*~*~tactically~*~*~ (outnumbered).
 31002 | D:6      | 31002 ||| Stepping ~*~*~tactically~*~*~ (outnumbered).
 31004 | D:6      | 31004 ||| Stepping ~*~*~tactically~*~*~ (outnumbered).
 31006 | D:6      | 31006 ||| Stepping ~*~*~tactically~*~*~ (outnumbered).
 31008 | D:6      | 31008 ||| Stepping ~*~*~tactically~*~*~ (outnumbered).
 31010 | D:6      | 31010 ||| Stepping ~*~*~tactically~*~*~ (outnumbered).
 31022 | D:6      | 31022 ||| Stepping ~*~*~tactically~*~*~ (outnumbered).
 31024 | D:6      | 31024 ||| Stepping ~*~*~tactically~*~*~ (outnumbered).
 31026 | D:6      | 31026 ||| Stepping ~*~*~tactically~*~*~ (outnumbered).
 31028 | D:6      | 31028 ||| Stepping ~*~*~tactically~*~*~ (outnumbered).
 31030 | D:6      | 31030 ||| Stepping ~*~*~tactically~*~*~ (outnumbered).
 31042 | D:6      | 31042 ||| Stepping ~*~*~tactically~*~*~ (outnumbered).
 31044 | D:6      | 31044 ||| Stepping ~*~*~tactically~*~*~ (outnumbered).
 31046 | D:6      | 31046 ||| Stepping ~*~*~tactically~*~*~ (outnumbered).
 31048 | D:6      | 31048 ||| Stepping ~*~*~tactically~*~*~ (outnumbered).
 31050 | D:6      | 31050 ||| Stepping ~*~*~tactically~*~*~ (outnumbered).
 31062 | D:6      | 31062 ||| Stepping ~*~*~tactically~*~*~ (outnumbered).
 31064 | D:6      | 31064 ||| Stepping ~*~*~tactically~*~*~ (outnumbered).
 31066 | D:6      | 31066 ||| Stepping ~*~*~tactically~*~*~ (outnumbered).
 31068 | D:6      | 31068 ||| Stepping ~*~*~tactically~*~*~ (outnumbered).
 31070 | D:6      | 31070 ||| Stepping ~*~*~tactically~*~*~ (outnumbered).
 31082 | D:6      | 31082 ||| Stepping ~*~*~tactically~*~*~ (outnumbered).
 31084 | D:6      | 31084 ||| Stepping ~*~*~tactically~*~*~ (outnumbered).
 31086 | D:6      | 31086 ||| Stepping ~*~*~tactically~*~*~ (outnumbered).
 31088 | D:6      | 31088 ||| Stepping ~*~*~tactically~*~*~ (outnumbered).
 31090 | D:6      | 31090 ||| Stepping ~*~*~tactically~*~*~ (outnumbered).
 31102 | D:6      | 31102 ||| Stepping ~*~*~tactically~*~*~ (outnumbered).
 31104 | D:6      | 31104 ||| Stepping ~*~*~tactically~*~*~ (outnumbered).
 31106 | D:6      | 31106 ||| Stepping ~*~*~tactically~*~*~ (outnumbered).
 31108 | D:6      | 31108 ||| Stepping ~*~*~tactically~*~*~ (outnumbered).
 31110 | D:6      | 31110 ||| Stepping ~*~*~tactically~*~*~ (outnumbered).
 31122 | D:6      | 31122 ||| Stepping ~*~*~tactically~*~*~ (outnumbered).
 31124 | D:6      | 31124 ||| Stepping ~*~*~tactically~*~*~ (outnumbered).
 31126 | D:6      | 31126 ||| Stepping ~*~*~tactically~*~*~ (outnumbered).
 31128 | D:6      | 31128 ||| Stepping ~*~*~tactically~*~*~ (outnumbered).
 31130 | D:6      | 31130 ||| Stepping ~*~*~tactically~*~*~ (outnumbered).
 31142 | D:6      | 31142 ||| Stepping ~*~*~tactically~*~*~ (outnumbered).
 31144 | D:6      | 31144 ||| Stepping ~*~*~tactically~*~*~ (outnumbered).
 31146 | D:6      | 31146 ||| Stepping ~*~*~tactically~*~*~ (outnumbered).
 31148 | D:6      | 31148 ||| Stepping ~*~*~tactically~*~*~ (outnumbered).
 31150 | D:6      | 31150 ||| Stepping ~*~*~tactically~*~*~ (outnumbered).
 31162 | D:6      | 31162 ||| Stepping ~*~*~tactically~*~*~ (outnumbered).
 31164 | D:6      | 31164 ||| Stepping ~*~*~tactically~*~*~ (outnumbered).
 31166 | D:6      | 31166 ||| Stepping ~*~*~tactically~*~*~ (outnumbered).
 31168 | D:6      | 31168 ||| Stepping ~*~*~tactically~*~*~ (outnumbered).
 31170 | D:6      | 31170 ||| Stepping ~*~*~tactically~*~*~ (outnumbered).
 31182 | D:6      | 31182 ||| Stepping ~*~*~tactically~*~*~ (outnumbered).
 31184 | D:6      | 31184 ||| Stepping ~*~*~tactically~*~*~ (outnumbered).
 31186 | D:6      | 31186 ||| Stepping ~*~*~tactically~*~*~ (outnumbered).
 31188 | D:6      | 31188 ||| Stepping ~*~*~tactically~*~*~ (outnumbered).
 31190 | D:6      | 31190 ||| Stepping ~*~*~tactically~*~*~ (outnumbered).
 31202 | D:6      | 31202 ||| Stepping ~*~*~tactically~*~*~ (outnumbered).
 31204 | D:6      | 31204 ||| Stepping ~*~*~tactically~*~*~ (outnumbered).
 31206 | D:6      | 31206 ||| Stepping ~*~*~tactically~*~*~ (outnumbered).
 31208 | D:6      | 31208 ||| Stepping ~*~*~tactically~*~*~ (outnumbered).
 31210 | D:6      | 31210 ||| Stepping ~*~*~tactically~*~*~ (outnumbered).
 31222 | D:6      | 31222 ||| Stepping ~*~*~tactically~*~*~ (outnumbered).
 31224 | D:6      | 31224 ||| Stepping ~*~*~tactically~*~*~ (outnumbered).
 31226 | D:6      | 31226 ||| Stepping ~*~*~tactically~*~*~ (outnumbered).
 31228 | D:6      | 31228 ||| Stepping ~*~*~tactically~*~*~ (outnumbered).
 31230 | D:6      | 31230 ||| Stepping ~*~*~tactically~*~*~ (outnumbered).
 31242 | D:6      | 31242 ||| Stepping ~*~*~tactically~*~*~ (outnumbered).
 31244 | D:6      | 31244 ||| Stepping ~*~*~tactically~*~*~ (outnumbered).
 31246 | D:6      | 31246 ||| Stepping ~*~*~tactically~*~*~ (outnumbered).
 31248 | D:6      | 31248 ||| Stepping ~*~*~tactically~*~*~ (outnumbered).
 31250 | D:6      | 31250 ||| Stepping ~*~*~tactically~*~*~ (outnumbered).
 31262 | D:6      | 31262 ||| Stepping ~*~*~tactically~*~*~ (outnumbered).
 31264 | D:6      | 31264 ||| Stepping ~*~*~tactically~*~*~ (outnumbered).
 31266 | D:6      | 31266 ||| Stepping ~*~*~tactically~*~*~ (outnumbered).
 31268 | D:6      | 31268 ||| Stepping ~*~*~tactically~*~*~ (outnumbered).
 31270 | D:6      | 31270 ||| Stepping ~*~*~tactically~*~*~ (outnumbered).
 31282 | D:6      | 31282 ||| Stepping ~*~*~tactically~*~*~ (outnumbered).
 31284 | D:6      | 31284 ||| Stepping ~*~*~tactically~*~*~ (outnumbered).
 31286 | D:6      | 31286 ||| Stepping ~*~*~tactically~*~*~ (outnumbered).
 31288 | D:6      | 31288 ||| Stepping ~*~*~tactically~*~*~ (outnumbered).
 31290 | D:6      | 31290 ||| Stepping ~*~*~tactically~*~*~ (outnumbered).
 31302 | D:6      | 31302 ||| Stepping ~*~*~tactically~*~*~ (outnumbered).
 31304 | D:6      | 31304 ||| Stepping ~*~*~tactically~*~*~ (outnumbered).
 31306 | D:6      | 31306 ||| Stepping ~*~*~tactically~*~*~ (outnumbered).
 31308 | D:6      | 31308 ||| Stepping ~*~*~tactically~*~*~ (outnumbered).
 31310 | D:6      | 31310 ||| Stepping ~*~*~tactically~*~*~ (outnumbered).
 31322 | D:6      | 31322 ||| Stepping ~*~*~tactically~*~*~ (outnumbered).
 31324 | D:6      | 31324 ||| Stepping ~*~*~tactically~*~*~ (outnumbered).
 31326 | D:6      | 31326 ||| Stepping ~*~*~tactically~*~*~ (outnumbered).
 31328 | D:6      | 31328 ||| Stepping ~*~*~tactically~*~*~ (outnumbered).
 31330 | D:6      | 31330 ||| Stepping ~*~*~tactically~*~*~ (outnumbered).
 31342 | D:6      | 31342 ||| Stepping ~*~*~tactically~*~*~ (outnumbered).
 31344 | D:6      | 31344 ||| Stepping ~*~*~tactically~*~*~ (outnumbered).
 31346 | D:6      | 31346 ||| Stepping ~*~*~tactically~*~*~ (outnumbered).
 31348 | D:6      | 31348 ||| Stepping ~*~*~tactically~*~*~ (outnumbered).
 31350 | D:6      | 31350 ||| Stepping ~*~*~tactically~*~*~ (outnumbered).
 31362 | D:6      | 31362 ||| Stepping ~*~*~tactically~*~*~ (outnumbered).
 31364 | D:6      | 31364 ||| Stepping ~*~*~tactically~*~*~ (outnumbered).
 31366 | D:6      | 31366 ||| Stepping ~*~*~tactically~*~*~ (outnumbered).
 31368 | D:6      | 31368 ||| Stepping ~*~*~tactically~*~*~ (outnumbered).
 31370 | D:6      | 31370 ||| Stepping ~*~*~tactically~*~*~ (outnumbered).
 31382 | D:6      | 31382 ||| Stepping ~*~*~tactically~*~*~ (outnumbered).
 31384 | D:6      | 31384 ||| Stepping ~*~*~tactically~*~*~ (outnumbered).
 31386 | D:6      | 31386 ||| Stepping ~*~*~tactically~*~*~ (outnumbered).
 31388 | D:6      | 31388 ||| Stepping ~*~*~tactically~*~*~ (outnumbered).
 31390 | D:6      | 31390 ||| Stepping ~*~*~tactically~*~*~ (outnumbered).
 31402 | D:6      | 31402 ||| Stepping ~*~*~tactically~*~*~ (outnumbered).
 31404 | D:6      | 31404 ||| Stepping ~*~*~tactically~*~*~ (outnumbered).
 31406 | D:6      | 31406 ||| Stepping ~*~*~tactically~*~*~ (outnumbered).
 31408 | D:6      | 31408 ||| Stepping ~*~*~tactically~*~*~ (outnumbered).
 31410 | D:6      | 31410 ||| Stepping ~*~*~tactically~*~*~ (outnumbered).
 31422 | D:6      | 31422 ||| Stepping ~*~*~tactically~*~*~ (outnumbered).
 31424 | D:6      | 31424 ||| Stepping ~*~*~tactically~*~*~ (outnumbered).
 31426 | D:6      | 31426 ||| Stepping ~*~*~tactically~*~*~ (outnumbered).
 31428 | D:6      | 31428 ||| Stepping ~*~*~tactically~*~*~ (outnumbered).
 31430 | D:6      | 31430 ||| Stepping ~*~*~tactically~*~*~ (outnumbered).
 31442 | D:6      | 31442 ||| Stepping ~*~*~tactically~*~*~ (outnumbered).
 31444 | D:6      | 31444 ||| Stepping ~*~*~tactically~*~*~ (outnumbered).
 31446 | D:6      | 31446 ||| Stepping ~*~*~tactically~*~*~ (outnumbered).
 31448 | D:6      | 31448 ||| Stepping ~*~*~tactically~*~*~ (outnumbered).
 31450 | D:6      | 31450 ||| Stepping ~*~*~tactically~*~*~ (outnumbered).
 31462 | D:6      | 31462 ||| Stepping ~*~*~tactically~*~*~ (outnumbered).
 31464 | D:6      | 31464 ||| Stepping ~*~*~tactically~*~*~ (outnumbered).
 31466 | D:6      | 31466 ||| Stepping ~*~*~tactically~*~*~ (outnumbered).
 31468 | D:6      | 31468 ||| Stepping ~*~*~tactically~*~*~ (outnumbered).
 31470 | D:6      | 31470 ||| Stepping ~*~*~tactically~*~*~ (outnumbered).
 31482 | D:6      | 31482 ||| Stepping ~*~*~tactically~*~*~ (outnumbered).
 31484 | D:6      | 31484 ||| Stepping ~*~*~tactically~*~*~ (outnumbered).
 31486 | D:6      | 31486 ||| Stepping ~*~*~tactically~*~*~ (outnumbered).
 31488 | D:6      | 31488 ||| Stepping ~*~*~tactically~*~*~ (outnumbered).
 31490 | D:6      | 31490 ||| Stepping ~*~*~tactically~*~*~ (outnumbered).
 31502 | D:6      | 31502 ||| Stepping ~*~*~tactically~*~*~ (outnumbered).
 31504 | D:6      | 31504 ||| Stepping ~*~*~tactically~*~*~ (outnumbered).
 31506 | D:6      | 31506 ||| Stepping ~*~*~tactically~*~*~ (outnumbered).
 31508 | D:6      | 31508 ||| Stepping ~*~*~tactically~*~*~ (outnumbered).
 31510 | D:6      | 31510 ||| Stepping ~*~*~tactically~*~*~ (outnumbered).
 31522 | D:6      | 31522 ||| Stepping ~*~*~tactically~*~*~ (outnumbered).
 31524 | D:6      | 31524 ||| Stepping ~*~*~tactically~*~*~ (outnumbered).
 31526 | D:6      | 31526 ||| Stepping ~*~*~tactically~*~*~ (outnumbered).
 31528 | D:6      | 31528 ||| Stepping ~*~*~tactically~*~*~ (outnumbered).
 31530 | D:6      | 31530 ||| Stepping ~*~*~tactically~*~*~ (outnumbered).
 31542 | D:6      | 31542 ||| Stepping ~*~*~tactically~*~*~ (outnumbered).
 31544 | D:6      | 31544 ||| Stepping ~*~*~tactically~*~*~ (outnumbered).
 31546 | D:6      | 31546 ||| Stepping ~*~*~tactically~*~*~ (outnumbered).
 31548 | D:6      | 31548 ||| Stepping ~*~*~tactically~*~*~ (outnumbered).
 31550 | D:6      | 31550 ||| Stepping ~*~*~tactically~*~*~ (outnumbered).
 31562 | D:6      | 31562 ||| Stepping ~*~*~tactically~*~*~ (outnumbered).
 31564 | D:6      | 31564 ||| Stepping ~*~*~tactically~*~*~ (outnumbered).
 31566 | D:6      | 31566 ||| Stepping ~*~*~tactically~*~*~ (outnumbered).
 31568 | D:6      | 31568 ||| Stepping ~*~*~tactically~*~*~ (outnumbered).
 31570 | D:6      | 31570 ||| Stepping ~*~*~tactically~*~*~ (outnumbered).
 31582 | D:6      | 31582 ||| Stepping ~*~*~tactically~*~*~ (outnumbered).
 31584 | D:6      | 31584 ||| Stepping ~*~*~tactically~*~*~ (outnumbered).
 31586 | D:6      | 31586 ||| Stepping ~*~*~tactically~*~*~ (outnumbered).
 31588 | D:6      | 31588 ||| Stepping ~*~*~tactically~*~*~ (outnumbered).
 31590 | D:6      | 31590 ||| Stepping ~*~*~tactically~*~*~ (outnumbered).
 31602 | D:6      | 31602 ||| Stepping ~*~*~tactically~*~*~ (outnumbered).
 31604 | D:6      | 31604 ||| Stepping ~*~*~tactically~*~*~ (outnumbered).
 31606 | D:6      | 31606 ||| Stepping ~*~*~tactically~*~*~ (outnumbered).
 31608 | D:6      | 31608 ||| Stepping ~*~*~tactically~*~*~ (outnumbered).
 31610 | D:6      | 31610 ||| Stepping ~*~*~tactically~*~*~ (outnumbered).
 31622 | D:6      | 31622 ||| Stepping ~*~*~tactically~*~*~ (outnumbered).
 31624 | D:6      | 31624 ||| Stepping ~*~*~tactically~*~*~ (outnumbered).
 31626 | D:6      | 31626 ||| Stepping ~*~*~tactically~*~*~ (outnumbered).
 31628 | D:6      | 31628 ||| Stepping ~*~*~tactically~*~*~ (outnumbered).
 31630 | D:6      | 31630 ||| Stepping ~*~*~tactically~*~*~ (outnumbered).
 31642 | D:6      | 31642 ||| Stepping ~*~*~tactically~*~*~ (outnumbered).
 31644 | D:6      | 31644 ||| Stepping ~*~*~tactically~*~*~ (outnumbered).
 31646 | D:6      | 31646 ||| Stepping ~*~*~tactically~*~*~ (outnumbered).
 31648 | D:6      | 31648 ||| Stepping ~*~*~tactically~*~*~ (outnumbered).
 31650 | D:6      | 31650 ||| Stepping ~*~*~tactically~*~*~ (outnumbered).
 31662 | D:6      | 31662 ||| Stepping ~*~*~tactically~*~*~ (outnumbered).
 31664 | D:6      | 31664 ||| Stepping ~*~*~tactically~*~*~ (outnumbered).
 31666 | D:6      | 31666 ||| Stepping ~*~*~tactically~*~*~ (outnumbered).
 31668 | D:6      | 31668 ||| Stepping ~*~*~tactically~*~*~ (outnumbered).
 31670 | D:6      | 31670 ||| Stepping ~*~*~tactically~*~*~ (outnumbered).
 31682 | D:6      | 31682 ||| Stepping ~*~*~tactically~*~*~ (outnumbered).
 31684 | D:6      | 31684 ||| Stepping ~*~*~tactically~*~*~ (outnumbered).
 31686 | D:6      | 31686 ||| Stepping ~*~*~tactically~*~*~ (outnumbered).
 31688 | D:6      | 31688 ||| Stepping ~*~*~tactically~*~*~ (outnumbered).
 31690 | D:6      | 31690 ||| Stepping ~*~*~tactically~*~*~ (outnumbered).
 31702 | D:6      | 31702 ||| Stepping ~*~*~tactically~*~*~ (outnumbered).
 31704 | D:6      | 31704 ||| Stepping ~*~*~tactically~*~*~ (outnumbered).
 31706 | D:6      | 31706 ||| Stepping ~*~*~tactically~*~*~ (outnumbered).
 31708 | D:6      | 31708 ||| Stepping ~*~*~tactically~*~*~ (outnumbered).
 31710 | D:6      | 31710 ||| Stepping ~*~*~tactically~*~*~ (outnumbered).
 31722 | D:6      | 31722 ||| Stepping ~*~*~tactically~*~*~ (outnumbered).
 31724 | D:6      | 31724 ||| Stepping ~*~*~tactically~*~*~ (outnumbered).
 31726 | D:6      | 31726 ||| Stepping ~*~*~tactically~*~*~ (outnumbered).
 31728 | D:6      | 31728 ||| Stepping ~*~*~tactically~*~*~ (outnumbered).
 31730 | D:6      | 31730 ||| Stepping ~*~*~tactically~*~*~ (outnumbered).
 31742 | D:6      | 31742 ||| Stepping ~*~*~tactically~*~*~ (outnumbered).
 31744 | D:6      | 31744 ||| Stepping ~*~*~tactically~*~*~ (outnumbered).
 31746 | D:6      | 31746 ||| Stepping ~*~*~tactically~*~*~ (outnumbered).
 31748 | D:6      | 31748 ||| Stepping ~*~*~tactically~*~*~ (outnumbered).
 31750 | D:6      | 31750 ||| Stepping ~*~*~tactically~*~*~ (outnumbered).
 31762 | D:6      | 31762 ||| Stepping ~*~*~tactically~*~*~ (outnumbered).
 31764 | D:6      | 31764 ||| Stepping ~*~*~tactically~*~*~ (outnumbered).
 31766 | D:6      | 31766 ||| Stepping ~*~*~tactically~*~*~ (outnumbered).
 31768 | D:6      | 31768 ||| Stepping ~*~*~tactically~*~*~ (outnumbered).
 31770 | D:6      | 31770 ||| Stepping ~*~*~tactically~*~*~ (outnumbered).
 31782 | D:6      | 31782 ||| Stepping ~*~*~tactically~*~*~ (outnumbered).
 31784 | D:6      | 31784 ||| Stepping ~*~*~tactically~*~*~ (outnumbered).
 31786 | D:6      | 31786 ||| Stepping ~*~*~tactically~*~*~ (outnumbered).
 31788 | D:6      | 31788 ||| Stepping ~*~*~tactically~*~*~ (outnumbered).
 31790 | D:6      | 31790 ||| Stepping ~*~*~tactically~*~*~ (outnumbered).
 31802 | D:6      | 31802 ||| Stepping ~*~*~tactically~*~*~ (outnumbered).
 31804 | D:6      | 31804 ||| Stepping ~*~*~tactically~*~*~ (outnumbered).
 31806 | D:6      | 31806 ||| Stepping ~*~*~tactically~*~*~ (outnumbered).
 31808 | D:6      | 31808 ||| Stepping ~*~*~tactically~*~*~ (outnumbered).
 31810 | D:6      | 31810 ||| Stepping ~*~*~tactically~*~*~ (outnumbered).
 31822 | D:6      | 31822 ||| Stepping ~*~*~tactically~*~*~ (outnumbered).
 31824 | D:6      | 31824 ||| Stepping ~*~*~tactically~*~*~ (outnumbered).
 31826 | D:6      | 31826 ||| Stepping ~*~*~tactically~*~*~ (outnumbered).
 31828 | D:6      | 31828 ||| Stepping ~*~*~tactically~*~*~ (outnumbered).
 31830 | D:6      | 31830 ||| Stepping ~*~*~tactically~*~*~ (outnumbered).
 31842 | D:6      | 31842 ||| Stepping ~*~*~tactically~*~*~ (outnumbered).
 31844 | D:6      | 31844 ||| Stepping ~*~*~tactically~*~*~ (outnumbered).
 31846 | D:6      | 31846 ||| Stepping ~*~*~tactically~*~*~ (outnumbered).
 31848 | D:6      | 31848 ||| Stepping ~*~*~tactically~*~*~ (outnumbered).
 31850 | D:6      | 31850 ||| Stepping ~*~*~tactically~*~*~ (outnumbered).
 31862 | D:6      | 31862 ||| Stepping ~*~*~tactically~*~*~ (outnumbered).
 31864 | D:6      | 31864 ||| Stepping ~*~*~tactically~*~*~ (outnumbered).
 31866 | D:6      | 31866 ||| Stepping ~*~*~tactically~*~*~ (outnumbered).
 31868 | D:6      | 31868 ||| Stepping ~*~*~tactically~*~*~ (outnumbered).
 31870 | D:6      | 31870 ||| Stepping ~*~*~tactically~*~*~ (outnumbered).
 31882 | D:6      | 31882 ||| Stepping ~*~*~tactically~*~*~ (outnumbered).
 31884 | D:6      | 31884 ||| Stepping ~*~*~tactically~*~*~ (outnumbered).
 31886 | D:6      | 31886 ||| Stepping ~*~*~tactically~*~*~ (outnumbered).
 31888 | D:6      | 31888 ||| Stepping ~*~*~tactically~*~*~ (outnumbered).
 31890 | D:6      | 31890 ||| Stepping ~*~*~tactically~*~*~ (outnumbered).
 31902 | D:6      | 31902 ||| Stepping ~*~*~tactically~*~*~ (outnumbered).
 31904 | D:6      | 31904 ||| Stepping ~*~*~tactically~*~*~ (outnumbered).
 31906 | D:6      | 31906 ||| Stepping ~*~*~tactically~*~*~ (outnumbered).
 31908 | D:6      | 31908 ||| Stepping ~*~*~tactically~*~*~ (outnumbered).
 31910 | D:6      | 31910 ||| Stepping ~*~*~tactically~*~*~ (outnumbered).
 31922 | D:6      | 31922 ||| Stepping ~*~*~tactically~*~*~ (outnumbered).
 31924 | D:6      | 31924 ||| Stepping ~*~*~tactically~*~*~ (outnumbered).
 31926 | D:6      | 31926 ||| Stepping ~*~*~tactically~*~*~ (outnumbered).
 31928 | D:6      | 31928 ||| Stepping ~*~*~tactically~*~*~ (outnumbered).
 31930 | D:6      | 31930 ||| Stepping ~*~*~tactically~*~*~ (outnumbered).
 31942 | D:6      | 31942 ||| Stepping ~*~*~tactically~*~*~ (outnumbered).
 31944 | D:6      | 31944 ||| Stepping ~*~*~tactically~*~*~ (outnumbered).
 31946 | D:6      | 31946 ||| Stepping ~*~*~tactically~*~*~ (outnumbered).
 31948 | D:6      | 31948 ||| Stepping ~*~*~tactically~*~*~ (outnumbered).
 31950 | D:6      | 31950 ||| Stepping ~*~*~tactically~*~*~ (outnumbered).
 31962 | D:6      | 31962 ||| Stepping ~*~*~tactically~*~*~ (outnumbered).
 31964 | D:6      | 31964 ||| Stepping ~*~*~tactically~*~*~ (outnumbered).
 31966 | D:6      | 31966 ||| Stepping ~*~*~tactically~*~*~ (outnumbered).
 31968 | D:6      | 31968 ||| Stepping ~*~*~tactically~*~*~ (outnumbered).
 31970 | D:6      | 31970 ||| Stepping ~*~*~tactically~*~*~ (outnumbered).
 31982 | D:6      | 31982 ||| Stepping ~*~*~tactically~*~*~ (outnumbered).
 31984 | D:6      | 31984 ||| Stepping ~*~*~tactically~*~*~ (outnumbered).
 31986 | D:6      | 31986 ||| Stepping ~*~*~tactically~*~*~ (outnumbered).
 31988 | D:6      | 31988 ||| Stepping ~*~*~tactically~*~*~ (outnumbered).
 31990 | D:6      | 31990 ||| Stepping ~*~*~tactically~*~*~ (outnumbered).
 32002 | D:6      | 32002 ||| Stepping ~*~*~tactically~*~*~ (outnumbered).
 32004 | D:6      | 32004 ||| Stepping ~*~*~tactically~*~*~ (outnumbered).
 32006 | D:6      | 32006 ||| Stepping ~*~*~tactically~*~*~ (outnumbered).
 32008 | D:6      | 32008 ||| Stepping ~*~*~tactically~*~*~ (outnumbered).
 32010 | D:6      | 32010 ||| Stepping ~*~*~tactically~*~*~ (outnumbered).
 32022 | D:6      | 32022 ||| Stepping ~*~*~tactically~*~*~ (outnumbered).
 32024 | D:6      | 32024 ||| Stepping ~*~*~tactically~*~*~ (outnumbered).
 32026 | D:6      | 32026 ||| Stepping ~*~*~tactically~*~*~ (outnumbered).
 32028 | D:6      | 32028 ||| Stepping ~*~*~tactically~*~*~ (outnumbered).
 32030 | D:6      | 32030 ||| Stepping ~*~*~tactically~*~*~ (outnumbered).
 32042 | D:6      | 32042 ||| Stepping ~*~*~tactically~*~*~ (outnumbered).
 32044 | D:6      | 32044 ||| Stepping ~*~*~tactically~*~*~ (outnumbered).
 32046 | D:6      | 32046 ||| Stepping ~*~*~tactically~*~*~ (outnumbered).
 32048 | D:6      | 32048 ||| Stepping ~*~*~tactically~*~*~ (outnumbered).
 32050 | D:6      | 32050 ||| Stepping ~*~*~tactically~*~*~ (outnumbered).
 32062 | D:6      | 32062 ||| Stepping ~*~*~tactically~*~*~ (outnumbered).
 32064 | D:6      | 32064 ||| Stepping ~*~*~tactically~*~*~ (outnumbered).
 32066 | D:6      | 32066 ||| Stepping ~*~*~tactically~*~*~ (outnumbered).
 32068 | D:6      | 32068 ||| Stepping ~*~*~tactically~*~*~ (outnumbered).
 32070 | D:6      | 32070 ||| Stepping ~*~*~tactically~*~*~ (outnumbered).
 32082 | D:6      | 32082 ||| Stepping ~*~*~tactically~*~*~ (outnumbered).
 32084 | D:6      | 32084 ||| Stepping ~*~*~tactically~*~*~ (outnumbered).
 32086 | D:6      | 32086 ||| Stepping ~*~*~tactically~*~*~ (outnumbered).
 32088 | D:6      | 32088 ||| Stepping ~*~*~tactically~*~*~ (outnumbered).
 32090 | D:6      | 32090 ||| Stepping ~*~*~tactically~*~*~ (outnumbered).
 32102 | D:6      | 32102 ||| Stepping ~*~*~tactically~*~*~ (outnumbered).
 32104 | D:6      | 32104 ||| Stepping ~*~*~tactically~*~*~ (outnumbered).
 32106 | D:6      | 32106 ||| Stepping ~*~*~tactically~*~*~ (outnumbered).
 32108 | D:6      | 32108 ||| Stepping ~*~*~tactically~*~*~ (outnumbered).
 32110 | D:6      | 32110 ||| Stepping ~*~*~tactically~*~*~ (outnumbered).
 32122 | D:6      | 32122 ||| Stepping ~*~*~tactically~*~*~ (outnumbered).
 32124 | D:6      | 32124 ||| Stepping ~*~*~tactically~*~*~ (outnumbered).
 32126 | D:6      | 32126 ||| Stepping ~*~*~tactically~*~*~ (outnumbered).
 32128 | D:6      | 32128 ||| Stepping ~*~*~tactically~*~*~ (outnumbered).
 32130 | D:6      | 32130 ||| Stepping ~*~*~tactically~*~*~ (outnumbered).
 32142 | D:6      | 32142 ||| Stepping ~*~*~tactically~*~*~ (outnumbered).
 32144 | D:6      | 32144 ||| Stepping ~*~*~tactically~*~*~ (outnumbered).
 32146 | D:6      | 32146 ||| Stepping ~*~*~tactically~*~*~ (outnumbered).
 32148 | D:6      | 32148 ||| Stepping ~*~*~tactically~*~*~ (outnumbered).
 32150 | D:6      | 32150 ||| Stepping ~*~*~tactically~*~*~ (outnumbered).
 32162 | D:6      | 32162 ||| Stepping ~*~*~tactically~*~*~ (outnumbered).
 32164 | D:6      | 32164 ||| Stepping ~*~*~tactically~*~*~ (outnumbered).
 32166 | D:6      | 32166 ||| Stepping ~*~*~tactically~*~*~ (outnumbered).
 32168 | D:6      | 32168 ||| Stepping ~*~*~tactically~*~*~ (outnumbered).
 32170 | D:6      | 32170 ||| Stepping ~*~*~tactically~*~*~ (outnumbered).
 32182 | D:6      | 32182 ||| Stepping ~*~*~tactically~*~*~ (outnumbered).
 32184 | D:6      | 32184 ||| Stepping ~*~*~tactically~*~*~ (outnumbered).
 32186 | D:6      | 32186 ||| Stepping ~*~*~tactically~*~*~ (outnumbered).
 32188 | D:6      | 32188 ||| Stepping ~*~*~tactically~*~*~ (outnumbered).
 32190 | D:6      | 32190 ||| Stepping ~*~*~tactically~*~*~ (outnumbered).
 32202 | D:6      | 32202 ||| Stepping ~*~*~tactically~*~*~ (outnumbered).
 32204 | D:6      | 32204 ||| Stepping ~*~*~tactically~*~*~ (outnumbered).
 32206 | D:6      | 32206 ||| Stepping ~*~*~tactically~*~*~ (outnumbered).
 32208 | D:6      | 32208 ||| Stepping ~*~*~tactically~*~*~ (outnumbered).
 32210 | D:6      | 32210 ||| Stepping ~*~*~tactically~*~*~ (outnumbered).
 32222 | D:6      | 32222 ||| Stepping ~*~*~tactically~*~*~ (outnumbered).
 32224 | D:6      | 32224 ||| Stepping ~*~*~tactically~*~*~ (outnumbered).
 32226 | D:6      | 32226 ||| Stepping ~*~*~tactically~*~*~ (outnumbered).
 32228 | D:6      | 32228 ||| Stepping ~*~*~tactically~*~*~ (outnumbered).
 32230 | D:6      | 32230 ||| Stepping ~*~*~tactically~*~*~ (outnumbered).
 32242 | D:6      | 32242 ||| Stepping ~*~*~tactically~*~*~ (outnumbered).
 32244 | D:6      | 32244 ||| Stepping ~*~*~tactically~*~*~ (outnumbered).
 32246 | D:6      | 32246 ||| Stepping ~*~*~tactically~*~*~ (outnumbered).
 32248 | D:6      | 32248 ||| Stepping ~*~*~tactically~*~*~ (outnumbered).
 32250 | D:6      | 32250 ||| Stepping ~*~*~tactically~*~*~ (outnumbered).
 32262 | D:6      | 32262 ||| Stepping ~*~*~tactically~*~*~ (outnumbered).
 32264 | D:6      | 32264 ||| Stepping ~*~*~tactically~*~*~ (outnumbered).
 32266 | D:6      | 32266 ||| Stepping ~*~*~tactically~*~*~ (outnumbered).
 32268 | D:6      | 32268 ||| Stepping ~*~*~tactically~*~*~ (outnumbered).
 32270 | D:6      | 32270 ||| Stepping ~*~*~tactically~*~*~ (outnumbered).
 32282 | D:6      | 32282 ||| Stepping ~*~*~tactically~*~*~ (outnumbered).
 32284 | D:6      | 32284 ||| Stepping ~*~*~tactically~*~*~ (outnumbered).
 32286 | D:6      | 32286 ||| Stepping ~*~*~tactically~*~*~ (outnumbered).
 32288 | D:6      | 32288 ||| Stepping ~*~*~tactically~*~*~ (outnumbered).
 32290 | D:6      | 32290 ||| Stepping ~*~*~tactically~*~*~ (outnumbered).
 32302 | D:6      | 32302 ||| Stepping ~*~*~tactically~*~*~ (outnumbered).
 32304 | D:6      | 32304 ||| Stepping ~*~*~tactically~*~*~ (outnumbered).
 32306 | D:6      | 32306 ||| Stepping ~*~*~tactically~*~*~ (outnumbered).
 32308 | D:6      | 32308 ||| Stepping ~*~*~tactically~*~*~ (outnumbered).
 32310 | D:6      | 32310 ||| Stepping ~*~*~tactically~*~*~ (outnumbered).
 32322 | D:6      | 32322 ||| Stepping ~*~*~tactically~*~*~ (outnumbered).
 32324 | D:6      | 32324 ||| Stepping ~*~*~tactically~*~*~ (outnumbered).
 32326 | D:6      | 32326 ||| Stepping ~*~*~tactically~*~*~ (outnumbered).
 32328 | D:6      | 32328 ||| Stepping ~*~*~tactically~*~*~ (outnumbered).
 32330 | D:6      | 32330 ||| Stepping ~*~*~tactically~*~*~ (outnumbered).
 32342 | D:6      | 32342 ||| Stepping ~*~*~tactically~*~*~ (outnumbered).
 32344 | D:6      | 32344 ||| Stepping ~*~*~tactically~*~*~ (outnumbered).
 32346 | D:6      | 32346 ||| Stepping ~*~*~tactically~*~*~ (outnumbered).
 32348 | D:6      | 32348 ||| Stepping ~*~*~tactically~*~*~ (outnumbered).
 32350 | D:6      | 32350 ||| Stepping ~*~*~tactically~*~*~ (outnumbered).
 32362 | D:6      | 32362 ||| Stepping ~*~*~tactically~*~*~ (outnumbered).
 32364 | D:6      | 32364 ||| Stepping ~*~*~tactically~*~*~ (outnumbered).
 32366 | D:6      | 32366 ||| Stepping ~*~*~tactically~*~*~ (outnumbered).
 32368 | D:6      | 32368 ||| Stepping ~*~*~tactically~*~*~ (outnumbered).
 32370 | D:6      | 32370 ||| Stepping ~*~*~tactically~*~*~ (outnumbered).
 32382 | D:6      | 32382 ||| Stepping ~*~*~tactically~*~*~ (outnumbered).
 32384 | D:6      | 32384 ||| Stepping ~*~*~tactically~*~*~ (outnumbered).
 32386 | D:6      | 32386 ||| Stepping ~*~*~tactically~*~*~ (outnumbered).
 32388 | D:6      | 32388 ||| Stepping ~*~*~tactically~*~*~ (outnumbered).
 32390 | D:6      | 32390 ||| Stepping ~*~*~tactically~*~*~ (outnumbered).
 32402 | D:6      | 32402 ||| Stepping ~*~*~tactically~*~*~ (outnumbered).
 32404 | D:6      | 32404 ||| Stepping ~*~*~tactically~*~*~ (outnumbered).
 32406 | D:6      | 32406 ||| Stepping ~*~*~tactically~*~*~ (outnumbered).
 32408 | D:6      | 32408 ||| Stepping ~*~*~tactically~*~*~ (outnumbered).
 32410 | D:6      | 32410 ||| Stepping ~*~*~tactically~*~*~ (outnumbered).
 32422 | D:6      | 32422 ||| Stepping ~*~*~tactically~*~*~ (outnumbered).
 32424 | D:6      | 32424 ||| Stepping ~*~*~tactically~*~*~ (outnumbered).
 32426 | D:6      | 32426 ||| Stepping ~*~*~tactically~*~*~ (outnumbered).
 32428 | D:6      | 32428 ||| Stepping ~*~*~tactically~*~*~ (outnumbered).
 32430 | D:6      | 32430 ||| Stepping ~*~*~tactically~*~*~ (outnumbered).
 32442 | D:6      | 32442 ||| Stepping ~*~*~tactically~*~*~ (outnumbered).
 32444 | D:6      | 32444 ||| Stepping ~*~*~tactically~*~*~ (outnumbered).
 32446 | D:6      | 32446 ||| Stepping ~*~*~tactically~*~*~ (outnumbered).
 32448 | D:6      | 32448 ||| Stepping ~*~*~tactically~*~*~ (outnumbered).
 32450 | D:6      | 32450 ||| Stepping ~*~*~tactically~*~*~ (outnumbered).
 32462 | D:6      | 32462 ||| Stepping ~*~*~tactically~*~*~ (outnumbered).
 32464 | D:6      | 32464 ||| Stepping ~*~*~tactically~*~*~ (outnumbered).
 32466 | D:6      | 32466 ||| Stepping ~*~*~tactically~*~*~ (outnumbered).
 32468 | D:6      | 32468 ||| Stepping ~*~*~tactically~*~*~ (outnumbered).
 32470 | D:6      | 32470 ||| Stepping ~*~*~tactically~*~*~ (outnumbered).
 32482 | D:6      | 32482 ||| Stepping ~*~*~tactically~*~*~ (outnumbered).
 32484 | D:6      | 32484 ||| Stepping ~*~*~tactically~*~*~ (outnumbered).
 32486 | D:6      | 32486 ||| Stepping ~*~*~tactically~*~*~ (outnumbered).
 32488 | D:6      | 32488 ||| Stepping ~*~*~tactically~*~*~ (outnumbered).
 32490 | D:6      | 32490 ||| Stepping ~*~*~tactically~*~*~ (outnumbered).
 32502 | D:6      | 32502 ||| Stepping ~*~*~tactically~*~*~ (outnumbered).
 32504 | D:6      | 32504 ||| Stepping ~*~*~tactically~*~*~ (outnumbered).
 32506 | D:6      | 32506 ||| Stepping ~*~*~tactically~*~*~ (outnumbered).
 32508 | D:6      | 32508 ||| Stepping ~*~*~tactically~*~*~ (outnumbered).
 32510 | D:6      | 32510 ||| Stepping ~*~*~tactically~*~*~ (outnumbered).
 32522 | D:6      | 32522 ||| Stepping ~*~*~tactically~*~*~ (outnumbered).
 32524 | D:6      | 32524 ||| Stepping ~*~*~tactically~*~*~ (outnumbered).
 32526 | D:6      | 32526 ||| Stepping ~*~*~tactically~*~*~ (outnumbered).
 32528 | D:6      | 32528 ||| Stepping ~*~*~tactically~*~*~ (outnumbered).
 32530 | D:6      | 32530 ||| Stepping ~*~*~tactically~*~*~ (outnumbered).
 32542 | D:6      | 32542 ||| Stepping ~*~*~tactically~*~*~ (outnumbered).
 32544 | D:6      | 32544 ||| Stepping ~*~*~tactically~*~*~ (outnumbered).
 32546 | D:6      | 32546 ||| Stepping ~*~*~tactically~*~*~ (outnumbered).
 32548 | D:6      | 32548 ||| Stepping ~*~*~tactically~*~*~ (outnumbered).
 32550 | D:6      | 32550 ||| Stepping ~*~*~tactically~*~*~ (outnumbered).
 32562 | D:6      | 32562 ||| Stepping ~*~*~tactically~*~*~ (outnumbered).
 32564 | D:6      | 32564 ||| Stepping ~*~*~tactically~*~*~ (outnumbered).
 32566 | D:6      | 32566 ||| Stepping ~*~*~tactically~*~*~ (outnumbered).
 32568 | D:6      | 32568 ||| Stepping ~*~*~tactically~*~*~ (outnumbered).
 32570 | D:6      | 32570 ||| Stepping ~*~*~tactically~*~*~ (outnumbered).
 32582 | D:6      | 32582 ||| Stepping ~*~*~tactically~*~*~ (outnumbered).
 32584 | D:6      | 32584 ||| Stepping ~*~*~tactically~*~*~ (outnumbered).
 32586 | D:6      | 32586 ||| Stepping ~*~*~tactically~*~*~ (outnumbered).
 32588 | D:6      | 32588 ||| Stepping ~*~*~tactically~*~*~ (outnumbered).
 32590 | D:6      | 32590 ||| Stepping ~*~*~tactically~*~*~ (outnumbered).
 32602 | D:6      | 32602 ||| Stepping ~*~*~tactically~*~*~ (outnumbered).
 32604 | D:6      | 32604 ||| Stepping ~*~*~tactically~*~*~ (outnumbered).
 32606 | D:6      | 32606 ||| Stepping ~*~*~tactically~*~*~ (outnumbered).
 32608 | D:6      | 32608 ||| Stepping ~*~*~tactically~*~*~ (outnumbered).
 32610 | D:6      | 32610 ||| Stepping ~*~*~tactically~*~*~ (outnumbered).
 32622 | D:6      | 32622 ||| Stepping ~*~*~tactically~*~*~ (outnumbered).
 32624 | D:6      | 32624 ||| Stepping ~*~*~tactically~*~*~ (outnumbered).
 32626 | D:6      | 32626 ||| Stepping ~*~*~tactically~*~*~ (outnumbered).
 32628 | D:6      | 32628 ||| Stepping ~*~*~tactically~*~*~ (outnumbered).
 32630 | D:6      | 32630 ||| Stepping ~*~*~tactically~*~*~ (outnumbered).
 32642 | D:6      | 32642 ||| Stepping ~*~*~tactically~*~*~ (outnumbered).
 32644 | D:6      | 32644 ||| Stepping ~*~*~tactically~*~*~ (outnumbered).
 32646 | D:6      | 32646 ||| Stepping ~*~*~tactically~*~*~ (outnumbered).
 32648 | D:6      | 32648 ||| Stepping ~*~*~tactically~*~*~ (outnumbered).
 32650 | D:6      | 32650 ||| Stepping ~*~*~tactically~*~*~ (outnumbered).
 32662 | D:6      | 32662 ||| Stepping ~*~*~tactically~*~*~ (outnumbered).
 32664 | D:6      | 32664 ||| Stepping ~*~*~tactically~*~*~ (outnumbered).
 32666 | D:6      | 32666 ||| Stepping ~*~*~tactically~*~*~ (outnumbered).
 32668 | D:6      | 32668 ||| Stepping ~*~*~tactically~*~*~ (outnumbered).
 32670 | D:6      | 32670 ||| Stepping ~*~*~tactically~*~*~ (outnumbered).
 32682 | D:6      | 32682 ||| Stepping ~*~*~tactically~*~*~ (outnumbered).
 32684 | D:6      | 32684 ||| Stepping ~*~*~tactically~*~*~ (outnumbered).
 32686 | D:6      | 32686 ||| Stepping ~*~*~tactically~*~*~ (outnumbered).
 32688 | D:6      | 32688 ||| Stepping ~*~*~tactically~*~*~ (outnumbered).
 32690 | D:6      | 32690 ||| Stepping ~*~*~tactically~*~*~ (outnumbered).
 32702 | D:6      | 32702 ||| Stepping ~*~*~tactically~*~*~ (outnumbered).
 32704 | D:6      | 32704 ||| Stepping ~*~*~tactically~*~*~ (outnumbered).
 32706 | D:6      | 32706 ||| Stepping ~*~*~tactically~*~*~ (outnumbered).
 32708 | D:6      | 32708 ||| Stepping ~*~*~tactically~*~*~ (outnumbered).
 32710 | D:6      | 32710 ||| Stepping ~*~*~tactically~*~*~ (outnumbered).
 32722 | D:6      | 32722 ||| Stepping ~*~*~tactically~*~*~ (outnumbered).
 32724 | D:6      | 32724 ||| Stepping ~*~*~tactically~*~*~ (outnumbered).
 32726 | D:6      | 32726 ||| Stepping ~*~*~tactically~*~*~ (outnumbered).
 32728 | D:6      | 32728 ||| Stepping ~*~*~tactically~*~*~ (outnumbered).
 32730 | D:6      | 32730 ||| Stepping ~*~*~tactically~*~*~ (outnumbered).
 32742 | D:6      | 32742 ||| Stepping ~*~*~tactically~*~*~ (outnumbered).
 32744 | D:6      | 32744 ||| Stepping ~*~*~tactically~*~*~ (outnumbered).
 32746 | D:6      | 32746 ||| Stepping ~*~*~tactically~*~*~ (outnumbered).
 32748 | D:6      | 32748 ||| Stepping ~*~*~tactically~*~*~ (outnumbered).
 32750 | D:6      | 32750 ||| Stepping ~*~*~tactically~*~*~ (outnumbered).
 32762 | D:6      | 32762 ||| Stepping ~*~*~tactically~*~*~ (outnumbered).
 32764 | D:6      | 32764 ||| Stepping ~*~*~tactically~*~*~ (outnumbered).
 32766 | D:6      | 32766 ||| Stepping ~*~*~tactically~*~*~ (outnumbered).
 32768 | D:6      | 32768 ||| Stepping ~*~*~tactically~*~*~ (outnumbered).
 32770 | D:6      | 32770 ||| Stepping ~*~*~tactically~*~*~ (outnumbered).
 32782 | D:6      | 32782 ||| Stepping ~*~*~tactically~*~*~ (outnumbered).
 32784 | D:6      | 32784 ||| Stepping ~*~*~tactically~*~*~ (outnumbered).
 32786 | D:6      | 32786 ||| Stepping ~*~*~tactically~*~*~ (outnumbered).
 32788 | D:6      | 32788 ||| Stepping ~*~*~tactically~*~*~ (outnumbered).
 32790 | D:6      | 32790 ||| Stepping ~*~*~tactically~*~*~ (outnumbered).
 32802 | D:6      | 32802 ||| Stepping ~*~*~tactically~*~*~ (outnumbered).
 32804 | D:6      | 32804 ||| Stepping ~*~*~tactically~*~*~ (outnumbered).
 32806 | D:6      | 32806 ||| Stepping ~*~*~tactically~*~*~ (outnumbered).
 32808 | D:6      | 32808 ||| Stepping ~*~*~tactically~*~*~ (outnumbered).
 32810 | D:6      | 32810 ||| Stepping ~*~*~tactically~*~*~ (outnumbered).
 32822 | D:6      | 32822 ||| Stepping ~*~*~tactically~*~*~ (outnumbered).
 32824 | D:6      | 32824 ||| Stepping ~*~*~tactically~*~*~ (outnumbered).
 32826 | D:6      | 32826 ||| Stepping ~*~*~tactically~*~*~ (outnumbered).
 32828 | D:6      | 32828 ||| Stepping ~*~*~tactically~*~*~ (outnumbered).
 32830 | D:6      | 32830 ||| Stepping ~*~*~tactically~*~*~ (outnumbered).
 32842 | D:6      | 32842 ||| Stepping ~*~*~tactically~*~*~ (outnumbered).
 32844 | D:6      | 32844 ||| Stepping ~*~*~tactically~*~*~ (outnumbered).
 32846 | D:6      | 32846 ||| Stepping ~*~*~tactically~*~*~ (outnumbered).
 32848 | D:6      | 32848 ||| Stepping ~*~*~tactically~*~*~ (outnumbered).
 32850 | D:6      | 32850 ||| Stepping ~*~*~tactically~*~*~ (outnumbered).
 32862 | D:6      | 32862 ||| Stepping ~*~*~tactically~*~*~ (outnumbered).
 32864 | D:6      | 32864 ||| Stepping ~*~*~tactically~*~*~ (outnumbered).
 32866 | D:6      | 32866 ||| Stepping ~*~*~tactically~*~*~ (outnumbered).
 32868 | D:6      | 32868 ||| Stepping ~*~*~tactically~*~*~ (outnumbered).
 32870 | D:6      | 32870 ||| Stepping ~*~*~tactically~*~*~ (outnumbered).
 32882 | D:6      | 32882 ||| Stepping ~*~*~tactically~*~*~ (outnumbered).
 32884 | D:6      | 32884 ||| Stepping ~*~*~tactically~*~*~ (outnumbered).
 32886 | D:6      | 32886 ||| Stepping ~*~*~tactically~*~*~ (outnumbered).
 32888 | D:6      | 32888 ||| Stepping ~*~*~tactically~*~*~ (outnumbered).
 32890 | D:6      | 32890 ||| Stepping ~*~*~tactically~*~*~ (outnumbered).
 32902 | D:6      | 32902 ||| Stepping ~*~*~tactically~*~*~ (outnumbered).
 32904 | D:6      | 32904 ||| Stepping ~*~*~tactically~*~*~ (outnumbered).
 32906 | D:6      | 32906 ||| Stepping ~*~*~tactically~*~*~ (outnumbered).
 32908 | D:6      | 32908 ||| Stepping ~*~*~tactically~*~*~ (outnumbered).
 32910 | D:6      | 32910 ||| Stepping ~*~*~tactically~*~*~ (outnumbered).
 32922 | D:6      | 32922 ||| Stepping ~*~*~tactically~*~*~ (outnumbered).
 32924 | D:6      | 32924 ||| Stepping ~*~*~tactically~*~*~ (outnumbered).
 32926 | D:6      | 32926 ||| Stepping ~*~*~tactically~*~*~ (outnumbered).
 32928 | D:6      | 32928 ||| Stepping ~*~*~tactically~*~*~ (outnumbered).
 32930 | D:6      | 32930 ||| Stepping ~*~*~tactically~*~*~ (outnumbered).
 32942 | D:6      | 32942 ||| Stepping ~*~*~tactically~*~*~ (outnumbered).
 32944 | D:6      | 32944 ||| Stepping ~*~*~tactically~*~*~ (outnumbered).
 32946 | D:6      | 32946 ||| Stepping ~*~*~tactically~*~*~ (outnumbered).
 32948 | D:6      | 32948 ||| Stepping ~*~*~tactically~*~*~ (outnumbered).
 32950 | D:6      | 32950 ||| Stepping ~*~*~tactically~*~*~ (outnumbered).
 32962 | D:6      | 32962 ||| Stepping ~*~*~tactically~*~*~ (outnumbered).
 32964 | D:6      | 32964 ||| Stepping ~*~*~tactically~*~*~ (outnumbered).
 32966 | D:6      | 32966 ||| Stepping ~*~*~tactically~*~*~ (outnumbered).
 32968 | D:6      | 32968 ||| Stepping ~*~*~tactically~*~*~ (outnumbered).
 32970 | D:6      | 32970 ||| Stepping ~*~*~tactically~*~*~ (outnumbered).
 32982 | D:6      | 32982 ||| Stepping ~*~*~tactically~*~*~ (outnumbered).
 32984 | D:6      | 32984 ||| Stepping ~*~*~tactically~*~*~ (outnumbered).
 32986 | D:6      | 32986 ||| Stepping ~*~*~tactically~*~*~ (outnumbered).
 32988 | D:6      | 32988 ||| Stepping ~*~*~tactically~*~*~ (outnumbered).
 32990 | D:6      | 32990 ||| Stepping ~*~*~tactically~*~*~ (outnumbered).
 33002 | D:6      | 33002 ||| Stepping ~*~*~tactically~*~*~ (outnumbered).
 33004 | D:6      | 33004 ||| Stepping ~*~*~tactically~*~*~ (outnumbered).
 33006 | D:6      | 33006 ||| Stepping ~*~*~tactically~*~*~ (outnumbered).
 33008 | D:6      | 33008 ||| Stepping ~*~*~tactically~*~*~ (outnumbered).
 33010 | D:6      | 33010 ||| Stepping ~*~*~tactically~*~*~ (outnumbered).
 33022 | D:6      | 33022 ||| Stepping ~*~*~tactically~*~*~ (outnumbered).
 33024 | D:6      | 33024 ||| Stepping ~*~*~tactically~*~*~ (outnumbered).
 33026 | D:6      | 33026 ||| Stepping ~*~*~tactically~*~*~ (outnumbered).
 33028 | D:6      | 33028 ||| Stepping ~*~*~tactically~*~*~ (outnumbered).
 33030 | D:6      | 33030 ||| Stepping ~*~*~tactically~*~*~ (outnumbered).
 33042 | D:6      | 33042 ||| Stepping ~*~*~tactically~*~*~ (outnumbered).
 33044 | D:6      | 33044 ||| Stepping ~*~*~tactically~*~*~ (outnumbered).
 33046 | D:6      | 33046 ||| Stepping ~*~*~tactically~*~*~ (outnumbered).
 33048 | D:6      | 33048 ||| Stepping ~*~*~tactically~*~*~ (outnumbered).
 33050 | D:6      | 33050 ||| Stepping ~*~*~tactically~*~*~ (outnumbered).
 33062 | D:6      | 33062 ||| Stepping ~*~*~tactically~*~*~ (outnumbered).
 33064 | D:6      | 33064 ||| Stepping ~*~*~tactically~*~*~ (outnumbered).
 33066 | D:6      | 33066 ||| Stepping ~*~*~tactically~*~*~ (outnumbered).
 33068 | D:6      | 33068 ||| Stepping ~*~*~tactically~*~*~ (outnumbered).
 33070 | D:6      | 33070 ||| Stepping ~*~*~tactically~*~*~ (outnumbered).
 33082 | D:6      | 33082 ||| Stepping ~*~*~tactically~*~*~ (outnumbered).
 33084 | D:6      | 33084 ||| Stepping ~*~*~tactically~*~*~ (outnumbered).
 33086 | D:6      | 33086 ||| Stepping ~*~*~tactically~*~*~ (outnumbered).
 33088 | D:6      | 33088 ||| Stepping ~*~*~tactically~*~*~ (outnumbered).
 33090 | D:6      | 33090 ||| Stepping ~*~*~tactically~*~*~ (outnumbered).
 33102 | D:6      | 33102 ||| Stepping ~*~*~tactically~*~*~ (outnumbered).
 33104 | D:6      | 33104 ||| Stepping ~*~*~tactically~*~*~ (outnumbered).
 33106 | D:6      | 33106 ||| Stepping ~*~*~tactically~*~*~ (outnumbered).
 33108 | D:6      | 33108 ||| Stepping ~*~*~tactically~*~*~ (outnumbered).
 33110 | D:6      | 33110 ||| Stepping ~*~*~tactically~*~*~ (outnumbered).
 33122 | D:6      | 33122 ||| Stepping ~*~*~tactically~*~*~ (outnumbered).
 33124 | D:6      | 33124 ||| Stepping ~*~*~tactically~*~*~ (outnumbered).
 33126 | D:6      | 33126 ||| Stepping ~*~*~tactically~*~*~ (outnumbered).
 33128 | D:6      | 33128 ||| Stepping ~*~*~tactically~*~*~ (outnumbered).
 33130 | D:6      | 33130 ||| Stepping ~*~*~tactically~*~*~ (outnumbered).
 33142 | D:6      | 33142 ||| Stepping ~*~*~tactically~*~*~ (outnumbered).
 33144 | D:6      | 33144 ||| Stepping ~*~*~tactically~*~*~ (outnumbered).
 33146 | D:6      | 33146 ||| Stepping ~*~*~tactically~*~*~ (outnumbered).
 33148 | D:6      | 33148 ||| Stepping ~*~*~tactically~*~*~ (outnumbered).
 33150 | D:6      | 33150 ||| Stepping ~*~*~tactically~*~*~ (outnumbered).
 33162 | D:6      | 33162 ||| Stepping ~*~*~tactically~*~*~ (outnumbered).
 33164 | D:6      | 33164 ||| Stepping ~*~*~tactically~*~*~ (outnumbered).
 33166 | D:6      | 33166 ||| Stepping ~*~*~tactically~*~*~ (outnumbered).
 33168 | D:6      | 33168 ||| Stepping ~*~*~tactically~*~*~ (outnumbered).
 33170 | D:6      | 33170 ||| Stepping ~*~*~tactically~*~*~ (outnumbered).
 33182 | D:6      | 33182 ||| Stepping ~*~*~tactically~*~*~ (outnumbered).
 33184 | D:6      | 33184 ||| Stepping ~*~*~tactically~*~*~ (outnumbered).
 33186 | D:6      | 33186 ||| Stepping ~*~*~tactically~*~*~ (outnumbered).
 33188 | D:6      | 33188 ||| Stepping ~*~*~tactically~*~*~ (outnumbered).
 33190 | D:6      | 33190 ||| Stepping ~*~*~tactically~*~*~ (outnumbered).
 33202 | D:6      | 33202 ||| Stepping ~*~*~tactically~*~*~ (outnumbered).
 33204 | D:6      | 33204 ||| Stepping ~*~*~tactically~*~*~ (outnumbered).
 33206 | D:6      | 33206 ||| Stepping ~*~*~tactically~*~*~ (outnumbered).
 33208 | D:6      | 33208 ||| Stepping ~*~*~tactically~*~*~ (outnumbered).
 33210 | D:6      | 33210 ||| Stepping ~*~*~tactically~*~*~ (outnumbered).
 33222 | D:6      | 33222 ||| Stepping ~*~*~tactically~*~*~ (outnumbered).
 33224 | D:6      | 33224 ||| Stepping ~*~*~tactically~*~*~ (outnumbered).
 33226 | D:6      | 33226 ||| Stepping ~*~*~tactically~*~*~ (outnumbered).
 33228 | D:6      | 33228 ||| Stepping ~*~*~tactically~*~*~ (outnumbered).
 33230 | D:6      | 33230 ||| Stepping ~*~*~tactically~*~*~ (outnumbered).
 33242 | D:6      | 33242 ||| Stepping ~*~*~tactically~*~*~ (outnumbered).
 33244 | D:6      | 33244 ||| Stepping ~*~*~tactically~*~*~ (outnumbered).
 33246 | D:6      | 33246 ||| Stepping ~*~*~tactically~*~*~ (outnumbered).
 33248 | D:6      | 33248 ||| Stepping ~*~*~tactically~*~*~ (outnumbered).
 33250 | D:6      | 33250 ||| Stepping ~*~*~tactically~*~*~ (outnumbered).
 33262 | D:6      | 33262 ||| Stepping ~*~*~tactically~*~*~ (outnumbered).
 33264 | D:6      | 33264 ||| Stepping ~*~*~tactically~*~*~ (outnumbered).
 33266 | D:6      | 33266 ||| Stepping ~*~*~tactically~*~*~ (outnumbered).
 33268 | D:6      | 33268 ||| Stepping ~*~*~tactically~*~*~ (outnumbered).
 33270 | D:6      | 33270 ||| Stepping ~*~*~tactically~*~*~ (outnumbered).
 33282 | D:6      | 33282 ||| Stepping ~*~*~tactically~*~*~ (outnumbered).
 33284 | D:6      | 33284 ||| Stepping ~*~*~tactically~*~*~ (outnumbered).
 33286 | D:6      | 33286 ||| Stepping ~*~*~tactically~*~*~ (outnumbered).
 33288 | D:6      | 33288 ||| Stepping ~*~*~tactically~*~*~ (outnumbered).
 33290 | D:6      | 33290 ||| Stepping ~*~*~tactically~*~*~ (outnumbered).
 33302 | D:6      | 33302 ||| Stepping ~*~*~tactically~*~*~ (outnumbered).
 33304 | D:6      | 33304 ||| Stepping ~*~*~tactically~*~*~ (outnumbered).
 33306 | D:6      | 33306 ||| Stepping ~*~*~tactically~*~*~ (outnumbered).
 33308 | D:6      | 33308 ||| Stepping ~*~*~tactically~*~*~ (outnumbered).
 33310 | D:6      | 33310 ||| Stepping ~*~*~tactically~*~*~ (outnumbered).
 33320 | D:6      | Glimpsed the power of Zot.
 33322 | D:6      | 33322 ||| Stepping ~*~*~tactically~*~*~ (outnumbered).
 33324 | D:6      | 33324 ||| Stepping ~*~*~tactically~*~*~ (outnumbered).
 33326 | D:6      | 33326 ||| Stepping ~*~*~tactically~*~*~ (outnumbered).
 33328 | D:6      | 33328 ||| Stepping ~*~*~tactically~*~*~ (outnumbered).
 33330 | D:6      | 33330 ||| Stepping ~*~*~tactically~*~*~ (outnumbered).
 33342 | D:6      | 33342 ||| Stepping ~*~*~tactically~*~*~ (outnumbered).
 33344 | D:6      | 33344 ||| Stepping ~*~*~tactically~*~*~ (outnumbered).
 33346 | D:6      | 33346 ||| Stepping ~*~*~tactically~*~*~ (outnumbered).
 33348 | D:6      | 33348 ||| Stepping ~*~*~tactically~*~*~ (outnumbered).
 33350 | D:6      | 33350 ||| Stepping ~*~*~tactically~*~*~ (outnumbered).
 33362 | D:6      | 33362 ||| Stepping ~*~*~tactically~*~*~ (outnumbered).
 33364 | D:6      | 33364 ||| Stepping ~*~*~tactically~*~*~ (outnumbered).
 33366 | D:6      | 33366 ||| Stepping ~*~*~tactically~*~*~ (outnumbered).
 33368 | D:6      | 33368 ||| Stepping ~*~*~tactically~*~*~ (outnumbered).
 33370 | D:6      | 33370 ||| Stepping ~*~*~tactically~*~*~ (outnumbered).
 33382 | D:6      | 33382 ||| Stepping ~*~*~tactically~*~*~ (outnumbered).
 33384 | D:6      | 33384 ||| Stepping ~*~*~tactically~*~*~ (outnumbered).
 33386 | D:6      | 33386 ||| Stepping ~*~*~tactically~*~*~ (outnumbered).
 33388 | D:6      | 33388 ||| Stepping ~*~*~tactically~*~*~ (outnumbered).
 33390 | D:6      | 33390 ||| Stepping ~*~*~tactically~*~*~ (outnumbered).
 33402 | D:6      | 33402 ||| Stepping ~*~*~tactically~*~*~ (outnumbered).
 33404 | D:6      | 33404 ||| Stepping ~*~*~tactically~*~*~ (outnumbered).
 33406 | D:6      | 33406 ||| Stepping ~*~*~tactically~*~*~ (outnumbered).
 33408 | D:6      | 33408 ||| Stepping ~*~*~tactically~*~*~ (outnumbered).
 33410 | D:6      | 33410 ||| Stepping ~*~*~tactically~*~*~ (outnumbered).
 33422 | D:6      | 33422 ||| Stepping ~*~*~tactically~*~*~ (outnumbered).
 33424 | D:6      | 33424 ||| Stepping ~*~*~tactically~*~*~ (outnumbered).
 33426 | D:6      | 33426 ||| Stepping ~*~*~tactically~*~*~ (outnumbered).
 33428 | D:6      | 33428 ||| Stepping ~*~*~tactically~*~*~ (outnumbered).
 33430 | D:6      | 33430 ||| Stepping ~*~*~tactically~*~*~ (outnumbered).
 33442 | D:6      | 33442 ||| Stepping ~*~*~tactically~*~*~ (outnumbered).
 33444 | D:6      | 33444 ||| Stepping ~*~*~tactically~*~*~ (outnumbered).
 33446 | D:6      | 33446 ||| Stepping ~*~*~tactically~*~*~ (outnumbered).
 33448 | D:6      | 33448 ||| Stepping ~*~*~tactically~*~*~ (outnumbered).
 33450 | D:6      | 33450 ||| Stepping ~*~*~tactically~*~*~ (outnumbered).
 33462 | D:6      | 33462 ||| Stepping ~*~*~tactically~*~*~ (outnumbered).
 33464 | D:6      | 33464 ||| Stepping ~*~*~tactically~*~*~ (outnumbered).
 33466 | D:6      | 33466 ||| Stepping ~*~*~tactically~*~*~ (outnumbered).
 33468 | D:6      | 33468 ||| Stepping ~*~*~tactically~*~*~ (outnumbered).
 33470 | D:6      | 33470 ||| Stepping ~*~*~tactically~*~*~ (outnumbered).
 33482 | D:6      | 33482 ||| Stepping ~*~*~tactically~*~*~ (outnumbered).
 33484 | D:6      | 33484 ||| Stepping ~*~*~tactically~*~*~ (outnumbered).
 33486 | D:6      | 33486 ||| Stepping ~*~*~tactically~*~*~ (outnumbered).
 33488 | D:6      | 33488 ||| Stepping ~*~*~tactically~*~*~ (outnumbered).
 33490 | D:6      | 33490 ||| Stepping ~*~*~tactically~*~*~ (outnumbered).
 33502 | D:6      | 33502 ||| Stepping ~*~*~tactically~*~*~ (outnumbered).
 33504 | D:6      | 33504 ||| Stepping ~*~*~tactically~*~*~ (outnumbered).
 33506 | D:6      | 33506 ||| Stepping ~*~*~tactically~*~*~ (outnumbered).
 33508 | D:6      | 33508 ||| Stepping ~*~*~tactically~*~*~ (outnumbered).
 33510 | D:6      | 33510 ||| Stepping ~*~*~tactically~*~*~ (outnumbered).
 33522 | D:6      | 33522 ||| Stepping ~*~*~tactically~*~*~ (outnumbered).
 33524 | D:6      | 33524 ||| Stepping ~*~*~tactically~*~*~ (outnumbered).
 33526 | D:6      | 33526 ||| Stepping ~*~*~tactically~*~*~ (outnumbered).
 33528 | D:6      | 33528 ||| Stepping ~*~*~tactically~*~*~ (outnumbered).
 33530 | D:6      | 33530 ||| Stepping ~*~*~tactically~*~*~ (outnumbered).
 33542 | D:6      | 33542 ||| Stepping ~*~*~tactically~*~*~ (outnumbered).
 33544 | D:6      | 33544 ||| Stepping ~*~*~tactically~*~*~ (outnumbered).
 33546 | D:6      | 33546 ||| Stepping ~*~*~tactically~*~*~ (outnumbered).
 33548 | D:6      | 33548 ||| Stepping ~*~*~tactically~*~*~ (outnumbered).
 33550 | D:6      | 33550 ||| Stepping ~*~*~tactically~*~*~ (outnumbered).
 33562 | D:6      | 33562 ||| Stepping ~*~*~tactically~*~*~ (outnumbered).
 33564 | D:6      | 33564 ||| Stepping ~*~*~tactically~*~*~ (outnumbered).
 33566 | D:6      | 33566 ||| Stepping ~*~*~tactically~*~*~ (outnumbered).
 33568 | D:6      | 33568 ||| Stepping ~*~*~tactically~*~*~ (outnumbered).
 33570 | D:6      | 33570 ||| Stepping ~*~*~tactically~*~*~ (outnumbered).
 33582 | D:6      | 33582 ||| Stepping ~*~*~tactically~*~*~ (outnumbered).
 33584 | D:6      | 33584 ||| Stepping ~*~*~tactically~*~*~ (outnumbered).
 33586 | D:6      | 33586 ||| Stepping ~*~*~tactically~*~*~ (outnumbered).
 33588 | D:6      | 33588 ||| Stepping ~*~*~tactically~*~*~ (outnumbered).
 33590 | D:6      | 33590 ||| Stepping ~*~*~tactically~*~*~ (outnumbered).
 33602 | D:6      | 33602 ||| Stepping ~*~*~tactically~*~*~ (outnumbered).
 33604 | D:6      | 33604 ||| Stepping ~*~*~tactically~*~*~ (outnumbered).
 33606 | D:6      | 33606 ||| Stepping ~*~*~tactically~*~*~ (outnumbered).
 33608 | D:6      | 33608 ||| Stepping ~*~*~tactically~*~*~ (outnumbered).
 33610 | D:6      | 33610 ||| Stepping ~*~*~tactically~*~*~ (outnumbered).
 33622 | D:6      | 33622 ||| Stepping ~*~*~tactically~*~*~ (outnumbered).
 33624 | D:6      | 33624 ||| Stepping ~*~*~tactically~*~*~ (outnumbered).
 33626 | D:6      | 33626 ||| Stepping ~*~*~tactically~*~*~ (outnumbered).
 33628 | D:6      | 33628 ||| Stepping ~*~*~tactically~*~*~ (outnumbered).
 33630 | D:6      | 33630 ||| Stepping ~*~*~tactically~*~*~ (outnumbered).
 33642 | D:6      | 33642 ||| Stepping ~*~*~tactically~*~*~ (outnumbered).
 33644 | D:6      | 33644 ||| Stepping ~*~*~tactically~*~*~ (outnumbered).
 33646 | D:6      | 33646 ||| Stepping ~*~*~tactically~*~*~ (outnumbered).
 33648 | D:6      | 33648 ||| Stepping ~*~*~tactically~*~*~ (outnumbered).
 33650 | D:6      | 33650 ||| Stepping ~*~*~tactically~*~*~ (outnumbered).
 33662 | D:6      | 33662 ||| Stepping ~*~*~tactically~*~*~ (outnumbered).
 33664 | D:6      | 33664 ||| Stepping ~*~*~tactically~*~*~ (outnumbered).
 33666 | D:6      | 33666 ||| Stepping ~*~*~tactically~*~*~ (outnumbered).
 33668 | D:6      | 33668 ||| Stepping ~*~*~tactically~*~*~ (outnumbered).
 33670 | D:6      | 33670 ||| Stepping ~*~*~tactically~*~*~ (outnumbered).
 33682 | D:6      | 33682 ||| Stepping ~*~*~tactically~*~*~ (outnumbered).
 33684 | D:6      | 33684 ||| Stepping ~*~*~tactically~*~*~ (outnumbered).
 33686 | D:6      | 33686 ||| Stepping ~*~*~tactically~*~*~ (outnumbered).
 33688 | D:6      | 33688 ||| Stepping ~*~*~tactically~*~*~ (outnumbered).
 33690 | D:6      | 33690 ||| Stepping ~*~*~tactically~*~*~ (outnumbered).
 33702 | D:6      | 33702 ||| Stepping ~*~*~tactically~*~*~ (outnumbered).
 33704 | D:6      | 33704 ||| Stepping ~*~*~tactically~*~*~ (outnumbered).
 33706 | D:6      | 33706 ||| Stepping ~*~*~tactically~*~*~ (outnumbered).
 33708 | D:6      | 33708 ||| Stepping ~*~*~tactically~*~*~ (outnumbered).
 33710 | D:6      | 33710 ||| Stepping ~*~*~tactically~*~*~ (outnumbered).
 33722 | D:6      | 33722 ||| Stepping ~*~*~tactically~*~*~ (outnumbered).
 33724 | D:6      | 33724 ||| Stepping ~*~*~tactically~*~*~ (outnumbered).
 33726 | D:6      | 33726 ||| Stepping ~*~*~tactically~*~*~ (outnumbered).
 33728 | D:6      | 33728 ||| Stepping ~*~*~tactically~*~*~ (outnumbered).
 33730 | D:6      | 33730 ||| Stepping ~*~*~tactically~*~*~ (outnumbered).
 33742 | D:6      | 33742 ||| Stepping ~*~*~tactically~*~*~ (outnumbered).
 33744 | D:6      | 33744 ||| Stepping ~*~*~tactically~*~*~ (outnumbered).
 33746 | D:6      | 33746 ||| Stepping ~*~*~tactically~*~*~ (outnumbered).
 33748 | D:6      | 33748 ||| Stepping ~*~*~tactically~*~*~ (outnumbered).
 33750 | D:6      | 33750 ||| Stepping ~*~*~tactically~*~*~ (outnumbered).
 33762 | D:6      | 33762 ||| Stepping ~*~*~tactically~*~*~ (outnumbered).
 33764 | D:6      | 33764 ||| Stepping ~*~*~tactically~*~*~ (outnumbered).
 33766 | D:6      | 33766 ||| Stepping ~*~*~tactically~*~*~ (outnumbered).
 33768 | D:6      | 33768 ||| Stepping ~*~*~tactically~*~*~ (outnumbered).
 33770 | D:6      | 33770 ||| Stepping ~*~*~tactically~*~*~ (outnumbered).
 33782 | D:6      | 33782 ||| Stepping ~*~*~tactically~*~*~ (outnumbered).
 33784 | D:6      | 33784 ||| Stepping ~*~*~tactically~*~*~ (outnumbered).
 33786 | D:6      | 33786 ||| Stepping ~*~*~tactically~*~*~ (outnumbered).
 33788 | D:6      | 33788 ||| Stepping ~*~*~tactically~*~*~ (outnumbered).
 33790 | D:6      | 33790 ||| Stepping ~*~*~tactically~*~*~ (outnumbered).
 33802 | D:6      | 33802 ||| Stepping ~*~*~tactically~*~*~ (outnumbered).
 33804 | D:6      | 33804 ||| Stepping ~*~*~tactically~*~*~ (outnumbered).
 33806 | D:6      | 33806 ||| Stepping ~*~*~tactically~*~*~ (outnumbered).
 33808 | D:6      | 33808 ||| Stepping ~*~*~tactically~*~*~ (outnumbered).
 33810 | D:6      | 33810 ||| Stepping ~*~*~tactically~*~*~ (outnumbered).
 33820 | D:6      | Glimpsed the power of Zot.
 33822 | D:6      | 33822 ||| Stepping ~*~*~tactically~*~*~ (outnumbered).
 33824 | D:6      | 33824 ||| Stepping ~*~*~tactically~*~*~ (outnumbered).
 33826 | D:6      | 33826 ||| Stepping ~*~*~tactically~*~*~ (outnumbered).
 33828 | D:6      | 33828 ||| Stepping ~*~*~tactically~*~*~ (outnumbered).
 33830 | D:6      | 33830 ||| Stepping ~*~*~tactically~*~*~ (outnumbered).
 33842 | D:6      | 33842 ||| Stepping ~*~*~tactically~*~*~ (outnumbered).
 33844 | D:6      | 33844 ||| Stepping ~*~*~tactically~*~*~ (outnumbered).
 33846 | D:6      | 33846 ||| Stepping ~*~*~tactically~*~*~ (outnumbered).
 33848 | D:6      | 33848 ||| Stepping ~*~*~tactically~*~*~ (outnumbered).
 33850 | D:6      | 33850 ||| Stepping ~*~*~tactically~*~*~ (outnumbered).
 33862 | D:6      | 33862 ||| Stepping ~*~*~tactically~*~*~ (outnumbered).
 33864 | D:6      | 33864 ||| Stepping ~*~*~tactically~*~*~ (outnumbered).
 33866 | D:6      | 33866 ||| Stepping ~*~*~tactically~*~*~ (outnumbered).
 33868 | D:6      | 33868 ||| Stepping ~*~*~tactically~*~*~ (outnumbered).
 33870 | D:6      | 33870 ||| Stepping ~*~*~tactically~*~*~ (outnumbered).
 33882 | D:6      | 33882 ||| Stepping ~*~*~tactically~*~*~ (outnumbered).
 33884 | D:6      | 33884 ||| Stepping ~*~*~tactically~*~*~ (outnumbered).
 33886 | D:6      | 33886 ||| Stepping ~*~*~tactically~*~*~ (outnumbered).
 33888 | D:6      | 33888 ||| Stepping ~*~*~tactically~*~*~ (outnumbered).
 33890 | D:6      | 33890 ||| Stepping ~*~*~tactically~*~*~ (outnumbered).
 33902 | D:6      | 33902 ||| Stepping ~*~*~tactically~*~*~ (outnumbered).
 33904 | D:6      | 33904 ||| Stepping ~*~*~tactically~*~*~ (outnumbered).
 33906 | D:6      | 33906 ||| Stepping ~*~*~tactically~*~*~ (outnumbered).
 33908 | D:6      | 33908 ||| Stepping ~*~*~tactically~*~*~ (outnumbered).
 33910 | D:6      | 33910 ||| Stepping ~*~*~tactically~*~*~ (outnumbered).
 33922 | D:6      | 33922 ||| Stepping ~*~*~tactically~*~*~ (outnumbered).
 33924 | D:6      | 33924 ||| Stepping ~*~*~tactically~*~*~ (outnumbered).
 33926 | D:6      | 33926 ||| Stepping ~*~*~tactically~*~*~ (outnumbered).
 33928 | D:6      | 33928 ||| Stepping ~*~*~tactically~*~*~ (outnumbered).
 33930 | D:6      | 33930 ||| Stepping ~*~*~tactically~*~*~ (outnumbered).
 33942 | D:6      | 33942 ||| Stepping ~*~*~tactically~*~*~ (outnumbered).
 33944 | D:6      | 33944 ||| Stepping ~*~*~tactically~*~*~ (outnumbered).
 33946 | D:6      | 33946 ||| Stepping ~*~*~tactically~*~*~ (outnumbered).
 33948 | D:6      | 33948 ||| Stepping ~*~*~tactically~*~*~ (outnumbered).
 33950 | D:6      | 33950 ||| Stepping ~*~*~tactically~*~*~ (outnumbered).
 33962 | D:6      | 33962 ||| Stepping ~*~*~tactically~*~*~ (outnumbered).
 33964 | D:6      | 33964 ||| Stepping ~*~*~tactically~*~*~ (outnumbered).
 33966 | D:6      | 33966 ||| Stepping ~*~*~tactically~*~*~ (outnumbered).
 33968 | D:6      | 33968 ||| Stepping ~*~*~tactically~*~*~ (outnumbered).
 33970 | D:6      | 33970 ||| Stepping ~*~*~tactically~*~*~ (outnumbered).
 33982 | D:6      | 33982 ||| Stepping ~*~*~tactically~*~*~ (outnumbered).
 33984 | D:6      | 33984 ||| Stepping ~*~*~tactically~*~*~ (outnumbered).
 33986 | D:6      | 33986 ||| Stepping ~*~*~tactically~*~*~ (outnumbered).
 33988 | D:6      | 33988 ||| Stepping ~*~*~tactically~*~*~ (outnumbered).
 33990 | D:6      | 33990 ||| Stepping ~*~*~tactically~*~*~ (outnumbered).
 34002 | D:6      | 34002 ||| Stepping ~*~*~tactically~*~*~ (outnumbered).
 34004 | D:6      | 34004 ||| Stepping ~*~*~tactically~*~*~ (outnumbered).
 34006 | D:6      | 34006 ||| Stepping ~*~*~tactically~*~*~ (outnumbered).
 34008 | D:6      | 34008 ||| Stepping ~*~*~tactically~*~*~ (outnumbered).
 34010 | D:6      | 34010 ||| Stepping ~*~*~tactically~*~*~ (outnumbered).
 34022 | D:6      | 34022 ||| Stepping ~*~*~tactically~*~*~ (outnumbered).
 34024 | D:6      | 34024 ||| Stepping ~*~*~tactically~*~*~ (outnumbered).
 34026 | D:6      | 34026 ||| Stepping ~*~*~tactically~*~*~ (outnumbered).
 34028 | D:6      | 34028 ||| Stepping ~*~*~tactically~*~*~ (outnumbered).
 34030 | D:6      | 34030 ||| Stepping ~*~*~tactically~*~*~ (outnumbered).
 34042 | D:6      | 34042 ||| Stepping ~*~*~tactically~*~*~ (outnumbered).
 34044 | D:6      | 34044 ||| Stepping ~*~*~tactically~*~*~ (outnumbered).
 34046 | D:6      | 34046 ||| Stepping ~*~*~tactically~*~*~ (outnumbered).
 34048 | D:6      | 34048 ||| Stepping ~*~*~tactically~*~*~ (outnumbered).
 34050 | D:6      | 34050 ||| Stepping ~*~*~tactically~*~*~ (outnumbered).
 34062 | D:6      | 34062 ||| Stepping ~*~*~tactically~*~*~ (outnumbered).
 34064 | D:6      | 34064 ||| Stepping ~*~*~tactically~*~*~ (outnumbered).
 34066 | D:6      | 34066 ||| Stepping ~*~*~tactically~*~*~ (outnumbered).
 34068 | D:6      | 34068 ||| Stepping ~*~*~tactically~*~*~ (outnumbered).
 34070 | D:6      | 34070 ||| Stepping ~*~*~tactically~*~*~ (outnumbered).
 34082 | D:6      | 34082 ||| Stepping ~*~*~tactically~*~*~ (outnumbered).
 34084 | D:6      | 34084 ||| Stepping ~*~*~tactically~*~*~ (outnumbered).
 34086 | D:6      | 34086 ||| Stepping ~*~*~tactically~*~*~ (outnumbered).
 34088 | D:6      | 34088 ||| Stepping ~*~*~tactically~*~*~ (outnumbered).
 34090 | D:6      | 34090 ||| Stepping ~*~*~tactically~*~*~ (outnumbered).
 34102 | D:6      | 34102 ||| Stepping ~*~*~tactically~*~*~ (outnumbered).
 34104 | D:6      | 34104 ||| Stepping ~*~*~tactically~*~*~ (outnumbered).
 34106 | D:6      | 34106 ||| Stepping ~*~*~tactically~*~*~ (outnumbered).
 34108 | D:6      | 34108 ||| Stepping ~*~*~tactically~*~*~ (outnumbered).
 34110 | D:6      | 34110 ||| Stepping ~*~*~tactically~*~*~ (outnumbered).
 34122 | D:6      | 34122 ||| Stepping ~*~*~tactically~*~*~ (outnumbered).
 34124 | D:6      | 34124 ||| Stepping ~*~*~tactically~*~*~ (outnumbered).
 34126 | D:6      | 34126 ||| Stepping ~*~*~tactically~*~*~ (outnumbered).
 34128 | D:6      | 34128 ||| Stepping ~*~*~tactically~*~*~ (outnumbered).
 34130 | D:6      | 34130 ||| Stepping ~*~*~tactically~*~*~ (outnumbered).
 34142 | D:6      | 34142 ||| Stepping ~*~*~tactically~*~*~ (outnumbered).
 34144 | D:6      | 34144 ||| Stepping ~*~*~tactically~*~*~ (outnumbered).
 34146 | D:6      | 34146 ||| Stepping ~*~*~tactically~*~*~ (outnumbered).
 34148 | D:6      | 34148 ||| Stepping ~*~*~tactically~*~*~ (outnumbered).
 34150 | D:6      | 34150 ||| Stepping ~*~*~tactically~*~*~ (outnumbered).
 34162 | D:6      | 34162 ||| Stepping ~*~*~tactically~*~*~ (outnumbered).
 34164 | D:6      | 34164 ||| Stepping ~*~*~tactically~*~*~ (outnumbered).
 34166 | D:6      | 34166 ||| Stepping ~*~*~tactically~*~*~ (outnumbered).
 34168 | D:6      | 34168 ||| Stepping ~*~*~tactically~*~*~ (outnumbered).
 34170 | D:6      | 34170 ||| Stepping ~*~*~tactically~*~*~ (outnumbered).
 34182 | D:6      | 34182 ||| Stepping ~*~*~tactically~*~*~ (outnumbered).
 34184 | D:6      | 34184 ||| Stepping ~*~*~tactically~*~*~ (outnumbered).
 34186 | D:6      | 34186 ||| Stepping ~*~*~tactically~*~*~ (outnumbered).
 34188 | D:6      | 34188 ||| Stepping ~*~*~tactically~*~*~ (outnumbered).
 34190 | D:6      | 34190 ||| Stepping ~*~*~tactically~*~*~ (outnumbered).
 34202 | D:6      | 34202 ||| Stepping ~*~*~tactically~*~*~ (outnumbered).
 34204 | D:6      | 34204 ||| Stepping ~*~*~tactically~*~*~ (outnumbered).
 34206 | D:6      | 34206 ||| Stepping ~*~*~tactically~*~*~ (outnumbered).
 34208 | D:6      | 34208 ||| Stepping ~*~*~tactically~*~*~ (outnumbered).
 34210 | D:6      | 34210 ||| Stepping ~*~*~tactically~*~*~ (outnumbered).
 34220 | D:6      | Glimpsed the power of Zot.
 34222 | D:6      | 34222 ||| Stepping ~*~*~tactically~*~*~ (outnumbered).
 34224 | D:6      | 34224 ||| Stepping ~*~*~tactically~*~*~ (outnumbered).
 34226 | D:6      | 34226 ||| Stepping ~*~*~tactically~*~*~ (outnumbered).
 34228 | D:6      | 34228 ||| Stepping ~*~*~tactically~*~*~ (outnumbered).
 34230 | D:6      | 34230 ||| Stepping ~*~*~tactically~*~*~ (outnumbered).
 34242 | D:6      | 34242 ||| Stepping ~*~*~tactically~*~*~ (outnumbered).
 34244 | D:6      | 34244 ||| Stepping ~*~*~tactically~*~*~ (outnumbered).
 34246 | D:6      | 34246 ||| Stepping ~*~*~tactically~*~*~ (outnumbered).
 34248 | D:6      | 34248 ||| Stepping ~*~*~tactically~*~*~ (outnumbered).
 34250 | D:6      | 34250 ||| Stepping ~*~*~tactically~*~*~ (outnumbered).
 34262 | D:6      | 34262 ||| Stepping ~*~*~tactically~*~*~ (outnumbered).
 34264 | D:6      | 34264 ||| Stepping ~*~*~tactically~*~*~ (outnumbered).
 34266 | D:6      | 34266 ||| Stepping ~*~*~tactically~*~*~ (outnumbered).
 34268 | D:6      | 34268 ||| Stepping ~*~*~tactically~*~*~ (outnumbered).
 34270 | D:6      | 34270 ||| Stepping ~*~*~tactically~*~*~ (outnumbered).
 34282 | D:6      | 34282 ||| Stepping ~*~*~tactically~*~*~ (outnumbered).
 34284 | D:6      | 34284 ||| Stepping ~*~*~tactically~*~*~ (outnumbered).
 34286 | D:6      | 34286 ||| Stepping ~*~*~tactically~*~*~ (outnumbered).
 34288 | D:6      | 34288 ||| Stepping ~*~*~tactically~*~*~ (outnumbered).
 34290 | D:6      | 34290 ||| Stepping ~*~*~tactically~*~*~ (outnumbered).
 34302 | D:6      | 34302 ||| Stepping ~*~*~tactically~*~*~ (outnumbered).
 34304 | D:6      | 34304 ||| Stepping ~*~*~tactically~*~*~ (outnumbered).
 34306 | D:6      | 34306 ||| Stepping ~*~*~tactically~*~*~ (outnumbered).
 34308 | D:6      | 34308 ||| Stepping ~*~*~tactically~*~*~ (outnumbered).
 34310 | D:6      | 34310 ||| Stepping ~*~*~tactically~*~*~ (outnumbered).
 34320 | D:6      | Touched by the power of Zot.
 34321 | D:6      | Glimpsed the power of Zot.
 34322 | D:6      | 34322 ||| Stepping ~*~*~tactically~*~*~ (outnumbered).
 34324 | D:6      | 34324 ||| Stepping ~*~*~tactically~*~*~ (outnumbered).
 34326 | D:6      | 34326 ||| Stepping ~*~*~tactically~*~*~ (outnumbered).
 34328 | D:6      | 34328 ||| Stepping ~*~*~tactically~*~*~ (outnumbered).
 34330 | D:6      | 34330 ||| Stepping ~*~*~tactically~*~*~ (outnumbered).
 34342 | D:6      | 34342 ||| Stepping ~*~*~tactically~*~*~ (outnumbered).
 34344 | D:6      | 34344 ||| Stepping ~*~*~tactically~*~*~ (outnumbered).
 34346 | D:6      | 34346 ||| Stepping ~*~*~tactically~*~*~ (outnumbered).
 34348 | D:6      | 34348 ||| Stepping ~*~*~tactically~*~*~ (outnumbered).
 34350 | D:6      | 34350 ||| Stepping ~*~*~tactically~*~*~ (outnumbered).
 34362 | D:6      | 34362 ||| Stepping ~*~*~tactically~*~*~ (outnumbered).
 34364 | D:6      | 34364 ||| Stepping ~*~*~tactically~*~*~ (outnumbered).
 34366 | D:6      | 34366 ||| Stepping ~*~*~tactically~*~*~ (outnumbered).
 34368 | D:6      | 34368 ||| Stepping ~*~*~tactically~*~*~ (outnumbered).
 34370 | D:6      | 34370 ||| Stepping ~*~*~tactically~*~*~ (outnumbered).
 34382 | D:6      | 34382 ||| Stepping ~*~*~tactically~*~*~ (outnumbered).
 34384 | D:6      | 34384 ||| Stepping ~*~*~tactically~*~*~ (outnumbered).
 34386 | D:6      | 34386 ||| Stepping ~*~*~tactically~*~*~ (outnumbered).
 34388 | D:6      | 34388 ||| Stepping ~*~*~tactically~*~*~ (outnumbered).
 34390 | D:6      | 34390 ||| Stepping ~*~*~tactically~*~*~ (outnumbered).
 34402 | D:6      | 34402 ||| Stepping ~*~*~tactically~*~*~ (outnumbered).
 34404 | D:6      | 34404 ||| Stepping ~*~*~tactically~*~*~ (outnumbered).
 34406 | D:6      | 34406 ||| Stepping ~*~*~tactically~*~*~ (outnumbered).
 34408 | D:6      | 34408 ||| Stepping ~*~*~tactically~*~*~ (outnumbered).
 34410 | D:6      | 34410 ||| Stepping ~*~*~tactically~*~*~ (outnumbered).
 34422 | D:6      | 34422 ||| Stepping ~*~*~tactically~*~*~ (outnumbered).
 34424 | D:6      | 34424 ||| Stepping ~*~*~tactically~*~*~ (outnumbered).
 34426 | D:6      | 34426 ||| Stepping ~*~*~tactically~*~*~ (outnumbered).
 34428 | D:6      | 34428 ||| Stepping ~*~*~tactically~*~*~ (outnumbered).
 34430 | D:6      | 34430 ||| Stepping ~*~*~tactically~*~*~ (outnumbered).
 34442 | D:6      | 34442 ||| Stepping ~*~*~tactically~*~*~ (outnumbered).
 34444 | D:6      | 34444 ||| Stepping ~*~*~tactically~*~*~ (outnumbered).
 34446 | D:6      | 34446 ||| Stepping ~*~*~tactically~*~*~ (outnumbered).
 34448 | D:6      | 34448 ||| Stepping ~*~*~tactically~*~*~ (outnumbered).
 34450 | D:6      | 34450 ||| Stepping ~*~*~tactically~*~*~ (outnumbered).
 34462 | D:6      | 34462 ||| Stepping ~*~*~tactically~*~*~ (outnumbered).
 34464 | D:6      | 34464 ||| Stepping ~*~*~tactically~*~*~ (outnumbered).
 34466 | D:6      | 34466 ||| Stepping ~*~*~tactically~*~*~ (outnumbered).
 34468 | D:6      | 34468 ||| Stepping ~*~*~tactically~*~*~ (outnumbered).
 34470 | D:6      | 34470 ||| Stepping ~*~*~tactically~*~*~ (outnumbered).
 34482 | D:6      | 34482 ||| Stepping ~*~*~tactically~*~*~ (outnumbered).
 34484 | D:6      | 34484 ||| Stepping ~*~*~tactically~*~*~ (outnumbered).
 34486 | D:6      | 34486 ||| Stepping ~*~*~tactically~*~*~ (outnumbered).
 34488 | D:6      | 34488 ||| Stepping ~*~*~tactically~*~*~ (outnumbered).
 34490 | D:6      | 34490 ||| Stepping ~*~*~tactically~*~*~ (outnumbered).
 34502 | D:6      | 34502 ||| Stepping ~*~*~tactically~*~*~ (outnumbered).
 34504 | D:6      | 34504 ||| Stepping ~*~*~tactically~*~*~ (outnumbered).
 34506 | D:6      | 34506 ||| Stepping ~*~*~tactically~*~*~ (outnumbered).
 34508 | D:6      | 34508 ||| Stepping ~*~*~tactically~*~*~ (outnumbered).
 34510 | D:6      | 34510 ||| Stepping ~*~*~tactically~*~*~ (outnumbered).
 34522 | D:6      | 34522 ||| Stepping ~*~*~tactically~*~*~ (outnumbered).
 34524 | D:6      | 34524 ||| Stepping ~*~*~tactically~*~*~ (outnumbered).
 34526 | D:6      | 34526 ||| Stepping ~*~*~tactically~*~*~ (outnumbered).
 34528 | D:6      | 34528 ||| Stepping ~*~*~tactically~*~*~ (outnumbered).
 34530 | D:6      | 34530 ||| Stepping ~*~*~tactically~*~*~ (outnumbered).
 34542 | D:6      | 34542 ||| Stepping ~*~*~tactically~*~*~ (outnumbered).
 34544 | D:6      | 34544 ||| Stepping ~*~*~tactically~*~*~ (outnumbered).
 34546 | D:6      | 34546 ||| Stepping ~*~*~tactically~*~*~ (outnumbered).
 34548 | D:6      | 34548 ||| Stepping ~*~*~tactically~*~*~ (outnumbered).
 34550 | D:6      | 34550 ||| Stepping ~*~*~tactically~*~*~ (outnumbered).
 34562 | D:6      | 34562 ||| Stepping ~*~*~tactically~*~*~ (outnumbered).
 34564 | D:6      | 34564 ||| Stepping ~*~*~tactically~*~*~ (outnumbered).
 34566 | D:6      | 34566 ||| Stepping ~*~*~tactically~*~*~ (outnumbered).
 34568 | D:6      | 34568 ||| Stepping ~*~*~tactically~*~*~ (outnumbered).
 34570 | D:6      | 34570 ||| Stepping ~*~*~tactically~*~*~ (outnumbered).
 34582 | D:6      | 34582 ||| Stepping ~*~*~tactically~*~*~ (outnumbered).
 34584 | D:6      | 34584 ||| Stepping ~*~*~tactically~*~*~ (outnumbered).
 34586 | D:6      | 34586 ||| Stepping ~*~*~tactically~*~*~ (outnumbered).
 34588 | D:6      | 34588 ||| Stepping ~*~*~tactically~*~*~ (outnumbered).
 34590 | D:6      | 34590 ||| Stepping ~*~*~tactically~*~*~ (outnumbered).
 34602 | D:6      | 34602 ||| Stepping ~*~*~tactically~*~*~ (outnumbered).
 34604 | D:6      | 34604 ||| Stepping ~*~*~tactically~*~*~ (outnumbered).
 34606 | D:6      | 34606 ||| Stepping ~*~*~tactically~*~*~ (outnumbered).
 34608 | D:6      | 34608 ||| Stepping ~*~*~tactically~*~*~ (outnumbered).
 34610 | D:6      | 34610 ||| Stepping ~*~*~tactically~*~*~ (outnumbered).
 34622 | D:6      | 34622 ||| Stepping ~*~*~tactically~*~*~ (outnumbered).
 34624 | D:6      | 34624 ||| Stepping ~*~*~tactically~*~*~ (outnumbered).
 34626 | D:6      | 34626 ||| Stepping ~*~*~tactically~*~*~ (outnumbered).
 34628 | D:6      | 34628 ||| Stepping ~*~*~tactically~*~*~ (outnumbered).
 34630 | D:6      | 34630 ||| Stepping ~*~*~tactically~*~*~ (outnumbered).
 34642 | D:6      | 34642 ||| Stepping ~*~*~tactically~*~*~ (outnumbered).
 34644 | D:6      | 34644 ||| Stepping ~*~*~tactically~*~*~ (outnumbered).
 34646 | D:6      | 34646 ||| Stepping ~*~*~tactically~*~*~ (outnumbered).
 34648 | D:6      | 34648 ||| Stepping ~*~*~tactically~*~*~ (outnumbered).
 34650 | D:6      | 34650 ||| Stepping ~*~*~tactically~*~*~ (outnumbered).
 34662 | D:6      | 34662 ||| Stepping ~*~*~tactically~*~*~ (outnumbered).
 34664 | D:6      | 34664 ||| Stepping ~*~*~tactically~*~*~ (outnumbered).
 34666 | D:6      | 34666 ||| Stepping ~*~*~tactically~*~*~ (outnumbered).
 34668 | D:6      | 34668 ||| Stepping ~*~*~tactically~*~*~ (outnumbered).
 34670 | D:6      | 34670 ||| Stepping ~*~*~tactically~*~*~ (outnumbered).
 34682 | D:6      | 34682 ||| Stepping ~*~*~tactically~*~*~ (outnumbered).
 34684 | D:6      | 34684 ||| Stepping ~*~*~tactically~*~*~ (outnumbered).
 34686 | D:6      | 34686 ||| Stepping ~*~*~tactically~*~*~ (outnumbered).
 34688 | D:6      | 34688 ||| Stepping ~*~*~tactically~*~*~ (outnumbered).
 34690 | D:6      | 34690 ||| Stepping ~*~*~tactically~*~*~ (outnumbered).
 34702 | D:6      | 34702 ||| Stepping ~*~*~tactically~*~*~ (outnumbered).
 34704 | D:6      | 34704 ||| Stepping ~*~*~tactically~*~*~ (outnumbered).
 34706 | D:6      | 34706 ||| Stepping ~*~*~tactically~*~*~ (outnumbered).
 34708 | D:6      | 34708 ||| Stepping ~*~*~tactically~*~*~ (outnumbered).
 34710 | D:6      | 34710 ||| Stepping ~*~*~tactically~*~*~ (outnumbered).
 34722 | D:6      | 34722 ||| Stepping ~*~*~tactically~*~*~ (outnumbered).
 34724 | D:6      | 34724 ||| Stepping ~*~*~tactically~*~*~ (outnumbered).
 34726 | D:6      | 34726 ||| Stepping ~*~*~tactically~*~*~ (outnumbered).
 34728 | D:6      | 34728 ||| Stepping ~*~*~tactically~*~*~ (outnumbered).
 34730 | D:6      | 34730 ||| Stepping ~*~*~tactically~*~*~ (outnumbered).
 34742 | D:6      | 34742 ||| Stepping ~*~*~tactically~*~*~ (outnumbered).
 34744 | D:6      | 34744 ||| Stepping ~*~*~tactically~*~*~ (outnumbered).
 34746 | D:6      | 34746 ||| Stepping ~*~*~tactically~*~*~ (outnumbered).
 34748 | D:6      | 34748 ||| Stepping ~*~*~tactically~*~*~ (outnumbered).
 34750 | D:6      | 34750 ||| Stepping ~*~*~tactically~*~*~ (outnumbered).
 34762 | D:6      | 34762 ||| Stepping ~*~*~tactically~*~*~ (outnumbered).
 34764 | D:6      | 34764 ||| Stepping ~*~*~tactically~*~*~ (outnumbered).
 34766 | D:6      | 34766 ||| Stepping ~*~*~tactically~*~*~ (outnumbered).
 34768 | D:6      | 34768 ||| Stepping ~*~*~tactically~*~*~ (outnumbered).
 34770 | D:6      | 34770 ||| Stepping ~*~*~tactically~*~*~ (outnumbered).
 34782 | D:6      | 34782 ||| Stepping ~*~*~tactically~*~*~ (outnumbered).
 34784 | D:6      | 34784 ||| Stepping ~*~*~tactically~*~*~ (outnumbered).
 34786 | D:6      | 34786 ||| Stepping ~*~*~tactically~*~*~ (outnumbered).
 34788 | D:6      | 34788 ||| Stepping ~*~*~tactically~*~*~ (outnumbered).
 34790 | D:6      | 34790 ||| Stepping ~*~*~tactically~*~*~ (outnumbered).
 34802 | D:6      | 34802 ||| Stepping ~*~*~tactically~*~*~ (outnumbered).
 34804 | D:6      | 34804 ||| Stepping ~*~*~tactically~*~*~ (outnumbered).
 34806 | D:6      | 34806 ||| Stepping ~*~*~tactically~*~*~ (outnumbered).
 34808 | D:6      | 34808 ||| Stepping ~*~*~tactically~*~*~ (outnumbered).
 34810 | D:6      | 34810 ||| Stepping ~*~*~tactically~*~*~ (outnumbered).
 34821 | D:6      | Glimpsed the power of Zot.
 34822 | D:6      | 34822 ||| Stepping ~*~*~tactically~*~*~ (outnumbered).
 34824 | D:6      | 34824 ||| Stepping ~*~*~tactically~*~*~ (outnumbered).
 34826 | D:6      | 34826 ||| Stepping ~*~*~tactically~*~*~ (outnumbered).
 34828 | D:6      | 34828 ||| Stepping ~*~*~tactically~*~*~ (outnumbered).
 34830 | D:6      | 34830 ||| Stepping ~*~*~tactically~*~*~ (outnumbered).
 34842 | D:6      | 34842 ||| Stepping ~*~*~tactically~*~*~ (outnumbered).
 34844 | D:6      | 34844 ||| Stepping ~*~*~tactically~*~*~ (outnumbered).
 34846 | D:6      | 34846 ||| Stepping ~*~*~tactically~*~*~ (outnumbered).
 34848 | D:6      | 34848 ||| Stepping ~*~*~tactically~*~*~ (outnumbered).
 34850 | D:6      | 34850 ||| Stepping ~*~*~tactically~*~*~ (outnumbered).
 34862 | D:6      | 34862 ||| Stepping ~*~*~tactically~*~*~ (outnumbered).
 34864 | D:6      | 34864 ||| Stepping ~*~*~tactically~*~*~ (outnumbered).
 34866 | D:6      | 34866 ||| Stepping ~*~*~tactically~*~*~ (outnumbered).
 34868 | D:6      | 34868 ||| Stepping ~*~*~tactically~*~*~ (outnumbered).
 34870 | D:6      | 34870 ||| Stepping ~*~*~tactically~*~*~ (outnumbered).
 34882 | D:6      | 34882 ||| Stepping ~*~*~tactically~*~*~ (outnumbered).
 34884 | D:6      | 34884 ||| Stepping ~*~*~tactically~*~*~ (outnumbered).
 34886 | D:6      | 34886 ||| Stepping ~*~*~tactically~*~*~ (outnumbered).
 34888 | D:6      | 34888 ||| Stepping ~*~*~tactically~*~*~ (outnumbered).
 34890 | D:6      | 34890 ||| Stepping ~*~*~tactically~*~*~ (outnumbered).
 34902 | D:6      | 34902 ||| Stepping ~*~*~tactically~*~*~ (outnumbered).
 34904 | D:6      | 34904 ||| Stepping ~*~*~tactically~*~*~ (outnumbered).
 34906 | D:6      | 34906 ||| Stepping ~*~*~tactically~*~*~ (outnumbered).
 34908 | D:6      | 34908 ||| Stepping ~*~*~tactically~*~*~ (outnumbered).
 34910 | D:6      | 34910 ||| Stepping ~*~*~tactically~*~*~ (outnumbered).
 34922 | D:6      | 34922 ||| Stepping ~*~*~tactically~*~*~ (outnumbered).
 34924 | D:6      | 34924 ||| Stepping ~*~*~tactically~*~*~ (outnumbered).
 34926 | D:6      | 34926 ||| Stepping ~*~*~tactically~*~*~ (outnumbered).
 34928 | D:6      | 34928 ||| Stepping ~*~*~tactically~*~*~ (outnumbered).
 34930 | D:6      | 34930 ||| Stepping ~*~*~tactically~*~*~ (outnumbered).
 34942 | D:6      | 34942 ||| Stepping ~*~*~tactically~*~*~ (outnumbered).
 34944 | D:6      | 34944 ||| Stepping ~*~*~tactically~*~*~ (outnumbered).
 34946 | D:6      | 34946 ||| Stepping ~*~*~tactically~*~*~ (outnumbered).
 34948 | D:6      | 34948 ||| Stepping ~*~*~tactically~*~*~ (outnumbered).
 34950 | D:6      | 34950 ||| Stepping ~*~*~tactically~*~*~ (outnumbered).
 34962 | D:6      | 34962 ||| Stepping ~*~*~tactically~*~*~ (outnumbered).
 34964 | D:6      | 34964 ||| Stepping ~*~*~tactically~*~*~ (outnumbered).
 34966 | D:6      | 34966 ||| Stepping ~*~*~tactically~*~*~ (outnumbered).
 34968 | D:6      | 34968 ||| Stepping ~*~*~tactically~*~*~ (outnumbered).
 34970 | D:6      | 34970 ||| Stepping ~*~*~tactically~*~*~ (outnumbered).
 34982 | D:6      | 34982 ||| Stepping ~*~*~tactically~*~*~ (outnumbered).
 34984 | D:6      | 34984 ||| Stepping ~*~*~tactically~*~*~ (outnumbered).
 34986 | D:6      | 34986 ||| Stepping ~*~*~tactically~*~*~ (outnumbered).
 34988 | D:6      | 34988 ||| Stepping ~*~*~tactically~*~*~ (outnumbered).
 34990 | D:6      | 34990 ||| Stepping ~*~*~tactically~*~*~ (outnumbered).
 35002 | D:6      | 35002 ||| Stepping ~*~*~tactically~*~*~ (outnumbered).
 35004 | D:6      | 35004 ||| Stepping ~*~*~tactically~*~*~ (outnumbered).
 35006 | D:6      | 35006 ||| Stepping ~*~*~tactically~*~*~ (outnumbered).
 35008 | D:6      | 35008 ||| Stepping ~*~*~tactically~*~*~ (outnumbered).
 35010 | D:6      | 35010 ||| Stepping ~*~*~tactically~*~*~ (outnumbered).
 35022 | D:6      | 35022 ||| Stepping ~*~*~tactically~*~*~ (outnumbered).
 35024 | D:6      | 35024 ||| Stepping ~*~*~tactically~*~*~ (outnumbered).
 35026 | D:6      | 35026 ||| Stepping ~*~*~tactically~*~*~ (outnumbered).
 35028 | D:6      | 35028 ||| Stepping ~*~*~tactically~*~*~ (outnumbered).
 35030 | D:6      | 35030 ||| Stepping ~*~*~tactically~*~*~ (outnumbered).
 35042 | D:6      | 35042 ||| Stepping ~*~*~tactically~*~*~ (outnumbered).
 35044 | D:6      | 35044 ||| Stepping ~*~*~tactically~*~*~ (outnumbered).
 35046 | D:6      | 35046 ||| Stepping ~*~*~tactically~*~*~ (outnumbered).
 35048 | D:6      | 35048 ||| Stepping ~*~*~tactically~*~*~ (outnumbered).
 35050 | D:6      | 35050 ||| Stepping ~*~*~tactically~*~*~ (outnumbered).
 35062 | D:6      | 35062 ||| Stepping ~*~*~tactically~*~*~ (outnumbered).
 35064 | D:6      | 35064 ||| Stepping ~*~*~tactically~*~*~ (outnumbered).
 35066 | D:6      | 35066 ||| Stepping ~*~*~tactically~*~*~ (outnumbered).
 35068 | D:6      | 35068 ||| Stepping ~*~*~tactically~*~*~ (outnumbered).
 35070 | D:6      | 35070 ||| Stepping ~*~*~tactically~*~*~ (outnumbered).
 35082 | D:6      | 35082 ||| Stepping ~*~*~tactically~*~*~ (outnumbered).
 35084 | D:6      | 35084 ||| Stepping ~*~*~tactically~*~*~ (outnumbered).
 35086 | D:6      | 35086 ||| Stepping ~*~*~tactically~*~*~ (outnumbered).
 35088 | D:6      | 35088 ||| Stepping ~*~*~tactically~*~*~ (outnumbered).
 35090 | D:6      | 35090 ||| Stepping ~*~*~tactically~*~*~ (outnumbered).
 35102 | D:6      | 35102 ||| Stepping ~*~*~tactically~*~*~ (outnumbered).
 35104 | D:6      | 35104 ||| Stepping ~*~*~tactically~*~*~ (outnumbered).
 35106 | D:6      | 35106 ||| Stepping ~*~*~tactically~*~*~ (outnumbered).
 35108 | D:6      | 35108 ||| Stepping ~*~*~tactically~*~*~ (outnumbered).
 35110 | D:6      | 35110 ||| Stepping ~*~*~tactically~*~*~ (outnumbered).
 35122 | D:6      | 35122 ||| Stepping ~*~*~tactically~*~*~ (outnumbered).
 35124 | D:6      | 35124 ||| Stepping ~*~*~tactically~*~*~ (outnumbered).
 35126 | D:6      | 35126 ||| Stepping ~*~*~tactically~*~*~ (outnumbered).
 35128 | D:6      | 35128 ||| Stepping ~*~*~tactically~*~*~ (outnumbered).
 35130 | D:6      | 35130 ||| Stepping ~*~*~tactically~*~*~ (outnumbered).
 35142 | D:6      | 35142 ||| Stepping ~*~*~tactically~*~*~ (outnumbered).
 35144 | D:6      | 35144 ||| Stepping ~*~*~tactically~*~*~ (outnumbered).
 35146 | D:6      | 35146 ||| Stepping ~*~*~tactically~*~*~ (outnumbered).
 35148 | D:6      | 35148 ||| Stepping ~*~*~tactically~*~*~ (outnumbered).
 35150 | D:6      | 35150 ||| Stepping ~*~*~tactically~*~*~ (outnumbered).
 35162 | D:6      | 35162 ||| Stepping ~*~*~tactically~*~*~ (outnumbered).
 35164 | D:6      | 35164 ||| Stepping ~*~*~tactically~*~*~ (outnumbered).
 35166 | D:6      | 35166 ||| Stepping ~*~*~tactically~*~*~ (outnumbered).
 35168 | D:6      | 35168 ||| Stepping ~*~*~tactically~*~*~ (outnumbered).
 35170 | D:6      | 35170 ||| Stepping ~*~*~tactically~*~*~ (outnumbered).
 35182 | D:6      | 35182 ||| Stepping ~*~*~tactically~*~*~ (outnumbered).
 35184 | D:6      | 35184 ||| Stepping ~*~*~tactically~*~*~ (outnumbered).
 35186 | D:6      | 35186 ||| Stepping ~*~*~tactically~*~*~ (outnumbered).
 35188 | D:6      | 35188 ||| Stepping ~*~*~tactically~*~*~ (outnumbered).
 35190 | D:6      | 35190 ||| Stepping ~*~*~tactically~*~*~ (outnumbered).
 35202 | D:6      | 35202 ||| Stepping ~*~*~tactically~*~*~ (outnumbered).
 35204 | D:6      | 35204 ||| Stepping ~*~*~tactically~*~*~ (outnumbered).
 35206 | D:6      | 35206 ||| Stepping ~*~*~tactically~*~*~ (outnumbered).
 35208 | D:6      | 35208 ||| Stepping ~*~*~tactically~*~*~ (outnumbered).
 35210 | D:6      | 35210 ||| Stepping ~*~*~tactically~*~*~ (outnumbered).
 35221 | D:6      | Glimpsed the power of Zot.
 35222 | D:6      | 35222 ||| Stepping ~*~*~tactically~*~*~ (outnumbered).
 35224 | D:6      | 35224 ||| Stepping ~*~*~tactically~*~*~ (outnumbered).
 35226 | D:6      | 35226 ||| Stepping ~*~*~tactically~*~*~ (outnumbered).
 35228 | D:6      | 35228 ||| Stepping ~*~*~tactically~*~*~ (outnumbered).
 35230 | D:6      | 35230 ||| Stepping ~*~*~tactically~*~*~ (outnumbered).
 35242 | D:6      | 35242 ||| Stepping ~*~*~tactically~*~*~ (outnumbered).
 35244 | D:6      | 35244 ||| Stepping ~*~*~tactically~*~*~ (outnumbered).
 35246 | D:6      | 35246 ||| Stepping ~*~*~tactically~*~*~ (outnumbered).
 35248 | D:6      | 35248 ||| Stepping ~*~*~tactically~*~*~ (outnumbered).
 35250 | D:6      | 35250 ||| Stepping ~*~*~tactically~*~*~ (outnumbered).
 35262 | D:6      | 35262 ||| Stepping ~*~*~tactically~*~*~ (outnumbered).
 35264 | D:6      | 35264 ||| Stepping ~*~*~tactically~*~*~ (outnumbered).
 35266 | D:6      | 35266 ||| Stepping ~*~*~tactically~*~*~ (outnumbered).
 35268 | D:6      | 35268 ||| Stepping ~*~*~tactically~*~*~ (outnumbered).
 35270 | D:6      | 35270 ||| Stepping ~*~*~tactically~*~*~ (outnumbered).
 35282 | D:6      | 35282 ||| Stepping ~*~*~tactically~*~*~ (outnumbered).
 35284 | D:6      | 35284 ||| Stepping ~*~*~tactically~*~*~ (outnumbered).
 35286 | D:6      | 35286 ||| Stepping ~*~*~tactically~*~*~ (outnumbered).
 35288 | D:6      | 35288 ||| Stepping ~*~*~tactically~*~*~ (outnumbered).
 35290 | D:6      | 35290 ||| Stepping ~*~*~tactically~*~*~ (outnumbered).
 35302 | D:6      | 35302 ||| Stepping ~*~*~tactically~*~*~ (outnumbered).
 35304 | D:6      | 35304 ||| Stepping ~*~*~tactically~*~*~ (outnumbered).
 35306 | D:6      | 35306 ||| Stepping ~*~*~tactically~*~*~ (outnumbered).
 35308 | D:6      | 35308 ||| Stepping ~*~*~tactically~*~*~ (outnumbered).
 35310 | D:6      | 35310 ||| Stepping ~*~*~tactically~*~*~ (outnumbered).
 35320 | D:6      | Touched by the power of Zot.
 35321 | D:6      | Glimpsed the power of Zot.
 35322 | D:6      | 35322 ||| Stepping ~*~*~tactically~*~*~ (outnumbered).
 35324 | D:6      | 35324 ||| Stepping ~*~*~tactically~*~*~ (outnumbered).
 35326 | D:6      | 35326 ||| Stepping ~*~*~tactically~*~*~ (outnumbered).
 35328 | D:6      | 35328 ||| Stepping ~*~*~tactically~*~*~ (outnumbered).
 35330 | D:6      | 35330 ||| Stepping ~*~*~tactically~*~*~ (outnumbered).
 35342 | D:6      | 35342 ||| Stepping ~*~*~tactically~*~*~ (outnumbered).
 35344 | D:6      | 35344 ||| Stepping ~*~*~tactically~*~*~ (outnumbered).
 35346 | D:6      | 35346 ||| Stepping ~*~*~tactically~*~*~ (outnumbered).
 35348 | D:6      | 35348 ||| Stepping ~*~*~tactically~*~*~ (outnumbered).
 35350 | D:6      | 35350 ||| Stepping ~*~*~tactically~*~*~ (outnumbered).
 35362 | D:6      | 35362 ||| Stepping ~*~*~tactically~*~*~ (outnumbered).
 35364 | D:6      | 35364 ||| Stepping ~*~*~tactically~*~*~ (outnumbered).
 35366 | D:6      | 35366 ||| Stepping ~*~*~tactically~*~*~ (outnumbered).
 35368 | D:6      | 35368 ||| Stepping ~*~*~tactically~*~*~ (outnumbered).
 35370 | D:6      | 35370 ||| Stepping ~*~*~tactically~*~*~ (outnumbered).
 35382 | D:6      | 35382 ||| Stepping ~*~*~tactically~*~*~ (outnumbered).
 35384 | D:6      | 35384 ||| Stepping ~*~*~tactically~*~*~ (outnumbered).
 35386 | D:6      | 35386 ||| Stepping ~*~*~tactically~*~*~ (outnumbered).
 35388 | D:6      | 35388 ||| Stepping ~*~*~tactically~*~*~ (outnumbered).
 35390 | D:6      | 35390 ||| Stepping ~*~*~tactically~*~*~ (outnumbered).
 35402 | D:6      | 35402 ||| Stepping ~*~*~tactically~*~*~ (outnumbered).
 35404 | D:6      | 35404 ||| Stepping ~*~*~tactically~*~*~ (outnumbered).
 35406 | D:6      | 35406 ||| Stepping ~*~*~tactically~*~*~ (outnumbered).
 35408 | D:6      | 35408 ||| Stepping ~*~*~tactically~*~*~ (outnumbered).
 35410 | D:6      | 35410 ||| Stepping ~*~*~tactically~*~*~ (outnumbered).
 35422 | D:6      | 35422 ||| Stepping ~*~*~tactically~*~*~ (outnumbered).
 35424 | D:6      | 35424 ||| Stepping ~*~*~tactically~*~*~ (outnumbered).
 35426 | D:6      | 35426 ||| Stepping ~*~*~tactically~*~*~ (outnumbered).
 35428 | D:6      | 35428 ||| Stepping ~*~*~tactically~*~*~ (outnumbered).
 35430 | D:6      | 35430 ||| Stepping ~*~*~tactically~*~*~ (outnumbered).
 35442 | D:6      | 35442 ||| Stepping ~*~*~tactically~*~*~ (outnumbered).
 35444 | D:6      | 35444 ||| Stepping ~*~*~tactically~*~*~ (outnumbered).
 35446 | D:6      | 35446 ||| Stepping ~*~*~tactically~*~*~ (outnumbered).
 35448 | D:6      | 35448 ||| Stepping ~*~*~tactically~*~*~ (outnumbered).
 35450 | D:6      | 35450 ||| Stepping ~*~*~tactically~*~*~ (outnumbered).
 35462 | D:6      | 35462 ||| Stepping ~*~*~tactically~*~*~ (outnumbered).
 35464 | D:6      | 35464 ||| Stepping ~*~*~tactically~*~*~ (outnumbered).
 35466 | D:6      | 35466 ||| Stepping ~*~*~tactically~*~*~ (outnumbered).
 35468 | D:6      | 35468 ||| Stepping ~*~*~tactically~*~*~ (outnumbered).
 35470 | D:6      | 35470 ||| Stepping ~*~*~tactically~*~*~ (outnumbered).
 35482 | D:6      | 35482 ||| Stepping ~*~*~tactically~*~*~ (outnumbered).
 35484 | D:6      | 35484 ||| Stepping ~*~*~tactically~*~*~ (outnumbered).
 35486 | D:6      | 35486 ||| Stepping ~*~*~tactically~*~*~ (outnumbered).
 35488 | D:6      | 35488 ||| Stepping ~*~*~tactically~*~*~ (outnumbered).
 35490 | D:6      | 35490 ||| Stepping ~*~*~tactically~*~*~ (outnumbered).
 35502 | D:6      | 35502 ||| Stepping ~*~*~tactically~*~*~ (outnumbered).
 35504 | D:6      | 35504 ||| Stepping ~*~*~tactically~*~*~ (outnumbered).
 35506 | D:6      | 35506 ||| Stepping ~*~*~tactically~*~*~ (outnumbered).
 35508 | D:6      | 35508 ||| Stepping ~*~*~tactically~*~*~ (outnumbered).
 35510 | D:6      | 35510 ||| Stepping ~*~*~tactically~*~*~ (outnumbered).
 35522 | D:6      | 35522 ||| Stepping ~*~*~tactically~*~*~ (outnumbered).
 35524 | D:6      | 35524 ||| Stepping ~*~*~tactically~*~*~ (outnumbered).
 35526 | D:6      | 35526 ||| Stepping ~*~*~tactically~*~*~ (outnumbered).
 35528 | D:6      | 35528 ||| Stepping ~*~*~tactically~*~*~ (outnumbered).
 35530 | D:6      | 35530 ||| Stepping ~*~*~tactically~*~*~ (outnumbered).
 35542 | D:6      | 35542 ||| Stepping ~*~*~tactically~*~*~ (outnumbered).
 35544 | D:6      | 35544 ||| Stepping ~*~*~tactically~*~*~ (outnumbered).
 35546 | D:6      | 35546 ||| Stepping ~*~*~tactically~*~*~ (outnumbered).
 35548 | D:6      | 35548 ||| Stepping ~*~*~tactically~*~*~ (outnumbered).
 35550 | D:6      | 35550 ||| Stepping ~*~*~tactically~*~*~ (outnumbered).
 35562 | D:6      | 35562 ||| Stepping ~*~*~tactically~*~*~ (outnumbered).
 35564 | D:6      | 35564 ||| Stepping ~*~*~tactically~*~*~ (outnumbered).
 35566 | D:6      | 35566 ||| Stepping ~*~*~tactically~*~*~ (outnumbered).
 35568 | D:6      | 35568 ||| Stepping ~*~*~tactically~*~*~ (outnumbered).
 35570 | D:6      | 35570 ||| Stepping ~*~*~tactically~*~*~ (outnumbered).
 35582 | D:6      | 35582 ||| Stepping ~*~*~tactically~*~*~ (outnumbered).
 35584 | D:6      | 35584 ||| Stepping ~*~*~tactically~*~*~ (outnumbered).
 35586 | D:6      | 35586 ||| Stepping ~*~*~tactically~*~*~ (outnumbered).
 35588 | D:6      | 35588 ||| Stepping ~*~*~tactically~*~*~ (outnumbered).
 35590 | D:6      | 35590 ||| Stepping ~*~*~tactically~*~*~ (outnumbered).
 35602 | D:6      | 35602 ||| Stepping ~*~*~tactically~*~*~ (outnumbered).
 35604 | D:6      | 35604 ||| Stepping ~*~*~tactically~*~*~ (outnumbered).
 35606 | D:6      | 35606 ||| Stepping ~*~*~tactically~*~*~ (outnumbered).
 35608 | D:6      | 35608 ||| Stepping ~*~*~tactically~*~*~ (outnumbered).
 35610 | D:6      | 35610 ||| Stepping ~*~*~tactically~*~*~ (outnumbered).
 35622 | D:6      | 35622 ||| Stepping ~*~*~tactically~*~*~ (outnumbered).
 35624 | D:6      | 35624 ||| Stepping ~*~*~tactically~*~*~ (outnumbered).
 35626 | D:6      | 35626 ||| Stepping ~*~*~tactically~*~*~ (outnumbered).
 35628 | D:6      | 35628 ||| Stepping ~*~*~tactically~*~*~ (outnumbered).
 35630 | D:6      | 35630 ||| Stepping ~*~*~tactically~*~*~ (outnumbered).
 35642 | D:6      | 35642 ||| Stepping ~*~*~tactically~*~*~ (outnumbered).
 35644 | D:6      | 35644 ||| Stepping ~*~*~tactically~*~*~ (outnumbered).
 35646 | D:6      | 35646 ||| Stepping ~*~*~tactically~*~*~ (outnumbered).
 35648 | D:6      | 35648 ||| Stepping ~*~*~tactically~*~*~ (outnumbered).
 35650 | D:6      | 35650 ||| Stepping ~*~*~tactically~*~*~ (outnumbered).
 35662 | D:6      | 35662 ||| Stepping ~*~*~tactically~*~*~ (outnumbered).
 35664 | D:6      | 35664 ||| Stepping ~*~*~tactically~*~*~ (outnumbered).
 35666 | D:6      | 35666 ||| Stepping ~*~*~tactically~*~*~ (outnumbered).
 35668 | D:6      | 35668 ||| Stepping ~*~*~tactically~*~*~ (outnumbered).
 35670 | D:6      | 35670 ||| Stepping ~*~*~tactically~*~*~ (outnumbered).
 35682 | D:6      | 35682 ||| Stepping ~*~*~tactically~*~*~ (outnumbered).
 35684 | D:6      | 35684 ||| Stepping ~*~*~tactically~*~*~ (outnumbered).
 35686 | D:6      | 35686 ||| Stepping ~*~*~tactically~*~*~ (outnumbered).
 35688 | D:6      | 35688 ||| Stepping ~*~*~tactically~*~*~ (outnumbered).
 35690 | D:6      | 35690 ||| Stepping ~*~*~tactically~*~*~ (outnumbered).
 35702 | D:6      | 35702 ||| Stepping ~*~*~tactically~*~*~ (outnumbered).
 35704 | D:6      | 35704 ||| Stepping ~*~*~tactically~*~*~ (outnumbered).
 35706 | D:6      | 35706 ||| Stepping ~*~*~tactically~*~*~ (outnumbered).
 35708 | D:6      | 35708 ||| Stepping ~*~*~tactically~*~*~ (outnumbered).
 35710 | D:6      | 35710 ||| Stepping ~*~*~tactically~*~*~ (outnumbered).
 35722 | D:6      | 35722 ||| Stepping ~*~*~tactically~*~*~ (outnumbered).
 35724 | D:6      | 35724 ||| Stepping ~*~*~tactically~*~*~ (outnumbered).
 35726 | D:6      | 35726 ||| Stepping ~*~*~tactically~*~*~ (outnumbered).
 35728 | D:6      | 35728 ||| Stepping ~*~*~tactically~*~*~ (outnumbered).
 35730 | D:6      | 35730 ||| Stepping ~*~*~tactically~*~*~ (outnumbered).
 35742 | D:6      | 35742 ||| Stepping ~*~*~tactically~*~*~ (outnumbered).
 35744 | D:6      | 35744 ||| Stepping ~*~*~tactically~*~*~ (outnumbered).
 35746 | D:6      | 35746 ||| Stepping ~*~*~tactically~*~*~ (outnumbered).
 35748 | D:6      | 35748 ||| Stepping ~*~*~tactically~*~*~ (outnumbered).
 35750 | D:6      | 35750 ||| Stepping ~*~*~tactically~*~*~ (outnumbered).
 35762 | D:6      | 35762 ||| Stepping ~*~*~tactically~*~*~ (outnumbered).
 35764 | D:6      | 35764 ||| Stepping ~*~*~tactically~*~*~ (outnumbered).
 35766 | D:6      | 35766 ||| Stepping ~*~*~tactically~*~*~ (outnumbered).
 35768 | D:6      | 35768 ||| Stepping ~*~*~tactically~*~*~ (outnumbered).
 35770 | D:6      | 35770 ||| Stepping ~*~*~tactically~*~*~ (outnumbered).
 35782 | D:6      | 35782 ||| Stepping ~*~*~tactically~*~*~ (outnumbered).
 35784 | D:6      | 35784 ||| Stepping ~*~*~tactically~*~*~ (outnumbered).
 35786 | D:6      | 35786 ||| Stepping ~*~*~tactically~*~*~ (outnumbered).
 35788 | D:6      | 35788 ||| Stepping ~*~*~tactically~*~*~ (outnumbered).
 35790 | D:6      | 35790 ||| Stepping ~*~*~tactically~*~*~ (outnumbered).
 35802 | D:6      | 35802 ||| Stepping ~*~*~tactically~*~*~ (outnumbered).
 35804 | D:6      | 35804 ||| Stepping ~*~*~tactically~*~*~ (outnumbered).
 35806 | D:6      | 35806 ||| Stepping ~*~*~tactically~*~*~ (outnumbered).
 35808 | D:6      | 35808 ||| Stepping ~*~*~tactically~*~*~ (outnumbered).
 35810 | D:6      | 35810 ||| Stepping ~*~*~tactically~*~*~ (outnumbered).
 35821 | D:6      | Glimpsed the power of Zot.
 35822 | D:6      | 35822 ||| Stepping ~*~*~tactically~*~*~ (outnumbered).
 35824 | D:6      | 35824 ||| Stepping ~*~*~tactically~*~*~ (outnumbered).
 35826 | D:6      | 35826 ||| Stepping ~*~*~tactically~*~*~ (outnumbered).
 35828 | D:6      | 35828 ||| Stepping ~*~*~tactically~*~*~ (outnumbered).
 35830 | D:6      | 35830 ||| Stepping ~*~*~tactically~*~*~ (outnumbered).
 35842 | D:6      | 35842 ||| Stepping ~*~*~tactically~*~*~ (outnumbered).
 35844 | D:6      | 35844 ||| Stepping ~*~*~tactically~*~*~ (outnumbered).
 35846 | D:6      | 35846 ||| Stepping ~*~*~tactically~*~*~ (outnumbered).
 35848 | D:6      | 35848 ||| Stepping ~*~*~tactically~*~*~ (outnumbered).
 35850 | D:6      | 35850 ||| Stepping ~*~*~tactically~*~*~ (outnumbered).
 35862 | D:6      | 35862 ||| Stepping ~*~*~tactically~*~*~ (outnumbered).
 35864 | D:6      | 35864 ||| Stepping ~*~*~tactically~*~*~ (outnumbered).
 35866 | D:6      | 35866 ||| Stepping ~*~*~tactically~*~*~ (outnumbered).
 35868 | D:6      | 35868 ||| Stepping ~*~*~tactically~*~*~ (outnumbered).
 35870 | D:6      | 35870 ||| Stepping ~*~*~tactically~*~*~ (outnumbered).
 35882 | D:6      | 35882 ||| Stepping ~*~*~tactically~*~*~ (outnumbered).
 35884 | D:6      | 35884 ||| Stepping ~*~*~tactically~*~*~ (outnumbered).
 35886 | D:6      | 35886 ||| Stepping ~*~*~tactically~*~*~ (outnumbered).
 35888 | D:6      | 35888 ||| Stepping ~*~*~tactically~*~*~ (outnumbered).
 35890 | D:6      | 35890 ||| Stepping ~*~*~tactically~*~*~ (outnumbered).
 35902 | D:6      | 35902 ||| Stepping ~*~*~tactically~*~*~ (outnumbered).
 35904 | D:6      | 35904 ||| Stepping ~*~*~tactically~*~*~ (outnumbered).
 35906 | D:6      | 35906 ||| Stepping ~*~*~tactically~*~*~ (outnumbered).
 35908 | D:6      | 35908 ||| Stepping ~*~*~tactically~*~*~ (outnumbered).
 35910 | D:6      | 35910 ||| Stepping ~*~*~tactically~*~*~ (outnumbered).
 35922 | D:6      | 35922 ||| Stepping ~*~*~tactically~*~*~ (outnumbered).
 35924 | D:6      | 35924 ||| Stepping ~*~*~tactically~*~*~ (outnumbered).
 35926 | D:6      | 35926 ||| Stepping ~*~*~tactically~*~*~ (outnumbered).
 35928 | D:6      | 35928 ||| Stepping ~*~*~tactically~*~*~ (outnumbered).
 35930 | D:6      | 35930 ||| Stepping ~*~*~tactically~*~*~ (outnumbered).
 35942 | D:6      | 35942 ||| Stepping ~*~*~tactically~*~*~ (outnumbered).
 35944 | D:6      | 35944 ||| Stepping ~*~*~tactically~*~*~ (outnumbered).
 35946 | D:6      | 35946 ||| Stepping ~*~*~tactically~*~*~ (outnumbered).
 35948 | D:6      | 35948 ||| Stepping ~*~*~tactically~*~*~ (outnumbered).
 35950 | D:6      | 35950 ||| Stepping ~*~*~tactically~*~*~ (outnumbered).
 35962 | D:6      | 35962 ||| Stepping ~*~*~tactically~*~*~ (outnumbered).
 35964 | D:6      | 35964 ||| Stepping ~*~*~tactically~*~*~ (outnumbered).
 35966 | D:6      | 35966 ||| Stepping ~*~*~tactically~*~*~ (outnumbered).
 35968 | D:6      | 35968 ||| Stepping ~*~*~tactically~*~*~ (outnumbered).
 35970 | D:6      | 35970 ||| Stepping ~*~*~tactically~*~*~ (outnumbered).
 35982 | D:6      | 35982 ||| Stepping ~*~*~tactically~*~*~ (outnumbered).
 35984 | D:6      | 35984 ||| Stepping ~*~*~tactically~*~*~ (outnumbered).
 35986 | D:6      | 35986 ||| Stepping ~*~*~tactically~*~*~ (outnumbered).
 35988 | D:6      | 35988 ||| Stepping ~*~*~tactically~*~*~ (outnumbered).
 35990 | D:6      | 35990 ||| Stepping ~*~*~tactically~*~*~ (outnumbered).
 36002 | D:6      | 36002 ||| Stepping ~*~*~tactically~*~*~ (outnumbered).
 36004 | D:6      | 36004 ||| Stepping ~*~*~tactically~*~*~ (outnumbered).
 36006 | D:6      | 36006 ||| Stepping ~*~*~tactically~*~*~ (outnumbered).
 36008 | D:6      | 36008 ||| Stepping ~*~*~tactically~*~*~ (outnumbered).
 36010 | D:6      | 36010 ||| Stepping ~*~*~tactically~*~*~ (outnumbered).
 36022 | D:6      | 36022 ||| Stepping ~*~*~tactically~*~*~ (outnumbered).
 36024 | D:6      | 36024 ||| Stepping ~*~*~tactically~*~*~ (outnumbered).
 36026 | D:6      | 36026 ||| Stepping ~*~*~tactically~*~*~ (outnumbered).
 36028 | D:6      | 36028 ||| Stepping ~*~*~tactically~*~*~ (outnumbered).
 36030 | D:6      | 36030 ||| Stepping ~*~*~tactically~*~*~ (outnumbered).
 36042 | D:6      | 36042 ||| Stepping ~*~*~tactically~*~*~ (outnumbered).
 36044 | D:6      | 36044 ||| Stepping ~*~*~tactically~*~*~ (outnumbered).
 36046 | D:6      | 36046 ||| Stepping ~*~*~tactically~*~*~ (outnumbered).
 36048 | D:6      | 36048 ||| Stepping ~*~*~tactically~*~*~ (outnumbered).
 36050 | D:6      | 36050 ||| Stepping ~*~*~tactically~*~*~ (outnumbered).
 36062 | D:6      | 36062 ||| Stepping ~*~*~tactically~*~*~ (outnumbered).
 36064 | D:6      | 36064 ||| Stepping ~*~*~tactically~*~*~ (outnumbered).
 36066 | D:6      | 36066 ||| Stepping ~*~*~tactically~*~*~ (outnumbered).
 36068 | D:6      | 36068 ||| Stepping ~*~*~tactically~*~*~ (outnumbered).
 36070 | D:6      | 36070 ||| Stepping ~*~*~tactically~*~*~ (outnumbered).
 36082 | D:6      | 36082 ||| Stepping ~*~*~tactically~*~*~ (outnumbered).
 36084 | D:6      | 36084 ||| Stepping ~*~*~tactically~*~*~ (outnumbered).
 36086 | D:6      | 36086 ||| Stepping ~*~*~tactically~*~*~ (outnumbered).
 36088 | D:6      | 36088 ||| Stepping ~*~*~tactically~*~*~ (outnumbered).
 36090 | D:6      | 36090 ||| Stepping ~*~*~tactically~*~*~ (outnumbered).
 36102 | D:6      | 36102 ||| Stepping ~*~*~tactically~*~*~ (outnumbered).
 36104 | D:6      | 36104 ||| Stepping ~*~*~tactically~*~*~ (outnumbered).
 36106 | D:6      | 36106 ||| Stepping ~*~*~tactically~*~*~ (outnumbered).
 36108 | D:6      | 36108 ||| Stepping ~*~*~tactically~*~*~ (outnumbered).
 36110 | D:6      | 36110 ||| Stepping ~*~*~tactically~*~*~ (outnumbered).
 36122 | D:6      | 36122 ||| Stepping ~*~*~tactically~*~*~ (outnumbered).
 36124 | D:6      | 36124 ||| Stepping ~*~*~tactically~*~*~ (outnumbered).
 36126 | D:6      | 36126 ||| Stepping ~*~*~tactically~*~*~ (outnumbered).
 36128 | D:6      | 36128 ||| Stepping ~*~*~tactically~*~*~ (outnumbered).
 36130 | D:6      | 36130 ||| Stepping ~*~*~tactically~*~*~ (outnumbered).
 36142 | D:6      | 36142 ||| Stepping ~*~*~tactically~*~*~ (outnumbered).
 36144 | D:6      | 36144 ||| Stepping ~*~*~tactically~*~*~ (outnumbered).
 36146 | D:6      | 36146 ||| Stepping ~*~*~tactically~*~*~ (outnumbered).
 36148 | D:6      | 36148 ||| Stepping ~*~*~tactically~*~*~ (outnumbered).
 36150 | D:6      | 36150 ||| Stepping ~*~*~tactically~*~*~ (outnumbered).
 36162 | D:6      | 36162 ||| Stepping ~*~*~tactically~*~*~ (outnumbered).
 36164 | D:6      | 36164 ||| Stepping ~*~*~tactically~*~*~ (outnumbered).
 36166 | D:6      | 36166 ||| Stepping ~*~*~tactically~*~*~ (outnumbered).
 36168 | D:6      | 36168 ||| Stepping ~*~*~tactically~*~*~ (outnumbered).
 36170 | D:6      | 36170 ||| Stepping ~*~*~tactically~*~*~ (outnumbered).
 36182 | D:6      | 36182 ||| Stepping ~*~*~tactically~*~*~ (outnumbered).
 36184 | D:6      | 36184 ||| Stepping ~*~*~tactically~*~*~ (outnumbered).
 36186 | D:6      | 36186 ||| Stepping ~*~*~tactically~*~*~ (outnumbered).
 36188 | D:6      | 36188 ||| Stepping ~*~*~tactically~*~*~ (outnumbered).
 36190 | D:6      | 36190 ||| Stepping ~*~*~tactically~*~*~ (outnumbered).
 36202 | D:6      | 36202 ||| Stepping ~*~*~tactically~*~*~ (outnumbered).
 36204 | D:6      | 36204 ||| Stepping ~*~*~tactically~*~*~ (outnumbered).
 36206 | D:6      | 36206 ||| Stepping ~*~*~tactically~*~*~ (outnumbered).
 36208 | D:6      | 36208 ||| Stepping ~*~*~tactically~*~*~ (outnumbered).
 36210 | D:6      | 36210 ||| Stepping ~*~*~tactically~*~*~ (outnumbered).
 36221 | D:6      | Glimpsed the power of Zot.
 36222 | D:6      | 36222 ||| Stepping ~*~*~tactically~*~*~ (outnumbered).
 36224 | D:6      | 36224 ||| Stepping ~*~*~tactically~*~*~ (outnumbered).
 36226 | D:6      | 36226 ||| Stepping ~*~*~tactically~*~*~ (outnumbered).
 36228 | D:6      | 36228 ||| Stepping ~*~*~tactically~*~*~ (outnumbered).
 36230 | D:6      | 36230 ||| Stepping ~*~*~tactically~*~*~ (outnumbered).
 36242 | D:6      | 36242 ||| Stepping ~*~*~tactically~*~*~ (outnumbered).
 36244 | D:6      | 36244 ||| Stepping ~*~*~tactically~*~*~ (outnumbered).
 36246 | D:6      | 36246 ||| Stepping ~*~*~tactically~*~*~ (outnumbered).
 36248 | D:6      | 36248 ||| Stepping ~*~*~tactically~*~*~ (outnumbered).
 36250 | D:6      | 36250 ||| Stepping ~*~*~tactically~*~*~ (outnumbered).
 36262 | D:6      | 36262 ||| Stepping ~*~*~tactically~*~*~ (outnumbered).
 36264 | D:6      | 36264 ||| Stepping ~*~*~tactically~*~*~ (outnumbered).
 36266 | D:6      | 36266 ||| Stepping ~*~*~tactically~*~*~ (outnumbered).
 36268 | D:6      | 36268 ||| Stepping ~*~*~tactically~*~*~ (outnumbered).
 36270 | D:6      | 36270 ||| Stepping ~*~*~tactically~*~*~ (outnumbered).
 36282 | D:6      | 36282 ||| Stepping ~*~*~tactically~*~*~ (outnumbered).
 36284 | D:6      | 36284 ||| Stepping ~*~*~tactically~*~*~ (outnumbered).
 36286 | D:6      | 36286 ||| Stepping ~*~*~tactically~*~*~ (outnumbered).
 36288 | D:6      | 36288 ||| Stepping ~*~*~tactically~*~*~ (outnumbered).
 36290 | D:6      | 36290 ||| Stepping ~*~*~tactically~*~*~ (outnumbered).
 36302 | D:6      | 36302 ||| Stepping ~*~*~tactically~*~*~ (outnumbered).
 36304 | D:6      | 36304 ||| Stepping ~*~*~tactically~*~*~ (outnumbered).
 36306 | D:6      | 36306 ||| Stepping ~*~*~tactically~*~*~ (outnumbered).
 36308 | D:6      | 36308 ||| Stepping ~*~*~tactically~*~*~ (outnumbered).
 36310 | D:6      | 36310 ||| Stepping ~*~*~tactically~*~*~ (outnumbered).
 36320 | D:6      | Touched by the power of Zot.
 36321 | D:6      | Glimpsed the power of Zot.
 36322 | D:6      | 36322 ||| Stepping ~*~*~tactically~*~*~ (outnumbered).
 36324 | D:6      | 36324 ||| Stepping ~*~*~tactically~*~*~ (outnumbered).
 36326 | D:6      | 36326 ||| Stepping ~*~*~tactically~*~*~ (outnumbered).
 36328 | D:6      | 36328 ||| Stepping ~*~*~tactically~*~*~ (outnumbered).
 36330 | D:6      | 36330 ||| Stepping ~*~*~tactically~*~*~ (outnumbered).
 36342 | D:6      | 36342 ||| Stepping ~*~*~tactically~*~*~ (outnumbered).
 36344 | D:6      | 36344 ||| Stepping ~*~*~tactically~*~*~ (outnumbered).
 36346 | D:6      | 36346 ||| Stepping ~*~*~tactically~*~*~ (outnumbered).
 36348 | D:6      | 36348 ||| Stepping ~*~*~tactically~*~*~ (outnumbered).
 36350 | D:6      | 36350 ||| Stepping ~*~*~tactically~*~*~ (outnumbered).
 36362 | D:6      | 36362 ||| Stepping ~*~*~tactically~*~*~ (outnumbered).
 36364 | D:6      | 36364 ||| Stepping ~*~*~tactically~*~*~ (outnumbered).
 36366 | D:6      | 36366 ||| Stepping ~*~*~tactically~*~*~ (outnumbered).
 36368 | D:6      | 36368 ||| Stepping ~*~*~tactically~*~*~ (outnumbered).
 36370 | D:6      | 36370 ||| Stepping ~*~*~tactically~*~*~ (outnumbered).
 36382 | D:6      | 36382 ||| Stepping ~*~*~tactically~*~*~ (outnumbered).
 36384 | D:6      | 36384 ||| Stepping ~*~*~tactically~*~*~ (outnumbered).
 36386 | D:6      | 36386 ||| Stepping ~*~*~tactically~*~*~ (outnumbered).
 36388 | D:6      | 36388 ||| Stepping ~*~*~tactically~*~*~ (outnumbered).
 36390 | D:6      | 36390 ||| Stepping ~*~*~tactically~*~*~ (outnumbered).
 36402 | D:6      | 36402 ||| Stepping ~*~*~tactically~*~*~ (outnumbered).
 36404 | D:6      | 36404 ||| Stepping ~*~*~tactically~*~*~ (outnumbered).
 36406 | D:6      | 36406 ||| Stepping ~*~*~tactically~*~*~ (outnumbered).
 36408 | D:6      | 36408 ||| Stepping ~*~*~tactically~*~*~ (outnumbered).
 36410 | D:6      | 36410 ||| Stepping ~*~*~tactically~*~*~ (outnumbered).
 36422 | D:6      | 36422 ||| Stepping ~*~*~tactically~*~*~ (outnumbered).
 36424 | D:6      | 36424 ||| Stepping ~*~*~tactically~*~*~ (outnumbered).
 36426 | D:6      | 36426 ||| Stepping ~*~*~tactically~*~*~ (outnumbered).
 36428 | D:6      | 36428 ||| Stepping ~*~*~tactically~*~*~ (outnumbered).
 36430 | D:6      | 36430 ||| Stepping ~*~*~tactically~*~*~ (outnumbered).
 36442 | D:6      | 36442 ||| Stepping ~*~*~tactically~*~*~ (outnumbered).
 36444 | D:6      | 36444 ||| Stepping ~*~*~tactically~*~*~ (outnumbered).
 36446 | D:6      | 36446 ||| Stepping ~*~*~tactically~*~*~ (outnumbered).
 36448 | D:6      | 36448 ||| Stepping ~*~*~tactically~*~*~ (outnumbered).
 36450 | D:6      | 36450 ||| Stepping ~*~*~tactically~*~*~ (outnumbered).
 36462 | D:6      | 36462 ||| Stepping ~*~*~tactically~*~*~ (outnumbered).
 36464 | D:6      | 36464 ||| Stepping ~*~*~tactically~*~*~ (outnumbered).
 36466 | D:6      | 36466 ||| Stepping ~*~*~tactically~*~*~ (outnumbered).
 36468 | D:6      | 36468 ||| Stepping ~*~*~tactically~*~*~ (outnumbered).
 36470 | D:6      | 36470 ||| Stepping ~*~*~tactically~*~*~ (outnumbered).
 36482 | D:6      | 36482 ||| Stepping ~*~*~tactically~*~*~ (outnumbered).
 36484 | D:6      | 36484 ||| Stepping ~*~*~tactically~*~*~ (outnumbered).
 36486 | D:6      | 36486 ||| Stepping ~*~*~tactically~*~*~ (outnumbered).
 36488 | D:6      | 36488 ||| Stepping ~*~*~tactically~*~*~ (outnumbered).
 36490 | D:6      | 36490 ||| Stepping ~*~*~tactically~*~*~ (outnumbered).
 36502 | D:6      | 36502 ||| Stepping ~*~*~tactically~*~*~ (outnumbered).
 36504 | D:6      | 36504 ||| Stepping ~*~*~tactically~*~*~ (outnumbered).
 36506 | D:6      | 36506 ||| Stepping ~*~*~tactically~*~*~ (outnumbered).
 36508 | D:6      | 36508 ||| Stepping ~*~*~tactically~*~*~ (outnumbered).
 36510 | D:6      | 36510 ||| Stepping ~*~*~tactically~*~*~ (outnumbered).
 36522 | D:6      | 36522 ||| Stepping ~*~*~tactically~*~*~ (outnumbered).
 36524 | D:6      | 36524 ||| Stepping ~*~*~tactically~*~*~ (outnumbered).
 36526 | D:6      | 36526 ||| Stepping ~*~*~tactically~*~*~ (outnumbered).
 36528 | D:6      | 36528 ||| Stepping ~*~*~tactically~*~*~ (outnumbered).
 36530 | D:6      | 36530 ||| Stepping ~*~*~tactically~*~*~ (outnumbered).
 36542 | D:6      | 36542 ||| Stepping ~*~*~tactically~*~*~ (outnumbered).
 36544 | D:6      | 36544 ||| Stepping ~*~*~tactically~*~*~ (outnumbered).
 36546 | D:6      | 36546 ||| Stepping ~*~*~tactically~*~*~ (outnumbered).
 36548 | D:6      | 36548 ||| Stepping ~*~*~tactically~*~*~ (outnumbered).
 36550 | D:6      | 36550 ||| Stepping ~*~*~tactically~*~*~ (outnumbered).
 36562 | D:6      | 36562 ||| Stepping ~*~*~tactically~*~*~ (outnumbered).
 36564 | D:6      | 36564 ||| Stepping ~*~*~tactically~*~*~ (outnumbered).
 36566 | D:6      | 36566 ||| Stepping ~*~*~tactically~*~*~ (outnumbered).
 36568 | D:6      | 36568 ||| Stepping ~*~*~tactically~*~*~ (outnumbered).
 36570 | D:6      | 36570 ||| Stepping ~*~*~tactically~*~*~ (outnumbered).
 36582 | D:6      | 36582 ||| Stepping ~*~*~tactically~*~*~ (outnumbered).
 36584 | D:6      | 36584 ||| Stepping ~*~*~tactically~*~*~ (outnumbered).
 36586 | D:6      | 36586 ||| Stepping ~*~*~tactically~*~*~ (outnumbered).
 36588 | D:6      | 36588 ||| Stepping ~*~*~tactically~*~*~ (outnumbered).
 36590 | D:6      | 36590 ||| Stepping ~*~*~tactically~*~*~ (outnumbered).
 36602 | D:6      | 36602 ||| Stepping ~*~*~tactically~*~*~ (outnumbered).
 36604 | D:6      | 36604 ||| Stepping ~*~*~tactically~*~*~ (outnumbered).
 36606 | D:6      | 36606 ||| Stepping ~*~*~tactically~*~*~ (outnumbered).
 36608 | D:6      | 36608 ||| Stepping ~*~*~tactically~*~*~ (outnumbered).
 36610 | D:6      | 36610 ||| Stepping ~*~*~tactically~*~*~ (outnumbered).
 36622 | D:6      | 36622 ||| Stepping ~*~*~tactically~*~*~ (outnumbered).
 36624 | D:6      | 36624 ||| Stepping ~*~*~tactically~*~*~ (outnumbered).
 36626 | D:6      | 36626 ||| Stepping ~*~*~tactically~*~*~ (outnumbered).
 36628 | D:6      | 36628 ||| Stepping ~*~*~tactically~*~*~ (outnumbered).
 36630 | D:6      | 36630 ||| Stepping ~*~*~tactically~*~*~ (outnumbered).
 36642 | D:6      | 36642 ||| Stepping ~*~*~tactically~*~*~ (outnumbered).
 36644 | D:6      | 36644 ||| Stepping ~*~*~tactically~*~*~ (outnumbered).
 36646 | D:6      | 36646 ||| Stepping ~*~*~tactically~*~*~ (outnumbered).
 36648 | D:6      | 36648 ||| Stepping ~*~*~tactically~*~*~ (outnumbered).
 36650 | D:6      | 36650 ||| Stepping ~*~*~tactically~*~*~ (outnumbered).
 36662 | D:6      | 36662 ||| Stepping ~*~*~tactically~*~*~ (outnumbered).
 36664 | D:6      | 36664 ||| Stepping ~*~*~tactically~*~*~ (outnumbered).
 36666 | D:6      | 36666 ||| Stepping ~*~*~tactically~*~*~ (outnumbered).
 36668 | D:6      | 36668 ||| Stepping ~*~*~tactically~*~*~ (outnumbered).
 36670 | D:6      | 36670 ||| Stepping ~*~*~tactically~*~*~ (outnumbered).
 36682 | D:6      | 36682 ||| Stepping ~*~*~tactically~*~*~ (outnumbered).
 36684 | D:6      | 36684 ||| Stepping ~*~*~tactically~*~*~ (outnumbered).
 36686 | D:6      | 36686 ||| Stepping ~*~*~tactically~*~*~ (outnumbered).
 36688 | D:6      | 36688 ||| Stepping ~*~*~tactically~*~*~ (outnumbered).
 36690 | D:6      | 36690 ||| Stepping ~*~*~tactically~*~*~ (outnumbered).
 36702 | D:6      | 36702 ||| Stepping ~*~*~tactically~*~*~ (outnumbered).
 36704 | D:6      | 36704 ||| Stepping ~*~*~tactically~*~*~ (outnumbered).
 36706 | D:6      | 36706 ||| Stepping ~*~*~tactically~*~*~ (outnumbered).
 36708 | D:6      | 36708 ||| Stepping ~*~*~tactically~*~*~ (outnumbered).
 36710 | D:6      | 36710 ||| Stepping ~*~*~tactically~*~*~ (outnumbered).
 36722 | D:6      | 36722 ||| Stepping ~*~*~tactically~*~*~ (outnumbered).
 36724 | D:6      | 36724 ||| Stepping ~*~*~tactically~*~*~ (outnumbered).
 36726 | D:6      | 36726 ||| Stepping ~*~*~tactically~*~*~ (outnumbered).
 36728 | D:6      | 36728 ||| Stepping ~*~*~tactically~*~*~ (outnumbered).
 36730 | D:6      | 36730 ||| Stepping ~*~*~tactically~*~*~ (outnumbered).
 36742 | D:6      | 36742 ||| Stepping ~*~*~tactically~*~*~ (outnumbered).
 36744 | D:6      | 36744 ||| Stepping ~*~*~tactically~*~*~ (outnumbered).
 36746 | D:6      | 36746 ||| Stepping ~*~*~tactically~*~*~ (outnumbered).
 36748 | D:6      | 36748 ||| Stepping ~*~*~tactically~*~*~ (outnumbered).
 36750 | D:6      | 36750 ||| Stepping ~*~*~tactically~*~*~ (outnumbered).
 36762 | D:6      | 36762 ||| Stepping ~*~*~tactically~*~*~ (outnumbered).
 36764 | D:6      | 36764 ||| Stepping ~*~*~tactically~*~*~ (outnumbered).
 36766 | D:6      | 36766 ||| Stepping ~*~*~tactically~*~*~ (outnumbered).
 36768 | D:6      | 36768 ||| Stepping ~*~*~tactically~*~*~ (outnumbered).
 36770 | D:6      | 36770 ||| Stepping ~*~*~tactically~*~*~ (outnumbered).
 36782 | D:6      | 36782 ||| Stepping ~*~*~tactically~*~*~ (outnumbered).
 36784 | D:6      | 36784 ||| Stepping ~*~*~tactically~*~*~ (outnumbered).
 36786 | D:6      | 36786 ||| Stepping ~*~*~tactically~*~*~ (outnumbered).
 36788 | D:6      | 36788 ||| Stepping ~*~*~tactically~*~*~ (outnumbered).
 36790 | D:6      | 36790 ||| Stepping ~*~*~tactically~*~*~ (outnumbered).
 36802 | D:6      | 36802 ||| Stepping ~*~*~tactically~*~*~ (outnumbered).
 36804 | D:6      | 36804 ||| Stepping ~*~*~tactically~*~*~ (outnumbered).
 36806 | D:6      | 36806 ||| Stepping ~*~*~tactically~*~*~ (outnumbered).
 36808 | D:6      | 36808 ||| Stepping ~*~*~tactically~*~*~ (outnumbered).
 36810 | D:6      | 36810 ||| Stepping ~*~*~tactically~*~*~ (outnumbered).
 36821 | D:6      | Glimpsed the power of Zot.
 36822 | D:6      | 36822 ||| Stepping ~*~*~tactically~*~*~ (outnumbered).
 36824 | D:6      | 36824 ||| Stepping ~*~*~tactically~*~*~ (outnumbered).
 36826 | D:6      | 36826 ||| Stepping ~*~*~tactically~*~*~ (outnumbered).
 36828 | D:6      | 36828 ||| Stepping ~*~*~tactically~*~*~ (outnumbered).
 36830 | D:6      | 36830 ||| Stepping ~*~*~tactically~*~*~ (outnumbered).
 36842 | D:6      | 36842 ||| Stepping ~*~*~tactically~*~*~ (outnumbered).
 36844 | D:6      | 36844 ||| Stepping ~*~*~tactically~*~*~ (outnumbered).
 36846 | D:6      | 36846 ||| Stepping ~*~*~tactically~*~*~ (outnumbered).
 36848 | D:6      | 36848 ||| Stepping ~*~*~tactically~*~*~ (outnumbered).
 36850 | D:6      | 36850 ||| Stepping ~*~*~tactically~*~*~ (outnumbered).
 36862 | D:6      | 36862 ||| Stepping ~*~*~tactically~*~*~ (outnumbered).
 36864 | D:6      | 36864 ||| Stepping ~*~*~tactically~*~*~ (outnumbered).
 36866 | D:6      | 36866 ||| Stepping ~*~*~tactically~*~*~ (outnumbered).
 36868 | D:6      | 36868 ||| Stepping ~*~*~tactically~*~*~ (outnumbered).
 36870 | D:6      | 36870 ||| Stepping ~*~*~tactically~*~*~ (outnumbered).
 36882 | D:6      | 36882 ||| Stepping ~*~*~tactically~*~*~ (outnumbered).
 36884 | D:6      | 36884 ||| Stepping ~*~*~tactically~*~*~ (outnumbered).
 36886 | D:6      | 36886 ||| Stepping ~*~*~tactically~*~*~ (outnumbered).
 36888 | D:6      | 36888 ||| Stepping ~*~*~tactically~*~*~ (outnumbered).
 36890 | D:6      | 36890 ||| Stepping ~*~*~tactically~*~*~ (outnumbered).
 36902 | D:6      | 36902 ||| Stepping ~*~*~tactically~*~*~ (outnumbered).
 36904 | D:6      | 36904 ||| Stepping ~*~*~tactically~*~*~ (outnumbered).
 36906 | D:6      | 36906 ||| Stepping ~*~*~tactically~*~*~ (outnumbered).
 36908 | D:6      | 36908 ||| Stepping ~*~*~tactically~*~*~ (outnumbered).
 36910 | D:6      | 36910 ||| Stepping ~*~*~tactically~*~*~ (outnumbered).
 36922 | D:6      | 36922 ||| Stepping ~*~*~tactically~*~*~ (outnumbered).
 36924 | D:6      | 36924 ||| Stepping ~*~*~tactically~*~*~ (outnumbered).
 36926 | D:6      | 36926 ||| Stepping ~*~*~tactically~*~*~ (outnumbered).
 36928 | D:6      | 36928 ||| Stepping ~*~*~tactically~*~*~ (outnumbered).
 36930 | D:6      | 36930 ||| Stepping ~*~*~tactically~*~*~ (outnumbered).
 36942 | D:6      | 36942 ||| Stepping ~*~*~tactically~*~*~ (outnumbered).
 36944 | D:6      | 36944 ||| Stepping ~*~*~tactically~*~*~ (outnumbered).
 36946 | D:6      | 36946 ||| Stepping ~*~*~tactically~*~*~ (outnumbered).
 36948 | D:6      | 36948 ||| Stepping ~*~*~tactically~*~*~ (outnumbered).
 36950 | D:6      | 36950 ||| Stepping ~*~*~tactically~*~*~ (outnumbered).
 36962 | D:6      | 36962 ||| Stepping ~*~*~tactically~*~*~ (outnumbered).
 36964 | D:6      | 36964 ||| Stepping ~*~*~tactically~*~*~ (outnumbered).
 36966 | D:6      | 36966 ||| Stepping ~*~*~tactically~*~*~ (outnumbered).
 36968 | D:6      | 36968 ||| Stepping ~*~*~tactically~*~*~ (outnumbered).
 36970 | D:6      | 36970 ||| Stepping ~*~*~tactically~*~*~ (outnumbered).
 36982 | D:6      | 36982 ||| Stepping ~*~*~tactically~*~*~ (outnumbered).
 36984 | D:6      | 36984 ||| Stepping ~*~*~tactically~*~*~ (outnumbered).
 36986 | D:6      | 36986 ||| Stepping ~*~*~tactically~*~*~ (outnumbered).
 36988 | D:6      | 36988 ||| Stepping ~*~*~tactically~*~*~ (outnumbered).
 36990 | D:6      | 36990 ||| Stepping ~*~*~tactically~*~*~ (outnumbered).
 37002 | D:6      | 37002 ||| Stepping ~*~*~tactically~*~*~ (outnumbered).
 37004 | D:6      | 37004 ||| Stepping ~*~*~tactically~*~*~ (outnumbered).
 37006 | D:6      | 37006 ||| Stepping ~*~*~tactically~*~*~ (outnumbered).
 37008 | D:6      | 37008 ||| Stepping ~*~*~tactically~*~*~ (outnumbered).
 37010 | D:6      | 37010 ||| Stepping ~*~*~tactically~*~*~ (outnumbered).
 37022 | D:6      | 37022 ||| Stepping ~*~*~tactically~*~*~ (outnumbered).
 37024 | D:6      | 37024 ||| Stepping ~*~*~tactically~*~*~ (outnumbered).
 37026 | D:6      | 37026 ||| Stepping ~*~*~tactically~*~*~ (outnumbered).
 37028 | D:6      | 37028 ||| Stepping ~*~*~tactically~*~*~ (outnumbered).
 37030 | D:6      | 37030 ||| Stepping ~*~*~tactically~*~*~ (outnumbered).
 37042 | D:6      | 37042 ||| Stepping ~*~*~tactically~*~*~ (outnumbered).
 37044 | D:6      | 37044 ||| Stepping ~*~*~tactically~*~*~ (outnumbered).
 37046 | D:6      | 37046 ||| Stepping ~*~*~tactically~*~*~ (outnumbered).
 37048 | D:6      | 37048 ||| Stepping ~*~*~tactically~*~*~ (outnumbered).
 37050 | D:6      | 37050 ||| Stepping ~*~*~tactically~*~*~ (outnumbered).
 37062 | D:6      | 37062 ||| Stepping ~*~*~tactically~*~*~ (outnumbered).
 37064 | D:6      | 37064 ||| Stepping ~*~*~tactically~*~*~ (outnumbered).
 37066 | D:6      | 37066 ||| Stepping ~*~*~tactically~*~*~ (outnumbered).
 37068 | D:6      | 37068 ||| Stepping ~*~*~tactically~*~*~ (outnumbered).
 37070 | D:6      | 37070 ||| Stepping ~*~*~tactically~*~*~ (outnumbered).
 37082 | D:6      | 37082 ||| Stepping ~*~*~tactically~*~*~ (outnumbered).
 37084 | D:6      | 37084 ||| Stepping ~*~*~tactically~*~*~ (outnumbered).
 37086 | D:6      | 37086 ||| Stepping ~*~*~tactically~*~*~ (outnumbered).
 37088 | D:6      | 37088 ||| Stepping ~*~*~tactically~*~*~ (outnumbered).
 37090 | D:6      | 37090 ||| Stepping ~*~*~tactically~*~*~ (outnumbered).
 37102 | D:6      | 37102 ||| Stepping ~*~*~tactically~*~*~ (outnumbered).
 37104 | D:6      | 37104 ||| Stepping ~*~*~tactically~*~*~ (outnumbered).
 37106 | D:6      | 37106 ||| Stepping ~*~*~tactically~*~*~ (outnumbered).
 37108 | D:6      | 37108 ||| Stepping ~*~*~tactically~*~*~ (outnumbered).
 37110 | D:6      | 37110 ||| Stepping ~*~*~tactically~*~*~ (outnumbered).
 37122 | D:6      | 37122 ||| Stepping ~*~*~tactically~*~*~ (outnumbered).
 37124 | D:6      | 37124 ||| Stepping ~*~*~tactically~*~*~ (outnumbered).
 37126 | D:6      | 37126 ||| Stepping ~*~*~tactically~*~*~ (outnumbered).
 37128 | D:6      | 37128 ||| Stepping ~*~*~tactically~*~*~ (outnumbered).
 37130 | D:6      | 37130 ||| Stepping ~*~*~tactically~*~*~ (outnumbered).
 37142 | D:6      | 37142 ||| Stepping ~*~*~tactically~*~*~ (outnumbered).
 37144 | D:6      | 37144 ||| Stepping ~*~*~tactically~*~*~ (outnumbered).
 37146 | D:6      | 37146 ||| Stepping ~*~*~tactically~*~*~ (outnumbered).
 37148 | D:6      | 37148 ||| Stepping ~*~*~tactically~*~*~ (outnumbered).
 37150 | D:6      | 37150 ||| Stepping ~*~*~tactically~*~*~ (outnumbered).
 37162 | D:6      | 37162 ||| Stepping ~*~*~tactically~*~*~ (outnumbered).
 37164 | D:6      | 37164 ||| Stepping ~*~*~tactically~*~*~ (outnumbered).
 37166 | D:6      | 37166 ||| Stepping ~*~*~tactically~*~*~ (outnumbered).
 37168 | D:6      | 37168 ||| Stepping ~*~*~tactically~*~*~ (outnumbered).
 37170 | D:6      | 37170 ||| Stepping ~*~*~tactically~*~*~ (outnumbered).
 37182 | D:6      | 37182 ||| Stepping ~*~*~tactically~*~*~ (outnumbered).
 37184 | D:6      | 37184 ||| Stepping ~*~*~tactically~*~*~ (outnumbered).
 37186 | D:6      | 37186 ||| Stepping ~*~*~tactically~*~*~ (outnumbered).
 37188 | D:6      | 37188 ||| Stepping ~*~*~tactically~*~*~ (outnumbered).
 37190 | D:6      | 37190 ||| Stepping ~*~*~tactically~*~*~ (outnumbered).
 37202 | D:6      | 37202 ||| Stepping ~*~*~tactically~*~*~ (outnumbered).
 37204 | D:6      | 37204 ||| Stepping ~*~*~tactically~*~*~ (outnumbered).
 37206 | D:6      | 37206 ||| Stepping ~*~*~tactically~*~*~ (outnumbered).
 37208 | D:6      | 37208 ||| Stepping ~*~*~tactically~*~*~ (outnumbered).
 37210 | D:6      | 37210 ||| Stepping ~*~*~tactically~*~*~ (outnumbered).
 37221 | D:6      | Glimpsed the power of Zot.
 37222 | D:6      | 37222 ||| Stepping ~*~*~tactically~*~*~ (outnumbered).
 37224 | D:6      | 37224 ||| Stepping ~*~*~tactically~*~*~ (outnumbered).
 37226 | D:6      | 37226 ||| Stepping ~*~*~tactically~*~*~ (outnumbered).
 37228 | D:6      | 37228 ||| Stepping ~*~*~tactically~*~*~ (outnumbered).
 37230 | D:6      | 37230 ||| Stepping ~*~*~tactically~*~*~ (outnumbered).
 37242 | D:6      | 37242 ||| Stepping ~*~*~tactically~*~*~ (outnumbered).
 37244 | D:6      | 37244 ||| Stepping ~*~*~tactically~*~*~ (outnumbered).
 37246 | D:6      | 37246 ||| Stepping ~*~*~tactically~*~*~ (outnumbered).
 37248 | D:6      | 37248 ||| Stepping ~*~*~tactically~*~*~ (outnumbered).
 37250 | D:6      | 37250 ||| Stepping ~*~*~tactically~*~*~ (outnumbered).
 37262 | D:6      | 37262 ||| Stepping ~*~*~tactically~*~*~ (outnumbered).
 37264 | D:6      | 37264 ||| Stepping ~*~*~tactically~*~*~ (outnumbered).
 37266 | D:6      | 37266 ||| Stepping ~*~*~tactically~*~*~ (outnumbered).
 37268 | D:6      | 37268 ||| Stepping ~*~*~tactically~*~*~ (outnumbered).
 37270 | D:6      | 37270 ||| Stepping ~*~*~tactically~*~*~ (outnumbered).
 37282 | D:6      | 37282 ||| Stepping ~*~*~tactically~*~*~ (outnumbered).
 37284 | D:6      | 37284 ||| Stepping ~*~*~tactically~*~*~ (outnumbered).
 37286 | D:6      | 37286 ||| Stepping ~*~*~tactically~*~*~ (outnumbered).
 37288 | D:6      | 37288 ||| Stepping ~*~*~tactically~*~*~ (outnumbered).
 37290 | D:6      | 37290 ||| Stepping ~*~*~tactically~*~*~ (outnumbered).
 37302 | D:6      | 37302 ||| Stepping ~*~*~tactically~*~*~ (outnumbered).
 37304 | D:6      | 37304 ||| Stepping ~*~*~tactically~*~*~ (outnumbered).
 37306 | D:6      | 37306 ||| Stepping ~*~*~tactically~*~*~ (outnumbered).
 37308 | D:6      | 37308 ||| Stepping ~*~*~tactically~*~*~ (outnumbered).
 37310 | D:6      | 37310 ||| Stepping ~*~*~tactically~*~*~ (outnumbered).
 37320 | D:6      | Tarried too long and was consumed by Zot

Levels and vault maps discovered:
D:1:      dpeg_arrival_lava_altar, layout_basic,
          shapermc_ecumenical_altar_mp_urbaneastern, serial_shops,
          nicolae_shop_hallway_plus
D:2:      minmay_angry_zag, layout_loops_ring
D:3:      kennysheep_goblin_castle, layout_basic, mainiacjoe_overflow_alcove_4,
          nicolae_concentric_dashed_squares_wild, serial_bayou_pond_a,
          fountainhead, minmay_misc_feat_five, uniq_sigmund, uniq_jessica,
          uniq_natasha
D:4:      layout_loops_corners, old_standard_altar, minmay_quantized
D:5:      layout_loops_cross, amcnicky_mini_corridor_feature, uniq_menkaure
D:6:      layout_loops_ring, old_standard_altar,
          nicolae_dithmenos_through_a_glass_darkly, serial_shops,
          nicolae_shop_trees, nicolae_shop_firing_range

Skill      XL: |  1  2  3  4  5  6  7  8 |
---------------+-------------------------+-----
Unarmed Combat | 1 2 3 4 6 8 10 | 10.0
Fighting       | 1 2 3 6 |  6.3
Armour         | 1 2 |  2.1
Dodging        | |  1.7
Stealth        | |  2.1
Spellcasting   | |  1.7
Conjurations   | |  0.7
Fire Magic     | |  2.4

Action                   |  1- 3 |  4- 6 |  7- 9 || total
-------------------------+-------+-------+-------++-------
Melee: Unarmed           |   163 |   167 |   172 ||   502
       Punch             |     3 |     3 |     8 ||    14
  Use: Scroll            |     5 |     2 |     9 ||    16
       Potion            |       |     2 |     4 ||     6
Armor: Robe              |     4 |       |       ||     4
       Ring mail         |    36 |    74 |    19 ||   129
       Chain mail        |       |       |    37 ||    37
Dodge: Dodged            |    75 |    86 |    47 ||   208

Table legend:
 A = Non-vault XP
 B = Vault XP
 C = Vault XP percentage of total XP
 D = Non-vault monster count
 E = Vault monster count
 F = Vault count percentage of total count
                 A         B        C        D         E       F
            +---------+---------+-------+---------+---------+-------
      Total |    1879 |     605 |  24.4 |     104 |      23 |  18.1
            +---------+---------+-------+---------+---------+-------
        D:1 |      27 |       0 |   0.0 |      17 |       0 |   0.0
        D:2 |      84 |      26 |  23.6 |      29 |       5 |  14.7
        D:3 |     113 |     407 |  78.3 |      15 |      15 |  50.0
        D:4 |     367 |       3 |   0.8 |      23 |       2 |   8.0
        D:5 |     585 |     169 |  22.4 |      12 |       1 |   7.7
        D:6 |     703 |       0 |   0.0 |       8 |       0 |   0.0
            +---------+---------+-------+---------+---------+-------
